 Dungeon Crawl Stone Soup version 0.24-a0-10-gb84795d (console) character file.

Game seed: 8383336816751084125

1879999 Duffy the Archmage (level 27, -20/323 HPs)
             Began as a Demonspawn Wizard on Jan 28, 2019.
             Was an Initiate of Gozag.
             Demolished by a reaper
             ... wielding a +2 scythe of freezing
             ... called by a doom hound
              (42 damage)
             ... on level 22 of a ziggurat on Jan 31, 2019.
             The game lasted 18:55:57 (309676 turns).

Duffy the Archmage (Demonspawn Wizard)            Turns: 309676, Time: 18:55:59

Health: -20/323    AC: 20    Str: 14    XL:     27
Magic:  63/64      EV: 38    Int: 38    God:    Gozag
Gold:   223587     SH: 42    Dex: 27    Spells: 0/80 levels left

rFire    + + +     SeeInvis +   b - +8 mithril axe "Arga" {speed, MR+}
rCold    + + +     Gourm    .   I - +8 large shield of Xaeff {Int+3}
rNeg     + + .     Faith    .   U - +5 robe of Night {Dark MR+ SInv}
rPois    .         Spirit   .   y - +3 hat of Pondering {ponderous, MR+ MP+10 Int+5}
rElec    +         Reflect  .   f - +2 cloak {+Inv}
rCorr    .         Harm     .   B - +2 pair of gloves "Qaha" {rC+ rN+ Regen+ Str+4}
MR       +++++     Clarity  +   (boots unavailable)
Stlth    ++++++++++             H - macabre finger necklace {rN+}
HPRegen  2.03/turn              o - ring "Kanamo" {rElec rF+ rC++ MR- Dex+10}
MPRegen  0.39/turn              F - ring "Kimn" {Fire +Blink +Inv}
                                n - ring "Xoecw" {rF+ rC+ MR++ Dex+3}

@: lethally poisoned (-20 -> -20), gold aura, doom-hounded, silenced, lightly
drained, slow
A: hooves 3, large bone plates 3, clarity, nightstalker 3, powered by death 3,
robust 3, strong 1, wild magic 1
}: 15/15 runes: serpentine, barnacled, slimy, silver, golden, iron, obsidian,
icy, bone, abyssal, demonic, glowing, magical, fiery, dark
a: Renounce Religion, Evoke Blink, Evoke Invisibility


You were on level 22 of a ziggurat.
You worshipped Gozag.
Gozag was exalted by your worship.
You were not hungry.

You visited 18 branches of the dungeon, and saw 89 of its levels.
You visited Pandemonium 4 times, and saw 27 of its levels.
You visited the Abyss 2 times.
You visited 1 bazaar.
You visited 11 ziggurats (completing 10), and saw 292 of their levels.
You also visited: Trove, Sewer, Ossuary and Ice Cave.

You collected 253849 gold pieces.
You spent 8186 gold pieces at shops.
You paid 22076 gold pieces to Gozag.

Inventory:

Hand Weapons
 a - the +9 staff of Wucad Mu {channel}
   (You found it on level 8 of a ziggurat)
 b - the +8 mithril axe "Arga" (weapon) {speed, MR+}
   (You found it on level 18 of a ziggurat)

   Attacks with this weapon are significantly faster.
   It affects your resistance to hostile enchantments.
 k - the +8 demon trident "Rift" {distort, reach+}
   (You found it on level 13 of a ziggurat)

   It warps and distorts space around it.
   Unwielding it can cause banishment or high damage.
 Q - the +7 hand crossbow "Fimnarph" {penet, rF+ Str+4 Stlth+}
   (You found it on level 18 of a ziggurat)

   Ammo fired by it will pass through the targets it hits, potentially hitting
   all targets in its path until it reaches maximum range.
   It affects your strength (+4).
   It protects you from fire.
   It makes you more stealthy.
Missiles
 c - 473 javelins of penetration (quivered)
 u - 7 throwing nets
Armour
 f - a +2 cloak of invisibility (worn)
 y - the +3 hat of Pondering (worn) {ponderous, MR+ MP+10 Int+5}
   (You found it on level 7 of Cocytus)

   It affects your intelligence (+5).
   It affects your resistance to hostile enchantments.
   It affects your magic capacity (+10).
 B - the +2 pair of gloves "Qaha" (worn) {rC+ rN+ Regen+ Str+4}
   (You found it on level 17 of a ziggurat)

   It affects your strength (+4).
   It protects you from cold.
   It protects you from negative energy.
   It increases your rate of regeneration.
 I - the +8 large shield of Xaeff (worn) {Int+3}
   (You took it off a daeva in Pandemonium)

   It affects your intelligence (+3).
 N - the +2 cloak "Zauhaoc" {rElec Str+6}
   (You found it on level 15 of a ziggurat)

   It affects your strength (+6).
   It insulates you from electricity.
 U - the +5 robe of Night (worn) {Dark MR+ SInv}
   (You found it on level 26 of a ziggurat)

   It affects your resistance to hostile enchantments.
   It lets you see invisible.
Jewellery
 n - the ring "Xoecw" (on amulet) {rF+ rC+ MR++ Dex+3}
   (You found it on level 3 of a ziggurat)

   [ring of protection from cold]

   It affects your dexterity (+3).
   It protects you from fire.
   It protects you from cold.
   It affects your resistance to hostile enchantments.
 o - the ring "Kanamo" (left hand) {rElec rF+ rC++ MR- Dex+10}
   (You found it on level 11 of a ziggurat)

   [ring of protection from fire]

   It affects your dexterity (+10).
   It protects you from fire.
   It greatly protects you from cold.
   It insulates you from electricity.
   It affects your resistance to hostile enchantments.
 q - the ring "Puevuxon" {rCorr rF+ Int+4}
   (You found it on level 23 of a ziggurat)

   [ring of resist corrosion]

   It affects your intelligence (+4).
   It protects you from fire.
 F - the ring "Kimn" (right hand) {Fire +Blink +Inv}
   (You found it on level 27 of a ziggurat)

   [ring of fire]

   It enhances your fire magic.
   It protects you from fire.
   It makes you vulnerable to cold.
   It lets you turn invisible.
   It lets you blink.
 H - the macabre finger necklace (around neck) {rN+}
   (You found it on level 20 of a ziggurat)

   [amulet of nothing]

   It protects you from negative energy.
 T - the ring "Vumuer" {rCorr *Drain rElec SInv}
   (You found it on level 15 of a ziggurat)

   [ring of resist corrosion]

   It insulates you from electricity.
   It lets you see invisible.
   It causes draining when unequipped.
Wands
 z - a wand of scattershot (5)
 W - a wand of iceblast (38)
Scrolls
 i - 123 scrolls of blinking
 j - 6 scrolls of silence
 m - 234 scrolls of teleportation
 r - 231 scrolls of remove curse
 s - 8 scrolls of magic mapping
 t - 3 scrolls of enchant armour
 w - 95 scrolls of identify
 x - 179 scrolls of fog
 A - 8 scrolls of enchant weapon
 J - 3 scrolls of amnesia
 R - a scroll of summoning
 Z - 5 scrolls of acquirement
Potions
 e - 70 potions of heal wounds
 g - 2 potions of flight
 h - 190 potions of mutation
 l - 4 potions of lignification
 p - 14 potions of cancellation
 C - 2 potions of brilliance
 D - 71 potions of curing
 E - 76 potions of experience
 L - 46 potions of haste
 M - 7 potions of resistance
 P - 8 potions of magic
 S - 2 potions of berserk rage
 V - 4 potions of invisibility
Miscellaneous
 v - a crystal ball of energy
 G - 13 phantom mirrors
 K - 7 sacks of spiders
 O - 6 boxes of beasts
Comestibles
 d - 157 rations


   Skills:
 O Level 27(26.7) Fighting
 O Level 27(26.7) Short Blades
 O Level 27(26.7) Long Blades
 O Level 27(26.7) Axes
 O Level 27(26.7) Maces & Flails
 O Level 27(26.7) Polearms
 O Level 27(26.7) Staves
 O Level 27(26.7) Slings
 O Level 27(26.7) Bows
 O Level 27(26.7) Crossbows
 O Level 27(26.7) Throwing
 O Level 27(26.7) Armour
 O Level 27(26.7) Dodging
 O Level 27(26.7) Stealth
 O Level 27(26.7) Shields
 O Level 27(26.7) Unarmed Combat
 O Level 27(26.7) Spellcasting
 O Level 27(26.7) Conjurations
 O Level 27(26.7) Hexes
 O Level 27(26.7) Charms
 O Level 27(26.7) Summonings
 O Level 27(26.7) Necromancy
 O Level 27(26.7) Translocations
 O Level 27(26.7) Transmutations
 O Level 27(26.7) Fire Magic
 O Level 27(26.7) Ice Magic
 O Level 27(26.7) Air Magic
 O Level 27(26.7) Earth Magic
 O Level 27(26.7) Poison Magic
 O Level 27(26.7) Invocations
 O Level 27(26.7) Evocations


You couldn't memorise any spells.
You knew the following spells:

 Your Spells              Type           Power        Failure   Level  Hunger
b - Darkness              Hex            ########..   1%          6    None
g - Fire Storm            Conj/Fire      #########.   1%          9    None
h - Tornado               Air            ########..   1%          9    None
j - Ignition              Fire           #########.   1%          8    None
k - Shatter               Erth           ########..   1%          9    None
l - Glaciate              Conj/Ice       ########..   1%          9    None
m - Deflect Missiles      Chrm/Air       ########..   1%          6    None
n - Necromutation         Tmut/Necr      ########..   1%          8    None
o - Lehudib's Crystal Sp  Conj/Erth      ########..   1%          8    None
u - Discord               Hex            ########..   1%          8    None

Your spell library contained the following spells:

 Spells                   Type           Power        Failure   Level  Hunger
 Animate Skeleton         Necr           N/A          1%          1    None
 Apportation              Tloc           ######       1%          1    None
 Beastly Appendage        Tmut           ######       1%          1    None
 Confusing Touch          Hex            ######       1%          1    None
 Corona                   Hex            #######      1%          1    None
 Flame Tongue             Conj/Fire      #####        1%          1    None
 Freeze                   Ice            ####         1%          1    None
 Infusion                 Chrm           ####         1%          1    None
 Magic Dart               Conj           ####         1%          1    None
 Pain                     Necr           ####         1%          1    None
 Sandblast                Erth           ######       1%          1    None
 Shock                    Conj/Air       ####         1%          1    None
 Sting                    Conj/Pois      ####         1%          1    None
 Summon Butterflies       Summ           ########     1%          1    None
 Summon Small Mammal      Summ           ####         1%          1    None
 Blink                    Tloc           N/A          1%          2    None
 Call Imp                 Summ           ########     1%          2    None
 Corpse Rot               Necr           N/A          1%          2    None
 Ensorcelled Hibernation  Hex/Ice        ######       1%          2    None
 Passwall                 Tmut/Erth      ########     1%          2    None
 Poisonous Vapours        Pois/Air       ######       1%          2    None
 Searing Ray              Conj           ######       1%          2    None
 Shroud of Golubria       Chrm/Tloc      ########..   1%          2    None
 Slow                     Hex            ########     1%          2    None
 Song of Slaying          Chrm           ########     1%          2    None
 Sticks to Snakes         Tmut           ########     1%          2    None
 Sublimation of Blood     Necr           ########..   1%          2    None
 Swiftness                Chrm/Air       ########     1%          2    None
 Throw Flame              Conj/Fire      ######       1%          2    None
 Throw Frost              Conj/Ice       ######       1%          2    None
 Call Canine Familiar     Summ           ########     1%          3    None
 Confuse                  Hex            ########     1%          3    None
 Conjure Flame            Conj/Fire      ########     1%          3    None
 Dazzling Spray           Conj/Hex       ######       1%          3    None
 Gell's Gravitas          Tloc           ########..   1%          3    None
 Ignite Poison            Fire/Tmut/Pois ########     1%          3    None
 Inner Flame              Hex/Fire       ########     1%          3    None
 Lesser Beckoning         Tloc           ########..   1%          3    None
 Mephitic Cloud           Conj/Pois/Air  ########     1%          3    None
 Ozocubu's Armour         Chrm/Ice       ########     1%          3    None
 Portal Projectile        Hex/Tloc       ######       1%          3    None
 Recall                   Summ/Tloc      N/A          1%          3    None
 Regeneration             Chrm/Necr      ########..   1%          3    None
 Spectral Weapon          Hex/Chrm       ########     1%          3    None
 Spider Form              Tmut/Pois      ########..   1%          3    None
 Static Discharge         Conj/Air       ########     1%          3    None
 Stone Arrow              Conj/Erth      ######       1%          3    None
 Summon Guardian Golem    Hex/Summ       ########     1%          3    None
 Teleport Other           Tloc           ########     1%          3    None
 Tukima's Dance           Hex            ########     1%          3    None
 Vampiric Draining        Necr           ########..   1%          3    None
 Airstrike                Air            ########..   1%          4    None
 Animate Dead             Necr           N/A          1%          4    None
 Cause Fear               Hex            ########..   1%          4    None
 Force Lance              Conj/Tloc      ########     1%          4    None
 Fulminant Prism          Conj/Hex       ########..   1%          4    None
 Ice Form                 Ice/Tmut       ########     1%          4    None
 Iskenderun's Mystic Bla  Conj           ########     1%          4    None
 Leda's Liquefaction      Hex/Erth       ########..   1%          4    None
 Olgreb's Toxic Radiance  Pois           ########     1%          4    None
 Passage of Golubria      Tloc           N/A          1%          4    None
 Petrify                  Tmut/Erth      ########     1%          4    None
 Sticky Flame             Conj/Fire      ########     1%          4    None
 Summon Ice Beast         Ice/Summ       ########     1%          4    None
 Summon Lightning Spire   Summ/Air       ########     1%          4    None
 Throw Icicle             Conj/Ice       ########     1%          4    None
 Agony                    Necr           ########     1%          5    None
 Alistair's Intoxication  Tmut/Pois      ########     1%          5    None
 Aura of Abjuration       Summ           ########..   1%          5    None
 Blade Hands              Tmut           ########..   1%          5    None
 Bolt of Draining         Conj/Necr      ########..   1%          5    None
 Bolt of Magma            Conj/Fire/Erth #########.   1%          5    None
 Borgnjor's Vile Clutch   Necr/Erth      ########..   1%          5    None
 Dispel Undead            Necr           ########     1%          5    None
 Excruciating Wounds      Chrm/Necr      ########..   1%          5    None
 Fireball                 Conj/Fire      #########.   1%          5    None
 Irradiate                Conj/Tmut      ########..   1%          5    None
 Iskenderun's Battlesphe  Conj/Chrm      ########     1%          5    None
 Lee's Rapid Deconstruct  Erth           ########..   1%          5    None
 Lightning Bolt           Conj/Air       ########..   1%          5    None
 Metabolic Englaciation   Hex/Ice        ########..   1%          5    None
 Silence                  Hex/Air        ########..   1%          5    None
 Summon Demon             Summ           ########..   1%          5    None
 Summon Forest            Summ/Tloc      ########..   1%          5    None
 Summon Mana Viper        Hex/Summ       ########     1%          5    None
 Venom Bolt               Conj/Pois      ########..   1%          5    None
 Yara's Violent Unravell  Hex/Tmut       ########..   1%          5    None
 Bolt of Cold             Conj/Ice       ########..   1%          6    None
 Bolt of Fire             Conj/Fire      #########.   1%          6    None
 Conjure Ball Lightning   Conj/Air       ########..   1%          6    None
 Death Channel            Necr           ########..   1%          6    None
 Dispersal                Tloc           ########..   1%          6    None
 Freezing Cloud           Conj/Ice/Air   ########..   1%          6    None
 Hydra Form               Tmut           ########..   1%          6    None
 Invisibility             Hex            ########     1%          6    None
 Iron Shot                Conj/Erth      ########..   1%          6    None
 Ozocubu's Refrigeration  Ice            ########..   1%          6    None
 Poison Arrow             Conj/Pois      ########..   1%          6    None
 Shadow Creatures         Summ           N/A          1%          6    None
 Simulacrum               Ice/Necr       ########..   1%          6    None
 Statue Form              Tmut/Erth      ########.    1%          6    None
 Dragon Form              Tmut           ########..   1%          7    None
 Haunt                    Necr/Summ      ########..   1%          7    None
 Malign Gateway           Summ/Tloc      ########..   1%          7    None
 Monstrous Menagerie      Summ           ########..   1%          7    None
 Orb of Destruction       Conj           ########..   1%          7    None
 Ring of Flames           Chrm/Fire      #########.   1%          7    None
 Spellforged Servitor     Conj/Summ      ########..   1%          7    None
 Summon Greater Demon     Summ           ########..   1%          7    None
 Summon Hydra             Summ           ########..   1%          7    None
 Borgnjor's Revivificati  Necr           ########..   1%          8    None
 Chain Lightning          Conj/Air       ########..   1%          8    None
 Controlled Blink         Tloc           N/A          1%          8    None
 Death's Door             Chrm/Necr      ########..   1%          8    None
 Disjunction              Tloc           ########..   1%          8    None
 Infestation              Necr           ########..   1%          8    None
 Summon Horrible Things   Summ           ########..   1%          8    None
 Dragon's Call            Summ           ########..   1%          9    None


Dungeon Overview and Level Annotations

Branches:
Dungeon (15/15)            Temple (1/1) D:5            Lair (6/6) D:9
 Shoals (4/4) Lair:3        Snake (4/4) Lair:2        Slime (5/5) Lair:5
    Orc (2/2) D:10            Elf (3/3) Orc:2        Vaults (5/5) D:13
  Crypt (3/3) Vaults:3       Tomb (3/3) Crypt:3      Depths (5/5) D:15
   Hell (1/1)                 Dis (7/7) Hell            Geh (7/7) Hell
    Coc (7/7) Hell            Tar (7/7) Hell            Zot (5/5) Depths:5

Altars:
Ashenzari
Cheibriados
Dithmenos
Elyvilon
Fedhas
Gozag
Hepliaklqana
Kikubaaqudgha
Makhleb
Nemelex Xobeh
Okawaru
Qazlal
Ru
Sif Muna
Trog
Uskayaw
Vehumet
Wu Jian
Xom
Yredelemnul
Zin
The Shining One

Shops:
D:7 =   Orc:2 }*(!   Elf:1 ?:}[   Elf:2 =   Elf:3 **   Snake:1 }==   Snake:2 :
Snake:4 (   Vaults:2 }   Vaults:5 [   Zot:4 *   Depths:4 =   Depths:5 :

Portals:
Hell: Depths:1 Depths:2 Depths:4 Depths:5
Abyss: Depths:1 Depths:4
Pandemonium: Depths:2 Depths:3

Annotations:
Zot:5 1 exclusion


Innate Abilities, Weirdness & Mutations

You have hooves in place of feet.
You are completely covered in large bone plates. (SH +8)
You are completely attuned to the shadows.
You regenerate a lot of health from kills.
You are extremely robust. (+30% HP)
You possess an exceptional clarity of mind.
Your muscles are strong. (Str +2)
Your spells are a little harder to cast, but a little more powerful.


Message History

The iron dragon zombie becomes distracted by your gold, dreaming of imaginary riches.
You block the tengu reaver zombie's attack.
The tengu reaver zombie pecks you but does no damage.
You block the tengu reaver zombie's attack.
An iron dragon zombie comes into view.
The tormentor becomes distracted by your gold, dreaming of imaginary riches.
Throwing (i - inventory. (/) - cycle)
c - 474 javelins of penetration (quivered)
Press: ? - help, Shift-Dir - straight line, f/p - silent spectre
Aim: a silent spectre (silenced, moderately damaged, radiating silence)
You throw a javelin of penetration.
The javelin of penetration pierces through the Tzitzimitl!!!
The Tzitzimitl is severely wounded.
The javelin of penetration misses the silent spectre.
The reaper is no longer distracted by gold.
The flying skull becomes distracted by your gold, dreaming of imaginary riches.
The phantasmal warrior blinks!
You block the phantasmal warrior's attack.
The reaper hits you from afar with a +2 scythe of freezing!!!
You die...
Your body crumbles into a pile of gold. ..ZZWW(

.W1..Wz
.V5Z1WD############
52W@2z..2..2......#
52zZ222z.W.WZZ..Z$#


2ZZzZWz3Zzzz.h.))$# .W2Z.D2h2Z.Zz1z.$.# 85Z.Dzz.55.z.$Z$# Z.2Wzzz2.3Z$...$#
.Z2WW2W22zWZz0Z# $ .2Z.$32zZnhZV$h# 2.$2Zhnh22$2z2# You could see 2 bone
dragons, 2 Tzitzimimeh, 7 reapers, a skeletal warrior, a flayed ghost, a vampire
mage, 2 phantasmal warriors, a freezing wraith, a silent spectre, a hellion, a
tormentor, 3 shadows, 4 flying skulls, a crimson imp, 2 shadow imps, a tengu
reaver simulacrum, 3 iron dragon zombies, a deep elf high priest zombie, a
spriggan defender zombie, a tengu reaver zombie and a sphinx skeleton.

Vanquished Creatures
  Cerebov (Pan)
  Antaeus (Coc:7)
  Asmodeus (Geh:7)
  Ereshkigal (Tar:7)
  the Royal Jelly (Slime:5)
  Ignacio (Pan)
  Gloorx Vloq (Pan)
  A seraph (Pan)
  the Serpent of Hell (Geh:7)
  Lom Lobon (Pan)
  Mnoleg (Pan)
  397 pandemonium lords
  Dispater (Dis:7)
  90 orbs of fire
  217 ancient liches
  Mennas (Tomb:1)
  A juggernaut (shapeshifter) (Zig:15)
  239 juggernauts
  314 greater mummies
  Boris (5 times) (Vaults:4 Crypt:2 Crypt:3 Depths:4 Tomb:1)
  Frederick (Crypt:3)
  195 Killer Klowns
  117 shard shrikes
  Margery (Depths:5)
  4 curse toes
  118 caustic shrikes
  The ghost of Noname the Acrobat, a master SpCK of Xom (Zot:4)
  Geryon (Hell)
  A golden dragon (shapeshifter) (Zig:14)
  4 caustic shrikes (shapeshifter)
  282 golden dragons
  70 profane servitors
  207 bone dragons
  13 pearl dragons
  3 iron giants (shapeshifter)
  9 doom hounds
  105 Tzitzimimeh
  115 Brimstone Fiends
  53 electric golems
  103 iron giants
  212 liches
  297 tentacled monstrosities
  119 hellephants
  Rupert (D:12)
  176 Hell Sentinels
  243 Ice Fiends
  25 Orb Guardians
  181 titans
  Asterion (Depths:3)
  16 quicksilver dragons (shapeshifter)
  130 quicksilver dragons
  117 deep elf blademasters
  4 acid blobs (shapeshifter)
  Polyphemus (Shoals:3)
  125 deep elf master archers
  63 sphinxes
  Frances (Shoals:1)
  133 tentacled starspawn
  836 acid blobs
  14 sphinxes (shapeshifter)
  Kirke (D:15)
  118 Executioners
  86 storm dragons
  21 thorn hunters
  10 death cobs
  An eldritch tentacle (Zig:10)
  130 ancient champions
  4 storm dragons (shapeshifter)
  75 shadow dragons
  33 tengu reavers
  Ilsuiw (Shoals:2)
  787 nagarajas
  Roxanne (Elf:1)
  173 draconian monks
  20 shadow dragons (shapeshifter)
  134 revenants
  The ghost of Gorice the Tortoise, an adept DsWn of Makhleb (Snake:1)
  297 azure jellies
  15 azure jellies (shapeshifter)
  9 fire giants (shapeshifter)
  241 daevas
  92 frost giants
  An iron dragon (shapeshifter) (Zig:22)
  33 deep elf sorcerers
  87 fire giants
  289 draconian knights
  2 ghost moths (shapeshifter)
  58 caustic shrike zombies
  330 ghost moths
  The ghost of Zanta616 the Thaumaturge, an adept VSAs of Kikubaaqudgha (Snake:4)
  51 vault wardens
  16 frost giants (shapeshifter)
  195 draconian scorchers
  Louise (D:15)
  559 orc warlords
  101 iron dragons
  2 emperor scorpions (shapeshifter) (Zig:22)
  47 juggernaut zombies
  266 balrugs
  176 emperor scorpions
  89 curse skulls
  109 cacodemons
  92 warmongers
  49 ironheart preservers
  15 deep elf elementalists
  22 ghouls
  171 very ugly things
  197 draconian stormcallers
  139 war gargoyles
  305 reapers
  480 angels
  176 draconian shifters
  249 stone giants
  29 caustic shrike skeletons
  224 draconian annihilators
  32 juggernaut skeletons
  3 elemental wellsprings (Coc:7)
  104 deep elf demonologists
  10 stone giants (shapeshifter)
  127 blood saints
  257 ophanim
  231 entropy weavers
  97 green draconians
  123 black suns
  298 corrupters
  95 black draconians
  100 bennus
  99 white draconians
  Nessos (D:14)
  101 vampire knights
  A minotaur (shapeshifter) (Zig:13)
  4 entropy weavers (shapeshifter)
  Azrael (Orc:1)
  417 apis
  12 dire elephants (shapeshifter)
  92 dire elephants
  103 purple draconians
  2 spark wasps (shapeshifter)
  69 lorocyprocas
  125 deep elf annihilators
  95 red draconians
  61 spark wasps
  97 eidola
  Snorg (Lair:5)
  307 blizzard demons
  107 yellow draconians
  38 merfolk impalers
  46 death oozes
  130 deep elf high priests
  13 crystal guardians
  An ettin (shapeshifter) (Zig:25)
  57 ettins
  109 merfolk javelineers
  260 green deaths
  20 quicksilver dragon zombies
  125 fire dragons
  49 yaktaur captains
  A fire dragon (shapeshifter) (Zig:10)
  74 deep elf death magi
  A kraken zombie (Hell)
  224 mummy priests
  23 jiangshi
  22 ghost crabs
  2 ice dragons (shapeshifter)
  118 great orbs of eyes
  A great orb of eyes (shapeshifter) (Zig:18)
  270 hydras
  20 quicksilver dragon skeletons
  Erolcha (Orc:2)
  2 hydras (shapeshifter)
  66 spriggan air magi
  3 caustic shrike simulacra
  157 ice dragons
  7 juggernaut simulacra
  32 vault guards
  178 shambling mangroves
  4 catoblepae (shapeshifter)
  15 merfolk avatars
  180 naga warriors
  68 catoblepae
  35 rakshasas
  36 alligator snapping turtles
  18 monstrous demonspawn
  140 anacondas
  54 hell beasts
  7 anacondas (shapeshifter)
  97 merfolk aquamancers
  13 centaur warriors
  6 death yaks (shapeshifter)
  A satyr (shapeshifter) (Zig:15)
  A spectral frost giant (Zig:8)
  61 two-headed ogres
  3 alligators (shapeshifter) (Zig:23)
  18 death knights
  10 satyrs
  12 alligator snapping turtles (shapeshifter)
  148 death scarabs
  51 ogre magi
  65 alligators
  6 deep troll shamans
  152 dancing weapons
  3 spriggan berserkers
  A queen ant (shapeshifter) (Zig:18)
  41 hell hogs
  3 two-headed ogres (shapeshifter)
  12 deep troll earth magi
  7 shock serpents (shapeshifter)
  A spectral elf (Zig:8)
  6 tengu warriors
  108 vampire magi
  145 thrashing horrors
  61 titan zombies
  239 shock serpents
  15 death yaks
  264 naga sharpshooters
  Nergalle (D:10)
  599 orc high priests
  491 large abominations
  17 spriggans
  189 deep elf knights
  25 iron golems
  306 wretched stars
  41 titan skeletons
  8 fire crabs (shapeshifter)
  43 storm dragon zombies
  200 iron trolls
  87 sun demons
  34 fire crabs
  88 soul eaters
  221 skeletal warriors
  82 sixfirhies
  53 salamander mystics
  16 iron trolls (shapeshifter)
  74 shadow wraiths
  74 spatial maelstroms
  23 storm dragon skeletons
  2 ghost moth zombies (Geh:7)
  69 hell knights
  A quicksilver dragon simulacrum (Zig:20)
  237 cherubim
  47 golden dragon zombies
  3 unseen horrors (shapeshifter)
  98 shadow demons
  13 spark wasp zombies
  2 anaconda zombies (Coc:7)
  A death drake (shapeshifter) (Zig:7)
  169 swamp dragons
  17 unseen horrors
  13 gelid demonspawn
  6 sea snakes (shapeshifter)
  216 starcursed masses
  3 obsidian statues
  24 infernal demonspawn
  An entropy weaver zombie (Crypt:3)
  8 torturous demonspawn
  8 swamp dragons (shapeshifter)
  45 sea snakes
  114 spriggan druids
  117 naga ritualists
  2 deep trolls (shapeshifter)
  116 orc knights
  49 tengu zombies
  137 death drakes
  38 glowing orange brains
  An orange crystal statue (Elf:3)
  14 wizards
  21 deep trolls
  A kraken simulacrum (Coc:7)
  The ghost of Daviar the Cleaver, a novice HOFi (D:6)
  103 flayed ghosts
  150 deep elf archers
  2 glowing orange brains (shapeshifter)
  57 phantasmal warriors
  2 wolf spider zombies
  49 ironbrand convokers
  9 wolf spiders (shapeshifter)
  45 shadow dragon zombies
  2 harpies (shapeshifter)
  2 lindwurms
  35 golden dragon skeletons
  509 deep elf magi
  12 mana vipers (shapeshifter)
  100 harpies
  240 orb spiders
  24 necromancers
  257 orc sorcerers
  8 anaconda skeletons
  4 oklob plants (Zig:13)
  18 fire giant zombies
  104 mana vipers
  19 frost giant zombies
  7 orb spiders (shapeshifter)
  32 shadow dragon skeletons
  28 iron dragon zombies
  43 sphinx zombies
  5 salamanders (shapeshifter)
  140 shining eyes
  7 lindwurms (shapeshifter)
  8 stone giant zombies
  A spectral spriggan (Zig:8)
  167 wolf spiders
  44 cyclopes
  2 glowing shapeshifters
  56 salamanders
  32 worldbinders
  7 cyclopes (shapeshifter)
  4 shining eyes (shapeshifter)
  14 fauns
  9 manticores (shapeshifter)
  38 manticores
  28 sphinx skeletons
  3 moths of wrath (shapeshifter)
  6 draconians (Abyss:5)
  127 ugly things
  2 dire elephant zombies
  358 moths of wrath
  17 frost giant skeletons
  119 apocalypse crabs
  6 fauns (shapeshifter)
  11 stone giant skeletons
  30 merfolk sirens
  35 iron dragon skeletons
  4 ice statues
  275 naga magi
  10 fire giant skeletons
  160 smoke demons
  600 black mambas
  6 black mambas (shapeshifter)
  166 rust devils
  3 torpor snails (shapeshifter)
  4 water nymphs (shapeshifter)
  58 eyes of devastation
  17 elephants
  5 elephants (shapeshifter)
  A shock serpent zombie (Geh:7)
  72 water nymphs
  78 orange demons
  249 guardian serpents
  9 guardian serpents (shapeshifter)
  4 shock serpent skeletons
  4 spiny frogs (shapeshifter)
  7 eyes of devastation (shapeshifter)
  50 vault sentinels
  3 dire elephant skeletons
  11 molten gargoyles (Geh:7)
  An emperor scorpion zombie (Tar:7)
  106 spiny frogs
  8 titan simulacra
  174 torpor snails
  191 hellions
  66 rime drakes
  152 freezing wraiths
  4 storm dragon simulacra
  8 gargoyles
  An anaconda simulacrum (Coc:7)
  27 spriggan skeletons
  3 kobold demonologists
  144 demonic crawlers
  69 efreet
  A yaktaur zombie (Zig:1)
  5 komodo dragons (shapeshifter)
  A catoblepas zombie (Geh:5)
  81 yaktaurs
  A queen ant zombie (Crypt:3)
  45 komodo dragons
  2 spark wasp simulacra
  72 hellwings
  2 yaktaurs (shapeshifter)
  2 catoblepas skeletons
  168 small abominations
  3 golden dragon simulacra
  97 red devils
  267 tormentors
  166 merfolk
  An iron troll zombie (Crypt:2)
  A black draconian skeleton (Crypt:2)
  120 trolls
  6 hydra zombies
  176 ice devils
  134 ancient zymes
  A minotaur skeleton (Pan)
  11 silent spectres
  2 meliai
  443 guardian mummies
  201 jumping spiders
  43 tyrant leeches
  6 merfolk (shapeshifter)
  5 meliai (shapeshifter)
  A wolf spider simulacrum (Abyss:1)
  331 hornets
  3 trolls (shapeshifter)
  5 jumping spiders (shapeshifter)
  2 tengu simulacra
  2 harpy zombies
  3 queen bees (shapeshifter)
  2 tengu conjurers
  34 wind drakes
  2 sphinx simulacra
  162 raiju
  2 raiju (shapeshifter)
  A hippogriff (shapeshifter) (Zig:27)
  Grinder (D:4)
  8 polar bears
  4 blink frogs (shapeshifter)
  A tyrant leech (shapeshifter) (Zig:18)
  54 bog bodies
  20 snapping turtles
  11 ettin zombies
  31 hippogriffs
  11 dream sheep
  12 dream sheep (shapeshifter)
  A guardian serpent zombie (Crypt:1)
  3 iron dragon simulacra
  613 slime creatures
  4 wind drakes (shapeshifter)
  4 fire dragon zombies
  A meliai zombie (D:15)
  65 blink frogs
  3 hydra skeletons
  3 fire giant simulacra
  7 slime creatures (shapeshifter)
  An ice dragon zombie (Tar:7)
  283 flying skulls
  60 shadows
  5 snapping turtles (shapeshifter)
  12 redbacks (shapeshifter)
  A frost giant simulacrum (Abyss:4)
  A dire elephant simulacrum (Coc:7)
  182 redbacks
  5 vampires
  Sigmund (D:4)
  6 fire dragon skeletons
  2 spriggan simulacra
  2 alligator skeletons
  4 yaks (shapeshifter)
  2 basilisks (shapeshifter)
  4 spriggans (shapeshifter)
  3 ice dragon skeletons
  162 tarantellas
  4 tarantellas (shapeshifter)
  93 wraiths
  75 water elementals
  88 air elementals
  22 wyverns
  131 ynoxinuls
  7 ettin skeletons
  95 fire elementals
  69 yaks
  182 ushabtiu
  4 hogs
  2 fire bats (Geh:4)
  104 elf skeletons
  11 basilisks
  203 chaos spawn
  A fire bat (shapeshifter) (Zig:20)
  2 hogs (shapeshifter)
  17 hungry ghosts
  137 neqoxecs
  81 golden eyes
  A golden eye (shapeshifter) (Zig:14)
  2 humans
  A human (shapeshifter) (Zig:25)
  24 steam dragons
  A yaktaur simulacrum (Vaults:3)
  113 wargs
  43 vampire mosquitoes
  50 insubstantial wisps
  3 soldier ants (shapeshifter)
  195 nagas
  2 nagas (shapeshifter)
  38 spatial vortices
  Edmund (D:4)
  A harpy simulacrum (Abyss:1)
  5 hydra simulacra (Coc:7)
  6 swamp worms (shapeshifter)
  10 acid dragons
  A water moccasin (shapeshifter) (Zig:18)
  9 floating eyes (shapeshifter)
  39 floating eyes
  101 hell hounds
  63 water moccasins
  A monstrous demonspawn zombie (Crypt:1)
  Duvessa (D:4)
  5 porcupines
  4 spiny frog zombies
  608 orc warriors
  2 black bears
  9 phantoms
  An ice beast (shapeshifter) (Zig:23)
  2 human skeletons
  A blink frog zombie (Crypt:2)
  3 sky beasts
  3 spiny frog skeletons
  2 swamp dragon zombies
  30 ice beasts
  A swamp drake (shapeshifter) (Zig:18)
  69 swamp drakes
  3 black bears (shapeshifter)
  An alligator simulacrum (Hell)
  2 manticore zombies
  A sky beast (shapeshifter) (Zig:20)
  3 ettin simulacra (Depths:4)
  A swamp dragon skeleton (Tar:7)
  41 necrophages
  An ice dragon simulacrum (Crypt:2)
  140 eyes of draining
  310 ogres
  13 boggarts
  2 snapping turtle zombies
  8 wolves
  A wolf (shapeshifter) (Zig:22)
  2 tengu (shapeshifter)
  31 centaurs
  14 elf simulacra
  2 manticore skeletons
  64 crocodiles
  A hog skeleton (Crypt:1)
  A hippogriff zombie (Crypt:1)
  118 elf zombies
  2 big kobolds
  A big kobold (shapeshifter) (Zig:23)
  5 gnoll sergeants
  16 bullfrogs
  A wyvern zombie (Crypt:2)
  67 earth elementals
  6 glowing shapeshifter simulacra
  Dowan (D:4)
  11 scorpions
  55 spriggan zombies
  A raiju zombie (Crypt:2)
  28 wights
  11 killer bees
  A troll skeleton (Pan)
  5 electric eels
  3 howler monkeys
  15 crimson imps
  8 human zombies
  7 jellies
  2 quasits
  4 bullfrog zombies
  7 centaur skeletons
  3 centaur zombies
  A hound (shapeshifter) (Zig:27)
  3 gnoll shamans
  9 hounds
  104 orc wizards
  95 orc priests
  5 bullfrog skeletons
  3 iguanas
  125 iron imps
  13 worker ants
  7 hell rats
  A lightning spire (Zig:7)
  3 big kobold zombies (Ossuary)
  An ogre zombie (Tar:4)
  A naga skeleton (Geh:7)
  A demigod skeleton (Crypt:1)
  43 tengu skeletons
  694 mummies
  A howler monkey zombie (D:9)
  A worker ant zombie (D:7)
  21 gnolls
  A howler monkey skeleton (D:9)
  6 scorpion zombies (Ossuary)
  10 adders
  A steam dragon skeleton (Crypt:1)
  31 shadow imps
  95 white imps
  8 ufetubi (IceCv)
  An ooze (D:4)
  An ooze (shapeshifter) (Zig:18)
  An adder skeleton (D:6)
  5 worms
  2 worms (shapeshifter)
  2 dart slugs (D:1)
  4 leopard geckos
  75 orcs
  3 giant cockroaches
  A gnoll zombie (Ossuary)
  4 goblins
  4 hobgoblins
  6 jackals
  32 kobolds
  3 quokkas
  3 ball pythons
  A ball python zombie (Crypt:3)
  4 bats
  A frilled lizard (shapeshifter) (Zig:22)
  7 frilled lizards
  A frilled lizard skeleton (Crypt:3)
  2 goblin zombies (Ossuary)
  A hobgoblin zombie (Ossuary)
  2 jackal skeletons
  2 kobold zombies (Ossuary)
  An orc skeleton (Tomb:3)
  An orc zombie (Ossuary)
  8 rats
  A river rat skeleton (Crypt:2)
  362 blocks of ice
  5 briar patches (Zig:24)
  A bush (Zig:20)
  23 crawling corpses
  244 fire vortices
  2 fungi (Elf:2)
  3 lost souls (Zig:26)
  5 lurking horrors
  8 plants
  53 starspawn tentacles
  4 tentacles (Hell)
39845 creatures vanquished.

Vanquished Creatures (collateral kills)
  3 greater mummies
  A Killer Klown (Zig:23)
  A golden dragon (Zig:19)
  2 hellephants
  An iron giant (Zig:5)
  2 Tzitzimimeh
  A tentacled monstrosity (Zig:19)
  A lich (Zig:24)
  A quicksilver dragon (Zig:20)
  A storm dragon (Zig:24)
  2 tentacled starspawn
  A nagaraja (Zig:20)
  A revenant (Zig:6)
  A ghost moth (Zig:24)
  4 angels (Pan)
  2 very ugly things (Pan)
  An entropy weaver (Zig:24)
  A blood saint (Zig:23)
  An ophan (Pan)
  2 apis (Pan)
  A corrupter (Zig:26)
  A catoblepas (Zig:22)
  A shambling mangrove (Zig:2)
  4 hydras
  A two-headed ogre (D:10)
  A death yak (Lair:4)
  4 wretched stars
  A golden dragon zombie (Zig:18)
  2 spatial maelstroms (Zig:26)
  A cherub (Pan)
  2 wizards (Pan)
  4 large abominations
  A deep elf mage (Zig:15)
  A wolf spider (Zig:24)
  An oklob plant (Lair:4)
  A spriggan zombie (Zig:18)
  A guardian serpent (Zig:20)
  A centaur zombie (D:9)
  2 black mambas
  2 spiny frogs
  A rime drake (Lair:4)
  2 demonic crawlers (Zig:24)
  3 komodo dragons
  An ancient zyme (Zig:24)
  A troll (D:9)
  A guardian mummy (Zig:17)
  A tyrant leech (Zig:16)
  2 hippogriffs
  A slime creature (Zig:2)
  5 hornets
  12 blink frogs
  A dream sheep (Zig:22)
  An air elemental (Zig:24)
  2 redbacks
  A vampire (Zig:14)
  30 yaks
  2 basilisks
  2 hungry ghosts
  2 neqoxecs
  5 nagas (Lair:2)
  An acid dragon (Zig:20)
  3 water moccasins
  2 swamp drakes
  A sky beast (D:10)
  6 crocodiles
  3 centaurs (Lair:3)
  A big kobold (D:10)
  11 bullfrogs
  3 small abominations
  A scorpion (D:10)
  4 killer bees (D:10)
  2 howler monkeys (D:10)
  3 starcursed masses
  A bullfrog zombie (D:9)
  5 hell rats (Lair:3)
  5 mummies
  A shadow imp (Tar:7)
  2 white imps (Lair:6)
  3 orcs (D:10)
  4 kobolds (D:10)
  A bush (Lair:4)
  3 starspawn tentacles
205 creatures vanquished.

Vanquished Creatures (others)
  A juggernaut (Zig:27)
  4 Killer Klowns
  2 pandemonium lords
  A golden dragon (Zig:25)
  2 electric golems
  A titan (Zig:20)
  3 deep elf blademasters
  2 deep elf master archers
  A sphinx (Zig:25)
  An Executioner (Zig:17)
  An eldritch tentacle (Geh:7)
  A death cob (Zot:3)
  2 storm dragons
  A fire giant (Zig:19)
  2 warmongers
  An azure jelly (shapeshifter) (Zig:10)
  A draconian monk (Zig:21)
  A draconian scorcher (Zig:22)
  2 draconian knights
  An iron dragon (Zig:16)
  A draconian stormcaller (Zig:17)
  A reaper (Zig:9)
  A blood saint (Zig:27)
  An ironheart preserver (Zig:24)
  2 draconian annihilators
  2 black suns (Zig:18)
  A war gargoyle (Zig:22)
  A lorocyproca (Zig:18)
  A deep elf annihilator (Zig:16)
  2 spark wasps (Zig:4)
  A blizzard demon (Coc:7)
  A mummy priest (Zig:17)
  3 green deaths
  A great orb of eyes (Vaults:5)
  2 deep elf high priests (Zig:23)
  3 spriggan air magi
  An alligator snapping turtle (shapeshifter) (Zig:10)
  100 dancing weapons
  A vampire mage (Zig:14)
  A storm dragon zombie (Zig:16)
  A shock serpent (Zig:24)
  A deep elf knight (Zig:18)
  A glowing orange brain (Zig:16)
  2 deep elf magi
  A mana viper (Zig:20)
  A shining eye (Zig:21)
  A rust devil (Zig:9)
  A merfolk siren (Zig:20)
  An eye of devastation (shapeshifter) (Zig:20)
  A black mamba (Zig:20)
  A spiny frog (Zig:16)
  An orange demon (Zig:27)
  A guardian mummy (Zig:17)
  A tormentor (Zig:22)
  A jumping spider (shapeshifter) (Zig:24)
  A slime creature (Zig:23)
  4 raiju
  5 water elementals
  2 large abominations
  2 air elementals (Zig:14)
  A human (D:15)
  2 nagas
  4 insubstantial wisps (Zig:24)
  A black bear (shapeshifter) (Zig:14)
  A small abomination (Zig:13)
  A swamp drake (Zig:16)
  2 white imps (IceCv)
  5 ufetubi (IceCv)
  A ball lightning (Abyss:4)
  An orc (Orc:2)
  439 blocks of ice
  4 bushes
  1046 fire vortices
  7 fungi
  5 lost souls (Zig:26)
  19 plants
  49 starspawn tentacles
  4 tentacles (Shoals:4)
  18 toadstools (Lair:4)
1798 creatures vanquished.

Grand Total: 41848 creatures vanquished

Notes
Turn   | Place    | Note
-------+----------+-------------------------------------------
     0 | D:1      | Duffy the Demonspawn Wizard began the quest for the Orb.
     0 | D:1      | Reached XP level 1. HP: 13/13 MP: 4/4
   446 | D:1      | Gained mutation: You have large cloven feet. [demonic
                  | ancestry]
   446 | D:1      | Reached XP level 2. HP: 19/19 MP: 0/6
  1719 | D:2      | Found a deep blue altar of Sif Muna.
  1722 | D:2      | Became a worshipper of Sif Muna the Loreminder
  1779 | D:2      | Gained mutation: You have hoof-like feet. [demonic
                  | ancestry]
  1779 | D:2      | Reached XP level 3. HP: 24/24 MP: 0/7
  1784 | D:2      | Learned a level 3 spell: Mephitic Cloud
  1788 | D:2      | Learned a level 3 spell: Conjure Flame
  2121 | D:3      | Reached XP level 4. HP: 18/30 MP: 0/8
  2474 | D:3      | Found a shattered altar of Ashenzari.
  2619 | D:3      | Reached skill level 1 in Poison Magic
  2686 | D:3      | Reached skill level 1 in Fire Magic
  2867 | D:3      | Reached skill level 1 in Air Magic
  2914 | D:3      | Found a glowing golden altar of the Shining One.
  2919 | D:3      | Found a hide-covered altar of Uskayaw.
  2923 | D:3      | Learned a level 2 spell: Blink
  2927 | D:3      | Found a sparkling altar of Nemelex Xobeh.
  3096 | D:4      | Noticed Grinder
  3186 | D:2      | Noticed a water elemental
  3188 | D:2      | Found a stormy altar of Qazlal.
  3190 | D:2      | Noticed a fire elemental
  3204 | D:2      | Noticed an air elemental
  3207 | D:2      | Noticed an earth elemental
  3266 | D:2      | Noticed a moth of wrath
  3597 | D:2      | Found a bloodstained altar of Trog.
  3680 | D:2      | Found a hazy altar of Hepliaklqana.
  4133 | D:4      | Reached XP level 5. HP: 27/35 MP: 0/9
  4279 | D:4      | Noticed Edmund
  4294 | D:5      | Entered Level 5 of the Dungeon
  4331 | D:5      | Reached * piety under Sif Muna
  4516 | D:5      | Noticed a centaur
  4533 | D:5      | Killed a centaur
  4769 | D:5      | Reached XP level 6. HP: 41/41 MP: 6/10
  5106 | D:5      | Found a glowing silver altar of Zin.
  5226 | D:5      | Found a staircase to the Ecumenical Temple.
  5307 | D:5      | Reached ** piety under Sif Muna
  5354 | D:5      | Reached XP level 7. HP: 46/46 MP: 8/11
  5847 | D:5      | Gained mutation: You are robust. (+10% HP) [potion of
                  | mutation]
  5847 | D:5      | Gained mutation: You have sharp fingernails. [potion of
                  | mutation]
  5847 | D:5      | Reached skill level 5 in Conjurations
  5937 | D:6      | Found a runed translucent door.
  5937 | D:6      | Noticed Daviar's ghost (novice HOFi)
  6042 | D:6      | Found a runed translucent door.
  6127 | D:6      | Learned a level 2 spell: Call Imp
  6223 | D:6      | Found a glowing drain.
  6238 | Sewer    | Entered a sewer
  6320 | Sewer    | Reached *** piety under Sif Muna
  6320 | Sewer    | Reached XP level 8. HP: 37/57 MP: 12/12
  6998 | D:7      | Got a crude robe
  7009 | D:7      | Identified the +2 robe of the Jabberwock {rPois rCorr} (You
                  | found it on level 7 of the Dungeon)
  7101 | D:7      | Found an ancient bone altar of Kikubaaqudgha.
  7521 | D:7      | Reached skill level 1 in Fighting
  7658 | D:8      | Found a sand-covered staircase.
  7663 | Ossuary  | Entered an ossuary
  7744 | Ossuary  | Reached skill level 5 in Invocations
  7991 | Ossuary  | Reached XP level 9. HP: 70/71 MP: 7/14
  8918 | D:8      | Reached skill level 5 in Fighting
  9690 | D:8      | Reached **** piety under Sif Muna
 10192 | D:7      | Found Putuxt's Jewellery Emporium.
 10669 | D:7      | Reached skill level 5 in Spellcasting
 10678 | D:7      | Gained mutation: You are partially covered in large bone
                  | plates. (SH +4) [demonic ancestry]
 10678 | D:7      | Reached XP level 10. HP: 36/81 MP: 7/17
 11474 | D:4      | Killed Grinder
 11474 | D:4      | Reached skill level 1 in Shields
 11578 | D:4      | Noticed Sigmund
 11617 | D:4      | Killed Sigmund
 11638 | D:4      | Noticed Dowan
 11639 | D:4      | Noticed Duvessa
 11656 | D:4      | Killed Duvessa
 11660 | D:4      | Killed Dowan
 11776 | D:4      | Killed Edmund
 11912 | D:4      | Found a basalt altar of Yredelemnul.
 12871 | D:6      | Killed Daviar's ghost
 12871 | D:6      | Reached skill level 10 in Invocations
 13236 | D:9      | Reached ***** piety under Sif Muna
 13236 | D:9      | Identified Sif Muna's Grimoire of Shifting Calling (Sif
                  | Muna gifted it to you on level 9 of the Dungeon)
 13236 | D:9      | Received a gift from Sif Muna
 13283 | D:9      | Learned a level 4 spell: Summon Ice Beast
 13868 | D:9      | Noticed a two-headed ogre
 13884 | D:9      | Killed a two-headed ogre
 13884 | D:9      | Reached skill level 1 in Ice Magic
 14086 | D:9      | Noticed a two-headed ogre
 14121 | D:9      | Killed a two-headed ogre
 14121 | D:9      | Gained mutation: You are slightly more attuned to the
                  | shadows. [demonic ancestry]
 14121 | D:9      | Reached XP level 11. HP: 84/86 MP: 4/21
 14287 | D:9      | Identified 3 scrolls of acquirement
 14307 | D:9      | Got a pair of encrusted gloves
 14318 | D:9      | Identified the +1 pair of gloves "Fuockoqec" {rF++ Slay-6}
                  | (You acquired it on level 9 of the Dungeon)
 14824 | D:9      | Found a staircase to the Lair.
 15252 | D:10     | Entered Level 10 of the Dungeon
 15258 | D:10     | Noticed a two-headed ogre
 15281 | D:10     | Killed a two-headed ogre
 16621 | D:10     | Reached skill level 5 in Summonings
 16740 | D:10     | Found a staircase to the Orcish Mines.
 17107 | Lair:1   | Entered Level 1 of the Lair of Beasts
 17137 | Lair:1   | Learned a level 5 spell: Bolt of Magma
 17201 | Lair:1   | Got a fine tin ring
 17202 | Lair:1   | Identified the ring "Ezageq" {MR+ AC+3} (You found it on
                  | level 1 of the Lair of Beasts)
 17427 | Lair:1   | Reached skill level 1 in Earth Magic
 18169 | Lair:1   | Noticed an eight-headed hydra
 18176 | Lair:1   | Killed an eight-headed hydra
 18773 | Lair:2   | Found a staircase to the Snake Pit.
 19061 | Lair:2   | Identified Sif Muna's Arcane Arts Continued (Sif Muna
                  | gifted it to you on level 2 of the Lair of Beasts)
 19061 | Lair:2   | Received a gift from Sif Muna
 19067 | Lair:2   | Learned a level 3 spell: Stone Arrow
 19998 | Lair:2   | Reached skill level 1 in Translocations
 20800 | Lair:3   | Found a staircase to the Shoals.
 20847 | Lair:3   | Reached XP level 12. HP: 73/94 MP: 0/24
 21018 | Lair:3   | Reached skill level 10 in Conjurations
 21116 | Lair:3   | Reached skill level 5 in Fire Magic
 21519 | Lair:3   | Noticed an eight-headed hydra
 21528 | Lair:3   | Killed an eight-headed hydra
 21653 | Lair:3   | Noticed Sonja
 21659 | Lair:3   | Noticed Sonja
 21659 | Lair:3   | Sonja changed into Sonja the warg
 21662 | Lair:3   | Killed Sonja the warg
 22344 | Lair:4   | Noticed a five-headed hydra
 22368 | Lair:4   | Killed a five-headed hydra
 22534 | Lair:4   | Found a blossoming altar of Fedhas.
 22810 | Lair:4   | Got an ebony spear
 22812 | Lair:4   | Identified the +2 spear "Xesuchu" {freeze, rF++ Str+5
                  | Int-5} (You found it on level 4 of the Lair of Beasts)
 23005 | Lair:4   | Noticed a five-headed hydra
 23015 | Lair:4   | Killed a five-headed hydra
 23015 | Lair:4   | Reached skill level 1 in Evocations
 23164 | Lair:4   | Noticed a death yak
 23164 | Lair:4   | Noticed a death yak
 23223 | Lair:4   | Killed a death yak
 23223 | Lair:4   | Reached skill level 5 in Earth Magic
 23364 | Lair:4   | Noticed a death yak
 23365 | Lair:4   | Noticed a death yak
 23365 | Lair:4   | Noticed a death yak
 23393 | Lair:4   | Killed a death yak
 23394 | Lair:4   | Killed a death yak
 23394 | Lair:4   | Killed a death yak
 23394 | Lair:4   | Identified Sif Muna's Disquisition on Dislocated Clay (Sif
                  | Muna gifted it to you on level 4 of the Lair of Beasts)
 23394 | Lair:4   | Received a gift from Sif Muna
 23397 | Lair:4   | Killed a death yak
 24448 | Lair:5   | Found a staircase to the Slime Pits.
 24568 | Lair:5   | Noticed Snorg
 24585 | Lair:5   | Killed Snorg
 25116 | Lair:5   | Reached XP level 13. HP: 100/100 MP: 16/26
 25332 | Lair:5   | Reached skill level 5 in Evocations
 25482 | Lair:5   | Reached skill level 10 in Spellcasting
 26139 | Lair:6   | Entered Level 6 of the Lair of Beasts
 28640 | Lair:6   | Identified Sif Muna's Catalogue of Flamy Air (Sif Muna
                  | gifted it to you on level 6 of the Lair of Beasts)
 28640 | Lair:6   | Received a gift from Sif Muna
 28688 | Lair:5   | Learned a level 5 spell: Fireball
 29947 | Lair:6   | Got an iridescent hand axe
 29952 | Lair:6   | Identified the +7 hand axe of the Sun {holy, Dex+3} (You
                  | found it on level 6 of the Lair of Beasts)
 30131 | Lair:6   | Noticed a dire elephant
 30131 | Lair:6   | Noticed a dire elephant
 30149 | Lair:6   | Killed a dire elephant
 30149 | Lair:6   | Reached skill level 5 in Dodging
 30149 | Lair:6   | Killed a dire elephant
 30253 | Lair:6   | Learned a level 4 spell: Sticky Flame
 30286 | Lair:6   | Noticed a dire elephant
 30287 | Lair:6   | Noticed a dire elephant
 30302 | Lair:6   | Killed a dire elephant
 30355 | Lair:6   | Noticed a dire elephant
 30440 | Lair:6   | Noticed a dire elephant
 30446 | Lair:6   | Killed a dire elephant
 30655 | Lair:6   | Killed a dire elephant
 30706 | Lair:6   | Killed a dire elephant
 31018 | Orc:1    | Entered Level 1 of the Orcish Mines
 31026 | Orc:1    | Reached XP level 14. HP: 107/107 MP: 8/29
 31336 | Orc:2    | Entered Level 2 of the Orcish Mines
 31863 | Orc:2    | Found a staircase to the Elven Halls.
 31863 | Orc:2    | Noticed Erolcha
 31865 | Orc:2    | Noticed Azrael
 32153 | Orc:1    | Reached skill level 10 in Fire Magic
 32442 | Orc:2    | Killed Erolcha
 32516 | Orc:1    | Killed Azrael
 33195 | Orc:2    | Found Karufada's Distillery.
 33210 | Orc:2    | Found Eggilla's Weapon Boutique.
 33213 | Orc:2    | Bought a potion of heal wounds for 65 gold pieces
 33219 | Orc:2    | Found Lifoed's Assorted Antiques.
 33220 | Orc:2    | Found Hogg's Gadget Shoppe.
 33523 | Orc:2    | Bought a wand of acid (7) for 308 gold pieces
 33525 | Orc:2    | Bought a crooked silver wand for 128 gold pieces
 33525 | Orc:2    | Bought a blackened silver wand for 128 gold pieces
 33525 | Orc:2    | Bought a twisted fluorescent wand for 128 gold pieces
 33554 | Orc:2    | Bought a potion of haste for 130 gold pieces
 33554 | Orc:2    | Bought a potion of agility for 52 gold pieces
 33554 | Orc:2    | Bought a potion of brilliance for 52 gold pieces
 33554 | Orc:2    | Bought a potion of curing for 39 gold pieces
 33554 | Orc:2    | Bought a potion of ambrosia for 104 gold pieces
 33554 | Orc:2    | Bought a potion of curing for 39 gold pieces
 33554 | Orc:2    | Bought a potion of curing for 39 gold pieces
 33554 | Orc:2    | Bought a potion of curing for 39 gold pieces
 33974 | D:11     | Identified Sif Muna's Almanac of Stones and Cold (Sif Muna
                  | gifted it to you on level 11 of the Dungeon)
 33974 | D:11     | Received a gift from Sif Muna
 34793 | D:11     | Found a basalt altar of Yredelemnul.
 35167 | D:12     | Noticed Rupert
 35173 | D:12     | Paralysed by Rupert for 3 turns
 35180 | D:12     | Killed Rupert
 35515 | D:12     | Got a polished whip
 36568 | D:13     | Found a large runed translucent door.
 36568 | D:13     | Found a large runed translucent door.
 36728 | D:13     | Found a hide-covered altar of Uskayaw.
 36728 | D:13     | Noticed a fire giant
 36731 | D:13     | Found a blossoming altar of Fedhas.
 36835 | D:13     | Killed a fire giant
 37130 | D:13     | Gained mutation: You are significantly more attuned to the
                  | shadows. [demonic ancestry]
 37130 | D:13     | Reached XP level 15. HP: 119/123 MP: 17/31
 38251 | D:14     | Found a frozen archway.
 38265 | IceCv    | Entered an ice cave
 38795 | IceCv    | Got a brightly glowing great sword
 39053 | D:14     | Noticed Nessos
 39060 | D:14     | Killed Nessos
 39518 | D:14     | Reached skill level 10 in Fighting
 39795 | D:14     | Identified Sif Muna's Handbook of Boosts and Contamination
                  | (Sif Muna gifted it to you on level 14 of the Dungeon)
 39795 | D:14     | Received a gift from Sif Muna
 39847 | D:14     | Learned a level 1 spell: Summon Butterflies
 39854 | D:14     | Learned a level 6 spell: Deflect Missiles
 40028 | D:15     | Entered Level 15 of the Dungeon
 40304 | D:15     | Reached skill level 1 in Charms
 40370 | D:15     | Noticed Kirke
 40375 | D:15     | Killed Kirke
 40447 | D:15     | Found a glowing silver altar of Zin.
 40747 | D:15     | Found a staircase to the Depths.
 40833 | D:15     | Noticed Louise
 40852 | D:15     | Killed Louise
 41083 | D:15     | Found a deep blue altar of Sif Muna.
 41703 | D:15     | Reached skill level 5 in Air Magic
 41703 | D:15     | Gained mutation: You regenerate a little health from kills.
                  | [demonic ancestry]
 41703 | D:15     | Reached XP level 16. HP: 134/134 MP: 34/34
 41928 | D:7      | Bought an uncursed ring of poison resistance for 300 gold
                  | pieces
 42085 | Orc:2    | Bought a potion of curing for 96 gold pieces
 42298 | Snake:1  | Entered Level 1 of the Snake Pit
 42302 | Snake:1  | Reached skill level 5 in Charms
 42302 | Snake:1  | Received a gift from Sif Muna
 42302 | Snake:1  | Identified the cursed +2 broad axe of Zeirr {antimagic,
                  | rC+}
 42442 | Lair:2   | Gained mutation: You are mostly covered in large bone
                  | plates. (SH +6) [demonic ancestry]
 42442 | Lair:2   | Reached XP level 17. HP: 115/140 MP: 4/35
 42531 | Lair:2   | Learned a level 4 spell: Summon Lightning Spire
 42699 | Snake:1  | Found a transporter.
 42700 | Snake:1  | Found a transporter.
 42721 | Snake:1  | Noticed Gorice's ghost (adept DsWn)
 43278 | Snake:1  | Found Aptadim's Jewellery Shop.
 43279 | Snake:1  | Found Animinti's Gadget Shoppe.
 43279 | Snake:1  | Found Musm's Jewellery Shop.
 44844 | Snake:2  | Found Qeucoovi's Book Emporium.
 45588 | Snake:3  | Got a jewelled helmet
 45594 | Snake:2  | Identified the +0 helmet of Coronation {rPois} (You found
                  | it on level 3 of the Snake Pit)
 45794 | Snake:3  | Received a gift from Sif Muna
 45869 | Snake:3  | Reached skill level 15 in Spellcasting
 47171 | Snake:4  | Entered Level 4 of the Snake Pit
 47333 | Snake:4  | Reached skill level 1 in Armour
 47716 | Snake:4  | Found Bopom's Weapon Shoppe.
 47774 | Snake:4  | Found a runed translucent gate.
 47776 | Snake:4  | Found a runed translucent gate.
 47776 | Snake:4  | Found an opulent altar of Gozag.
 47777 | Snake:4  | Found a runed translucent gate.
 47779 | Snake:4  | Noticed Zanta616's ghost (adept VSAs)
 47872 | Snake:4  | Gained mutation: You regenerate health from kills. [demonic
                  | ancestry]
 47872 | Snake:4  | Reached XP level 18. HP: 130/147 MP: 0/37
 48133 | Snake:3  | Learned a level 6 spell: Iron Shot
 48937 | Snake:4  | Identified Kaisk's Compendium of Dark Snow (Sif Muna gifted
                  | it to you on level 4 of the Snake Pit)
 48937 | Snake:4  | Received a gift from Sif Muna
 49133 | Shoals:1 | Entered Level 1 of the Shoals
 49150 | Shoals:1 | Noticed Frances
 49176 | Shoals:1 | Killed Frances
 51507 | Shoals:3 | Noticed Ilsuiw
 51518 | Shoals:2 | Killed Ilsuiw
 52372 | Shoals:3 | Noticed Polyphemus
 52381 | Shoals:3 | Killed Polyphemus
 52407 | Shoals:3 | Identified Lee's Guide on Earthen Damage Dealing (Sif Muna
                  | gifted it to you on level 3 of the Shoals)
 52407 | Shoals:3 | Received a gift from Sif Muna
 52813 | Shoals:4 | Entered Level 4 of the Shoals
 53317 | Elf:1    | Entered Level 1 of the Elven Halls
 53531 | Elf:1    | Gained mutation: You are completely covered in large bone
                  | plates. (SH +8) [demonic ancestry]
 53531 | Elf:1    | Reached XP level 19. HP: 154/154 MP: 4/39
 53694 | Orc:2    | Upgraded the game from 0.23-a0-890-gc183402 to
                  | 0.23-a0-899-gbbae0a3
 53802 | Elf:1    | Identified Roxanne's Incunabulum of the Rocks
 53802 | Elf:1    | Noticed Roxanne
 53807 | Elf:1    | Killed Roxanne
 54082 | Elf:1    | Found Nokan's Book Boutique.
 54097 | Elf:1    | Found Duepuz's Armour Shop.
 54097 | Elf:1    | Found Raf Tepp's Magic Scroll Boutique.
 54101 | Elf:1    | Found Xianivume's Gadget Shop.
 54155 | Elf:1    | Bought a scroll of summoning for 171 gold pieces
 54155 | Elf:1    | Bought a scroll of summoning for 171 gold pieces
 54155 | Elf:1    | Bought a scroll of magic mapping for 63 gold pieces
 54155 | Elf:1    | Bought a scroll of identify for 36 gold pieces
 54155 | Elf:1    | Bought a scroll of magic mapping for 63 gold pieces
 54155 | Elf:1    | Bought a scroll of magic mapping for 63 gold pieces
 54155 | Elf:1    | Bought a scroll of identify for 36 gold pieces
 54155 | Elf:1    | Bought a scroll of identify for 36 gold pieces
 54230 | Elf:1    | Identified Sif Muna's Disquisition on Confrontation (Sif
                  | Muna gifted it to you on level 1 of the Elven Halls)
 54230 | Elf:1    | Received a gift from Sif Muna
 54275 | Elf:1    | Learned a level 6 spell: Bolt of Fire
 54280 | Elf:1    | Learned a level 3 spell: Regeneration
 54700 | Elf:1    | Identified the +2 leather armour of Duty {+Fly MP-9 Int+2
                  | SInv}
 55168 | Elf:2    | Found Esuan's Jewellery Boutique.
 55579 | Elf:2    | Found a runed translucent gate.
 55579 | Elf:2    | Found a runed translucent gate.
 55579 | Elf:2    | Found a runed translucent gate.
 55937 | Elf:3    | Entered Level 3 of the Elven Halls
 55985 | Elf:3    | Found a radiant altar of Vehumet.
 55995 | Elf:3    | Found an ancient bone altar of Kikubaaqudgha.
 56301 | Elf:3    | Found Umezxesmoi's General Store.
 56317 | Elf:3    | Found Zeigyeh's General Store.
 56323 | Elf:3    | Bought a scroll of immolation for 49 gold pieces
 56323 | Elf:3    | Bought a scroll of identify for 28 gold pieces
 56329 | Elf:3    | Bought a scroll of immolation for 56 gold pieces
 56329 | Elf:3    | Bought a potion of brilliance for 64 gold pieces
 56329 | Elf:3    | Bought a scroll of identify for 32 gold pieces
 56329 | Elf:3    | Bought a scroll of amnesia for 56 gold pieces
 56364 | Elf:3    | Identified the +7 long sword of the Extremely Mad {drain,
                  | +Blink rC+ Int+2 Stlth+}
 56576 | Elf:3    | Found a radiant altar of Vehumet.
 57015 | Elf:3    | Found a radiant altar of Vehumet.
 58043 | Elf:3    | Identified Oloalyh's Collected Works on Quantum Enchantment
                  | (Sif Muna gifted it to you on level 3 of the Elven Halls)
 58043 | Elf:3    | Received a gift from Sif Muna
 58336 | Elf:3    | Identified the +6 rapier of Doom {protect, MR+}
 58444 | Elf:3    | Identified the amulet of the Foremost Gods {+Rage rElec
                  | rF++ rC+}
 58801 | Elf:3    | Mutation became permanent: You are robust. (+10% HP)
                  | [demonic ancestry]
 58801 | Elf:3    | Gained mutation: You are robust. (+10% HP) [demonic
                  | ancestry]
 58801 | Elf:3    | Reached XP level 20. HP: 88/161 MP: 11/40
 59410 | Elf:3    | Got a glittering jade amulet
 59411 | Elf:3    | Identified the amulet "Reyvapub" {RegenMP rF+ Dex-4 Stlth+}
                  | (You found it on level 3 of the Elven Halls)
 59419 | Elf:3    | Got a blackened leather armour
 59420 | Elf:3    | Identified the +2 leather armour "Jafesh" {rC- MR+ Int+4
                  | Dex+3} (You found it on level 3 of the Elven Halls)
 59430 | Elf:3    | Got a jewelled shortbow
 59477 | Elf:3    | Got an ivory battleaxe
 59496 | Elf:3    | Got a crude great sword
 59747 | Elf:2    | Bought the ring of Fiton {rPois rN+ MR+} for 625 gold
                  | pieces
 60007 | D:13     | Found a gate to the Vaults.
 60095 | D:10     | Noticed Nergalle
 60097 | D:10     | Killed Nergalle
 60484 | Snake:4  | Identified Sif Muna's Advanced Guide to Wizardry (Sif Muna
                  | gifted it to you on level 4 of the Snake Pit)
 60484 | Snake:4  | Received a gift from Sif Muna
 60562 | Snake:3  | Learned a level 2 spell: Swiftness
 60565 | Snake:3  | Learned a level 2 spell: Passwall
 60953 | Snake:4  | Reached skill level 10 in Earth Magic
 61148 | Snake:4  | Got a serpentine rune of Zot
 61232 | Snake:4  | Killed Zanta616's ghost
 61756 | Shoals:4 | Reached skill level 15 in Invocations
 61923 | Shoals:4 | Identified the cursed +1 plate armour of Piram {Int+3
                  | Stlth+}
 62536 | Shoals:4 | Identified Fikkepor's Reference Book on the Burning
                  | Mountains (Sif Muna gifted it to you on level 4 of the
                  | Shoals)
 62536 | Shoals:4 | Received a gift from Sif Muna
 62898 | Shoals:4 | Got a barnacled rune of Zot
 63206 | Shoals:4 | Identified Numuf's Reference Book on Lucky Displacement
 63536 | D:7      | Bought an uncursed ring of protection from cold for 375
                  | gold pieces
 63659 | D:10     | Learned a level 8 spell: Ignition
 63780 | Vaults:1 | Entered Level 1 of the Vaults
 64348 | Vaults:1 | Reached XP level 21. HP: 124/168 MP: 31/42
 65335 | Vaults:1 | Identified Sif Muna's Collected Works on Evil Arts and
                  | Poisoning (Sif Muna gifted it to you on level 1 of the
                  | Vaults)
 65335 | Vaults:1 | Received a gift from Sif Muna
 67061 | Vaults:2 | Identified Sif Muna's Tome of Curses (Sif Muna gifted it to
                  | you on level 2 of the Vaults)
 67061 | Vaults:2 | Received a gift from Sif Muna
 67589 | Vaults:2 | Found Noprepeu's Gadget Shoppe.
 67789 | Vaults:2 | Reached skill level 15 in Fire Magic
 67982 | Vaults:2 | Learned a level 5 spell: Borgnjor's Vile Clutch
 68281 | Vaults:2 | Reached skill level 1 in Necromancy
 68897 | Vaults:3 | Found a staircase to the Crypt.
 68910 | Vaults:3 | Identified Sif Muna's Guide on Lucky Weightlessness (Sif
                  | Muna gifted it to you on level 3 of the Vaults)
 68910 | Vaults:3 | Received a gift from Sif Muna
 69648 | Vaults:3 | Reached skill level 5 in Necromancy
 69985 | Vaults:4 | Reached XP level 22. HP: 174/174 MP: 29/45
 70060 | Vaults:4 | Found a flickering gateway to a bazaar.
 70069 | Bazaar   | Entered a bazaar
 70069 | Bazaar   | Found Uhofi's Armour Boutique.
 70069 | Bazaar   | Found Bukler's Antique Weapon Shop.
 70069 | Bazaar   | Found Qumait's Antique Armour Shop.
 70320 | Vaults:4 | Noticed Boris
 70853 | Vaults:4 | Killed Boris
 71096 | Vaults:4 | Received a gift from Sif Muna
 71508 | Vaults:4 | Found a hazy altar of Hepliaklqana.
 72349 | Crypt:1  | Entered Level 1 of the Crypt
 72640 | Crypt:1  | Received a gift from Sif Muna
 73297 | Crypt:1  | You fall through a shaft!
 74207 | Crypt:2  | Noticed Boris
 74280 | Crypt:2  | Killed Boris
 75225 | Crypt:3  | Entered Level 3 of the Crypt
 75498 | Crypt:3  | Noticed Frederick
 75503 | Crypt:3  | Killed Frederick
 75666 | Crypt:3  | Noticed Boris
 75702 | Crypt:3  | Identified Sif Muna's Papyrus of Harmful Envenoming (Sif
                  | Muna gifted it to you on level 3 of the Crypt)
 75702 | Crypt:3  | Received a gift from Sif Muna
 75859 | Crypt:3  | Gained mutation: You have hooves in place of feet. [demonic
                  | ancestry]
 75859 | Crypt:3  | Reached XP level 23. HP: 181/181 MP: 28/47
 76127 | Crypt:3  | Found a staircase to the Tomb.
 76377 | Crypt:3  | Killed Boris
 76895 | Crypt:3  | Identified the +9 dagger "Omameib" {flame, rC+ Str+2}
 77127 | Crypt:3  | Identified the amulet "Wulukewu" {rC+ Regen+ MP+9 Str+2}
 77365 | Crypt:3  | Found an ancient bone altar of Kikubaaqudgha.
 77399 | Crypt:3  | Received a gift from Sif Muna
 77684 | Crypt:3  | Identified the ring of False Pretenses {rN+ Str+2 Dex+2}
 77688 | Crypt:3  | Noticed an ancient lich
 78160 | Crypt:3  | Killed an ancient lich
 79058 | Snake:1  | Found a bloodstained altar of Trog.
 79075 | Snake:1  | Killed Gorice's ghost
 79373 | Depths:1 | Entered Level 1 of the Depths
 79373 | Depths:1 | Found a one-way gate to the infinite horrors of the Abyss.
 79853 | Depths:1 | Identified Sif Muna's Volume of Twisted Weightlessness (Sif
                  | Muna gifted it to you on level 1 of the Depths)
 79853 | Depths:1 | Received a gift from Sif Muna
 80259 | Depths:1 | Found a gateway to Hell.
 81117 | Depths:1 | Found the +9 sword of Zonguldrok {reap}
 81126 | Depths:1 | Gained mutation: You regenerate a lot of health from kills.
                  | [demonic ancestry]
 81126 | Depths:1 | Reached XP level 24. HP: 170/189 MP: 0/48
 81555 | Depths:2 | Identified Sif Muna's Reference Book on Doomed
                  | Transmutation (Sif Muna gifted it to you on level 2 of the
                  | Depths)
 81555 | Depths:2 | Received a gift from Sif Muna
 81694 | Depths:2 | Found a gateway to a ziggurat.
 81776 | Depths:2 | Found a shimmering altar of Xom.
 81994 | Depths:2 | Found a one-way gate leading to the halls of Pandemonium.
 83838 | Depths:3 | Identified the ring of Kuqur {Fire MR+ Str-5 Int+3}
 84051 | Depths:3 | Noticed Asterion
 84054 | Depths:3 | Killed Asterion
 84523 | Depths:3 | Reached skill level 10 in Dodging
 85046 | Depths:3 | Identified the cursed +3 hunting sling "Egeajeol" {freeze,
                  | rC+ Dex+3}
 85828 | Depths:4 | Identified Sif Muna's Almanac of the Several Scars (Sif
                  | Muna gifted it to you on level 4 of the Depths)
 85828 | Depths:4 | Received a gift from Sif Muna
 86028 | Depths:4 | Found a portal to a secret trove of treasure.
 86282 | Depths:4 | Found Zaebrosaz's Jewellery Shop.
 86405 | Depths:4 | Noticed Boris
 86804 | Depths:4 | Killed Boris
 86804 | Depths:4 | Gained mutation: You are very robust. (+20% HP) [demonic
                  | ancestry]
 86804 | Depths:4 | Reached XP level 25. HP: 180/220 MP: 5/49
 87608 | Depths:5 | Entered Level 5 of the Depths
 88532 | Depths:5 | Noticed Margery
 88560 | Depths:5 | Killed Margery
 89761 | Depths:5 | Received a gift from Sif Muna
 89804 | Depths:5 | Found a gate to the Realm of Zot.
 89942 | Depths:5 | Found Ocrom's Book Shop.
 90734 | Slime:1  | Entered Level 1 of the Pits of Slime
 91328 | Slime:5  | Entered Level 5 of the Pits of Slime
 91426 | Slime:5  | Gained mutation: You occasionally shout uncontrollably at
                  | your foes. [a shining eye]
 91511 | Slime:5  | Gained mutation: Armour fits poorly on your strangely
                  | shaped body. [a shining eye]
 91523 | Slime:5  | Noticed the Royal Jelly
 91529 | Slime:5  | Killed the Royal Jelly
 91682 | Slime:5  | Gained mutation: You are completely attuned to the shadows.
                  | [demonic ancestry]
 91682 | Slime:5  | Reached XP level 26. HP: 240/240 MP: 29/50
 91820 | Slime:5  | Reached skill level 15 in Fighting
 91918 | Slime:5  | Found the +12 Vampire's Tooth {vamp}
 91927 | Slime:5  | Got a blackened long sword
 91928 | Slime:5  | Identified the cursed +0 long sword of the Weasel {venom,
                  | rElec MP+9 Str+3 Int-3 Stlth+} (You found it on level 5 of
                  | the Pits of Slime)
 92004 | Slime:5  | Got a slimy rune of Zot
 92008 | Slime:5  | Identified the Disquisition on Flying Poisoning
 93692 | Slime:2  | Received a gift from Sif Muna
 95534 | Depths:4 | You paid a toll of 17 scrolls of identify to enter a
                  | treasure trove
 95535 | Trove    | Entered a treasure trove
 95545 | Trove    | Got a faintly humming robe
 95548 | Trove    | Got a steaming plate armour
 95551 | Trove    | Got a smoking helmet
 95555 | Trove    | Got a fine buckler
 95557 | Trove    | Got a crude crystal plate armour
 95560 | Trove    | Got a warped large shield
 95562 | Trove    | Got a brightly glowing plate armour
 95565 | Trove    | Got a heavily runed cloak
 95624 | Trove    | Identified the +1 helmet of Insatiable Hunger {-Cast rPois
                  | Str+3 Slay+2} (You found it in a treasure trove)
 95667 | Depths:4 | Identified the -3 cloak "Ceasiap" {rC+ Str+5 Int-2} (You
                  | found it in a treasure trove)
 95669 | Depths:4 | Identified the +0 buckler of Rockas {rPois Int+2} (You
                  | found it in a treasure trove)
 95682 | Depths:4 | Identified the +0 robe "Upheupsa" {Dex+3} (You found it in
                  | a treasure trove)
 95684 | Depths:4 | Identified the +3 plate armour of Alillix {rElec rC+} (You
                  | found it in a treasure trove)
 95686 | Depths:4 | Identified the +0 crystal plate armour of Watchfulness
                  | {+Inv Dex+3} (You found it in a treasure trove)
 95688 | Depths:4 | Identified the +4 plate armour "Duasek" {rPois MR+ Dex+4}
                  | (You found it in a treasure trove)
 95690 | Depths:4 | Identified the +6 large shield of the Skies Above {+Blink
                  | Str+8 Int-3 SInv} (You found it in a treasure trove)
 95723 | Depths:4 | Learned a level 9 spell: Fire Storm
 95734 | Depths:4 | Lost mutation: You occasionally shout uncontrollably at
                  | your foes. [potion of mutation]
 95734 | Depths:4 | Lost mutation: You have sharp fingernails. [potion of
                  | mutation]
 95734 | Depths:4 | Lost mutation: Armour fits poorly on your strangely shaped
                  | body. [potion of mutation]
 95734 | Depths:4 | Gained mutation: You can translocate small distances at
                  | will. [potion of mutation]
 95734 | Depths:4 | Gained mutation: Armour fits poorly on your strangely
                  | shaped body. [potion of mutation]
 95734 | Depths:4 | Gained mutation: You expend magic power (3 MP) to
                  | strengthen your wands. [potion of mutation]
 95735 | Depths:4 | Lost mutation: You expend magic power (3 MP) to strengthen
                  | your wands. [potion of mutation]
 95735 | Depths:4 | Lost mutation: You can translocate small distances at will.
                  | [potion of mutation]
 95735 | Depths:4 | Lost mutation: Armour fits poorly on your strangely shaped
                  | body. [potion of mutation]
 95735 | Depths:4 | Gained mutation: You are resistant to electric shocks.
                  | (rElec) [potion of mutation]
 95735 | Depths:4 | Gained mutation: Your body sometimes deteriorates upon
                  | taking damage. [potion of mutation]
 95735 | Depths:4 | Gained mutation: You evolve. [potion of mutation]
 95735 | Depths:4 | Gained mutation: You can translocate small distances at
                  | will. [potion of mutation]
 96134 | Vaults:5 | Entered Level 5 of the Vaults
 96193 | Vaults:5 | Identified Sif Muna's Guide on Dislocation (Sif Muna gifted
                  | it to you on level 5 of the Vaults)
 96193 | Vaults:5 | Received a gift from Sif Muna
 96320 | Vaults:5 | Noticed an ancient lich
 96324 | Vaults:5 | Killed an ancient lich
 96342 | Vaults:5 | Reached skill level 15 in Conjurations
 96519 | Vaults:5 | Noticed an ancient lich
 96529 | Vaults:5 | Killed an ancient lich
 96747 | Vaults:5 | Received a gift from Sif Muna
 96963 | Vaults:5 | Found Imynist's Armour Shoppe.
 97306 | Vaults:5 | Gained mutation: You are extremely robust. (+30% HP)
                  | [demonic ancestry]
 97306 | Vaults:5 | Reached XP level 27. HP: 241/269 MP: 40/51
 97777 | Vaults:5 | Identified the Guide on Nocuous Fire
 97784 | Vaults:5 | Got a silver rune of Zot
 97896 | Vaults:5 | Identified the +8 rapier "Vaocont" {freeze, Str+5}
 98105 | Vaults:5 | Received a gift from Sif Muna
 98999 | Vaults:5 | Got a distressingly furry cloak
 99000 | Vaults:5 | Identified the +2 cloak of the Constellations {Str+7} (You
                  | found it on level 5 of the Vaults)
 99807 | Zot:1    | Entered Level 1 of the Realm of Zot
100491 | Zot:1    | Identified Sif Muna's Catalogue of the Entourage and Clay
                  | (Sif Muna gifted it to you on level 1 of the Realm of Zot)
100491 | Zot:1    | Received a gift from Sif Muna
101092 | Zot:2    | Got a dazzling helmet
101093 | Zot:2    | Identified the -7 helmet "Uddog" {rF+ rC+} (You found it on
                  | level 2 of the Realm of Zot)
101599 | Zot:2    | Identified Xugiaf's Handbook of Companions and Stones (Sif
                  | Muna gifted it to you on level 2 of the Realm of Zot)
101599 | Zot:2    | Received a gift from Sif Muna
103470 | Zot:3    | Got a slimy hand axe
103471 | Zot:3    | Identified the +5 hand axe of Sin {freeze, Str+2 Dex+6}
                  | (You found it on level 3 of the Realm of Zot)
103842 | Zot:3    | Reached ****** piety under Sif Muna
104631 | Zot:3    | Noticed an orb of fire
105040 | Zot:4    | Found a runed translucent gate.
105040 | Zot:4    | Found a runed translucent gate.
105041 | Zot:4    | Found a runed translucent gate.
105042 | Zot:4    | Found an opulent altar of Gozag.
105042 | Zot:4    | Found Yfyoxuecs's Assorted Antiques.
105045 | Zot:4    | Noticed Noname's ghost (master SpCK)
106724 | Zot:5    | Entered Level 5 of the Realm of Zot
107108 | Zot:5    | Identified the ring "Biheegu" {Str+7 Int+3}
107601 | Zot:4    | Found a runed translucent gate.
107601 | Zot:4    | Found a runed translucent gate.
107602 | Zot:4    | Found a runed translucent gate.
107603 | Zot:4    | Found an opulent altar of Gozag.
107603 | Zot:4    | Found Yfyoxuecs's Assorted Antiques.
109523 | Zot:4    | Killed Noname's ghost
109708 | Zot:4    | Bought a shiny buckler for 210 gold pieces
109729 | Zot:4    | Bought a blackened marble ring for 140 gold pieces
109729 | Zot:4    | Bought a scroll of teleportation for 84 gold pieces
109729 | Zot:4    | Bought a potion of heal wounds for 140 gold pieces
109729 | Zot:4    | Bought a scroll of identify for 56 gold pieces
109729 | Zot:4    | Bought a fabulously ornate robe for 159 gold pieces
109729 | Zot:4    | Bought a scroll of acquirement for 1456 gold pieces
109733 | Zot:4    | Identified the +1 robe of Courage {rF+ rC+ Int+3} (You
                  | bought it in a shop on level 4 of the Realm of Zot)
110252 | Snake:1  | Bought a wand of acid (9) for 338 gold pieces
110252 | Snake:1  | Bought a wand of digging (5) for 234 gold pieces
110252 | Snake:1  | Bought a wand of iceblast (3) for 91 gold pieces
110252 | Snake:1  | Bought a wand of scattershot (4) for 312 gold pieces
110254 | Snake:1  | Bought the ring of Tomorrow {Wiz Dex+2 SInv Stlth+} for 915
                  | gold pieces
110485 | Elf:1    | Gained mutation: You are agile. (Dex +2) [evolution]
110650 | Elf:2    | Reached skill level 27 in Spellcasting
111320 | Orc:2    | Bought a scroll of enchant armour for 240 gold pieces
111320 | Orc:2    | Bought a scroll of enchant armour for 240 gold pieces
112391 | Pan      | Entered Pandemonium
112422 | Pan      | Found an exit through the horrors of the Abyss.
112449 | Pan      | Learned a level 1 spell: Apportation
112462 | Pan      | Got a faintly glowing iron ring
112463 | Pan      | Identified the ring "Egoampi" {MR+ MP+9} (You found it in
                  | Pandemonium)
112744 | Pan      | Noticed Tych the pandemonium lord
112748 | Pan      | Killed Tych the pandemonium lord
113882 | Pan      | Found a runed translucent door.
113889 | Pan      | Got a demonic rune of Zot
114146 | Pan      | Entered the realm of Lom Lobon.
114582 | Pan      | Noticed Lom Lobon
114595 | Pan      | Killed Lom Lobon
114736 | Pan      | Got a magical rune of Zot
114903 | Depths:2 | Escaped Pandemonium
114909 | Pan      | Entered Pandemonium
114953 | Pan      | Noticed Kirch the pandemonium lord
114963 | Pan      | Killed Kirch the pandemonium lord
115077 | Pan      | Found a transporter.
115082 | Pan      | Got a pair of shimmering gloves
115083 | Pan      | Identified the +0 pair of gloves "Uquudeaxo" {rPois rCorr
                  | Dex-3} (You found it in Pandemonium)
115217 | Pan      | Found a transporter.
115251 | Pan      | Found a transporter.
115404 | Pan      | Found an exit through the horrors of the Abyss.
115488 | Pan      | Found a transporter.
115512 | Pan      | Found a transporter.
116070 | Pan      | Got a bound lead ring
116079 | Pan      | Identified the ring "Efoewkel" {rPois rN+ Str-4 Int+5 SInv}
                  | (You found it in Pandemonium)
116918 | Pan      | Found an exit through the horrors of the Abyss.
117237 | Pan      | Entered the realm of Mnoleg.
117447 | Pan      | Noticed Mnoleg
117454 | Pan      | Killed Mnoleg
117643 | Pan      | Got a glowing rune of Zot
117841 | Pan      | Found an exit through the horrors of the Abyss.
117866 | Pan      | Entered the realm of Gloorx Vloq.
117878 | Pan      | Found an exit through the horrors of the Abyss.
118287 | Pan      | Noticed Gloorx Vloq
118295 | Pan      | Killed Gloorx Vloq
118318 | Pan      | Got a dark rune of Zot
119743 | Depths:2 | Escaped Pandemonium
119745 | Pan      | Entered Pandemonium
120034 | Pan      | Learned a level 8 spell: Lehudib's Crystal Spear
120059 | Pan      | Noticed Ignacio
120067 | Pan      | Killed Ignacio
120308 | Pan      | Entered the realm of Cerebov.
120668 | Pan      | Identified the cursed +1 acid dragon scales of Kirefaqo
                  | {rElec rCorr Dex+2 Stlth+}
120668 | Pan      | Identified the amulet "Kulociake" {RegenMP rF+ rN+ Int+2}
121077 | Pan      | Learned a level 8 spell: Controlled Blink
121107 | Pan      | Identified the +6 sword of Cerebov {flame}
121107 | Pan      | Noticed Cerebov
121122 | Pan      | Reached skill level 5 in Translocations
121179 | Pan      | Killed Cerebov
121406 | Pan      | Identified Qanony's Reference Book on Malediction
121465 | Pan      | Got a fiery rune of Zot
122386 | Pan      | Reached skill level 10 in Translocations
123422 | Pan      | Found an exit through the horrors of the Abyss.
123644 | Depths:2 | Escaped Pandemonium
123664 | Depths:2 | Learned a level 8 spell: Necromutation
124204 | Pan      | Entered Pandemonium
124701 | Pan      | Noticed Gyzifil the pandemonium lord
124707 | Pan      | Killed Gyzifil the pandemonium lord
125049 | Pan      | Got a translucent marble ring
125050 | Pan      | Identified the ring "Ryubues" {Fire Dex-2 Slay+4} (You
                  | found it in Pandemonium)
125302 | Pan      | Got a slimy large shield
125303 | Pan      | Identified the +5 large shield of the Moon {Dex+3} (You
                  | took it off a daeva in Pandemonium)
125361 | Pan      | Found a glowing silver altar of Zin.
125659 | Pan      | Reached skill level 15 in Translocations
126839 | Pan      | Identified the ring "Seset" {*Tele rPois}
126913 | Pan      | Identified the +7 plate armour of Cauff {+Inv Dex+4 Slay-5}
126913 | Pan      | Identified the ring of Esyobra {rCorr rElec}
126913 | Pan      | Noticed a seraph
126957 | Pan      | Killed a seraph
126960 | Pan      | Got a translucent mace
126962 | Pan      | Found a glowing golden altar of the Shining One.
126985 | Pan      | Identified Oramul's Almanac of the Voyage and Attacks
127956 | Pan      | Found a white marble altar of Elyvilon.
128000 | Pan      | Reached skill level 1 in Transmutations
129106 | Pan      | Reached skill level 5 in Transmutations
129117 | Pan      | Lost mutation: Your body sometimes deteriorates upon taking
                  | damage. [evolution]
129117 | Pan      | Lost mutation: You evolve. [end of evolution]
129453 | Pan      | Found a glowing golden altar of the Shining One.
130778 | Pan      | Reached skill level 10 in Necromancy
132051 | Pan      | Found a glowing golden altar of the Shining One.
132410 | Pan      | Found a glowing silver altar of Zin.
133893 | Pan      | Found a glowing silver altar of Zin.
134582 | Pan      | Reached skill level 10 in Transmutations
134813 | Pan      | Found a glowing golden altar of the Shining One.
135291 | Pan      | Found a glowing silver altar of Zin.
136179 | Pan      | Found a glowing golden altar of the Shining One.
137187 | Pan      | Identified the +2 large shield "Mesuqint" {rPois rC+ Int+3}
137693 | Pan      | Found a glowing silver altar of Zin.
138025 | Pan      | Found a glowing golden altar of the Shining One.
139274 | Pan      | Found a glowing silver altar of Zin.
139342 | Pan      | Reached skill level 15 in Necromancy
139715 | Pan      | Found a glowing golden altar of the Shining One.
140054 | Pan      | Identified the cursed +0 large shield of Eternity {Str+3
                  | Int-5 Dex+8}
140446 | Pan      | Found a glowing golden altar of the Shining One.
140626 | Pan      | Found a glowing silver altar of Zin.
140919 | Pan      | Found a glowing silver altar of Zin.
141371 | Pan      | Found a glowing golden altar of the Shining One.
142380 | Pan      | Identified the +3 large shield "Ycoask" {Str-4 Dex+4
                  | Stlth+}
142537 | Pan      | Found a glowing golden altar of the Shining One.
142656 | Pan      | Found a glowing silver altar of Zin.
143182 | Pan      | Identified the cursed +0 large shield of Ubephep {*Contam
                  | rCorr Str+2 Dex+4}
145009 | Pan      | Found a glowing golden altar of the Shining One.
145131 | Pan      | Found a glowing silver altar of Zin.
145639 | Pan      | Reached skill level 15 in Transmutations
146470 | Pan      | Found a glowing silver altar of Zin.
146688 | Pan      | Reached skill level 5 in Shields
146997 | Pan      | Found a glowing golden altar of the Shining One.
148403 | Pan      | Found a glowing silver altar of Zin.
148995 | Pan      | Upgraded the game from 0.23-a0-899-gbbae0a3 to
                  | 0.24-a0-7-g1bb0902
149036 | Pan      | Found a glowing golden altar of the Shining One.
149189 | Pan      | Reached skill level 10 in Evocations
150700 | Pan      | Found a glowing silver altar of Zin.
151620 | Pan      | Found a glowing golden altar of the Shining One.
153961 | Pan      | Reached skill level 10 in Shields
154284 | Pan      | Found a white marble altar of Elyvilon.
154682 | Pan      | Found a glowing silver altar of Zin.
155167 | Pan      | Found a glowing golden altar of the Shining One.
156050 | Pan      | Identified the cursed +0 large shield of the Wilderness
                  | {rC+}
156502 | Pan      | Found a glowing silver altar of Zin.
156821 | Pan      | Reached skill level 15 in Evocations
157031 | Pan      | Reached skill level 1 in Throwing
157277 | Pan      | Found a glowing golden altar of the Shining One.
157855 | Pan      | Reached skill level 5 in Throwing
158802 | Pan      | Found a glowing silver altar of Zin.
159466 | Pan      | Found a glowing golden altar of the Shining One.
160203 | Pan      | Reached skill level 15 in Shields
160882 | Pan      | Found a glowing silver altar of Zin.
161302 | Pan      | Found a glowing golden altar of the Shining One.
161483 | Pan      | Reached skill level 10 in Throwing
163093 | Pan      | Found a glowing silver altar of Zin.
163449 | Pan      | Found a glowing golden altar of the Shining One.
164674 | Pan      | Found a glowing silver altar of Zin.
164932 | Pan      | Identified the cursed +0 large shield of Distant Shores
                  | {rPois rF+ rC- rCorr Dex+4}
165513 | Pan      | Found a glowing golden altar of the Shining One.
166611 | Pan      | Found a glowing golden altar of the Shining One.
166742 | Pan      | Found a glowing silver altar of Zin.
168782 | Pan      | Found a glowing silver altar of Zin.
169128 | Pan      | Found a glowing golden altar of the Shining One.
170966 | Pan      | Found a glowing silver altar of Zin.
171674 | Pan      | Found a glowing golden altar of the Shining One.
174007 | Pan      | Found a glowing silver altar of Zin.
174405 | Pan      | Found a glowing golden altar of the Shining One.
174502 | Pan      | Reached skill level 15 in Throwing
175739 | Pan      | Identified the cursed +0 large shield of Protective Custody
                  | {+Fly MR+}
176213 | Pan      | Found a glowing silver altar of Zin.
176495 | Pan      | Found a glowing golden altar of the Shining One.
178075 | Pan      | Found a glowing silver altar of Zin.
178523 | Pan      | Found a glowing golden altar of the Shining One.
180047 | Pan      | Found a glowing silver altar of Zin.
180552 | Pan      | Found a glowing golden altar of the Shining One.
181248 | Pan      | Found a glowing golden altar of the Shining One.
181381 | Pan      | Found a glowing silver altar of Zin.
183037 | Pan      | Found a glowing silver altar of Zin.
183651 | Pan      | Found a glowing golden altar of the Shining One.
184718 | Pan      | Identified the +7 large shield "Epheush" {Int+2}
185652 | Pan      | Found a glowing silver altar of Zin.
185740 | Pan      | Identified the +4 large shield of the Well-Known Tales
                  | {Regen+ Int-5 Dex+5 Slay+5}
186006 | Pan      | Found a glowing golden altar of the Shining One.
187101 | Pan      | Found a glowing golden altar of the Shining One.
187358 | Pan      | Found a glowing silver altar of Zin.
188429 | Pan      | Found a glowing golden altar of the Shining One.
188790 | Pan      | Found a glowing silver altar of Zin.
189523 | Pan      | Learned a level 9 spell: Shatter
189536 | Pan      | Learned a level 9 spell: Glaciate
190702 | Pan      | Found a glowing silver altar of Zin.
191589 | Pan      | Reached skill level 5 in Ice Magic
192831 | Pan      | Identified the +2 buckler "Fodaeh" {MR+ Str+3 Slay+3}
192924 | Pan      | Found a glowing golden altar of the Shining One.
193001 | Pan      | Identified the +5 large shield "Sishru" {MP+9 Int+3}
193099 | Pan      | Identified the +3 large shield of the Earth {rC+}
193283 | Pan      | Found a glowing silver altar of Zin.
193412 | Pan      | Identified the +8 large shield of Xaeff {Int+3}
195340 | Pan      | Found a glowing silver altar of Zin.
196053 | Pan      | Found a glowing golden altar of the Shining One.
196857 | Pan      | Reached skill level 10 in Ice Magic
197932 | Pan      | Found a glowing silver altar of Zin.
198400 | Pan      | Found a glowing golden altar of the Shining One.
199214 | Pan      | Found a glowing silver altar of Zin.
199494 | Pan      | Found a glowing golden altar of the Shining One.
201651 | Pan      | Reached skill level 15 in Ice Magic
202524 | Depths:2 | Escaped Pandemonium
202579 | Depths:2 | Learned a level 9 spell: Tornado
202587 | Depths:2 | Learned a level 6 spell: Darkness
202716 | Zig:1    | Entered Level 1 of a ziggurat
202754 | Zig:2    | Entered Level 2 of a ziggurat
202759 | Zig:2    | Reached skill level 1 in Hexes
202816 | Zig:2    | Got a fine dagger
202828 | Zig:3    | Entered Level 3 of a ziggurat
202865 | Zig:3    | Got an ivory arbalest
202892 | Zig:4    | Entered Level 4 of a ziggurat
202939 | Zig:5    | Entered Level 5 of a ziggurat
203042 | Zig:5    | Got a warped long sword
203070 | Zig:5    | Identified the +8 dagger of the Tiger {venom, rElec rC+++
                  | Str-5 Int+4} (You found it on level 2 of a ziggurat)
203072 | Zig:5    | Identified the cursed +2 long sword of Profit {drain, MR+
                  | MP+9 Int+4} (You found it on level 5 of a ziggurat)
203079 | Zig:6    | Entered Level 6 of a ziggurat
203178 | Zig:7    | Entered Level 7 of a ziggurat
203277 | Zig:7    | Got a translucent dire flail
203316 | Zig:8    | Entered Level 8 of a ziggurat
203372 | Zig:8    | Got an encrusted fustibalus
203403 | Zig:8    | Got an iridescent rapier
203432 | Zig:8    | Identified the +3 fustibalus "Zopiyna" {flame, rPois rF+
                  | rN+ Str+4} (You found it on level 8 of a ziggurat)
203434 | Zig:8    | Identified the +8 rapier of Dithmenos's Hope {drain, Int+2
                  | Dex+4} (You found it on level 8 of a ziggurat)
203446 | Zig:9    | Entered Level 9 of a ziggurat
203455 | Zig:9    | Found the +8 Wrath of Trog {antimagic, *Rage}
203525 | Zig:9    | Got an ichor-stained dagger
203565 | Zig:9    | Identified the cursed +3 dagger of World Downfall
                  | {antimagic, +Rage rF+ Int+3} (You found it on level 9 of a
                  | ziggurat)
203653 | Zig:10   | Entered Level 10 of a ziggurat
203663 | Zig:10   | Reached skill level 5 in Hexes
203802 | Zig:11   | Entered Level 11 of a ziggurat
203902 | Zig:11   | Identified Sif Muna's Collected Works on Curses
203910 | Zig:11   | Got a scorched quarterstaff
203981 | Zig:12   | Entered Level 12 of a ziggurat
204069 | Zig:12   | Got a translucent great sword
204083 | Zig:12   | Got a shimmering leather armour
204146 | Zig:12   | Identified the +1 leather armour of Time Monsters {Str+3}
                  | (You found it on level 12 of a ziggurat)
204166 | Zig:13   | Entered Level 13 of a ziggurat
204260 | Zig:13   | Got a smoking shortbow
204267 | Zig:13   | Got a transparent trident
204350 | Zig:14   | Entered Level 14 of a ziggurat
204362 | Zig:14   | Noticed Nemmy the pandemonium lord
204363 | Zig:14   | Noticed Boczur the pandemonium lord
204363 | Zig:14   | Noticed Hojeb the pandemonium lord
204364 | Zig:14   | Noticed Xucelay the pandemonium lord
204366 | Zig:14   | Killed Hojeb the pandemonium lord
204367 | Zig:14   | Reached skill level 15 in Earth Magic
204369 | Zig:14   | Killed Boczur the pandemonium lord
204370 | Zig:14   | Killed Nemmy the pandemonium lord
204370 | Zig:14   | Killed Xucelay the pandemonium lord
204379 | Zig:14   | Noticed Sucuvv Xoneq the pandemonium lord
204385 | Zig:14   | Killed Sucuvv Xoneq the pandemonium lord
204417 | Zig:14   | Got a heavily runed ring mail
204425 | Zig:14   | Got a wavering iron ring
204437 | Zig:14   | Got a scorched demon trident
204488 | Zig:14   | Identified the +6 demon trident "Zunnau" {antimagic,
                  | *Corrode rN++} (You found it on level 14 of a ziggurat)
204501 | Zig:14   | Identified the +1 ring mail "Zappo" {SInv} (You found it on
                  | level 14 of a ziggurat)
204567 | Zig:15   | Entered Level 15 of a ziggurat
204669 | Zig:15   | Got a fine robe
204783 | Zig:15   | Identified the cursed +0 robe of Mezcal {rPois Int+3 SInv}
                  | (You found it on level 15 of a ziggurat)
204784 | Zig:15   | Identified the ring of Taiwk {rPois rC+} (You found it on
                  | level 14 of a ziggurat)
204811 | Zig:16   | Entered Level 16 of a ziggurat
204959 | Zig:16   | Got an ivory flail
204968 | Zig:16   | Identified the Collected Works on Shifting Dark Secrets
205079 | Zig:16   | Identified the cursed +1 flail "Pymeesch" {crush, rPois rC-
                  | Str+7 Int-3} (You found it on level 16 of a ziggurat)
205101 | Zig:17   | Entered Level 17 of a ziggurat
205283 | Zig:17   | Got an encrusted chain mail
205294 | Zig:17   | Identified the +7 chain mail of the Six Realms {rC+} (You
                  | found it on level 17 of a ziggurat)
205307 | Zig:17   | Got a scorched shortbow
205343 | Zig:17   | Got a transparent hand crossbow
205344 | Zig:17   | Identified the +4 hand crossbow of Moxepp {penet, *Corrode
                  | Str+6} (You found it on level 17 of a ziggurat)
205348 | Zig:17   | Got a steaming pewter ring
205350 | Zig:17   | Identified the ring "Zop Irch" {rN+ MP+9 Int+2} (You found
                  | it on level 17 of a ziggurat)
205366 | Zig:17   | Got an iridescent arbalest
205369 | Zig:17   | Got a twisted whip
205370 | Zig:17   | Identified the +10 whip "Etaughikh" {drain, +Fly rPois rF-
                  | Str+6} (You found it on level 17 of a ziggurat)
205482 | Zig:18   | Entered Level 18 of a ziggurat
205722 | Zig:18   | Got a sparkling bone ring
205724 | Zig:18   | Identified the ring "Sythreki" {rC++ Int+2 Dex-4 SInv} (You
                  | found it on level 18 of a ziggurat)
205732 | Zig:18   | Got a vibrating diamond amulet
205733 | Zig:18   | Identified the amulet of Tataoxam {Reflect rC+ Dex+2 SH+2}
                  | (You found it on level 18 of a ziggurat)
205853 | Zig:19   | Entered Level 19 of a ziggurat
205862 | Zig:19   | Noticed a juggernaut
205862 | Zig:19   | Noticed a juggernaut
205868 | Zig:19   | Killed a juggernaut
205871 | Zig:19   | Noticed a juggernaut
205872 | Zig:19   | Noticed a juggernaut
205874 | Zig:19   | Killed a juggernaut
205874 | Zig:19   | Killed a juggernaut
205875 | Zig:19   | Killed a juggernaut
205875 | Zig:19   | Noticed a juggernaut
205876 | Zig:19   | Noticed a juggernaut
205878 | Zig:19   | Killed a juggernaut
205880 | Zig:19   | Killed a juggernaut
205969 | Zig:19   | Got a warped scythe
205977 | Zig:19   | Got a polished plate armour
205988 | Zig:19   | Identified the cursed +0 plate armour of the Peasants
                  | {rPois Dex+3} (You found it on level 19 of a ziggurat)
206042 | Zig:19   | Identified the +2 scale mail "Atruq" {Str+2} (You found it
                  | on level 19 of a ziggurat)
206211 | Zig:20   | Entered Level 20 of a ziggurat
206230 | Zig:20   | Found the +7 longbow "Piercer" {penet, EV-2}
206302 | Zig:20   | Found the macabre finger necklace {rN+}
206316 | Zig:20   | Identified Oseidgh's Volume of Unstable Stones
206505 | Zig:20   | Identified Sif Muna's Disquisition on Mutagenic Attacks
206508 | Zig:20   | Got a pitted cloak
206519 | Zig:20   | Identified the +2 cloak "Cileto Rycke" {*Slow +Blink +Fly
                  | Int+9} (You found it on level 20 of a ziggurat)
206535 | Zig:20   | Got an encrusted scimitar
206536 | Zig:20   | Identified the cursed +1 scimitar of the Final Stars
                  | {drain, Str+4} (You found it on level 20 of a ziggurat)
206684 | Zig:21   | Entered Level 21 of a ziggurat
206868 | Zig:21   | Found the ring of Phasing {EV+8}
206939 | Zig:21   | Found the ring of the Octopus King
206971 | Zig:21   | Identified the Tome of Earth and the Escort
206974 | Zig:21   | Identified the Incunabulum of Doomed Protection
206978 | Zig:21   | Identified the Reference Book on Dusty Contamination
207002 | Zig:21   | Got a crude jade ring
207004 | Zig:21   | Identified the cursed ring of Pyromania {rPois rC+ Str+4
                  | Int-4} (You found it on level 21 of a ziggurat)
207011 | Zig:21   | Got a ring of the Octopus King
207012 | Zig:21   | Identified a ring of the Octopus King {rC+ AC+1 EV+1 Str+1
                  | Int+1 Dex+1} (You found it on level 21 of a ziggurat)
207137 | Zig:22   | Entered Level 22 of a ziggurat
207153 | Zig:22   | Noticed a greater mummy
207160 | Zig:22   | Killed a greater mummy
207162 | Zig:22   | Noticed a greater mummy
207164 | Zig:22   | Noticed a greater mummy
207165 | Zig:22   | Killed a greater mummy
207165 | Zig:22   | Noticed a greater mummy
207166 | Zig:22   | Killed a greater mummy
207169 | Zig:22   | Killed a greater mummy
207169 | Zig:22   | Noticed a greater mummy
207171 | Zig:22   | Killed a greater mummy
207172 | Zig:22   | Noticed a greater mummy
207176 | Zig:22   | Noticed a greater mummy
207178 | Zig:22   | Killed a greater mummy
207181 | Zig:22   | Killed a greater mummy
207250 | Zig:22   | Got a fabulously ornate robe
207261 | Zig:22   | Identified the +1 robe of Misanthropy {Dex+3} (You found it
                  | on level 22 of a ziggurat)
207275 | Zig:22   | Got a twisted war axe
207278 | Zig:22   | Identified the +3 war axe of Light {vamp, rF+ rN+ Dex+4}
                  | (You found it on level 22 of a ziggurat)
207301 | Zig:22   | Got a brightly glowing hand axe
207302 | Zig:22   | Identified the cursed +1 hand axe "Utesuwno" {drain, *Noise
                  | +Blink rF+++ Dex+4} (You found it on level 22 of a
                  | ziggurat)
207310 | Zig:22   | Got a faintly glowing great mace
207335 | Zig:22   | Got a crude long sword
207336 | Zig:22   | Identified the +4 long sword of Qifocw {drain, rF+ MR+}
                  | (You found it on level 22 of a ziggurat)
207455 | Zig:23   | Entered Level 23 of a ziggurat
207686 | Zig:23   | Got a bloodstained battleaxe
207696 | Zig:23   | Got a faintly glowing robe
207707 | Zig:23   | Identified the +1 robe of the Catfish {Int+3} (You found it
                  | on level 23 of a ziggurat)
207923 | Zig:24   | Entered Level 24 of a ziggurat
208013 | Zig:24   | Found the +4 dagger "Morg" {pain, MR+ Int+5}
208076 | Zig:24   | Got a warped ivory ring
208078 | Zig:24   | Identified the ring "Dumufau" {+Inv MP+9 Stlth-} (You found
                  | it on level 24 of a ziggurat)
208108 | Zig:24   | Got a shimmering short sword
208109 | Zig:24   | Identified the +7 short sword of Gozag's Brutal Revenge
                  | {freeze, Int+3 Dex+2} (You found it on level 24 of a
                  | ziggurat)
208306 | Zig:25   | Entered Level 25 of a ziggurat
208347 | Zig:25   | Found the brooch of Shielding {Reflect SH+8}
208462 | Zig:25   | Got a pitted leather armour
208473 | Zig:25   | Identified the cursed +0 leather armour of Death Resistance
                  | {rN+ Str+3} (You found it on level 25 of a ziggurat)
208728 | Zig:26   | Entered Level 26 of a ziggurat
208861 | Zig:26   | Found the +8 trident of the Octopus King {venom, rElec
                  | rPois MR+}
208879 | Zig:26   | Identified the amulet of Plog {Faith Dex+7} (You found it
                  | on level 26 of a ziggurat)
208888 | Zig:26   | Got a polished hand axe
208889 | Zig:26   | Identified the +9 hand axe of Integrity {protect, +Rage
                  | rElec rN+} (You found it on level 26 of a ziggurat)
208915 | Zig:26   | Got a crude morningstar
208916 | Zig:26   | Identified the +6 morningstar of Wondrous Power {speed, rC+
                  | Int+2} (You found it on level 26 of a ziggurat)
209131 | Zig:27   | Entered Level 27 of a ziggurat
209186 | Zig:27   | Found the amulet of the Four Winds {rN+ MR+++ Clar}
209280 | Zig:27   | Identified the Grimoire of Noxious Attacks
209300 | Zig:27   | Got an ivory broad axe
209303 | Zig:27   | Identified the +8 broad axe of Grace {chop, +Inv MR+} (You
                  | found it on level 27 of a ziggurat)
209323 | Zig:27   | Identified the amulet "Rehumou" {Gourm *Contam Str+3
                  | Slay+4} (You found it on level 27 of a ziggurat)
209324 | Zig:27   | Identified Quot's Papyrus of Dark Rites and the Rocks
209366 | Zig:27   | Identified the +7 rapier "Duffy's Bane" {drain, Int+3} (You
                  | found it on level 27 of a ziggurat)
209991 | Temple   | Entered the Ecumenical Temple
210166 | Zig:1    | Entered Level 1 of a ziggurat
210207 | Zig:2    | Entered Level 2 of a ziggurat
210263 | Zig:3    | Entered Level 3 of a ziggurat
210328 | Zig:4    | Entered Level 4 of a ziggurat
210396 | Zig:4    | Got a bone longbow
210397 | Zig:4    | Identified the Volume of Entrancing Conjuration
210408 | Zig:5    | Entered Level 5 of a ziggurat
210451 | Zig:5    | Got a warped ring mail
210462 | Zig:5    | Identified the +5 ring mail of the Untouchables {rPois rC+
                  | Stlth+} (You found it on level 5 of a ziggurat)
210475 | Zig:5    | Got a jewelled scythe
210481 | Zig:5    | Got a steaming dagger
210483 | Zig:5    | Identified the +8 dagger of Zevept {vamp, Str+2 Dex+7} (You
                  | found it on level 5 of a ziggurat)
210503 | Zig:6    | Entered Level 6 of a ziggurat
210610 | Zig:6    | Got an ancient mace
210613 | Zig:6    | Identified the +8 mace of Twilight {crush, rF+ Int-4 Dex+4}
                  | (You found it on level 6 of a ziggurat)
210644 | Zig:7    | Entered Level 7 of a ziggurat
210653 | Zig:7    | Found the amulet of the Air {Inacc +Fly rElec EV+5 RMsl}
210657 | Zig:7    | Found the +3 giant club "Skullcrusher" {speed, Str+7}
210755 | Zig:8    | Entered Level 8 of a ziggurat
210762 | Zig:8    | Noticed an ancient lich
210762 | Zig:8    | Paralysed by an ancient lich for 6 turns
210771 | Zig:8    | Killed an ancient lich
210771 | Zig:8    | Reached skill level 10 in Air Magic
210859 | Zig:8    | Got a distressingly furry plate armour
210870 | Zig:8    | Identified the +2 plate armour of Ethics {rPois rF+ Str-4
                  | SInv} (You found it on level 8 of a ziggurat)
210882 | Zig:8    | Got a vibrating silver ring
210884 | Zig:8    | Identified the ring "Zeh Dampuiq" {Wiz Str-5 Dex+4 SInv}
                  | (You found it on level 8 of a ziggurat)
210910 | Zig:8    | Got a faintly glowing quarterstaff
210942 | Zig:9    | Entered Level 9 of a ziggurat
211013 | Zig:9    | Got a crude hand axe
211014 | Zig:9    | Identified the +8 hand axe of the Dead {protect, *Rage rC+
                  | rN++ Stlth+} (You found it on level 9 of a ziggurat)
211018 | Zig:9    | Got a warped pewter ring
211020 | Zig:9    | Identified the ring "Maam" {rElec Dex+2 SInv} (You found it
                  | on level 9 of a ziggurat)
211044 | Zig:9    | Got a shimmering ring mail
211055 | Zig:9    | Identified the cursed +1 ring mail of Insatiable Hunger
                  | {rC++ Dex+2} (You found it on level 9 of a ziggurat)
211068 | Zig:9    | Got a clouded gossamer ring
211070 | Zig:9    | Identified the ring of Pessimism {-Tele rF+ Int+3 Stlth+}
                  | (You found it on level 9 of a ziggurat)
211121 | Zig:10   | Entered Level 10 of a ziggurat
211147 | Zig:10   | Got a smoking iron ring
211314 | Zig:10   | Identified the ring "Ceschuoc" {rF+ Int+3 Dex+2} (You found
                  | it on level 10 of a ziggurat)
211336 | Zig:11   | Entered Level 11 of a ziggurat
211460 | Zig:11   | Got a brightly glowing scimitar
211465 | Zig:11   | Identified the +4 scimitar of Twilight {venom, *Rage rElec
                  | MR+ Int+3} (You found it on level 11 of a ziggurat)
211467 | Zig:11   | Got a twisted robe
211482 | Zig:11   | Identified the +2 robe of Freedom {rN+ rCorr MP-9 Int+3}
                  | (You found it on level 11 of a ziggurat)
211501 | Zig:11   | Got a pitted copper ring
211523 | Zig:11   | Identified the ring "Kanamo" {rElec rF+ rC++ MR- Dex+10}
                  | (You found it on level 11 of a ziggurat)
211559 | Zig:12   | Entered Level 12 of a ziggurat
211657 | Zig:12   | Got a faintly glowing plate armour
211713 | Zig:12   | Identified the +4 plate armour of Kaonk {rC+} (You found it
                  | on level 12 of a ziggurat)
211784 | Zig:13   | Entered Level 13 of a ziggurat
211802 | Zig:13   | Noticed Hoabeimos the pandemonium lord
211804 | Zig:13   | Noticed Huimokku the pandemonium lord
211809 | Zig:13   | Killed Huimokku the pandemonium lord
211811 | Zig:13   | Noticed Niom the pandemonium lord
211813 | Zig:13   | Noticed Mealek the pandemonium lord
211817 | Zig:13   | Killed Hoabeimos the pandemonium lord
211822 | Zig:13   | Killed Mealek the pandemonium lord
211822 | Zig:13   | Killed Niom the pandemonium lord
211908 | Zig:13   | Found the +8 demon blade "Bloodbane" {slice, *Rage +Rage
                  | Stlth-}
211913 | Zig:13   | Got an ichor-stained plate armour
211924 | Zig:13   | Identified the +15 plate armour of the Catfish {+Inv Dex+3}
                  | (You found it on level 13 of a ziggurat)
211948 | Zig:13   | Identified the Incunabulum of Unholy Enchantment
211974 | Zig:14   | Entered Level 14 of a ziggurat
212027 | Zig:14   | Got a scorched lead ring
212031 | Zig:14   | Identified the ring of Liuzon {+Inv rPois rF+ Str+4 Dex-4}
                  | (You found it on level 14 of a ziggurat)
212049 | Zig:14   | Got a warped tin amulet
212050 | Zig:14   | Identified the amulet of Neorepu {Reflect Int+3 SH+2} (You
                  | found it on level 14 of a ziggurat)
212054 | Zig:14   | Got a shimmering quarterstaff
212060 | Zig:14   | Got a smoking falchion
212061 | Zig:14   | Identified the cursed +2 falchion of Indomitability {slice,
                  | Int-3 Dex+4 SInv} (You found it on level 14 of a ziggurat)
212075 | Zig:14   | Got an encrusted hand crossbow
212076 | Zig:14   | Identified the +1 hand crossbow "Ultimatum" {venom, *Drain
                  | rF++ Str+4} (You found it on level 14 of a ziggurat)
212119 | Zig:15   | Entered Level 15 of a ziggurat
212144 | Zig:15   | Reached skill level 15 in Air Magic
212159 | Zig:15   | Got a pitted flail
212160 | Zig:15   | Identified the +5 flail of the Yoke {crush, -Tele rF++
                  | Str+5} (You found it on level 15 of a ziggurat)
212164 | Zig:15   | Got a dazzling eveningstar
212165 | Zig:15   | Identified the +6 eveningstar "Taanorph" {antimagic, MP+9
                  | Stlth+} (You found it on level 15 of a ziggurat)
212231 | Zig:15   | Identified the Compendium of the Blaze and Stones
212236 | Zig:15   | Got a faintly glowing marble ring
212238 | Zig:15   | Identified the ring "Guor" {Fire Str+4} (You found it on
                  | level 15 of a ziggurat)
212282 | Zig:15   | Reached skill level 27 in Invocations
212321 | Zig:16   | Entered Level 16 of a ziggurat
212451 | Zig:16   | Got a slimy ring mail
212462 | Zig:16   | Identified the +0 ring mail "Osuvaesy" {Regen+} (You found
                  | it on level 16 of a ziggurat)
212476 | Zig:16   | Got a pitted jade amulet
212477 | Zig:16   | Identified the amulet "Puteeje" {Harm *Drain Dex+2 Stlth+}
                  | (You found it on level 16 of a ziggurat)
212482 | Zig:16   | Got a blackened battleaxe
212496 | Zig:16   | Got a fine ring mail
212507 | Zig:16   | Identified the +4 ring mail of Moqed {MR+} (You found it on
                  | level 16 of a ziggurat)
212546 | Zig:17   | Entered Level 17 of a ziggurat
212571 | Zig:17   | Killed Ithrairo the pandemonium lord
212617 | Zig:17   | Got a distressingly furry buckler
212620 | Zig:17   | Got a glittering wooden ring
212622 | Zig:17   | Identified the ring "Nanizaa" {rPois Int+2} (You found it
                  | on level 17 of a ziggurat)
212645 | Zig:17   | Got a smoking long sword
212646 | Zig:17   | Identified the cursed +1 long sword "Edghaniqu" {elec,
                  | Int+3} (You found it on level 17 of a ziggurat)
212651 | Zig:17   | Got a brightly glowing cloak
212662 | Zig:17   | Identified the cursed -1 cloak of the Unseen Realm {*Slow
                  | rN+ Dex+4} (You found it on level 17 of a ziggurat)
212715 | Zig:18   | Entered Level 18 of a ziggurat
212788 | Zig:18   | Got a smoking battleaxe
212802 | Zig:18   | Identified Qeum Mar's Compendium of Unstable Heat
212855 | Zig:19   | Entered Level 19 of a ziggurat
213018 | Zig:19   | Identified the Almanac of Captivating Cold
213106 | Zig:20   | Entered Level 20 of a ziggurat
213222 | Zig:20   | Got a slimy morningstar
213223 | Zig:20   | Identified the cursed +0 morningstar of the New World
                  | {crush, Dex+3} (You found it on level 20 of a ziggurat)
213229 | Zig:20   | Got a pitted hunting sling
213230 | Zig:20   | Identified the +8 hunting sling "Zifrun" {freeze, MR+++
                  | Str+5 Int-4} (You found it on level 20 of a ziggurat)
213234 | Zig:20   | Got a heavily runed amber ring
213236 | Zig:20   | Identified the ring of Red Wine {rN+ Str+4 Dex+4} (You
                  | found it on level 20 of a ziggurat)
213255 | Zig:20   | Got a translucent leather armour
213266 | Zig:20   | Identified the +3 leather armour of Beogh's Benevolence
                  | {rCorr Str+4 SInv} (You found it on level 20 of a ziggurat)
213283 | Zig:20   | Got a clouded platinum ring
213285 | Zig:20   | Identified the ring "Banek" {SInv Stlth-} (You found it on
                  | level 20 of a ziggurat)
213306 | Zig:20   | Got a scorched short sword
213307 | Zig:20   | Identified the +6 short sword of Earthquakes {protect,
                  | +Blink rPois rF- MP+9} (You found it on level 20 of a
                  | ziggurat)
213382 | Zig:21   | Entered Level 21 of a ziggurat
213546 | Zig:21   | Got a smoking jade ring
213548 | Zig:21   | Identified the ring "Hagiofaw" {rPois rC+ Stlth+} (You
                  | found it on level 21 of a ziggurat)
213578 | Zig:21   | Got a translucent shortbow
213583 | Zig:21   | Got a smoking glaive
213629 | Zig:22   | Entered Level 22 of a ziggurat
213735 | Zig:22   | Got a pitted leather armour
213746 | Zig:22   | Identified the cursed +1 leather armour "Duxaunink" {rN+
                  | Str+5 Int+4 Dex-3} (You found it on level 22 of a ziggurat)
213769 | Zig:22   | Got a faintly glowing marble ring
213771 | Zig:22   | Identified the ring of Vusesmec {rElec MR+} (You found it
                  | on level 22 of a ziggurat)
213798 | Zig:22   | Got a crude spear
213799 | Zig:22   | Identified the +6 spear "Sarcophage" {pierce, +Rage rN+ MR-
                  | Int+4} (You found it on level 22 of a ziggurat)
213802 | Zig:22   | Identified the Papyrus of Attacks
213845 | Zig:23   | Entered Level 23 of a ziggurat
213893 | Zig:23   | Found the +5 scythe "Finisher" {speed, eviscerate}
213895 | Zig:23   | Got a translucent brass ring
213914 | Zig:23   | Got a smoking hand axe
213915 | Zig:23   | Identified the +1 hand axe of Responsibility {elec, Str+2}
                  | (You found it on level 23 of a ziggurat)
213918 | Zig:23   | Identified the Incunabulum of Quantum Feathers
213921 | Zig:23   | Got an ancient platinum ring
213923 | Zig:23   | Identified the ring of the Mutiny {*Tele +Blink rPois MR-
                  | MP+9 Dex+4} (You found it on level 23 of a ziggurat)
213928 | Zig:23   | Identified the ring of Fydaga {rElec rC+ Str+2} (You found
                  | it on level 23 of a ziggurat)
213948 | Zig:23   | Got a crude silver ring
213950 | Zig:23   | Identified the ring "Hobrim" {rC++ rN+ Str+3} (You found it
                  | on level 23 of a ziggurat)
213969 | Zig:23   | Got a twisted short sword
213970 | Zig:23   | Identified the +7 short sword of the Hundredfold Songs
                  | {pierce, MP+9} (You found it on level 23 of a ziggurat)
213978 | Zig:23   | Got a smelly plate armour
213989 | Zig:23   | Identified the cursed +1 plate armour of Rationality {rF+
                  | rN+} (You found it on level 23 of a ziggurat)
214003 | Zig:23   | Got a translucent spear
214004 | Zig:23   | Identified the +6 spear of the Desert {elec, rPois rC+}
                  | (You found it on level 23 of a ziggurat)
214008 | Zig:23   | Got a smoking leather armour
214019 | Zig:23   | Identified the +1 leather armour of the Unstoppable Scars
                  | {Str+4} (You found it on level 23 of a ziggurat)
214062 | Zig:23   | Got a sapphire lajatang
214115 | Zig:24   | Entered Level 24 of a ziggurat
214194 | Zig:24   | Found the cursed +14 obsidian axe {chop, +Fly SInv *Curse}
214229 | Zig:24   | Got a sparkling wooden ring
214231 | Zig:24   | Identified the ring "Zawn" {rC+ SInv} (You found it on
                  | level 24 of a ziggurat)
214261 | Zig:24   | Identified the cursed ring "Xazudopp" {MR- AC-2 Str+5
                  | Stlth+} (You found it on level 24 of a ziggurat)
214313 | Zig:25   | Entered Level 25 of a ziggurat
214382 | Zig:25   | Got a twisted hunting sling
214383 | Zig:25   | Identified the +6 hunting sling "Worm's Wrath" {freeze,
                  | rElec rPois rC+ Str-2} (You found it on level 25 of a
                  | ziggurat)
214485 | Zig:25   | Got a scorched ring mail
214496 | Zig:25   | Identified the +8 ring mail of Xoric {rF+ rC+ rCorr Str-4}
                  | (You found it on level 25 of a ziggurat)
214558 | Zig:26   | Entered Level 26 of a ziggurat
214802 | Zig:26   | Found the ring of the Octopus King
214811 | Zig:26   | Got an ancient mace
214812 | Zig:26   | Identified the +4 mace of Ash {crush, Int+7} (You found it
                  | on level 26 of a ziggurat)
214824 | Zig:26   | Identified the Almanac of Creative Moulding
214834 | Zig:26   | Reached skill level 27 in Evocations
214838 | Zig:26   | Got a crude short sword
214839 | Zig:26   | Identified the cursed +0 short sword of Sozeap {pain, SInv
                  | Stlth+} (You found it on level 26 of a ziggurat)
214869 | Zig:26   | Got a ring of the Octopus King
214873 | Zig:26   | Identified a ring of the Octopus King {rN+ AC+1 EV+1 Str+1
                  | Int+1 Dex+1} (You found it on level 26 of a ziggurat)
214943 | Zig:27   | Entered Level 27 of a ziggurat
214956 | Zig:27   | Noticed a juggernaut
214958 | Zig:27   | Killed a juggernaut
214958 | Zig:27   | Noticed a juggernaut
214961 | Zig:27   | Killed a juggernaut
214961 | Zig:27   | Noticed a juggernaut
214965 | Zig:27   | Killed a juggernaut
214965 | Zig:27   | Noticed a juggernaut
214968 | Zig:27   | Noticed a juggernaut
214969 | Zig:27   | Reached skill level 15 in Dodging
214970 | Zig:27   | Killed a juggernaut
214970 | Zig:27   | Killed a juggernaut
214971 | Zig:27   | Noticed a juggernaut
214973 | Zig:27   | Killed a juggernaut
214976 | Zig:27   | Killed a juggernaut
215067 | Zig:27   | Got a slimy dagger
215068 | Zig:27   | Identified the +5 dagger of Poverty {pain, rF+ rC+ Int+3
                  | SInv} (You found it on level 27 of a ziggurat)
215079 | Zig:27   | Identified the amulet "Uwnuop" {Faith rElec rC+ Str-2
                  | Stlth+} (You found it on level 27 of a ziggurat)
215082 | Zig:27   | Identified the ring of Jotipp {*Tele rPois rC+ Dex-4
                  | Stlth+} (You found it on level 27 of a ziggurat)
215084 | Zig:27   | Identified the +6 hunting sling of Uddur {venom, rElec
                  | Str-2 Dex+4} (You found it on level 27 of a ziggurat)
215089 | Zig:27   | Identified Ereshkigal's Catalogue of Sinister Confrontation
215097 | Zig:27   | Identified the ring "Jall" {rN+ MR+} (You found it on level
                  | 27 of a ziggurat)
216348 | Temple   | Lost mutation: You are agile. (Dex +2) [potion of mutation]
216348 | Temple   | Lost mutation: You can translocate small distances at will.
                  | [potion of mutation]
216348 | Temple   | Lost mutation: You are resistant to electric shocks.
                  | (rElec) [potion of mutation]
216348 | Temple   | Gained mutation: Your flesh is cold resistant. (rC+)
                  | [potion of mutation]
216348 | Temple   | Gained mutation: You have a pair of small horns on your
                  | head. [potion of mutation]
216348 | Temple   | Gained mutation: Your system is resistant to poisons.
                  | (rPois) [potion of mutation]
216348 | Temple   | Gained mutation: You are agile. (Dex +2) [potion of
                  | mutation]
216350 | Temple   | Lost mutation: Your system is resistant to poisons. (rPois)
                  | [potion of mutation]
216350 | Temple   | Lost mutation: You have a pair of small horns on your head.
                  | [potion of mutation]
216350 | Temple   | Gained mutation: Your spells are a little harder to cast,
                  | but a little more powerful. [potion of mutation]
216350 | Temple   | Lost mutation: You are agile. (Dex +2) [potion of mutation]
216350 | Temple   | Gained mutation: You expend magic power (3 MP) to
                  | strengthen your wands. [potion of mutation]
216351 | Temple   | Lost mutation: Your flesh is cold resistant. (rC+) [potion
                  | of mutation]
216351 | Temple   | Lost mutation: Your spells are a little harder to cast, but
                  | a little more powerful. [potion of mutation]
216351 | Temple   | Gained mutation: Your mind is acute. (Int +2) [potion of
                  | mutation]
216351 | Temple   | Gained mutation: Your spells are a little harder to cast,
                  | but a little more powerful. [potion of mutation]
216352 | Temple   | Lost mutation: Your spells are a little harder to cast, but
                  | a little more powerful. [potion of mutation]
216352 | Temple   | Lost mutation: Your mind is acute. (Int +2) [potion of
                  | mutation]
216352 | Temple   | Gained mutation: You occasionally shout uncontrollably at
                  | your foes. [potion of mutation]
216352 | Temple   | Gained mutation: You possess an exceptional clarity of
                  | mind. [potion of mutation]
216353 | Temple   | Lost mutation: You possess an exceptional clarity of mind.
                  | [potion of mutation]
216353 | Temple   | Lost mutation: You occasionally shout uncontrollably at
                  | your foes. [potion of mutation]
216353 | Temple   | Lost mutation: You expend magic power (3 MP) to strengthen
                  | your wands. [potion of mutation]
216353 | Temple   | Gained mutation: Your mind is acute. (Int +2) [potion of
                  | mutation]
216353 | Temple   | Gained mutation: You expend magic power (3 MP) to
                  | strengthen your wands. [potion of mutation]
216353 | Temple   | Gained mutation: Your mind is very acute. (Int +4) [potion
                  | of mutation]
216353 | Temple   | Gained mutation: Your spells are a little harder to cast,
                  | but a little more powerful. [potion of mutation]
216354 | Temple   | Lost mutation: Your mind is very acute. (Int +4) [potion of
                  | mutation]
216354 | Temple   | Lost mutation: You expend magic power (3 MP) to strengthen
                  | your wands. [potion of mutation]
216354 | Temple   | Lost mutation: Your spells are a little harder to cast, but
                  | a little more powerful. [potion of mutation]
216354 | Temple   | Gained mutation: Your flesh is heat resistant. (rF+)
                  | [potion of mutation]
216354 | Temple   | Lost mutation: Your flesh is heat resistant. (rF+) [potion
                  | of mutation]
216354 | Temple   | Gained mutation: You do not regenerate when monsters are
                  | visible. [potion of mutation]
216354 | Temple   | Gained mutation: You are resistant to hostile enchantments.
                  | (MR+) [potion of mutation]
216355 | Temple   | Lost mutation: Your mind is acute. (Int +2) [potion of
                  | mutation]
216355 | Temple   | Lost mutation: You are resistant to hostile enchantments.
                  | (MR+) [potion of mutation]
216355 | Temple   | Gained mutation: Your muscles are strong. (Str +2) [potion
                  | of mutation]
216355 | Temple   | Gained mutation: You have a pair of small antennae on your
                  | head. [potion of mutation]
216355 | Temple   | Gained mutation: You possess an exceptional clarity of
                  | mind. [potion of mutation]
216356 | Temple   | Lost mutation: Your muscles are strong. (Str +2) [potion of
                  | mutation]
216356 | Temple   | Lost mutation: You have a pair of small antennae on your
                  | head. [potion of mutation]
216356 | Temple   | Gained mutation: You are clumsy. (Dex -2) [potion of
                  | mutation]
216356 | Temple   | Gained mutation: You have a pair of small horns on your
                  | head. [potion of mutation]
216356 | Temple   | Gained mutation: You are resistant to hostile enchantments.
                  | (MR+) [potion of mutation]
216357 | Temple   | Lost mutation: You have a pair of small horns on your head.
                  | [potion of mutation]
216357 | Temple   | Lost mutation: You possess an exceptional clarity of mind.
                  | [potion of mutation]
216357 | Temple   | Lost mutation: You do not regenerate when monsters are
                  | visible. [potion of mutation]
216357 | Temple   | Gained mutation: Scrolls take you a little longer to read.
                  | [potion of mutation]
216357 | Temple   | Lost mutation: Scrolls take you a little longer to read.
                  | [potion of mutation]
216357 | Temple   | Gained mutation: You have supernaturally acute eyesight.
                  | (SInv) [potion of mutation]
216358 | Temple   | Lost mutation: You are clumsy. (Dex -2) [potion of
                  | mutation]
216358 | Temple   | Lost mutation: You are resistant to hostile enchantments.
                  | (MR+) [potion of mutation]
216358 | Temple   | Lost mutation: You have supernaturally acute eyesight.
                  | (SInv) [potion of mutation]
216358 | Temple   | Gained mutation: You possess an exceptional clarity of
                  | mind. [potion of mutation]
216358 | Temple   | Gained mutation: Armour fits poorly on your strangely
                  | shaped body. [potion of mutation]
216358 | Temple   | Gained mutation: Your flesh is cold resistant. (rC+)
                  | [potion of mutation]
216359 | Temple   | Lost mutation: Armour fits poorly on your strangely shaped
                  | body. [potion of mutation]
216359 | Temple   | Gained mutation: You are agile. (Dex +2) [potion of
                  | mutation]
216359 | Temple   | Gained mutation: Your magical capacity is low. (-10% MP)
                  | [potion of mutation]
216359 | Temple   | Gained mutation: You evolve. [potion of mutation]
216360 | Temple   | Lost mutation: You evolve. [potion of mutation]
216360 | Temple   | Lost mutation: You are agile. (Dex +2) [potion of mutation]
216360 | Temple   | Lost mutation: Your magical capacity is low. (-10% MP)
                  | [potion of mutation]
216360 | Temple   | Gained mutation: Your flesh is very cold resistant. (rC++)
                  | [potion of mutation]
216360 | Temple   | Gained mutation: You have a pair of small horns on your
                  | head. [potion of mutation]
216360 | Temple   | Gained mutation: You are agile. (Dex +2) [potion of
                  | mutation]
216361 | Temple   | Lost mutation: Your flesh is very cold resistant. (rC++)
                  | [potion of mutation]
216361 | Temple   | Lost mutation: You are agile. (Dex +2) [potion of mutation]
216361 | Temple   | Lost mutation: You possess an exceptional clarity of mind.
                  | [potion of mutation]
216361 | Temple   | Gained mutation: You have supernaturally acute eyesight.
                  | (SInv) [potion of mutation]
216361 | Temple   | Gained mutation: You are somewhat resistant to further
                  | mutation. [potion of mutation]
216362 | Temple   | Lost mutation: You have supernaturally acute eyesight.
                  | (SInv) [potion of mutation]
216362 | Temple   | Lost mutation: You have a pair of small horns on your head.
                  | [potion of mutation]
216362 | Temple   | Lost mutation: You are somewhat resistant to further
                  | mutation. [potion of mutation]
216362 | Temple   | Lost mutation: Your flesh is cold resistant. (rC+) [potion
                  | of mutation]
216362 | Temple   | Gained mutation: Armour fits poorly on your strangely
                  | shaped body. [potion of mutation]
216362 | Temple   | Gained mutation: You have a pair of small horns on your
                  | head. [potion of mutation]
216363 | Temple   | Lost mutation: You have a pair of small horns on your head.
                  | [potion of mutation]
216363 | Temple   | Lost mutation: Armour fits poorly on your strangely shaped
                  | body. [potion of mutation]
216363 | Temple   | Gained mutation: You have a pair of small horns on your
                  | head. [potion of mutation]
216363 | Temple   | Gained mutation: You evolve. [potion of mutation]
216363 | Temple   | Gained mutation: You are agile. (Dex +2) [potion of
                  | mutation]
216364 | Temple   | Lost mutation: You are agile. (Dex +2) [potion of mutation]
216364 | Temple   | Lost mutation: You have a pair of small horns on your head.
                  | [potion of mutation]
216364 | Temple   | Lost mutation: You evolve. [potion of mutation]
216364 | Temple   | Gained mutation: You are agile. (Dex +2) [potion of
                  | mutation]
216364 | Temple   | Gained mutation: You are dopey. (Int -2) [potion of
                  | mutation]
216364 | Temple   | Gained mutation: You have a pair of small horns on your
                  | head. [potion of mutation]
216365 | Temple   | Lost mutation: You are agile. (Dex +2) [potion of mutation]
216365 | Temple   | Lost mutation: You are dopey. (Int -2) [potion of mutation]
216365 | Temple   | Lost mutation: You have a pair of small horns on your head.
                  | [potion of mutation]
216365 | Temple   | Gained mutation: You are resistant to hostile enchantments.
                  | (MR+) [potion of mutation]
216365 | Temple   | Gained mutation: You are agile. (Dex +2) [potion of
                  | mutation]
216365 | Temple   | Gained mutation: You are covered in fur. (AC +1) [potion of
                  | mutation]
216365 | Temple   | Gained mutation: You have a pair of small horns on your
                  | head. [potion of mutation]
216366 | Temple   | Lost mutation: You are resistant to hostile enchantments.
                  | (MR+) [potion of mutation]
216366 | Temple   | Lost mutation: You have a pair of small horns on your head.
                  | [potion of mutation]
216366 | Temple   | Lost mutation: You are agile. (Dex +2) [potion of mutation]
216366 | Temple   | Gained mutation: You evolve. [potion of mutation]
216366 | Temple   | Gained mutation: You are resistant to hostile enchantments.
                  | (MR+) [potion of mutation]
216366 | Temple   | Gained mutation: You are agile. (Dex +2) [potion of
                  | mutation]
216366 | Temple   | Gained mutation: You are resistant to electric shocks.
                  | (rElec) [potion of mutation]
216367 | Temple   | Lost mutation: You are agile. (Dex +2) [potion of mutation]
216367 | Temple   | Gained mutation: You expend magic power (3 MP) to
                  | strengthen your wands. [potion of mutation]
216367 | Temple   | Lost mutation: You are resistant to hostile enchantments.
                  | (MR+) [potion of mutation]
216367 | Temple   | Gained mutation: You are resistant to hostile enchantments.
                  | (MR+) [potion of mutation]
216368 | Temple   | Lost mutation: You are resistant to electric shocks.
                  | (rElec) [potion of mutation]
216368 | Temple   | Lost mutation: You expend magic power (3 MP) to strengthen
                  | your wands. [potion of mutation]
216368 | Temple   | Lost mutation: You are resistant to hostile enchantments.
                  | (MR+) [potion of mutation]
216368 | Temple   | Gained mutation: You have a pair of small horns on your
                  | head. [potion of mutation]
216368 | Temple   | Gained mutation: Your mind is acute. (Int +2) [potion of
                  | mutation]
216369 | Temple   | Lost mutation: You evolve. [potion of mutation]
216369 | Temple   | Lost mutation: You have a pair of small horns on your head.
                  | [potion of mutation]
216369 | Temple   | Gained mutation: Your flesh is cold resistant. (rC+)
                  | [potion of mutation]
216369 | Temple   | Gained mutation: You have supernaturally acute eyesight.
                  | (SInv) [potion of mutation]
216370 | Temple   | Lost mutation: You are covered in fur. (AC +1) [potion of
                  | mutation]
216370 | Temple   | Lost mutation: Your flesh is cold resistant. (rC+) [potion
                  | of mutation]
216370 | Temple   | Gained mutation: You are covered in fur. (AC +1) [potion of
                  | mutation]
216370 | Temple   | Gained mutation: You expend magic power (3 MP) to
                  | strengthen your wands. [potion of mutation]
216370 | Temple   | Gained mutation: Your mind is very acute. (Int +4) [potion
                  | of mutation]
216371 | Temple   | Lost mutation: Your mind is very acute. (Int +4) [potion of
                  | mutation]
216371 | Temple   | Lost mutation: You have supernaturally acute eyesight.
                  | (SInv) [potion of mutation]
216371 | Temple   | Lost mutation: You expend magic power (3 MP) to strengthen
                  | your wands. [potion of mutation]
216371 | Temple   | Lost mutation: Your mind is acute. (Int +2) [potion of
                  | mutation]
216371 | Temple   | Gained mutation: Your muscles are strong. (Str +2) [potion
                  | of mutation]
216371 | Temple   | Gained mutation: Your muscles are very strong. (Str +4)
                  | [potion of mutation]
216371 | Temple   | Gained mutation: You are resistant to hostile enchantments.
                  | (MR+) [potion of mutation]
216372 | Temple   | Lost mutation: You are resistant to hostile enchantments.
                  | (MR+) [potion of mutation]
216372 | Temple   | Lost mutation: Your muscles are very strong. (Str +4)
                  | [potion of mutation]
216372 | Temple   | Lost mutation: Your muscles are strong. (Str +2) [potion of
                  | mutation]
216372 | Temple   | Gained mutation: You possess an exceptional clarity of
                  | mind. [potion of mutation]
216372 | Temple   | Gained mutation: You are agile. (Dex +2) [potion of
                  | mutation]
216451 | Zig:1    | Entered Level 1 of a ziggurat
216502 | Zig:2    | Entered Level 2 of a ziggurat
216633 | Zig:3    | Entered Level 3 of a ziggurat
216636 | Zig:3    | Killed an ancient lich
216720 | Zig:4    | Entered Level 4 of a ziggurat
216724 | Zig:4    | Noticed an orb of fire
216725 | Zig:4    | Noticed an orb of fire
216729 | Zig:4    | Killed an orb of fire
216730 | Zig:4    | Killed an orb of fire
216765 | Zig:5    | Entered Level 5 of a ziggurat
216901 | Zig:6    | Entered Level 6 of a ziggurat
217138 | Zig:7    | Entered Level 7 of a ziggurat
217209 | Zig:7    | Got a smoking dagger
217214 | Zig:7    | Identified the +6 dagger of the Land of Plenty {speed, MR+}
                  | (You found it on level 7 of a ziggurat)
217217 | Zig:7    | Identified the Reference Book on the Displaced Snowflakes
217253 | Zig:8    | Entered Level 8 of a ziggurat
217267 | Zig:8    | Found the +0 mask of the Dragon {MR+ Slay+3 SInv}
217357 | Zig:8    | Got an ichor-stained spear
217358 | Zig:8    | Identified the +5 spear "Cybizigof" {pierce, *Contam +Fly
                  | rC++ Stlth+} (You found it on level 8 of a ziggurat)
217646 | Zig:9    | Entered Level 9 of a ziggurat
217659 | Zig:9    | Found the +12 glaive of Prune {chop}
217751 | Zig:9    | Got a fine short sword
217752 | Zig:9    | Identified the +3 short sword "Xiewkiok" {venom, *Corrode
                  | rElec rN+ Dex+2} (You found it on level 9 of a ziggurat)
217815 | Zig:10   | Entered Level 10 of a ziggurat
217914 | Zig:10   | Identified the Guide on Creative Poison
217922 | Zig:10   | Got a scorched falchion
217955 | Zig:10   | Got an encrusted bardiche
218000 | Zig:11   | Entered Level 11 of a ziggurat
218014 | Zig:11   | Killed a greater mummy
218022 | Zig:11   | Killed a greater mummy
218027 | Zig:11   | Noticed a greater mummy
218028 | Zig:11   | Noticed a greater mummy
218031 | Zig:11   | Noticed a greater mummy
218032 | Zig:11   | Killed a greater mummy
218034 | Zig:11   | Killed a greater mummy
218035 | Zig:11   | Killed a greater mummy
218064 | Zig:11   | Got a smoking leather armour
218081 | Zig:11   | Identified the +1 leather armour of Somewhere Else {rCorr
                  | Stlth+} (You found it on level 11 of a ziggurat)
218108 | Zig:11   | Got a jewelled trident
218109 | Zig:11   | Identified the +5 trident "Jenkia" {pain, Dex+4} (You found
                  | it on level 11 of a ziggurat)
218166 | Zig:12   | Entered Level 12 of a ziggurat
218258 | Zig:12   | Got a slimy hand crossbow
218259 | Zig:12   | Identified the cursed +1 hand crossbow of the Fox {venom,
                  | rElec rC+} (You found it on level 12 of a ziggurat)
218300 | Zig:12   | Got a warped spear
218301 | Zig:12   | Identified the cursed +1 spear of Egomania {elec, *Drain
                  | rF- Int+5 Dex+8} (You found it on level 12 of a ziggurat)
218306 | Zig:12   | Got a jewelled battleaxe
218364 | Zig:13   | Entered Level 13 of a ziggurat
218471 | Zig:13   | Got a jewelled quarterstaff
218474 | Zig:13   | Got a translucent short sword
218475 | Zig:13   | Identified the +10 short sword of Banad {pierce, rC+ MR+}
                  | (You found it on level 13 of a ziggurat)
218559 | Zig:14   | Entered Level 14 of a ziggurat
218585 | Zig:14   | Found the +2 Maxwell's thermic engine {flame, freeze}
218608 | Zig:14   | Got a glittering pewter ring
218610 | Zig:14   | Identified the ring of Opsuzee {rC+ Dex+2} (You found it on
                  | level 14 of a ziggurat)
218616 | Zig:14   | Identified the Grimoire of Companions
218628 | Zig:14   | Got a shimmering robe
218639 | Zig:14   | Identified the +1 robe "Lokewiw" {-Cast rElec rC+ rN+++}
                  | (You found it on level 14 of a ziggurat)
218724 | Zig:15   | Entered Level 15 of a ziggurat
218741 | Zig:15   | Noticed an ancient lich
218742 | Zig:15   | Noticed an ancient lich
218743 | Zig:15   | Noticed an ancient lich
218745 | Zig:15   | Noticed an ancient lich
218745 | Zig:15   | Killed an ancient lich
218745 | Zig:15   | Killed an ancient lich
218745 | Zig:15   | Killed an ancient lich
218746 | Zig:15   | Noticed an ancient lich
218746 | Zig:15   | Killed an ancient lich
218747 | Zig:15   | Noticed an ancient lich
218752 | Zig:15   | Killed an ancient lich
218753 | Zig:15   | Killed an ancient lich
218875 | Zig:15   | Got a warped scimitar
218876 | Zig:15   | Identified the +5 scimitar "Undertaker" {slice, rC+ MR+
                  | SInv} (You found it on level 15 of a ziggurat)
218880 | Zig:15   | Identified the Almanac of Ashen Air
218885 | Zig:15   | Got a slimy amber ring
218887 | Zig:15   | Identified the ring of Meehoagg {Fire Stlth+} (You found it
                  | on level 15 of a ziggurat)
218891 | Zig:15   | Identified the Grimoire of Summoning and the Mountains
218893 | Zig:15   | Identified the Compendium of the Blaze and Transmigration
218923 | Zig:15   | Got a fine trident
218924 | Zig:15   | Identified the +7 trident of Qekenwut {drain, rPois Int+3
                  | Stlth+} (You found it on level 15 of a ziggurat)
218999 | Zig:16   | Entered Level 16 of a ziggurat
219042 | Zig:16   | Identified the Guide on Freezing Moulding
219160 | Zig:17   | Entered Level 17 of a ziggurat
219214 | Zig:17   | Identified the +4 large shield "Kocadaryzo" {*Slow rPois
                  | rF- rC+++}
219224 | Zig:17   | Identified the +4 large shield of Death Resistance {rPois
                  | rF++ Int-4}
219279 | Zig:17   | Got a dazzling buckler
219314 | Zig:17   | Got an aquamarine-encrusted scale mail
219325 | Zig:17   | Identified the +3 scale mail of Wotok {rC+ rN+ MR+ Str+4}
                  | (You found it on level 17 of a ziggurat)
219348 | Zig:17   | Got a fine glaive
219351 | Zig:17   | Got a crystal arbalest
219358 | Zig:17   | Got a bound jade ring
219360 | Zig:17   | Identified the ring of Qasitidd {AC+4 SInv} (You found it
                  | on level 17 of a ziggurat)
219365 | Zig:17   | Got a steaming leather armour
219376 | Zig:17   | Identified the +3 leather armour of Magic {rElec rN+ MP+9
                  | Str-4} (You found it on level 17 of a ziggurat)
219461 | Zig:18   | Entered Level 18 of a ziggurat
219496 | Zig:18   | Found the +7 great mace "Firestarter" {inner flame, rF++}
219672 | Zig:18   | Got a fine hunting sling
219673 | Zig:18   | Identified the +10 hunting sling of Fatigue {venom, Int+7}
                  | (You found it on level 18 of a ziggurat)
219723 | Zig:18   | Got a faintly humming buckler
219734 | Zig:18   | Identified the Tome of the Volcanoes and Displacement
219745 | Zig:18   | Got a translucent dagger
219746 | Zig:18   | Identified the cursed +1 dagger "Laclitz" {flame, *Drain
                  | +Rage rF- rC+++} (You found it on level 18 of a ziggurat)
219824 | Zig:19   | Entered Level 19 of a ziggurat
219877 | Zig:19   | Killed Mech the pandemonium lord
219903 | Zig:19   | Reached skill level 27 in Fighting
219940 | Zig:19   | Got a smoking hand axe
219941 | Zig:19   | Identified the +5 hand axe "Loav" {pain, rN+ Str+3} (You
                  | found it on level 19 of a ziggurat)
219948 | Zig:19   | Got a heavily runed turquoise ring
219950 | Zig:19   | Identified the ring of Eteqeuk {Ice SInv} (You found it on
                  | level 19 of a ziggurat)
219954 | Zig:19   | Identified the Catalogue of Creative Ice
220082 | Zig:20   | Entered Level 20 of a ziggurat
220140 | Zig:20   | Reached skill level 27 in Dodging
220209 | Zig:20   | Got a steaming granite ring
220211 | Zig:20   | Identified the ring of Lilacs {rPois rC+ Str-5 Int+8 Dex+5}
                  | (You found it on level 20 of a ziggurat)
220218 | Zig:20   | Got a twisted great sword
220236 | Zig:20   | Got a shimmering dagger
220374 | Zig:21   | Entered Level 21 of a ziggurat
220426 | Zig:21   | Found the +7 captain's cutlass {speed, disarm}
220606 | Zig:21   | Reached skill level 27 in Shields
220612 | Zig:21   | Got a translucent granite ring
220614 | Zig:21   | Identified the ring of Ruedoank {rPois Str+4 Dex+4 SInv}
                  | (You found it on level 21 of a ziggurat)
220622 | Zig:21   | Got a crude plate armour
220633 | Zig:21   | Identified the +1 plate armour "Tefaih" {Int+3 Stlth+} (You
                  | found it on level 21 of a ziggurat)
220656 | Zig:21   | Got a colourful robe
220667 | Zig:21   | Identified the +0 robe of Lehit {rPois MR- Slay+2} (You
                  | found it on level 21 of a ziggurat)
220682 | Zig:21   | Got a vibrating gossamer ring
220684 | Zig:21   | Identified the ring of Ysuysify {rC+ MR++ Str+3} (You found
                  | it on level 21 of a ziggurat)
220834 | Zig:22   | Entered Level 22 of a ziggurat
220863 | Zig:22   | Reached skill level 10 in Armour
220992 | Zig:22   | Got a sapphire-encrusted plate armour
221003 | Zig:22   | Identified the +0 plate armour of Ceqeamubbo {rElec Int+4}
                  | (You found it on level 22 of a ziggurat)
221014 | Zig:22   | Identified Nacsigg's Disquisition on Lucky Transmigration
221019 | Zig:22   | Got a coiled lapis lazuli ring
221021 | Zig:22   | Identified the ring "Tablemuf" {*Tele *Slow rElec rF++
                  | MP+9} (You found it on level 22 of a ziggurat)
221035 | Zig:22   | Identified the Disquisition on Destructive Ice
221132 | Zig:23   | Entered Level 23 of a ziggurat
221159 | Zig:23   | Reached skill level 15 in Armour
221275 | Zig:23   | Identified Hadycrop's Incunabulum of Displaced Enchantment
221286 | Zig:23   | Got a heavily runed brass ring
221288 | Zig:23   | Identified the cursed ring "Sugoz" {+Blink +Inv rPois AC-4}
                  | (You found it on level 23 of a ziggurat)
221307 | Zig:23   | Got a shimmering leather armour
221318 | Zig:23   | Identified the +6 leather armour of Mentugud {Dex+5 Stlth+}
                  | (You found it on level 23 of a ziggurat)
221451 | Zig:24   | Entered Level 24 of a ziggurat
221778 | Zig:24   | Identified Gitavuj's Almanac of Creative Dark Arts
221792 | Zig:24   | Got a pair of fine gloves
221803 | Zig:24   | Identified the +3 pair of gloves "Nigaok" {MP+9 Slay+5}
                  | (You found it on level 24 of a ziggurat)
221825 | Zig:24   | Identified Ferchus's Papyrus of Helpful Dislocation
221832 | Zig:24   | Got a smoking lapis lazuli ring
221834 | Zig:24   | Identified the ring of Daepe {rN+ MR+} (You found it on
                  | level 24 of a ziggurat)
221961 | Zig:25   | Entered Level 25 of a ziggurat
222038 | Zig:25   | Identified the Catalogue of Weightlessness and Companions
222047 | Zig:25   | Identified the Compendium of Protection
222057 | Zig:25   | Got an ichor-stained mace
222059 | Zig:25   | Got a pair of faintly humming gloves
222071 | Zig:25   | Identified the +2 pair of gloves of the Eternal Fruit
                  | {*Drain rElec Str-3 Int+8} (You found it on level 25 of a
                  | ziggurat)
222082 | Zig:25   | Identified the +8 mace of Ru's Outrage {flame, MP+9 Str+7
                  | Int-5} (You found it on level 25 of a ziggurat)
222104 | Zig:25   | Got a transparent dagger
222295 | Zig:26   | Entered Level 26 of a ziggurat
222453 | Zig:26   | Found the +5 robe of Night {Dark MR+ SInv}
222459 | Zig:26   | Got an ancient glaive
222471 | Zig:26   | Got a faintly humming cloak
222482 | Zig:26   | Identified the +0 cloak of Kiplaira {Int+4} (You found it
                  | on level 26 of a ziggurat)
222653 | Zig:26   | Got a twisted halberd
222717 | Zig:26   | Identified the +9 whip of the Dwarven Hall {slash, *Corrode
                  | rPois rF++ Str+10} (You found it on level 26 of a ziggurat)
222886 | Zig:27   | Entered Level 27 of a ziggurat
222936 | Zig:27   | Found the cursed +13 scythe of Curses {drain, *Curse}
223004 | Zig:27   | Got a smoking lapis lazuli ring
223006 | Zig:27   | Identified the ring "Kimn" {Fire +Blink +Inv} (You found it
                  | on level 27 of a ziggurat)
223010 | Zig:27   | Identified Ilalo's Handbook of the Rocks and the Escort
223015 | Zig:27   | Identified the +6 short sword of the Depths {pierce, +Rage
                  | rPois rF- Str+4} (You found it on level 27 of a ziggurat)
223017 | Zig:27   | Identified the Catalogue of Combat Magic
223031 | Zig:27   | Identified the -2 pair of gloves of Dramatic Exits {rElec
                  | rPois} (You found it on level 27 of a ziggurat)
223039 | Zig:27   | Identified the +3 leather armour of Dithmenos's Approval
                  | {Dex+2} (You found it on level 27 of a ziggurat)
223739 | Hell     | Entered the Vestibule of Hell
223748 | Hell     | Noticed Geryon
223759 | Hell     | Killed Geryon
224196 | Hell     | Found a gateway to the decaying netherworld of Tartarus.
224446 | Hell     | Found a gateway to the ashen valley of Gehenna.
224526 | Hell     | Found a gateway to the Iron City of Dis.
224664 | Hell     | Found a gateway to the freezing wastes of Cocytus.
225032 | Coc:1    | Entered Level 1 of Cocytus
225167 | Coc:4    | You fall through a shaft for 2 floors!
225186 | Coc:7    | Entered Level 7 of Cocytus
225465 | Coc:7    | Reached skill level 27 in Armour
225596 | Coc:7    | Got a bound ivory ring
225615 | Coc:7    | Identified the ring "Akiuwor" {rPois rC+ rN++ Dex-2} (You
                  | found it on level 7 of Cocytus)
225663 | Coc:7    | Identified the ring "Lutas" {Ice rPois}
225663 | Coc:7    | Noticed Antaeus
225679 | Coc:7    | Killed Antaeus
225708 | Coc:7    | Found the +3 hat of Pondering {ponderous, MR+ MP+10 Int+5}
225781 | Coc:7    | Got an icy rune of Zot
226049 | Geh:1    | Entered Level 1 of Gehenna
226230 | Geh:7    | Entered Level 7 of Gehenna
226411 | Geh:7    | Got a crystal long sword
226413 | Geh:7    | Identified the +7 long sword of the Jester {elec, MR+} (You
                  | found it on level 7 of Gehenna)
226451 | Geh:7    | Noticed the Serpent of Hell
226459 | Geh:7    | Killed the Serpent of Hell
226522 | Geh:7    | Found the +7 sceptre of Torment {pain, torment}
226664 | Geh:7    | Reached skill level 27 in Conjurations
226767 | Geh:7    | Identified the +7 sceptre of Asmodeus
226767 | Geh:7    | Noticed Asmodeus
226774 | Geh:7    | Killed Asmodeus
226794 | Geh:7    | Got a jewelled flail
226798 | Geh:7    | Got a transparent troll leather armour
226800 | Geh:7    | Identified the +2 troll leather armour "Qoisamowk" {rPois
                  | rF+ Regen+} (You found it on level 7 of Gehenna)
226802 | Geh:7    | Identified the +4 flail "Narchori" {freeze, Dex+3} (You
                  | found it on level 7 of Gehenna)
226826 | Geh:7    | Found the +3 pair of gauntlets of War {Slay+5}
226832 | Geh:7    | Got an obsidian rune of Zot
226842 | Geh:7    | Got an iridescent battleaxe
226843 | Geh:7    | Identified the +4 battleaxe "Ipaufagi" {chop, Int+6} (You
                  | found it on level 7 of Gehenna)
226856 | Geh:7    | Got a warped dagger
226857 | Geh:7    | Identified the cursed +3 dagger "Muekiuc" {antimagic, MP+9
                  | Int+3} (You found it on level 7 of Gehenna)
227111 | Dis:1    | Entered Level 1 of the Iron City of Dis
227272 | Dis:7    | Entered Level 7 of the Iron City of Dis
227524 | Dis:7    | Identified the +4 staff of Dispater
227524 | Dis:7    | Noticed Dispater
227535 | Dis:7    | Killed Dispater
227563 | Dis:7    | Got a smoking copper ring
227568 | Dis:7    | Got an iron rune of Zot
227597 | Dis:7    | Identified the ring "Hael" {rF+ rC+ MR+} (You found it on
                  | level 7 of the Iron City of Dis)
227727 | Dis:7    | Reached skill level 27 in Fire Magic
227771 | Dis:7    | Identified the +5 mace of the Undead {flame, rC+ MR+
                  | Stlth+} (You found it on level 7 of the Iron City of Dis)
227792 | Dis:7    | Identified the Catalogue of Enchanting Clay
227834 | Dis:7    | Identified the Catalogue of the Flamy Compass
228161 | Tar:1    | Entered Level 1 of Tartarus
228398 | Tar:7    | Entered Level 7 of Tartarus
228622 | Tar:7    | Got a faintly glowing dagger
228623 | Tar:7    | Identified the +10 dagger of Heomikhalih {venom, rElec
                  | Int+2 SInv Stlth+} (You found it on level 7 of Tartarus)
228663 | Tar:7    | Got a heavily jewelled robe
228665 | Tar:7    | Identified the +2 robe of Tuxil {rC- rN+ SInv} (You found
                  | it on level 7 of Tartarus)
228671 | Tar:7    | Got a slimy hat
228672 | Tar:7    | Identified the +5 hat of Salvation {rElec Str+10 Int-5}
                  | (You found it on level 7 of Tartarus)
228674 | Tar:7    | Identified Joemacu's Grimoire of the Pink Corner
228846 | Tar:7    | Got a twisted rapier
228847 | Tar:7    | Identified the +4 rapier of Honour {freeze, +Rage rF- rC+}
                  | (You found it on level 7 of Tartarus)
228912 | Tar:7    | Got a bone rune of Zot
229043 | Tar:7    | Noticed Ereshkigal
229050 | Tar:7    | Killed Ereshkigal
229941 | Tomb:1   | Entered Level 1 of the Tomb of the Ancients
230229 | Tomb:1   | Noticed a greater mummy
230232 | Tomb:1   | Killed a greater mummy
230233 | Tomb:1   | Killed a greater mummy
230237 | Tomb:1   | Noticed a greater mummy
230242 | Tomb:1   | Killed a greater mummy
230247 | Tomb:1   | Noticed a greater mummy
230248 | Tomb:1   | Noticed a greater mummy
230250 | Tomb:1   | Killed a greater mummy
230250 | Tomb:1   | Reached skill level 27 in Earth Magic
230251 | Tomb:1   | Killed a greater mummy
230252 | Tomb:1   | Noticed a greater mummy
230257 | Tomb:1   | Killed a greater mummy
230394 | Tomb:1   | Noticed a greater mummy
230399 | Tomb:1   | Killed a greater mummy
230453 | Tomb:1   | Noticed a greater mummy
230461 | Tomb:1   | Killed a greater mummy
230491 | Tomb:1   | Noticed Boris
230494 | Tomb:1   | Killed Boris
230519 | Tomb:1   | Noticed a greater mummy
230527 | Tomb:1   | Killed a greater mummy
230592 | Tomb:1   | Noticed a greater mummy
230595 | Tomb:1   | Killed a greater mummy
230595 | Tomb:1   | Noticed a greater mummy
230604 | Tomb:1   | Killed a greater mummy
230610 | Tomb:1   | Noticed a greater mummy
230616 | Tomb:1   | Noticed a greater mummy
230618 | Tomb:1   | Noticed an ancient lich
230620 | Tomb:1   | Killed a greater mummy
230620 | Tomb:1   | Killed a greater mummy
230620 | Tomb:1   | Killed an ancient lich
230621 | Tomb:1   | Noticed a greater mummy
230625 | Tomb:1   | Identified the ring of Fihinwaw {rPois MR+}
230627 | Tomb:1   | Killed a greater mummy
230629 | Tomb:1   | Noticed a greater mummy
230636 | Tomb:1   | Killed a greater mummy
230640 | Tomb:1   | Noticed a greater mummy
230648 | Tomb:1   | Killed a greater mummy
230661 | Tomb:1   | Noticed Mennas
230692 | Tomb:1   | Noticed a greater mummy
230698 | Tomb:1   | Killed Mennas
230703 | Tomb:1   | Killed a greater mummy
231049 | Tomb:1   | Noticed a greater mummy
231053 | Tomb:1   | Killed a greater mummy
231138 | Tomb:1   | Noticed a greater mummy
231140 | Tomb:1   | Killed a greater mummy
231283 | Tomb:1   | Noticed a greater mummy
231286 | Tomb:1   | Killed a greater mummy
231569 | Tomb:2   | Noticed a greater mummy
231570 | Tomb:2   | Noticed a greater mummy
231572 | Tomb:2   | Killed a greater mummy
231572 | Tomb:2   | Killed a greater mummy
231575 | Tomb:2   | Noticed a greater mummy
231578 | Tomb:2   | Noticed a greater mummy
231583 | Tomb:2   | Killed a greater mummy
231584 | Tomb:2   | Killed a greater mummy
232157 | Tomb:3   | Entered Level 3 of the Tomb of the Ancients
232178 | Tomb:3   | Noticed a greater mummy
232383 | Tomb:3   | Killed a greater mummy
232387 | Tomb:3   | Noticed a greater mummy
232391 | Tomb:3   | Killed a greater mummy
232394 | Tomb:3   | Killed a greater mummy
232397 | Tomb:3   | Noticed a greater mummy
232399 | Tomb:3   | Noticed a greater mummy
232402 | Tomb:3   | Noticed a greater mummy
232403 | Tomb:3   | Killed a greater mummy
232403 | Tomb:3   | Killed a greater mummy
232404 | Tomb:3   | Noticed a greater mummy
232405 | Tomb:3   | Noticed a greater mummy
232407 | Tomb:3   | Killed a greater mummy
232408 | Tomb:3   | Killed a greater mummy
232411 | Tomb:3   | Killed a greater mummy
232411 | Tomb:3   | Noticed an ancient lich
232415 | Tomb:3   | Killed an ancient lich
232474 | Tomb:3   | Got a golden rune of Zot
232739 | Tomb:3   | Found the ring of the Octopus King
232747 | Tomb:3   | Got an iridescent dagger
232748 | Tomb:3   | Identified the +6 dagger of Purpose {pierce, rElec SInv}
                  | (You found it on level 3 of the Tomb of the Ancients)
232773 | Tomb:3   | Got an ichor-stained helmet
232774 | Tomb:3   | Identified the +2 helmet "Xulahekk" {Int+4} (You found it
                  | on level 3 of the Tomb of the Ancients)
232798 | Tomb:3   | Got a ring of the Octopus King
232799 | Tomb:3   | Identified a ring of the Octopus King {MP+9 AC+1 EV+1 Str+1
                  | Int+1 Dex+1} (You found it on level 3 of the Tomb of the
                  | Ancients)
232801 | Tomb:3   | Got a translucent short sword
232802 | Tomb:3   | Identified the +7 short sword "Qicibaiss" {venom, *Noise
                  | rN+ Stlth+} (You found it on level 3 of the Tomb of the
                  | Ancients)
232822 | Tomb:3   | Got a crude glass ring
232823 | Tomb:3   | Identified the ring of the Commoners {rN++ MR++ EV+3 Str-3}
                  | (You found it on level 3 of the Tomb of the Ancients)
232826 | Tomb:3   | Got a transparent mace
232827 | Tomb:3   | Identified the +5 mace of Pain and Death {venom, Int+5
                  | SInv} (You found it on level 3 of the Tomb of the Ancients)
233660 | Zot:5    | Noticed an ancient lich
233665 | Zot:5    | Killed an ancient lich
233798 | Zot:5    | Noticed an orb of fire
233798 | Zot:5    | Noticed an orb of fire
233800 | Zot:5    | Killed an orb of fire
233801 | Zot:5    | Killed an orb of fire
233806 | Zot:5    | Noticed an orb of fire
233811 | Zot:5    | Killed an orb of fire
233824 | Zot:5    | Reached skill level 27 in Ice Magic
233824 | Zot:5    | Reached skill level 27 in Air Magic
233830 | Zot:5    | Reached skill level 10 in Hexes
234096 | Zot:5    | Noticed an ancient lich
234098 | Zot:5    | Killed an ancient lich
234468 | Zot:3    | Killed an orb of fire
235368 | Zig:1    | Entered Level 1 of a ziggurat
235556 | Zig:2    | Entered Level 2 of a ziggurat
235671 | Zig:2    | Identified Sif Muna's Catalogue of Summoning and Unholy
                  | Secrets
235719 | Zig:3    | Entered Level 3 of a ziggurat
235868 | Zig:4    | Entered Level 4 of a ziggurat
235877 | Zig:4    | Reached skill level 15 in Hexes
236002 | Zig:5    | Entered Level 5 of a ziggurat
236112 | Zig:6    | Entered Level 6 of a ziggurat
236131 | Zig:6    | Got a warped hunting sling
236132 | Zig:6    | Identified the cursed +1 hunting sling of Indomitability
                  | {velocity, +Blink rPois} (You found it on level 6 of a
                  | ziggurat)
236223 | Zig:7    | Entered Level 7 of a ziggurat
236313 | Zig:7    | Got a scorched hand axe
236314 | Zig:7    | Identified the +5 hand axe of Hyud {flame, *Drain rF++
                  | Dex+4} (You found it on level 7 of a ziggurat)
236363 | Zig:8    | Entered Level 8 of a ziggurat
236470 | Zig:8    | Identified the Papyrus of Calling and Self-Improvement
236534 | Zig:9    | Entered Level 9 of a ziggurat
236546 | Zig:9    | Noticed an ancient lich
236549 | Zig:9    | Killed an ancient lich
236553 | Zig:9    | Identified the Volume of Changing
236557 | Zig:9    | Got a thick robe
236558 | Zig:9    | Identified the cursed +0 robe "Gyvafest" {+Fly rElec Int+4}
                  | (You found it on level 9 of a ziggurat)
236569 | Zig:9    | Got a bloodstained ring mail
236584 | Zig:9    | Got a sparkling turquoise ring
236586 | Zig:9    | Identified the ring of Lukaplia {rElec rF+ rC- Stlth-} (You
                  | found it on level 9 of a ziggurat)
236590 | Zig:9    | Identified the +0 ring mail of the Rabble {Str+3} (You
                  | found it on level 9 of a ziggurat)
236645 | Zig:10   | Entered Level 10 of a ziggurat
236733 | Zig:10   | Identified the Collected Works on Venom and the Oath
236745 | Zig:10   | Got a fine great sword
236750 | Zig:10   | Got a steaming brass ring
236751 | Zig:10   | Identified the ring of Cuiqai {MP+9 Str+7} (You found it on
                  | level 10 of a ziggurat)
236817 | Zig:11   | Entered Level 11 of a ziggurat
236858 | Zig:11   | Got a translucent hand crossbow
236859 | Zig:11   | Identified the cursed +1 hand crossbow "Baw Rybu" {penet,
                  | Str+3 SInv} (You found it on level 11 of a ziggurat)
236869 | Zig:11   | Got an ancient whip
236871 | Zig:11   | Identified the +10 whip of Sunlight {slash, rC+ Str+5
                  | Int-4} (You found it on level 11 of a ziggurat)
236887 | Zig:11   | Identified the Incunabulum of Lucky Weightlessness
236935 | Zig:12   | Entered Level 12 of a ziggurat
237065 | Zig:12   | Got a brightly glowing garnet amulet
237066 | Zig:12   | Identified the amulet of Ecerghal {+Rage rElec rPois Int+2}
                  | (You found it on level 12 of a ziggurat)
237070 | Zig:12   | Got a smelly plate armour
237071 | Zig:12   | Identified the cursed +0 plate armour of Lifelessness {+Fly
                  | rF+ rCorr} (You found it on level 12 of a ziggurat)
237084 | Zig:12   | Got an iridescent hand crossbow
237085 | Zig:12   | Identified the +5 hand crossbow of the Cup {penet, Fragile
                  | rElec rF+ Stlth+} (You found it on level 12 of a ziggurat)
237093 | Zig:12   | Got a distressingly furry helmet
237094 | Zig:12   | Identified the +2 helmet of Elyvilon's Pride {Str+3 Int+2}
                  | (You found it on level 12 of a ziggurat)
237161 | Zig:13   | Entered Level 13 of a ziggurat
237174 | Zig:13   | Noticed an ancient lich
237176 | Zig:13   | Killed an ancient lich
237176 | Zig:13   | Noticed an ancient lich
237177 | Zig:13   | Noticed an ancient lich
237177 | Zig:13   | Noticed an ancient lich
237178 | Zig:13   | Noticed an ancient lich
237179 | Zig:13   | Killed an ancient lich
237179 | Zig:13   | Killed an ancient lich
237180 | Zig:13   | Killed an ancient lich
237180 | Zig:13   | Killed an ancient lich
237351 | Zig:14   | Entered Level 14 of a ziggurat
237426 | Zig:14   | Got a scorched shortbow
237433 | Zig:14   | Got a slimy buckler
237436 | Zig:14   | Got a fine hand crossbow
237437 | Zig:14   | Identified the +6 hand crossbow of Onufemoprom {speed, rF+
                  | SInv} (You found it on level 14 of a ziggurat)
237444 | Zig:14   | Got an ancient gossamer ring
237446 | Zig:14   | Identified the ring "Oshreexke" {rElec Str+4 Int+3 Slay-3}
                  | (You found it on level 14 of a ziggurat)
237574 | Zig:15   | Entered Level 15 of a ziggurat
237780 | Zig:15   | Got a brightly glowing arbalest
237784 | Zig:15   | Identified the Volume of Shifting Orientation
237789 | Zig:15   | Got a brightly glowing leather armour
237800 | Zig:15   | Identified the +1 leather armour of the Vacuum {Int+5} (You
                  | found it on level 15 of a ziggurat)
237812 | Zig:15   | Got a jewelled hand axe
237813 | Zig:15   | Identified the +2 hand axe of the Ecumenical Temple {pain,
                  | rN+ MP+9 Int+3} (You found it on level 15 of a ziggurat)
237816 | Zig:15   | Identified Tukung's Almanac of Supportive Battle Magic
237819 | Zig:15   | Got a crude iron amulet
237820 | Zig:15   | Identified the amulet of Relativism {Reflect rElec rN++
                  | Dex+3 SH+4 Stlth+} (You found it on level 15 of a ziggurat)
237823 | Zig:15   | Got a fine scythe
237826 | Zig:15   | Got a shimmering eveningstar
237827 | Zig:15   | Identified the +8 eveningstar of Itolliu {freeze, rC-
                  | Int+10} (You found it on level 15 of a ziggurat)
237913 | Zig:16   | Entered Level 16 of a ziggurat
237928 | Zig:16   | Noticed a juggernaut
237930 | Zig:16   | Noticed a juggernaut
237932 | Zig:16   | Noticed a juggernaut
237933 | Zig:16   | Killed a juggernaut
237933 | Zig:16   | Killed a juggernaut
237934 | Zig:16   | Noticed a juggernaut
237934 | Zig:16   | Noticed a juggernaut
237939 | Zig:16   | Killed a juggernaut
237939 | Zig:16   | Killed a juggernaut
237939 | Zig:16   | Killed a juggernaut
238087 | Zig:16   | Got a dazzling quarterstaff
238095 | Zig:16   | Got a warped leather armour
238106 | Zig:16   | Identified the +3 leather armour "Sytherubb" {rN+} (You
                  | found it on level 16 of a ziggurat)
238124 | Zig:16   | Got a pitted steel amulet
238125 | Zig:16   | Identified the amulet of Jyevote {Gourm rPois} (You found
                  | it on level 16 of a ziggurat)
238138 | Zig:16   | Got a brightly glowing hand axe
238139 | Zig:16   | Identified the cursed +1 hand axe "Luituhoe" {flame, rC+
                  | rN+ MR+ Str+3} (You found it on level 16 of a ziggurat)
238243 | Zig:17   | Entered Level 17 of a ziggurat
238308 | Zig:17   | Identified the Volume of the Toxic Blaze
238311 | Zig:17   | Got a shimmering tin ring
238313 | Zig:17   | Identified the ring "Begutz" {MR+ Str+5 Slay+2} (You found
                  | it on level 17 of a ziggurat)
238330 | Zig:17   | Identified the Almanac of Self-Improvement
238333 | Zig:17   | Got a bloodstained plate armour
238344 | Zig:17   | Identified the +11 plate armour of Cueggan {*Corrode rC++
                  | MP+9 Str+2} (You found it on level 17 of a ziggurat)
238438 | Zig:18   | Entered Level 18 of a ziggurat
238530 | Zig:18   | Got a bone war axe
238531 | Zig:18   | Identified the +7 war axe of Righteous Fury {flame, rC- rN+
                  | Stlth+} (You found it on level 18 of a ziggurat)
238538 | Zig:18   | Identified the Almanac of the Displaced Volcanoes
238542 | Zig:18   | Got a translucent spear
238543 | Zig:18   | Identified the +8 spear of the Coward {elec, +Inv} (You
                  | found it on level 18 of a ziggurat)
238549 | Zig:18   | Got a scintillating sapphire amulet
238550 | Zig:18   | Identified the amulet of the Median {Inacc rC+ Int+5 Dex+3}
                  | (You found it on level 18 of a ziggurat)
238559 | Zig:18   | Got a faintly glowing golden ring
238561 | Zig:18   | Identified the ring "Woimego" {+Blink +Fly MR+} (You found
                  | it on level 18 of a ziggurat)
238568 | Zig:18   | Got a faintly humming ring mail
238579 | Zig:18   | Identified the cursed +0 ring mail of the Lizard {Str+4}
                  | (You found it on level 18 of a ziggurat)
238679 | Zig:19   | Entered Level 19 of a ziggurat
238756 | Zig:19   | Found the ring of the Octopus King
238756 | Zig:19   | Got a smoking trident
238757 | Zig:19   | Identified the +7 trident "Ogreslayer" {chaos, rElec MR+
                  | MP+9} (You found it on level 19 of a ziggurat)
238775 | Zig:19   | Got a brightly glowing chain mail
238786 | Zig:19   | Identified the +3 chain mail "Osop" {MR+} (You found it on
                  | level 19 of a ziggurat)
238799 | Zig:19   | Got a ring of the Octopus King
238801 | Zig:19   | Identified a ring of the Octopus King {AC+1 EV+1 Str+1
                  | Int+1 Dex+1 SInv} (You found it on level 19 of a ziggurat)
238805 | Zig:19   | Got an ancient glaive
238929 | Zig:20   | Entered Level 20 of a ziggurat
238948 | Zig:20   | Noticed a juggernaut
238951 | Zig:20   | Noticed a juggernaut
238954 | Zig:20   | Noticed a juggernaut
238955 | Zig:20   | Noticed a juggernaut
238956 | Zig:20   | Killed a juggernaut
238959 | Zig:20   | Killed a juggernaut
238959 | Zig:20   | Noticed a juggernaut
238961 | Zig:20   | Killed a juggernaut
238961 | Zig:20   | Killed a juggernaut
238965 | Zig:20   | Killed a juggernaut
239089 | Zig:20   | Found the +10 zealot's sword {holy, *Rage rN+ EV+3}
239091 | Zig:20   | Got a fine hand crossbow
239092 | Zig:20   | Identified the +3 hand crossbow "Beast's Death Toll"
                  | {venom, rElec rC+++ Str+4 Dex-3} (You found it on level 20
                  | of a ziggurat)
239095 | Zig:20   | Identified Fuhuwnoish's Catalogue of Enhancements
239107 | Zig:20   | Got a smoking plate armour
239118 | Zig:20   | Identified the cursed +1 plate armour "Kulol" {-Cast Str+4
                  | Int+4 Dex+3} (You found it on level 20 of a ziggurat)
239131 | Zig:20   | Got a crystal flail
239132 | Zig:20   | Identified the +8 flail of Valiance {venom, rElec MR+ Str+4
                  | Int+3} (You found it on level 20 of a ziggurat)
239143 | Zig:20   | Got an ancient emerald amulet
239144 | Zig:20   | Identified the amulet "Voiff" {Spirit Int+2} (You found it
                  | on level 20 of a ziggurat)
239281 | Zig:21   | Entered Level 21 of a ziggurat
239451 | Zig:21   | Got a warped dire flail
239453 | Zig:21   | Identified the Volume of Harmful Cold
239470 | Zig:21   | Got an ancient whip
239471 | Zig:21   | Identified the +10 whip of Aloishys {speed, rF+++ rC- Dex+4
                  | Stlth+} (You found it on level 21 of a ziggurat)
239484 | Zig:21   | Identified Xoytoedgh's Incunabulum of the Birds
239587 | Zig:22   | Entered Level 22 of a ziggurat
239617 | Zig:22   | Reached skill level 27 in Throwing
239622 | Zig:22   | Gained mutation: You have a pair of small antennae on your
                  | head. [a shining eye]
239639 | Zig:22   | Got an ancient scale mail
239650 | Zig:22   | Identified the +5 scale mail of the Pit {rF+++ Regen+ Dex-4
                  | Slay+3} (You found it on level 22 of a ziggurat)
239668 | Zig:22   | Got an ancient bronze ring
239669 | Zig:22   | Identified the ring "Semuogg" {MP+9 Dex+3 SInv} (You found
                  | it on level 22 of a ziggurat)
239679 | Zig:22   | Got a spiked ring mail
239682 | Zig:22   | Identified the +1 ring mail "Naek" {MR++ Int+4} (You found
                  | it on level 22 of a ziggurat)
239687 | Zig:22   | Got a transparent short sword
239688 | Zig:22   | Identified the +0 short sword of Fijaxzoc {freeze, rElec
                  | rF+ Int+3 SInv} (You found it on level 22 of a ziggurat)
239694 | Zig:22   | Got a smoking scale mail
239705 | Zig:22   | Identified the +3 scale mail of Acuroech {+Blink rPois
                  | Regen+ Int+6} (You found it on level 22 of a ziggurat)
239890 | Zig:23   | Entered Level 23 of a ziggurat
240016 | Zig:23   | Noticed Ashoan the pandemonium lord
240020 | Zig:23   | Killed Ashoan the pandemonium lord
240104 | Zig:23   | Found the +2 cloak of the Thief {+Fog Slay-2 SInv Stlth+}
240104 | Zig:23   | Got a coiled silver ring
240106 | Zig:23   | Identified the ring of Buoczuj {rElec Int+4 SInv} (You
                  | found it on level 23 of a ziggurat)
240116 | Zig:23   | Identified the Guide on the Torrid Rocks
240120 | Zig:23   | Got a steaming chain mail
240131 | Zig:23   | Identified the cursed +0 chain mail of a Billion Seas
                  | {rN+++ rCorr Dex-4 Slay+2} (You found it on level 23 of a
                  | ziggurat)
240151 | Zig:23   | Found the +8 autumn katana {slice, Clar}
240151 | Zig:23   | Got a pitted steel ring
240156 | Zig:23   | Identified the ring of the Doge {rN+ Int+3} (You found it
                  | on level 23 of a ziggurat)
240178 | Zig:23   | Got a twisted ring mail
240189 | Zig:23   | Identified the +1 ring mail of the Solstice {rPois} (You
                  | found it on level 23 of a ziggurat)
240310 | Zig:24   | Entered Level 24 of a ziggurat
240465 | Zig:24   | Got a faintly glowing morningstar
240466 | Zig:24   | Identified the +6 morningstar "Purig" {crush, *Drain rF+
                  | rC+} (You found it on level 24 of a ziggurat)
240470 | Zig:24   | Got a fine wooden ring
240472 | Zig:24   | Identified the ring "Ymumiust" {Fire *Contam +Inv Int+3
                  | Dex+4} (You found it on level 24 of a ziggurat)
240624 | Zig:24   | Got a pair of transparent gloves
240625 | Zig:24   | Identified the +1 pair of gloves "Dowkeve" {*Contam rN+
                  | Str+5 Int+4} (You found it on level 24 of a ziggurat)
240629 | Zig:24   | Got a jewelled ring mail
240630 | Zig:24   | Identified the +1 ring mail of Time Monsters {-Tele rN+
                  | rCorr SInv} (You found it on level 24 of a ziggurat)
240644 | Zig:24   | Got a bound steel ring
240645 | Zig:24   | Identified the ring "Qimixogoach" {rPois rC- Int+2 Slay+2
                  | SInv} (You found it on level 24 of a ziggurat)
240801 | Zig:25   | Entered Level 25 of a ziggurat
240829 | Zig:25   | Noticed a juggernaut
240831 | Zig:25   | Noticed a juggernaut
240833 | Zig:25   | Killed a juggernaut
240833 | Zig:25   | Noticed a juggernaut
240834 | Zig:25   | Killed a juggernaut
240835 | Zig:25   | Noticed a juggernaut
240839 | Zig:25   | Noticed a juggernaut
240840 | Zig:25   | Noticed a juggernaut
240841 | Zig:25   | Killed a juggernaut
240841 | Zig:25   | Killed a juggernaut
240841 | Zig:25   | Killed a juggernaut
240842 | Zig:25   | Killed a juggernaut
240847 | Zig:25   | Noticed a juggernaut
240855 | Zig:25   | Killed a juggernaut
241058 | Zig:25   | Got a translucent plate armour
241069 | Zig:25   | Identified the +10 plate armour of the Game of Life {rC+++}
                  | (You found it on level 25 of a ziggurat)
241087 | Zig:25   | Identified the Volume of Ice and Contamination
241092 | Zig:25   | Got a pair of brightly glowing gloves
241093 | Zig:25   | Identified the +2 pair of gloves of Classification {-Tele
                  | rN+ Regen+ Dex+4} (You found it on level 25 of a ziggurat)
241096 | Zig:25   | Identified the Catalogue of Displaced Confrontation
241100 | Zig:25   | Got a transparent robe
241101 | Zig:25   | Identified the +1 robe "Ceurchoossu" {-Cast rN+ Regen+
                  | SInv} (You found it on level 25 of a ziggurat)
241104 | Zig:25   | Got a transparent mace
241107 | Zig:25   | Got a crude hunting sling
241108 | Zig:25   | Identified the +6 hunting sling of the Middle {velocity,
                  | rElec Str-5 Int+5} (You found it on level 25 of a ziggurat)
241122 | Zig:25   | Identified the Reference Book on Destructive Earth
241125 | Zig:25   | Got a translucent platinum ring
241126 | Zig:25   | Identified the ring "Erath" {MR+ Str+7 SInv} (You found it
                  | on level 25 of a ziggurat)
241212 | Zig:26   | Entered Level 26 of a ziggurat
241233 | Zig:26   | Noticed an ancient lich
241234 | Zig:26   | Noticed an ancient lich
241237 | Zig:26   | Killed an ancient lich
241237 | Zig:26   | Noticed an ancient lich
241238 | Zig:26   | Killed an ancient lich
241242 | Zig:26   | Noticed an ancient lich
241242 | Zig:26   | Killed an ancient lich
241244 | Zig:26   | Noticed an ancient lich
241245 | Zig:26   | Killed an ancient lich
241246 | Zig:26   | Noticed an ancient lich
241247 | Zig:26   | Reached skill level 27 in Hexes
241247 | Zig:26   | Noticed an ancient lich
241249 | Zig:26   | Reached skill level 27 in Necromancy
241250 | Zig:26   | Noticed an ancient lich
241250 | Zig:26   | Noticed an ancient lich
241250 | Zig:26   | Noticed an ancient lich
241252 | Zig:26   | Noticed an ancient lich
241252 | Zig:26   | Noticed an ancient lich
241253 | Zig:26   | Noticed an ancient lich
241253 | Zig:26   | Noticed an ancient lich
241253 | Zig:26   | Noticed an ancient lich
241254 | Zig:26   | Noticed an ancient lich
241254 | Zig:26   | Noticed an ancient lich
241255 | Zig:26   | Noticed an ancient lich
241255 | Zig:26   | Noticed an ancient lich
241255 | Zig:26   | Noticed an ancient lich
241256 | Zig:26   | Killed an ancient lich
241256 | Zig:26   | Killed an ancient lich
241256 | Zig:26   | Killed an ancient lich
241257 | Zig:26   | Noticed an ancient lich
241257 | Zig:26   | Killed an ancient lich
241257 | Zig:26   | Killed an ancient lich
241257 | Zig:26   | Killed an ancient lich
241257 | Zig:26   | Killed an ancient lich
241257 | Zig:26   | Killed an ancient lich
241257 | Zig:26   | Noticed an ancient lich
241258 | Zig:26   | Killed an ancient lich
241258 | Zig:26   | Killed an ancient lich
241259 | Zig:26   | Killed an ancient lich
241262 | Zig:26   | Killed an ancient lich
241262 | Zig:26   | Noticed an ancient lich
241265 | Zig:26   | Killed an ancient lich
241267 | Zig:26   | Killed an ancient lich
241270 | Zig:26   | Killed an ancient lich
241271 | Zig:26   | Killed an ancient lich
241273 | Zig:26   | Noticed an ancient lich
241275 | Zig:26   | Killed an ancient lich
241279 | Zig:26   | Noticed an ancient lich
241280 | Zig:26   | Killed an ancient lich
241282 | Zig:26   | Killed an ancient lich
241287 | Zig:26   | Killed an ancient lich
241287 | Zig:26   | Killed an ancient lich
241287 | Zig:26   | Reached skill level 27 in Transmutations
241288 | Zig:26   | Reached skill level 5 in Stealth
241304 | Zig:26   | Found the cursed necklace of Bloodlust {*Rage +Rage MR++
                  | Int-3 Slay+6 *Curse}
241340 | Zig:26   | Got spiked steam dragon scales
241341 | Zig:26   | Identified the cursed +1 steam dragon scales "Hero's
                  | Friend" {rElec Int+4 Dex-5} (You found it on level 26 of a
                  | ziggurat)
241359 | Zig:26   | Got a pitted morningstar
241360 | Zig:26   | Identified the +6 morningstar of Moral Flaws {elec, +Rage
                  | MR- Str+9 Int-2} (You found it on level 26 of a ziggurat)
241363 | Zig:26   | Got a transparent copper ring
241364 | Zig:26   | Identified the cursed ring "Esisy" {rPois rC- Int+7 Dex-5}
                  | (You found it on level 26 of a ziggurat)
241367 | Zig:26   | Got a smoking graven amulet
241368 | Zig:26   | Identified the amulet "Vezeret" {Reflect Dex+5 SH+3} (You
                  | found it on level 26 of a ziggurat)
241371 | Zig:26   | Got a spiked leather armour
241372 | Zig:26   | Identified the cursed +0 leather armour "Ymmo Niu" {rPois
                  | rCorr} (You found it on level 26 of a ziggurat)
241378 | Zig:26   | Identified the Disquisition on Hexes
241396 | Zig:26   | Got a scorched quarterstaff
241552 | Zig:27   | Entered Level 27 of a ziggurat
241599 | Zig:27   | Reached skill level 10 in Stealth
241642 | Zig:27   | Noticed Wiathryib the pandemonium lord
241648 | Zig:27   | Killed Wiathryib the pandemonium lord
241661 | Zig:27   | Reached skill level 15 in Stealth
241839 | Zig:27   | Found the +3 Elemental Staff {rElec rF++ rC++ MR++ AC+5}
241861 | Zig:27   | Got a steaming turquoise ring
241862 | Zig:27   | Identified the cursed ring of Heuse {*Drain rElec rPois rC+
                  | Str-2} (You found it on level 27 of a ziggurat)
241886 | Zig:27   | Identified the cursed +1 hand axe of the Whelk {vamp, +Inv
                  | Int-2 Stlth+} (You found it on level 27 of a ziggurat)
241900 | Zig:27   | Identified the amulet "Enwaidwyuqu" {Gourm Dex+5} (You
                  | found it on level 27 of a ziggurat)
241904 | Zig:27   | Identified the ring of Duvvie {Wiz rF- rC++ MR++} (You
                  | found it on level 27 of a ziggurat)
242224 | Temple   | Learned a level 8 spell: Disjunction
242337 | Temple   | Learned a level 8 spell: Discord
242387 | Zig:1    | Entered Level 1 of a ziggurat
242411 | Zig:1    | Got a crude bone ring
242412 | Zig:1    | Identified the ring of Runiopue {rElec rPois Int+4} (You
                  | found it on level 1 of a ziggurat)
242425 | Zig:2    | Entered Level 2 of a ziggurat
242521 | Zig:3    | Entered Level 3 of a ziggurat
242650 | Zig:4    | Entered Level 4 of a ziggurat
242653 | Zig:4    | Noticed an orb of fire
242655 | Zig:4    | Noticed an orb of fire
242655 | Zig:4    | Noticed an orb of fire
242658 | Zig:4    | Killed an orb of fire
242658 | Zig:4    | Killed an orb of fire
242659 | Zig:4    | Killed an orb of fire
242659 | Zig:4    | Noticed an orb of fire
242660 | Zig:4    | Noticed an orb of fire
242662 | Zig:4    | Killed an orb of fire
242664 | Zig:4    | Killed an orb of fire
242741 | Zig:5    | Entered Level 5 of a ziggurat
242894 | Zig:6    | Entered Level 6 of a ziggurat
242901 | Zig:6    | Found the +8 demon blade "Leech" {vamp, rN+ AC-3 EV-3}
242991 | Zig:6    | Got a bloodstained ring mail
242992 | Zig:6    | Identified the +6 ring mail of Ottibbuck {Slay+5} (You
                  | found it on level 6 of a ziggurat)
243029 | Zig:7    | Entered Level 7 of a ziggurat
243039 | Zig:7    | Noticed an ancient lich
243043 | Zig:7    | Killed an ancient lich
243113 | Zig:7    | Got a brightly glowing pewter ring
243114 | Zig:7    | Identified the ring of Hanin {rPois rC+ Dex+5 Slay+2} (You
                  | found it on level 7 of a ziggurat)
243165 | Zig:8    | Entered Level 8 of a ziggurat
243179 | Zig:8    | Found the +9 staff of Wucad Mu {channel}
243340 | Zig:8    | Got a pair of crude boots
243346 | Zig:8    | Identified Apoiteem's Handbook of Heat and the Snowflakes
243350 | Zig:8    | Got a faintly humming chain mail
243351 | Zig:8    | Identified the cursed +0 chain mail of the Constellations
                  | {Int+3} (You found it on level 8 of a ziggurat)
243369 | Zig:8    | Got a steaming leather armour
243423 | Zig:8    | Identified the +2 leather armour of Repulsion {rF+ rC+}
                  | (You found it on level 8 of a ziggurat)
243430 | Zig:9    | Entered Level 9 of a ziggurat
243440 | Zig:9    | Noticed an ancient lich
243445 | Zig:9    | Killed an ancient lich
243577 | Zig:9    | Got a jewelled hand crossbow
243578 | Zig:9    | Identified Advanced Steps in Spellcasting
243645 | Zig:9    | Identified the cursed +1 hand crossbow "Esaetose" {flame,
                  | Str+6} (You found it on level 9 of a ziggurat)
243658 | Zig:10   | Entered Level 10 of a ziggurat
243681 | Zig:10   | Got twisted swamp dragon scales
243688 | Zig:10   | Got scorched ice dragon scales
243689 | Zig:10   | Identified the +4 ice dragon scales "Xezetyc" {-Tele rElec
                  | rF- rC++ rCorr Int+6} (You found it on level 10 of a
                  | ziggurat)
243690 | Zig:10   | Identified the +7 swamp dragon scales of Conscience {rPois
                  | rF- rCorr Int+7} (You found it on level 10 of a ziggurat)
243790 | Zig:11   | Entered Level 11 of a ziggurat
243800 | Zig:11   | Noticed a greater mummy
243800 | Zig:11   | Noticed a greater mummy
243810 | Zig:11   | Killed a greater mummy
243812 | Zig:11   | Killed a greater mummy
243814 | Zig:11   | Noticed a greater mummy
243817 | Zig:11   | Killed a greater mummy
243821 | Zig:11   | Noticed a greater mummy
243823 | Zig:11   | Noticed a greater mummy
243823 | Zig:11   | Noticed a greater mummy
243825 | Zig:11   | Killed a greater mummy
243827 | Zig:11   | Killed a greater mummy
243827 | Zig:11   | Killed a greater mummy
243831 | Zig:11   | Noticed a greater mummy
243835 | Zig:11   | Killed a greater mummy
243835 | Zig:11   | Noticed a greater mummy
243839 | Zig:11   | Killed a greater mummy
243848 | Zig:11   | Noticed a greater mummy
243848 | Zig:11   | Noticed a greater mummy
243851 | Zig:11   | Killed a greater mummy
243853 | Zig:11   | Killed a greater mummy
243870 | Zig:11   | Found the +6 Majin-Bo {vamp, Archmagi MP+6 Int+6}
243872 | Zig:11   | Got a slimy triple crossbow
243878 | Zig:11   | Got a fine lead ring
243879 | Zig:11   | Identified the ring of the Saviour {rN+ MP+9 Str+5 Slay-5}
                  | (You found it on level 11 of a ziggurat)
243890 | Zig:11   | Got an ancient hand axe
243891 | Zig:11   | Identified the +7 hand axe "Cimyez" {chop, Dex+6} (You
                  | found it on level 11 of a ziggurat)
243960 | Zig:12   | Entered Level 12 of a ziggurat
243971 | Zig:12   | Noticed an ancient lich
243973 | Zig:12   | Reached skill level 27 in Stealth
243975 | Zig:12   | Noticed an ancient lich
243976 | Zig:12   | Killed an ancient lich
243977 | Zig:12   | Noticed an ancient lich
243977 | Zig:12   | Noticed an ancient lich
243978 | Zig:12   | Reached skill level 10 in Charms
243978 | Zig:12   | Killed an ancient lich
243978 | Zig:12   | Noticed an ancient lich
243978 | Zig:12   | Noticed an ancient lich
243979 | Zig:12   | Noticed an ancient lich
243979 | Zig:12   | Killed an ancient lich
243979 | Zig:12   | Killed an ancient lich
243979 | Zig:12   | Killed an ancient lich
243982 | Zig:12   | Killed an ancient lich
243982 | Zig:12   | Killed an ancient lich
243983 | Zig:12   | Noticed an ancient lich
243987 | Zig:12   | Killed an ancient lich
244023 | Zig:12   | Got a serpentine silver ring
244024 | Zig:12   | Identified the cursed ring "Netihyph" {*Drain +Blink MR+
                  | EV-3 Int+2} (You found it on level 12 of a ziggurat)
244090 | Zig:13   | Entered Level 13 of a ziggurat
244113 | Zig:13   | Reached skill level 15 in Charms
244123 | Zig:13   | Found the +8 demon trident "Rift" {distort, reach+}
244172 | Zig:13   | Got a glittering bone ring
244173 | Zig:13   | Identified the ring of the Ban {-Tele rN+ Str+5 Slay+3
                  | Stlth-} (You found it on level 13 of a ziggurat)
244176 | Zig:13   | Got a scorched whip
244177 | Zig:13   | Identified the +5 whip "Beastslayer" {antimagic, *Slow rF+
                  | Dex+4} (You found it on level 13 of a ziggurat)
244290 | Zig:13   | Got a shimmering pewter amulet
244291 | Zig:13   | Identified the amulet of Archua Ciesi {+Rage Str+4 Dex+2}
                  | (You found it on level 13 of a ziggurat)
244307 | Zig:13   | Got a fine dagger
244308 | Zig:13   | Identified the +1 dagger of Suicidal Tendencies {pierce,
                  | rC+ MP+9 Str-3 Stlth+} (You found it on level 13 of a
                  | ziggurat)
244312 | Zig:13   | Got an encrusted hunting sling
244313 | Zig:13   | Identified the +4 hunting sling "Atewidid" {freeze, rC+
                  | Int+2} (You found it on level 13 of a ziggurat)
244399 | Zig:14   | Entered Level 14 of a ziggurat
244422 | Zig:14   | Found the +7 lajatang of Order {silver, rMut}
244648 | Zig:15   | Entered Level 15 of a ziggurat
244679 | Zig:15   | Noticed Fixiuv the pandemonium lord
244689 | Zig:15   | Killed Fixiuv the pandemonium lord
244783 | Zig:15   | Got a fine amber ring
244784 | Zig:15   | Identified the ring of Gaxicwuo {rPois rF- rC- rN+++
                  | Slay+3} (You found it on level 15 of a ziggurat)
244790 | Zig:15   | Identified Vehumet's Tome of Conjuration
244795 | Zig:15   | Got a heavily runed leather armour
244806 | Zig:15   | Identified the +2 leather armour of Ytry {rC- rN+ Stlth+}
                  | (You found it on level 15 of a ziggurat)
244826 | Zig:15   | Got a vibrating platinum amulet
244827 | Zig:15   | Identified the amulet "Hulouc" {Faith rC+ rN+ Int+4} (You
                  | found it on level 15 of a ziggurat)
244902 | Zig:16   | Entered Level 16 of a ziggurat
244930 | Zig:16   | Found the +9 heavy crossbow "Sniper" {velocity, Acc+∞ SInv}
244936 | Zig:16   | Identified the Guide on Transmigration and the Arsonist
244978 | Zig:16   | Found the +3 sling "Punk" {acid, rCorr}
244980 | Zig:16   | Got a pitted rapier
244981 | Zig:16   | Identified the +5 rapier of Rarhaf {flame, Str+3 Dex+7}
                  | (You found it on level 16 of a ziggurat)
245014 | Zig:16   | Got a scorched falchion
245015 | Zig:16   | Identified the +7 falchion of a Gauntlet {elec, rF- Str+5
                  | Int+4} (You found it on level 16 of a ziggurat)
245172 | Zig:17   | Entered Level 17 of a ziggurat
245228 | Zig:17   | Got a polished chain mail
245229 | Zig:17   | Identified the +5 chain mail of Freedom {Regen+ Int+2} (You
                  | found it on level 17 of a ziggurat)
245235 | Zig:17   | Got a pair of shimmering gloves
245236 | Zig:17   | Identified the +1 pair of gloves of Valour {MR++} (You
                  | found it on level 17 of a ziggurat)
245245 | Zig:17   | Got a pitted chain mail
245413 | Zig:17   | Identified the cursed +0 chain mail of Yredelemnul's
                  | Outrage {+Blink rPois Regen+} (You found it on level 17 of
                  | a ziggurat)
245424 | Zig:18   | Entered Level 18 of a ziggurat
245434 | Zig:18   | Noticed an orb of fire
245446 | Zig:18   | Killed an orb of fire
245456 | Zig:18   | Noticed an orb of fire
245458 | Zig:18   | Killed an orb of fire
245461 | Zig:18   | Noticed an orb of fire
245467 | Zig:18   | Killed an orb of fire
245472 | Zig:18   | Noticed an orb of fire
245474 | Zig:18   | Noticed an orb of fire
245474 | Zig:18   | Noticed an orb of fire
245475 | Zig:18   | Killed an orb of fire
245475 | Zig:18   | Noticed an orb of fire
245477 | Zig:18   | Killed an orb of fire
245477 | Zig:18   | Noticed an orb of fire
245477 | Zig:18   | Noticed an orb of fire
245477 | Zig:18   | Noticed an orb of fire
245482 | Zig:18   | Killed an orb of fire
245482 | Zig:18   | Killed an orb of fire
245483 | Zig:18   | Killed an orb of fire
245483 | Zig:18   | Noticed an orb of fire
245484 | Zig:18   | Killed an orb of fire
245484 | Zig:18   | Noticed an orb of fire
245485 | Zig:18   | Noticed an orb of fire
245487 | Zig:18   | Killed an orb of fire
245487 | Zig:18   | Killed an orb of fire
245487 | Zig:18   | Killed an orb of fire
245488 | Zig:18   | Noticed an orb of fire
245489 | Zig:18   | Killed an orb of fire
245490 | Zig:18   | Noticed an orb of fire
245491 | Zig:18   | Killed an orb of fire
245492 | Zig:18   | Noticed an orb of fire
245496 | Zig:18   | Killed an orb of fire
245496 | Zig:18   | Killed an orb of fire
245498 | Zig:18   | Noticed an orb of fire
245500 | Zig:18   | Reached skill level 27 in Charms
245500 | Zig:18   | Killed an orb of fire
245504 | Zig:18   | Noticed an orb of fire
245505 | Zig:18   | Noticed an orb of fire
245506 | Zig:18   | Killed an orb of fire
245506 | Zig:18   | Reached skill level 5 in Staves
245506 | Zig:18   | Killed an orb of fire
245506 | Zig:18   | Noticed an orb of fire
245506 | Zig:18   | Noticed an orb of fire
245509 | Zig:18   | Killed an orb of fire
245509 | Zig:18   | Killed an orb of fire
245581 | Zig:18   | Got a scorched golden ring
245582 | Zig:18   | Identified the ring of Ypuofuf {Fire +Fly rN+ Str+4} (You
                  | found it on level 18 of a ziggurat)
245585 | Zig:18   | Found the +8 lance "Wyrmbane" {slay drac, rPois rF+ rC+
                  | AC+3}
245587 | Zig:18   | Got a scintillating ruby amulet
245588 | Zig:18   | Identified the amulet "Hioz" {Faith rPois rC+ MR+ Str+3}
                  | (You found it on level 18 of a ziggurat)
245593 | Zig:18   | Got a polished leather armour
245594 | Zig:18   | Identified the +4 leather armour "Palifymo" {rC+ Str+3
                  | Stlth+} (You found it on level 18 of a ziggurat)
245605 | Zig:18   | Got a bound tin amulet
245606 | Zig:18   | Identified the amulet "Xiotogi" {Gourm rC+} (You found it
                  | on level 18 of a ziggurat)
245621 | Zig:18   | Got a transparent bronze ring
245624 | Zig:18   | Identified the ring "Onieca" {rElec rF+ rN+ Str+4} (You
                  | found it on level 18 of a ziggurat)
245749 | Zig:19   | Entered Level 19 of a ziggurat
245768 | Zig:19   | Reached skill level 10 in Staves
245786 | Zig:19   | Reached skill level 15 in Staves
245844 | Zig:19   | Got a heavily runed shield
245845 | Zig:19   | Identified the cursed -1 shield of the Unbroken {rElec MR-
                  | Str+2 Int+6} (You found it on level 19 of a ziggurat)
245848 | Zig:19   | Found the ring of Robustness {AC+8}
245851 | Zig:19   | Got a scintillating ruby amulet
245852 | Zig:19   | Identified the amulet "Rustivy" {Reflect rPois SH+4} (You
                  | found it on level 19 of a ziggurat)
245858 | Zig:19   | Got a transparent pewter ring
245859 | Zig:19   | Identified the ring "Sihesyph" {rCorr rN++ Slay-3 SInv}
                  | (You found it on level 19 of a ziggurat)
245862 | Zig:19   | Got an ichor-stained short sword
245863 | Zig:19   | Identified the +10 short sword of Uncomfortable Rashes
                  | {venom, rElec MR+} (You found it on level 19 of a ziggurat)
245866 | Zig:19   | Identified Ubrox's Beginning Course on Sorcery
246059 | Zig:20   | Entered Level 20 of a ziggurat
246105 | Zig:20   | Found the +5 demon whip "Spellbinder" {antimagic, MR+}
246292 | Zig:20   | Got a coiled bone ring
246294 | Zig:20   | Identified the ring "Eraeggya" {rPois rF+ MR++ Dex-2
                  | Stlth+} (You found it on level 20 of a ziggurat)
246301 | Zig:20   | Got a bound brass ring
246303 | Zig:20   | Identified the ring "Ecvoyxt" {rF+ rC++ Int-2} (You found
                  | it on level 20 of a ziggurat)
246323 | Zig:20   | Got a blackened rapier
246324 | Zig:20   | Identified the +6 rapier "Hydrabane" {antimagic, rElec}
                  | (You found it on level 20 of a ziggurat)
246335 | Zig:20   | Identified the Volume of Supportive Beguiling
246338 | Zig:20   | Got a slimy tin ring
246340 | Zig:20   | Identified the ring "Jeloreop" {Dex+3 Stlth-} (You found it
                  | on level 20 of a ziggurat)
246348 | Zig:20   | Got a scorched glaive
246355 | Zig:20   | Got a distressingly furry ring mail
246366 | Zig:20   | Identified the +3 ring mail "Wimatt" {-Cast +Fly Int+2}
                  | (You found it on level 20 of a ziggurat)
246510 | Zig:21   | Entered Level 21 of a ziggurat
246581 | Zig:21   | Identified the Disquisition on Talismans and Snow
246590 | Zig:21   | Got a pitted marble ring
246592 | Zig:21   | Identified the ring of Virtue {rCorr *Corrode +Inv rC++
                  | SInv} (You found it on level 21 of a ziggurat)
246603 | Zig:21   | Got a faintly glowing turquoise ring
246607 | Zig:21   | Identified the ring "Bewyipee" {+Inv MR+} (You found it on
                  | level 21 of a ziggurat)
246612 | Zig:21   | Got an ancient ring mail
246623 | Zig:21   | Identified the +3 ring mail of Amelioration {rPois Int+4}
                  | (You found it on level 21 of a ziggurat)
246635 | Zig:21   | Got a polished hand axe
246637 | Zig:21   | Got an ancient robe
246638 | Zig:21   | Identified the +4 hand axe "Huphitom" {elec, rC+ MR++ Int+2
                  | Stlth-} (You found it on level 21 of a ziggurat)
246655 | Zig:21   | Identified the +0 robe "Illeteapna" {Int+5} (You found it
                  | on level 21 of a ziggurat)
246859 | Zig:22   | Entered Level 22 of a ziggurat
247323 | Zig:22   | Got a jewelled glaive
247403 | Zig:23   | Entered Level 23 of a ziggurat
247460 | Zig:23   | Reached skill level 27 in Staves
247478 | Zig:23   | Reached skill level 1 in Axes
247499 | Zig:23   | Found the +7 great mace "Undeadhunter" {disrupt, rN+}
247520 | Zig:23   | Got a jewelled large shield
247521 | Zig:23   | Identified the +4 large shield "Joc Roil" {Dex+4} (You
                  | acquired it on level 23 of a ziggurat)
247534 | Zig:23   | Got a shimmering war axe
247535 | Zig:23   | Identified the +1 war axe "Caify" {chop, rElec Str+3} (You
                  | found it on level 23 of a ziggurat)
247539 | Zig:23   | Found the +10 dark maul {crush}
247541 | Zig:23   | Got a pitted war axe
247542 | Zig:23   | Identified the +9 war axe "Embalmer" {chop, rElec Dex+6}
                  | (You found it on level 23 of a ziggurat)
247550 | Zig:23   | Got a shimmering ring mail
247561 | Zig:23   | Identified the +3 ring mail of Salvation {*Slow Str+2
                  | Dex+4} (You found it on level 23 of a ziggurat)
247599 | Zig:23   | Got a faintly humming robe
247605 | Zig:23   | Identified the +2 robe "Acobiotek" {rElec rCorr Int-3
                  | Dex-3} (You found it on level 23 of a ziggurat)
247608 | Zig:23   | Got a scintillating golden ring
247609 | Zig:23   | Identified the ring "Roguugiq" {+Inv SInv} (You found it on
                  | level 23 of a ziggurat)
247612 | Zig:23   | Got a crude longbow
247621 | Zig:23   | Got a scorched lead amulet
247622 | Zig:23   | Identified the amulet of Budiug {Gourm rElec} (You found it
                  | on level 23 of a ziggurat)
247626 | Zig:23   | Got a shimmering graven amulet
247627 | Zig:23   | Identified the amulet "Xaihit" {Inacc rPois} (You found it
                  | on level 23 of a ziggurat)
247634 | Zig:23   | Got a translucent amber ring
247635 | Zig:23   | Identified the cursed ring "Joaghuysa" {rF- rC- rN+++ MR+++
                  | Str-4} (You found it on level 23 of a ziggurat)
247897 | Zig:24   | Entered Level 24 of a ziggurat
247917 | Zig:24   | Noticed an ancient lich
247923 | Zig:24   | Noticed an ancient lich
247924 | Zig:24   | Noticed an ancient lich
247925 | Zig:24   | Reached skill level 10 in Axes
247925 | Zig:24   | Killed an ancient lich
247925 | Zig:24   | Noticed an ancient lich
247926 | Zig:24   | Noticed an ancient lich
247928 | Zig:24   | Noticed an ancient lich
247929 | Zig:24   | Noticed an ancient lich
247930 | Zig:24   | Killed an ancient lich
247930 | Zig:24   | Killed an ancient lich
247930 | Zig:24   | Killed an ancient lich
247930 | Zig:24   | Killed an ancient lich
247930 | Zig:24   | Killed an ancient lich
247930 | Zig:24   | Killed an ancient lich
247930 | Zig:24   | Noticed an ancient lich
247935 | Zig:24   | Noticed an ancient lich
247935 | Zig:24   | Noticed an ancient lich
247935 | Zig:24   | Killed an ancient lich
247936 | Zig:24   | Reached skill level 15 in Axes
247936 | Zig:24   | Killed an ancient lich
247936 | Zig:24   | Noticed an ancient lich
247936 | Zig:24   | Noticed an ancient lich
247936 | Zig:24   | Noticed an ancient lich
247937 | Zig:24   | Noticed an ancient lich
247938 | Zig:24   | Noticed an ancient lich
247938 | Zig:24   | Killed an ancient lich
247939 | Zig:24   | Killed an ancient lich
247939 | Zig:24   | Killed an ancient lich
247939 | Zig:24   | Killed an ancient lich
247939 | Zig:24   | Killed an ancient lich
247942 | Zig:24   | Killed an ancient lich
247942 | Zig:24   | Noticed an ancient lich
247944 | Zig:24   | Killed an ancient lich
247944 | Zig:24   | Noticed an ancient lich
247949 | Zig:24   | Killed an ancient lich
248021 | Zig:24   | Got a crude rapier
248022 | Zig:24   | Identified the +5 rapier of Sharkskin {pierce, +Inv rN+}
                  | (You found it on level 24 of a ziggurat)
248032 | Zig:24   | Got an encrusted spear
248033 | Zig:24   | Identified the +4 spear "Muxteuf" {flame, rF- Str+2 Int+5
                  | Dex+4} (You found it on level 24 of a ziggurat)
248077 | Zig:24   | Got a bronze leather armour
248078 | Zig:24   | Identified the cursed +0 leather armour of the Solstice
                  | {*Drain Dex+5} (You found it on level 24 of a ziggurat)
248085 | Zig:24   | Got a translucent hunting sling
248086 | Zig:24   | Identified the +1 hunting sling "Meuleuxe" {venom, rF+
                  | Str+4} (You found it on level 24 of a ziggurat)
248091 | Zig:24   | Identified the Grimoire of Unholy Ignition
248095 | Zig:24   | Got a brightly glowing spear
248096 | Zig:24   | Identified the +9 spear "Demonslayer" {pain, Int+2 Dex+6}
                  | (You found it on level 24 of a ziggurat)
248099 | Zig:24   | Got a dazzling ring mail
248100 | Zig:24   | Identified the cursed +1 ring mail "Pedecur" {Int-4 Dex+6}
                  | (You found it on level 24 of a ziggurat)
248255 | Zig:25   | Entered Level 25 of a ziggurat
248268 | Zig:25   | Noticed an ancient lich
248275 | Zig:25   | Killed an ancient lich
248279 | Zig:25   | Noticed an ancient lich
248279 | Zig:25   | Noticed an ancient lich
248283 | Zig:25   | Killed an ancient lich
248284 | Zig:25   | Killed an ancient lich
248285 | Zig:25   | Noticed an ancient lich
248286 | Zig:25   | Noticed an ancient lich
248287 | Zig:25   | Noticed an ancient lich
248289 | Zig:25   | Killed an ancient lich
248289 | Zig:25   | Killed an ancient lich
248289 | Zig:25   | Killed an ancient lich
248293 | Zig:25   | Noticed an ancient lich
248293 | Zig:25   | Noticed an ancient lich
248294 | Zig:25   | Noticed an ancient lich
248295 | Zig:25   | Killed an ancient lich
248296 | Zig:25   | Killed an ancient lich
248296 | Zig:25   | Killed an ancient lich
248297 | Zig:25   | Noticed an ancient lich
248303 | Zig:25   | Killed an ancient lich
248474 | Zig:25   | Got a shimmering chain mail
248475 | Zig:25   | Identified the +3 chain mail "Teynt" {rF+ Dex+4 SInv} (You
                  | found it on level 25 of a ziggurat)
248478 | Zig:25   | Got a spiked chain mail
248479 | Zig:25   | Identified the +4 chain mail of the Valley {rC++ MR-} (You
                  | found it on level 25 of a ziggurat)
248485 | Zig:25   | Got a dazzling short sword
248486 | Zig:25   | Identified the +7 short sword of the Radish {elec, Str+2
                  | Dex+4} (You found it on level 25 of a ziggurat)
248489 | Zig:25   | Got a spiked plate armour
248500 | Zig:25   | Identified the +6 plate armour "Ixitif" {Slay+2} (You found
                  | it on level 25 of a ziggurat)
248514 | Zig:25   | Found the +8 longbow "Zephyr" {speed, Dex+3 SInv}
248523 | Zig:25   | Got a scintillating ivory ring
248524 | Zig:25   | Identified the ring "Zopsykix" {MP+9 Int+3 Dex+5 Slay+5
                  | SInv} (You found it on level 25 of a ziggurat)
248540 | Zig:25   | Got a warped glaive
248736 | Zig:26   | Entered Level 26 of a ziggurat
248754 | Zig:26   | Noticed a greater mummy
248757 | Zig:26   | Noticed a greater mummy
248758 | Zig:26   | Noticed a greater mummy
248761 | Zig:26   | Noticed a greater mummy
248763 | Zig:26   | Killed a greater mummy
248765 | Zig:26   | Noticed a greater mummy
248766 | Zig:26   | Killed a greater mummy
248766 | Zig:26   | Killed a greater mummy
248766 | Zig:26   | Noticed a greater mummy
248767 | Zig:26   | Noticed a greater mummy
248770 | Zig:26   | Killed a greater mummy
248770 | Zig:26   | Noticed a greater mummy
248772 | Zig:26   | Killed a greater mummy
248773 | Zig:26   | Killed a greater mummy
248773 | Zig:26   | Noticed a greater mummy
248773 | Zig:26   | Noticed a greater mummy
248776 | Zig:26   | Killed a greater mummy
248776 | Zig:26   | Noticed a greater mummy
248777 | Zig:26   | Noticed a greater mummy
248778 | Zig:26   | Killed a greater mummy
248778 | Zig:26   | Killed a greater mummy
248778 | Zig:26   | Killed a greater mummy
248778 | Zig:26   | Noticed a greater mummy
248779 | Zig:26   | Killed a greater mummy
248779 | Zig:26   | Killed a greater mummy
248782 | Zig:26   | Noticed a greater mummy
248782 | Zig:26   | Noticed a greater mummy
248783 | Zig:26   | Noticed a greater mummy
248783 | Zig:26   | Noticed a greater mummy
248784 | Zig:26   | Killed a greater mummy
248784 | Zig:26   | Killed a greater mummy
248784 | Zig:26   | Killed a greater mummy
248784 | Zig:26   | Noticed a greater mummy
248784 | Zig:26   | Noticed a greater mummy
248785 | Zig:26   | Killed a greater mummy
248785 | Zig:26   | Killed a greater mummy
248785 | Zig:26   | Noticed a greater mummy
248786 | Zig:26   | Killed a greater mummy
248786 | Zig:26   | Killed a greater mummy
248787 | Zig:26   | Noticed a greater mummy
248787 | Zig:26   | Noticed a greater mummy
248787 | Zig:26   | Noticed a greater mummy
248787 | Zig:26   | Noticed a greater mummy
248788 | Zig:26   | Noticed a greater mummy
248788 | Zig:26   | Killed a greater mummy
248788 | Zig:26   | Noticed a greater mummy
248789 | Zig:26   | Noticed a greater mummy
248789 | Zig:26   | Noticed a greater mummy
248790 | Zig:26   | Killed a greater mummy
248790 | Zig:26   | Killed a greater mummy
248790 | Zig:26   | Killed a greater mummy
248790 | Zig:26   | Reached skill level 27 in Axes
248790 | Zig:26   | Reached skill level 1 in Unarmed Combat
248790 | Zig:26   | Noticed a greater mummy
248791 | Zig:26   | Noticed a greater mummy
248791 | Zig:26   | Killed a greater mummy
248791 | Zig:26   | Killed a greater mummy
248791 | Zig:26   | Killed a greater mummy
248791 | Zig:26   | Reached skill level 5 in Unarmed Combat
248791 | Zig:26   | Killed a greater mummy
248791 | Zig:26   | Noticed a greater mummy
248792 | Zig:26   | Killed a greater mummy
248792 | Zig:26   | Noticed a greater mummy
248792 | Zig:26   | Noticed a greater mummy
248793 | Zig:26   | Noticed a greater mummy
248794 | Zig:26   | Noticed a greater mummy
248795 | Zig:26   | Killed a greater mummy
248795 | Zig:26   | Killed a greater mummy
248795 | Zig:26   | Killed a greater mummy
248795 | Zig:26   | Killed a greater mummy
248796 | Zig:26   | Killed a greater mummy
248796 | Zig:26   | Killed a greater mummy
248797 | Zig:26   | Noticed a greater mummy
248797 | Zig:26   | Noticed a greater mummy
248797 | Zig:26   | Killed a greater mummy
248797 | Zig:26   | Reached skill level 10 in Unarmed Combat
248798 | Zig:26   | Noticed a greater mummy
248800 | Zig:26   | Killed a greater mummy
248801 | Zig:26   | Killed a greater mummy
248801 | Zig:26   | Noticed a greater mummy
248803 | Zig:26   | Killed a greater mummy
248805 | Zig:26   | Killed a greater mummy
249099 | Zig:26   | Found the +2 ratskin cloak {+Rats rPois rN+ Str-1 Int-1
                  | Dex+1}
249120 | Zig:26   | Got a bloodstained hand axe
249121 | Zig:26   | Identified the +9 hand axe of the Invisible Moons {drain,
                  | Int+5 Dex+4} (You found it on level 26 of a ziggurat)
249126 | Zig:26   | Found the +6 shillelagh "Devastator" {shatter}
249130 | Zig:26   | Got a flickering bronze ring
249131 | Zig:26   | Identified the ring of Amorality {rC+ Str+2} (You found it
                  | on level 26 of a ziggurat)
249146 | Zig:26   | Identified the amulet of Qahic {Acrobat rF+ Str+2} (You
                  | found it on level 26 of a ziggurat)
249154 | Zig:26   | Identified the ring of Vail {*Tele rC+ Dex+3 Slay-3} (You
                  | found it on level 26 of a ziggurat)
249161 | Zig:26   | Identified the amulet of Devotion {Gourm Str+4 Dex+2} (You
                  | found it on level 26 of a ziggurat)
249278 | Zig:27   | Entered Level 27 of a ziggurat
249320 | Zig:27   | Reached skill level 15 in Unarmed Combat
249355 | Zig:27   | Killed a starcursed mass
249458 | Zig:27   | Found the +9 staff of Olgreb {rPois}
249461 | Zig:27   | Identified the cursed +0 robe "Mecalivu" {rC+ rN+ Str-3}
                  | (You found it on level 27 of a ziggurat)
249470 | Zig:27   | Identified the +3 leather armour "Huci" {+Inv Str-5 Int+6
                  | Stlth+} (You found it on level 27 of a ziggurat)
249479 | Zig:27   | Found the +0 Maxwell's etheric cage {RegenMP+ *Contam rElec
                  | MP+4}
249486 | Zig:27   | Identified the Almanac of Intoxication and Transmigration
249489 | Zig:27   | Identified the amulet of Lyifyehi {Reflect -Tele rElec
                  | Dex+6 SH+4} (You found it on level 27 of a ziggurat)
249907 | Temple   | Fell from the grace of Sif Muna
249907 | Temple   | Became a worshipper of Makhleb the Destroyer
250155 | Depths:1 | Voluntarily entered the Abyss.
250328 | Abyss:1  | Reached * piety under Makhleb
250770 | Abyss:1  | Reached ** piety under Makhleb
251448 | Abyss:3  | Reached *** piety under Makhleb
251631 | Abyss:4  | Found a corrupted altar of Lugonu.
251645 | Abyss:4  | Reached **** piety under Makhleb
251741 | Abyss:4  | Found a corrupted altar of Lugonu.
251779 | Abyss:5  | Entered Level 5 of the Abyss
251897 | Abyss:5  | Reached ***** piety under Makhleb
252258 | Abyss:5  | Reached ****** piety under Makhleb
252297 | Abyss:5  | Noticed an ancient lich
252300 | Abyss:5  | Killed an ancient lich
252338 | Abyss:5  | Got an abyssal rune of Zot
252418 | Depths:1 | Escaped the Abyss
253181 | Zig:1    | Entered Level 1 of a ziggurat
253230 | Zig:2    | Entered Level 2 of a ziggurat
253237 | Zig:2    | Noticed an ancient lich
253241 | Zig:2    | Killed an ancient lich
253426 | Zig:3    | Entered Level 3 of a ziggurat
253450 | Zig:3    | Got a crude flail
253549 | Zig:4    | Entered Level 4 of a ziggurat
253555 | Zig:4    | Noticed an ancient lich
253556 | Zig:4    | Noticed an ancient lich
253557 | Zig:4    | Noticed an ancient lich
253558 | Zig:4    | Killed an ancient lich
253559 | Zig:4    | Killed an ancient lich
253561 | Zig:4    | Killed an ancient lich
253686 | Zig:4    | Got a fine hand crossbow
253687 | Zig:4    | Identified the +2 hand crossbow of Dominance {flame, +Fly
                  | MP+9} (You found it on level 4 of a ziggurat)
253713 | Zig:5    | Entered Level 5 of a ziggurat
253854 | Zig:5    | Got a translucent quarterstaff
253885 | Zig:6    | Entered Level 6 of a ziggurat
253893 | Zig:6    | Noticed an ancient lich
253894 | Zig:6    | Noticed an ancient lich
253897 | Zig:6    | Killed an ancient lich
253898 | Zig:6    | Killed an ancient lich
253899 | Zig:6    | Noticed an ancient lich
253905 | Zig:6    | Killed an ancient lich
254035 | Zig:6    | Got a transparent copper ring
254038 | Zig:6    | Identified the Almanac of Cold and Air
254058 | Zig:6    | Identified the ring of Wypnor {rF+ rN+ Str+3 Int-3 Dex+4}
                  | (You found it on level 6 of a ziggurat)
254074 | Zig:7    | Entered Level 7 of a ziggurat
254230 | Zig:8    | Entered Level 8 of a ziggurat
254243 | Zig:8    | Reached skill level 27 in Unarmed Combat
254315 | Zig:8    | Identified Tucimanypp's Reference Book on Battle Magic and
                  | Contamination
254318 | Zig:8    | Got a scorched brass ring
254320 | Zig:8    | Identified the ring "Leolab" {EV+2 Dex+6} (You found it on
                  | level 8 of a ziggurat)
254337 | Zig:8    | Got a polished flail
254338 | Zig:8    | Identified Ynainose's Grimoire of Supportive Poisoning
254375 | Zig:9    | Entered Level 9 of a ziggurat
254680 | Zig:9    | Got a sapphire spear
254699 | Zig:9    | Got a dazzling chain mail
254749 | Zig:10   | Entered Level 10 of a ziggurat
254756 | Zig:10   | Noticed an ancient lich
254757 | Zig:10   | Noticed an ancient lich
254759 | Zig:10   | Noticed an ancient lich
254760 | Zig:10   | Noticed an ancient lich
254760 | Zig:10   | Killed an ancient lich
254761 | Zig:10   | Noticed an ancient lich
254762 | Zig:10   | Killed an ancient lich
254763 | Zig:10   | Killed an ancient lich
254764 | Zig:10   | Killed an ancient lich
254764 | Zig:10   | Killed an ancient lich
254766 | Zig:10   | Found the +8 glaive of the Guard {elec, +Rage AC+5 SInv}
254853 | Zig:10   | Found the -2 hat of the Alchemist {rElec rPois rF+ rC+ rN+
                  | MR+ rMut rCorr}
254861 | Zig:10   | Got a crystal rapier
254864 | Zig:10   | Got a scorched fustibalus
254869 | Zig:10   | Got a bloodstained rapier
255138 | Zig:11   | Entered Level 11 of a ziggurat
255151 | Zig:11   | Reached skill level 15 in Polearms
255221 | Zig:11   | Got a scintillating glass ring
255223 | Zig:11   | Identified the ring of Qesk {MR+ Str+3 Slay+2} (You found
                  | it on level 11 of a ziggurat)
255229 | Zig:11   | Got a tattered robe
255247 | Zig:11   | Got a transparent mace
255286 | Zig:12   | Entered Level 12 of a ziggurat
255312 | Zig:12   | Got a smoking longbow
255326 | Zig:12   | Got a warped lead amulet
255328 | Zig:12   | Identified the amulet "Ciq Rycu" {+Blink +Rage rElec rC-}
                  | (You found it on level 12 of a ziggurat)
255454 | Zig:12   | Got an ichor-stained whip
255456 | Zig:12   | Identified the Collected Works on Mutagenic Bewitchment
255502 | Zig:13   | Entered Level 13 of a ziggurat
255505 | Zig:13   | Noticed an orb of fire
255521 | Zig:13   | Noticed an orb of fire
255521 | Zig:13   | Noticed an orb of fire
255522 | Zig:13   | Noticed an orb of fire
255522 | Zig:13   | Noticed an orb of fire
255522 | Zig:13   | Noticed an orb of fire
255523 | Zig:13   | Noticed an orb of fire
255525 | Zig:13   | Noticed an orb of fire
255526 | Zig:13   | Killed an orb of fire
255526 | Zig:13   | Killed an orb of fire
255526 | Zig:13   | Killed an orb of fire
255526 | Zig:13   | Killed an orb of fire
255526 | Zig:13   | Killed an orb of fire
255526 | Zig:13   | Noticed an orb of fire
255527 | Zig:13   | Killed an orb of fire
255531 | Zig:13   | Killed an orb of fire
255532 | Zig:13   | Killed an orb of fire
255532 | Zig:13   | Killed an orb of fire
255534 | Zig:13   | Noticed an orb of fire
255538 | Zig:13   | Noticed an orb of fire
255539 | Zig:13   | Killed an orb of fire
255539 | Zig:13   | Noticed an orb of fire
255543 | Zig:13   | Noticed an orb of fire
255546 | Zig:13   | Killed an orb of fire
255546 | Zig:13   | Killed an orb of fire
255546 | Zig:13   | Killed an orb of fire
255551 | Zig:13   | Noticed an orb of fire
255553 | Zig:13   | Killed an orb of fire
255553 | Zig:13   | Noticed an orb of fire
255558 | Zig:13   | Killed an orb of fire
255650 | Zig:13   | Found the +7 Singing Sword {slice, sonic wave}
255668 | Zig:13   | Got a bloodstained leather armour
255670 | Zig:13   | Identified the Catalogue of the Sturgeon
255715 | Zig:14   | Entered Level 14 of a ziggurat
255731 | Zig:14   | Noticed an ancient lich
255734 | Zig:14   | Killed an ancient lich
255750 | Zig:14   | Found the +6 arbalest "Damnation" {damnation}
255792 | Zig:14   | Got a bound iron ring
255794 | Zig:14   | Identified the ring "Zexeogek" {Str+2 SInv} (You found it
                  | on level 14 of a ziggurat)
255804 | Zig:14   | Identified Pyut Nazoats's Grimoire of the Shifting
                  | Mountains
255817 | Zig:14   | Got a polished scythe
255900 | Zig:15   | Entered Level 15 of a ziggurat
256048 | Zig:15   | Got a twisted plate armour
256051 | Zig:15   | Got a translucent silver ring
256055 | Zig:15   | Got a shimmering arbalest
256063 | Zig:15   | Got a brightly glowing ring mail
256066 | Zig:15   | Got a twisted mace
256132 | Zig:16   | Entered Level 16 of a ziggurat
256210 | Zig:16   | Found the amulet of Vitality {Regen+ HP+15}
256225 | Zig:16   | Got a crude leather armour
256394 | Zig:17   | Entered Level 17 of a ziggurat
256397 | Zig:17   | Noticed a greater mummy
256414 | Zig:17   | Noticed a greater mummy
256417 | Zig:17   | Reached skill level 27 in Polearms
256421 | Zig:17   | Killed a greater mummy
256421 | Zig:17   | Noticed a greater mummy
256422 | Zig:17   | Noticed a greater mummy
256429 | Zig:17   | Killed a greater mummy
256429 | Zig:17   | Noticed a greater mummy
256437 | Zig:17   | Killed a greater mummy
256437 | Zig:17   | Killed a greater mummy
256437 | Zig:17   | Reached skill level 5 in Long Blades
256437 | Zig:17   | Noticed a greater mummy
256439 | Zig:17   | Killed a greater mummy
256440 | Zig:17   | Killed a greater mummy
256440 | Zig:17   | Noticed a greater mummy
256446 | Zig:17   | Noticed a greater mummy
256446 | Zig:17   | Noticed a greater mummy
256467 | Zig:17   | Noticed a greater mummy
256468 | Zig:17   | Killed a greater mummy
256468 | Zig:17   | Killed a greater mummy
256470 | Zig:17   | Killed a greater mummy
256470 | Zig:17   | Noticed a greater mummy
256472 | Zig:17   | Found the +6 lightning scales {run, rElec}
256479 | Zig:17   | Noticed a greater mummy
256489 | Zig:17   | Was forgiven by Sif Muna
256494 | Zig:17   | Killed a greater mummy
256496 | Zig:17   | Noticed a greater mummy
256498 | Zig:17   | Noticed a greater mummy
256502 | Zig:17   | Noticed a greater mummy
256506 | Zig:17   | Killed a greater mummy
256507 | Zig:17   | Killed a greater mummy
256507 | Zig:17   | Reached skill level 10 in Long Blades
256507 | Zig:17   | Noticed a greater mummy
256508 | Zig:17   | Killed a greater mummy
256512 | Zig:17   | Noticed a greater mummy
256514 | Zig:17   | Noticed a greater mummy
256516 | Zig:17   | Killed a greater mummy
256516 | Zig:17   | Killed a greater mummy
256517 | Zig:17   | Noticed a greater mummy
256517 | Zig:17   | Noticed a greater mummy
256522 | Zig:17   | Killed a greater mummy
256523 | Zig:17   | Killed a greater mummy
256524 | Zig:17   | Killed a greater mummy
256525 | Zig:17   | Killed a greater mummy
256538 | Zig:17   | Noticed a greater mummy
256543 | Zig:17   | Noticed a greater mummy
256544 | Zig:17   | Killed a greater mummy
256550 | Zig:17   | Noticed a greater mummy
256550 | Zig:17   | Noticed a greater mummy
256551 | Zig:17   | Killed a greater mummy
256555 | Zig:17   | Killed a greater mummy
256556 | Zig:17   | Killed a greater mummy
256563 | Zig:17   | Killed a greater mummy
256567 | Zig:17   | Noticed a greater mummy
256573 | Zig:17   | Killed a greater mummy
256591 | Zig:17   | Got a shimmering granite ring
256593 | Zig:17   | Identified the ring of Levity {+Fly rElec rF+ Int+5} (You
                  | found it on level 17 of a ziggurat)
256820 | Zig:17   | Got an ebony flail
256824 | Zig:17   | Got a wavering wooden ring
256826 | Zig:17   | Identified the cursed ring "Bucuh" {rF++ MR+ Str+2 Dex-2
                  | Stlth-} (You found it on level 17 of a ziggurat)
256876 | Zig:18   | Entered Level 18 of a ziggurat
256883 | Zig:18   | Reached skill level 15 in Long Blades
256896 | Zig:18   | Noticed Xekoehye the pandemonium lord
256904 | Zig:18   | Killed Xekoehye the pandemonium lord
257000 | Zig:18   | Found the +8 mithril axe "Arga" {speed, MR+}
257005 | Zig:18   | Got a ripped robe
257007 | Zig:18   | Identified the Tome of the Shifting Escort
257044 | Zig:18   | Got a fine cloak
257045 | Zig:18   | Identified the +1 cloak "Aqum" {+Fly Dex+4 SInv} (You
                  | acquired it on level 18 of a ziggurat)
257046 | Zig:18   | Identified the ring "Okhlysk" {rF+ SInv} (You found it on
                  | level 15 of a ziggurat)
257092 | Zig:18   | Upgraded the game from 0.24-a0-7-g1bb0902 to
                  | 0.24-a0-10-gb84795d
257098 | Zig:19   | Entered Level 19 of a ziggurat
257302 | Zig:19   | Got a pitted hand crossbow
257303 | Zig:19   | Identified the cursed +0 hand crossbow of Objectivity
                  | {velocity, Str+2} (You found it on level 19 of a ziggurat)
257312 | Zig:19   | Got a slimy glaive
257323 | Zig:19   | Got a crystal longbow
257328 | Zig:19   | Identified the Handbook of Venom and the Frostbite
257337 | Zig:19   | Got a twisted broad axe
257339 | Zig:19   | Identified the +9 broad axe "Huhep" {vamp, Str+5} (You
                  | found it on level 19 of a ziggurat)
257413 | Zig:20   | Entered Level 20 of a ziggurat
257530 | Zig:20   | Got a twisted chain mail
257533 | Zig:20   | Got a translucent mace
257541 | Zig:20   | Got a spiked plate armour
257572 | Zig:20   | Got a shimmering long sword
257650 | Zig:21   | Entered Level 21 of a ziggurat
257661 | Zig:21   | Noticed an ancient lich
257663 | Zig:21   | Killed an ancient lich
257693 | Zig:21   | Killed a starcursed mass
257693 | Zig:21   | Reached skill level 27 in Long Blades
257693 | Zig:21   | Reached skill level 10 in Maces & Flails
257805 | Zig:21   | Got a transparent lead amulet
257806 | Zig:21   | Identified the amulet "Atriopso" {rF+ Regen+ Int-4 Dex+3
                  | SInv} (You found it on level 21 of a ziggurat)
257818 | Zig:21   | Found the +0 sword of Power
257824 | Zig:21   | Found the ring of Shadows {Umbra +Inv Stlth+}
257824 | Zig:21   | Got a scorched dagger
257908 | Zig:22   | Entered Level 22 of a ziggurat
257914 | Zig:22   | Noticed Uwovvy the pandemonium lord
257959 | Zig:22   | Killed Uwovvy the pandemonium lord
257966 | Zig:22   | Noticed Jiruuniu the pandemonium lord
257966 | Zig:22   | Noticed Neurhat the pandemonium lord
257968 | Zig:22   | Noticed Hiomimull the pandemonium lord
257969 | Zig:22   | Noticed Laun Ygo the pandemonium lord
257970 | Zig:22   | Killed Jiruuniu the pandemonium lord
257973 | Zig:22   | Noticed Kecys the pandemonium lord
257974 | Zig:22   | Killed Neurhat the pandemonium lord
257976 | Zig:22   | Killed Kecys the pandemonium lord
257976 | Zig:22   | Reached skill level 5 in Crossbows
257978 | Zig:22   | Noticed Rofaratuinn the pandemonium lord
257978 | Zig:22   | Noticed Kiki the pandemonium lord
257978 | Zig:22   | Noticed Obreluozo the pandemonium lord
257980 | Zig:22   | Noticed Verphuron the pandemonium lord
257980 | Zig:22   | Noticed Pywk the pandemonium lord
257981 | Zig:22   | Noticed Duattiest the pandemonium lord
257981 | Zig:22   | Noticed Zutiedar the pandemonium lord
257982 | Zig:22   | Noticed Rumpanad the pandemonium lord
257983 | Zig:22   | Noticed Cusodwox the pandemonium lord
257985 | Zig:22   | Killed Hiomimull the pandemonium lord
257985 | Zig:22   | Killed Kiki the pandemonium lord
257986 | Zig:22   | Noticed Ysoeguqis the pandemonium lord
257986 | Zig:22   | Noticed Yleyh the pandemonium lord
257987 | Zig:22   | Killed Laun Ygo the pandemonium lord
257987 | Zig:22   | Killed Cusodwox the pandemonium lord
257987 | Zig:22   | Killed Pywk the pandemonium lord
257987 | Zig:22   | Noticed Morod the pandemonium lord
257992 | Zig:22   | Killed Zutiedar the pandemonium lord
257992 | Zig:22   | Reached skill level 10 in Crossbows
257993 | Zig:22   | Killed Ysoeguqis the pandemonium lord
257994 | Zig:22   | Killed Yleyh the pandemonium lord
257996 | Zig:22   | Noticed Izapt the pandemonium lord
257997 | Zig:22   | Killed Rumpanad the pandemonium lord
257999 | Zig:22   | Killed Obreluozo the pandemonium lord
257999 | Zig:22   | Killed Rofaratuinn the pandemonium lord
257999 | Zig:22   | Noticed Goukkyeg the pandemonium lord
258000 | Zig:22   | Noticed Oter the pandemonium lord
258009 | Zig:22   | Noticed Jynk the pandemonium lord
258024 | Zig:22   | Noticed Lurgh the pandemonium lord
258025 | Zig:22   | Noticed Oneotemu the pandemonium lord
258026 | Zig:22   | Noticed Quaxtent the pandemonium lord
258028 | Zig:22   | Noticed Zadybb the pandemonium lord
258028 | Zig:22   | Noticed Seughoe the pandemonium lord
258028 | Zig:22   | Noticed Pavy the pandemonium lord
258028 | Zig:22   | Noticed Izemyx the pandemonium lord
258028 | Zig:22   | Noticed Dih Aset the pandemonium lord
258031 | Zig:22   | Noticed Pialuiq the pandemonium lord
258032 | Zig:22   | Noticed Jaech the pandemonium lord
258037 | Zig:22   | Killed Zadybb the pandemonium lord
258038 | Zig:22   | Killed Pialuiq the pandemonium lord
258040 | Zig:22   | Noticed Gytzegitue the pandemonium lord
258043 | Zig:22   | Killed Oneotemu the pandemonium lord
258043 | Zig:22   | Killed Jaech the pandemonium lord
258044 | Zig:22   | Noticed Mysusch the pandemonium lord
258046 | Zig:22   | Noticed Goethrun the pandemonium lord
258059 | Zig:22   | Killed Pavy the pandemonium lord
258064 | Zig:22   | Noticed Buybbowa the pandemonium lord
258069 | Zig:22   | Killed Morod the pandemonium lord
258071 | Zig:22   | Killed Buybbowa the pandemonium lord
258071 | Zig:22   | Reached skill level 15 in Crossbows
258084 | Zig:22   | Killed Gytzegitue the pandemonium lord
258091 | Zig:22   | Killed Izapt the pandemonium lord
258091 | Zig:22   | Noticed Agelezem the pandemonium lord
258119 | Zig:22   | Killed Agelezem the pandemonium lord
258121 | Zig:22   | Noticed Wese the pandemonium lord
258122 | Zig:22   | Killed Mysusch the pandemonium lord
258123 | Zig:22   | Noticed Riosyuga the pandemonium lord
258123 | Zig:22   | Noticed Huusynal the pandemonium lord
258123 | Zig:22   | Noticed Zohicizu the pandemonium lord
258127 | Zig:22   | Killed Riosyuga the pandemonium lord
258127 | Zig:22   | Killed Huusynal the pandemonium lord
258129 | Zig:22   | Killed Zohicizu the pandemonium lord
258130 | Zig:22   | Noticed Mooweh the pandemonium lord
258130 | Zig:22   | Killed Wese the pandemonium lord
258134 | Zig:22   | Paralysed by Oter for 2 turns
258136 | Zig:22   | Noticed Kaapa the pandemonium lord
258137 | Zig:22   | Killed Goukkyeg the pandemonium lord
258138 | Zig:22   | Killed Mooweh the pandemonium lord
258138 | Zig:22   | Killed Goethrun the pandemonium lord
258138 | Zig:22   | Noticed Coun Liw the pandemonium lord
258140 | Zig:22   | Killed Verphuron the pandemonium lord
258140 | Zig:22   | Killed Oter the pandemonium lord
258140 | Zig:22   | Killed Kaapa the pandemonium lord
258141 | Zig:22   | Killed Coun Liw the pandemonium lord
258141 | Zig:22   | Noticed Zukhiq the pandemonium lord
258145 | Zig:22   | Noticed Wuuhesuk the pandemonium lord
258150 | Zig:22   | Noticed a juggernaut
258151 | Zig:22   | Killed Izemyx the pandemonium lord
258151 | Zig:22   | Killed Duattiest the pandemonium lord
258151 | Zig:22   | Killed Seughoe the pandemonium lord
258151 | Zig:22   | a juggernaut changed into a titan
258152 | Zig:22   | Killed Jynk the pandemonium lord
258152 | Zig:22   | Killed Wuuhesuk the pandemonium lord
258152 | Zig:22   | Killed Zukhiq the pandemonium lord
258168 | Zig:22   | Noticed Cothruxto the pandemonium lord
258169 | Zig:22   | Noticed Moyrix the pandemonium lord
258173 | Zig:22   | Killed Moyrix the pandemonium lord
258181 | Zig:22   | Killed Lurgh the pandemonium lord
258181 | Zig:22   | Killed Dih Aset the pandemonium lord
258182 | Zig:22   | Killed Quaxtent the pandemonium lord
258184 | Zig:22   | Killed Cothruxto the pandemonium lord
258294 | Zig:22   | Got a shimmering leather armour
258296 | Zig:22   | Identified the Compendium of Lethal Transmigration
258308 | Zig:22   | Identified Iradust's Papyrus of Supportive Confrontation
258311 | Zig:22   | Got a distressingly furry plate armour
258335 | Zig:22   | Got a crude hand axe
258338 | Zig:22   | Got a steaming wooden ring
258340 | Zig:22   | Identified the ring "Goryx" {rC+ Stlth-} (You found it on
                  | level 22 of a ziggurat)
258349 | Zig:22   | Found the +3 crown of Dyrovepreva {rElec Int+2 SInv}
258460 | Zig:23   | Entered Level 23 of a ziggurat
258492 | Zig:23   | Found the +10 large shield of Ignorance {rN+ Int-4}
258640 | Zig:23   | Found the +5 pair of quick blades "Gyre" and "Gimble"
                  | {pierce, Dex-3}
258671 | Zig:23   | Got a slimy ivory amulet
258674 | Zig:23   | Got an ancient emerald amulet
258675 | Zig:23   | Identified the amulet of Pragmatism {RegenMP rElec rF-
                  | Str+4 Stlth+} (You found it on level 23 of a ziggurat)
258676 | Zig:23   | Identified the amulet "Rebb" {Harm *Drain rElec Str+5 Dex+4
                  | SInv} (You found it on level 23 of a ziggurat)
258686 | Zig:23   | Got a pitted ivory ring
258687 | Zig:23   | Identified the ring of Traps {rF+ MR+ MP+9 Str+4 Int-5}
                  | (You found it on level 23 of a ziggurat)
258692 | Zig:23   | Got an ichor-stained short sword
258705 | Zig:23   | Got a transparent iron ring
258706 | Zig:23   | Identified the ring "Ypuryran" {rN+ MR+ Int+5} (You found
                  | it on level 23 of a ziggurat)
258770 | Zig:24   | Entered Level 24 of a ziggurat
258902 | Zig:24   | Identified Etwul's Grimoire of Flames
258909 | Zig:24   | Got a faintly glowing marble ring
258911 | Zig:24   | Identified the ring "Tymy" {rPois rN+++ MR+ MP-9} (You
                  | found it on level 24 of a ziggurat)
258939 | Zig:24   | Identified the Disquisition on Poison and Transformation
258955 | Zig:24   | Got a sapphire halberd
259011 | Zig:25   | Entered Level 25 of a ziggurat
259021 | Zig:25   | Noticed an ancient lich
259023 | Zig:25   | Noticed an ancient lich
259024 | Zig:25   | Reached skill level 27 in Crossbows
259024 | Zig:25   | Reached skill level 1 in Short Blades
259024 | Zig:25   | Killed an ancient lich
259026 | Zig:25   | Noticed an ancient lich
259026 | Zig:25   | Noticed an ancient lich
259026 | Zig:25   | Noticed an ancient lich
259026 | Zig:25   | Noticed an ancient lich
259027 | Zig:25   | Noticed an ancient lich
259028 | Zig:25   | Killed an ancient lich
259028 | Zig:25   | Reached skill level 5 in Short Blades
259028 | Zig:25   | Killed an ancient lich
259030 | Zig:25   | Noticed an ancient lich
259030 | Zig:25   | Noticed an ancient lich
259031 | Zig:25   | Noticed an ancient lich
259031 | Zig:25   | Killed an ancient lich
259031 | Zig:25   | Killed an ancient lich
259031 | Zig:25   | Reached skill level 10 in Short Blades
259031 | Zig:25   | Noticed an ancient lich
259032 | Zig:25   | Killed an ancient lich
259032 | Zig:25   | Killed an ancient lich
259033 | Zig:25   | Killed an ancient lich
259033 | Zig:25   | Killed an ancient lich
259033 | Zig:25   | Noticed an ancient lich
259034 | Zig:25   | Noticed an ancient lich
259036 | Zig:25   | Killed an ancient lich
259036 | Zig:25   | Killed an ancient lich
259036 | Zig:25   | Killed an ancient lich
259036 | Zig:25   | Reached skill level 15 in Short Blades
259038 | Zig:25   | Noticed an ancient lich
259038 | Zig:25   | Noticed an ancient lich
259039 | Zig:25   | Killed an ancient lich
259039 | Zig:25   | Noticed an ancient lich
259041 | Zig:25   | Killed an ancient lich
259041 | Zig:25   | Killed an ancient lich
259042 | Zig:25   | Killed an ancient lich
259050 | Zig:25   | Found the +10 morningstar "Eos" {elec, Halo rElec}
259052 | Zig:25   | Got a scintillating marble ring
259196 | Zig:25   | Identified Eramm's Thorough Guide to Spellweaving
259221 | Zig:25   | Identified the Incunabulum of Igneous Enchantment
259260 | Zig:25   | Identified the ring of Xirgh {rF+ rC+ Int+2 Stlth-} (You
                  | found it on level 25 of a ziggurat)
259261 | Zig:25   | Identified the +2 cloak "Oramymn" {+Inv rPois Str-3} (You
                  | acquired it on level 25 of a ziggurat)
259272 | Zig:25   | Got a vibrating silver ring
259273 | Zig:25   | Identified the ring "Pirhoig" {MR+ Dex+4} (You found it on
                  | level 25 of a ziggurat)
259279 | Zig:25   | Got an ancient buckler
259282 | Zig:25   | Got a faintly glowing dagger
259288 | Zig:25   | Got a faintly glowing glaive
259294 | Zig:25   | Got a heavily runed hat
259295 | Zig:25   | Identified the +2 hat of the Garden {rElec rF+} (You found
                  | it on level 25 of a ziggurat)
259388 | Zig:26   | Entered Level 26 of a ziggurat
259427 | Zig:26   | Found the ring of the Octopus King
259497 | Zig:26   | Reached skill level 15 in Maces & Flails
259514 | Zig:26   | Got a ring of the Octopus King
259517 | Zig:26   | Identified a ring of the Octopus King {AC+1 EV+1 Str+1
                  | Int+1 Dex+1 Stlth+} (You found it on level 26 of a
                  | ziggurat)
259527 | Zig:26   | Found the +8 frozen axe "Frostbite" {freezing cloud, *Noise
                  | +Fly rC+}
259550 | Zig:26   | Identified the Compendium of Displacement
259554 | Zig:26   | Got a pitted lead ring
259556 | Zig:26   | Identified the ring "Omemehy Kyri" {rElec rPois rF+ rC+}
                  | (You found it on level 26 of a ziggurat)
259563 | Zig:26   | Got a blackened buckler
259576 | Zig:26   | Got a clouded tin ring
259578 | Zig:26   | Identified the ring of the Griffon {rCorr *Corrode Dex+5
                  | Stlth+} (You found it on level 26 of a ziggurat)
259595 | Zig:26   | Got a smoking tin ring
259597 | Zig:26   | Identified the ring of the Crown {rPois rF+ AC+5 Str-2
                  | Dex+7} (You found it on level 26 of a ziggurat)
259608 | Zig:26   | Got a twisted ring mail
259734 | Zig:27   | Entered Level 27 of a ziggurat
259739 | Zig:27   | Noticed a juggernaut
259742 | Zig:27   | Noticed a juggernaut
259742 | Zig:27   | Noticed a juggernaut
259743 | Zig:27   | Noticed a juggernaut
259744 | Zig:27   | Noticed a juggernaut
259744 | Zig:27   | Noticed a juggernaut
259744 | Zig:27   | Noticed a juggernaut
259744 | Zig:27   | Noticed a juggernaut
259745 | Zig:27   | Noticed a juggernaut
259745 | Zig:27   | Killed a juggernaut
259745 | Zig:27   | Noticed a juggernaut
259746 | Zig:27   | Killed a juggernaut
259747 | Zig:27   | Killed a juggernaut
259747 | Zig:27   | Killed a juggernaut
259747 | Zig:27   | Killed a juggernaut
259747 | Zig:27   | Killed a juggernaut
259747 | Zig:27   | Noticed a juggernaut
259749 | Zig:27   | Noticed a juggernaut
259750 | Zig:27   | Killed a juggernaut
259750 | Zig:27   | Killed a juggernaut
259750 | Zig:27   | Killed a juggernaut
259750 | Zig:27   | Killed a juggernaut
259750 | Zig:27   | Killed a juggernaut
259750 | Zig:27   | Noticed a juggernaut
259750 | Zig:27   | Noticed a juggernaut
259752 | Zig:27   | Killed a juggernaut
259752 | Zig:27   | Killed a juggernaut
259752 | Zig:27   | Noticed a juggernaut
259753 | Zig:27   | Noticed a juggernaut
259755 | Zig:27   | Killed a juggernaut
259757 | Zig:27   | Killed a juggernaut
259757 | Zig:27   | Killed a juggernaut
259758 | Zig:27   | Noticed a juggernaut
259758 | Zig:27   | Noticed a juggernaut
259760 | Zig:27   | Noticed a juggernaut
259761 | Zig:27   | Killed a juggernaut
259764 | Zig:27   | Killed a juggernaut
259767 | Zig:27   | Killed a juggernaut
259778 | Zig:27   | Found the +8 arc blade {discharge, rElec}
259903 | Zig:27   | Identified the +8 hand crossbow "Tuqes" {flame, rPois rF+
                  | rN+} (You found it on level 27 of a ziggurat)
260215 | Temple   | Lost mutation: You are agile. (Dex +2) [potion of mutation]
260215 | Temple   | Lost mutation: You have a pair of small antennae on your
                  | head. [potion of mutation]
260215 | Temple   | Lost mutation: You possess an exceptional clarity of mind.
                  | [potion of mutation]
260215 | Temple   | Gained mutation: You are weak. (Str -2) [potion of
                  | mutation]
260215 | Temple   | Lost mutation: You are weak. (Str -2) [potion of mutation]
260216 | Temple   | Lost mutation: You are covered in fur. (AC +1) [potion of
                  | mutation]
260216 | Temple   | Gained mutation: You occasionally shout uncontrollably at
                  | your foes. [potion of mutation]
260216 | Temple   | Gained mutation: You expend magic power (3 MP) to
                  | strengthen your wands. [potion of mutation]
260216 | Temple   | Gained mutation: Your mind is acute. (Int +2) [potion of
                  | mutation]
260217 | Temple   | Lost mutation: You occasionally shout uncontrollably at
                  | your foes. [potion of mutation]
260217 | Temple   | Lost mutation: Your mind is acute. (Int +2) [potion of
                  | mutation]
260217 | Temple   | Lost mutation: You expend magic power (3 MP) to strengthen
                  | your wands. [potion of mutation]
260217 | Temple   | Gained mutation: Your muscles are strong. (Str +2) [potion
                  | of mutation]
260217 | Temple   | Gained mutation: You possess an exceptional clarity of
                  | mind. [potion of mutation]
260218 | Temple   | Lost mutation: Your muscles are strong. (Str +2) [potion of
                  | mutation]
260218 | Temple   | Lost mutation: You possess an exceptional clarity of mind.
                  | [potion of mutation]
260218 | Temple   | Gained mutation: You possess an exceptional clarity of
                  | mind. [potion of mutation]
260218 | Temple   | Gained mutation: Your spells are a little harder to cast,
                  | but a little more powerful. [potion of mutation]
260218 | Temple   | Gained mutation: Your muscles are strong. (Str +2) [potion
                  | of mutation]
260254 | Temple   | Fell from the grace of Makhleb
260254 | Temple   | Became a worshipper of Gozag Ym Sagoz the Greedy
260269 | Zig:1    | Entered Level 1 of a ziggurat
260344 | Zig:2    | Entered Level 2 of a ziggurat
260463 | Zig:3    | Entered Level 3 of a ziggurat
260473 | Zig:3    | Found the ring of the Mage {Wiz MR++ Int+3}
260552 | Zig:4    | Entered Level 4 of a ziggurat
260555 | Zig:4    | Noticed a juggernaut
260564 | Zig:4    | Killed a juggernaut
260578 | Zig:4    | Got a vibrating tin ring
260596 | Zig:4    | Got a fine shortbow
260650 | Zig:4    | Got a shimmering leather armour
260683 | Zig:5    | Entered Level 5 of a ziggurat
260811 | Zig:5    | Identified the Volume of Captivating Transmutation
260912 | Zig:6    | Entered Level 6 of a ziggurat
261065 | Zig:6    | Reached skill level 27 in Short Blades
261078 | Zig:7    | Entered Level 7 of a ziggurat
261169 | Zig:7    | Got a dazzling longbow
261174 | Zig:7    | Got a steaming glaive
261279 | Zig:8    | Entered Level 8 of a ziggurat
261290 | Zig:8    | Noticed Vimiumab the pandemonium lord
261301 | Zig:8    | Killed Vimiumab the pandemonium lord
261573 | Zig:8    | Got a warped ivory ring
261575 | Zig:8    | Identified the ring of Creativity {rF- MR+ Str+7 SInv} (You
                  | found it on level 8 of a ziggurat)
261586 | Zig:8    | Got a distressingly furry cloak
261587 | Zig:8    | Identified the +0 cloak "Fues" {Str+6} (You found it on
                  | level 8 of a ziggurat)
261589 | Zig:8    | Identified the ring of the Foremost Deaths {rElec rPois MR+
                  | MP+9 Dex-2} (You found it on level 4 of a ziggurat)
261594 | Zig:8    | Got a glittering bronze ring
261597 | Zig:8    | Identified the cursed ring "Roametodgh" {MR+ Int+2 Dex-5}
                  | (You found it on level 8 of a ziggurat)
261642 | Zig:9    | Entered Level 9 of a ziggurat
261737 | Zig:9    | Got a crude battleaxe
261746 | Zig:9    | Got a jewelled demon trident
261753 | Zig:9    | Got a crude rapier
261762 | Zig:9    | Identified the Grimoire of Moulding
261765 | Zig:9    | Got a transparent granite ring
261767 | Zig:9    | Identified the ring "Vixem" {Fire Int+7 Slay-3} (You found
                  | it on level 9 of a ziggurat)
261773 | Zig:9    | Got an encrusted war axe
261974 | Zig:10   | Entered Level 10 of a ziggurat
262216 | Zig:10   | Got a fine short sword
262329 | Zig:10   | Got a shimmering hand axe
262331 | Zig:10   | Identified the Grimoire of Calling
262350 | Zig:11   | Entered Level 11 of a ziggurat
262481 | Zig:11   | Got a polished trident
262488 | Zig:11   | Got a slimy pewter amulet
262489 | Zig:11   | Identified the amulet of Gluttony {Faith rF+ Int+5 Stlth+}
                  | (You found it on level 11 of a ziggurat)
262491 | Zig:11   | Got a translucent quarterstaff
262603 | Zig:12   | Entered Level 12 of a ziggurat
262610 | Zig:12   | Noticed a juggernaut
262611 | Zig:12   | Noticed a juggernaut
262611 | Zig:12   | Noticed a juggernaut
262612 | Zig:12   | Noticed a juggernaut
262612 | Zig:12   | Noticed a juggernaut
262613 | Zig:12   | Killed a juggernaut
262613 | Zig:12   | Killed a juggernaut
262613 | Zig:12   | Noticed a juggernaut
262614 | Zig:12   | Killed a juggernaut
262614 | Zig:12   | Noticed a juggernaut
262615 | Zig:12   | Noticed a juggernaut
262615 | Zig:12   | Noticed a juggernaut
262615 | Zig:12   | Noticed a juggernaut
262615 | Zig:12   | Noticed a juggernaut
262616 | Zig:12   | Noticed a juggernaut
262616 | Zig:12   | Noticed a juggernaut
262616 | Zig:12   | Killed a juggernaut
262616 | Zig:12   | Noticed a juggernaut
262616 | Zig:12   | Noticed a juggernaut
262617 | Zig:12   | Killed a juggernaut
262617 | Zig:12   | Killed a juggernaut
262617 | Zig:12   | Killed a juggernaut
262617 | Zig:12   | Killed a juggernaut
262617 | Zig:12   | Killed a juggernaut
262617 | Zig:12   | Killed a juggernaut
262617 | Zig:12   | Killed a juggernaut
262617 | Zig:12   | Noticed a juggernaut
262618 | Zig:12   | Noticed a juggernaut
262618 | Zig:12   | Killed a juggernaut
262618 | Zig:12   | Killed a juggernaut
262619 | Zig:12   | Killed a juggernaut
262619 | Zig:12   | Killed a juggernaut
262620 | Zig:12   | Noticed a juggernaut
262622 | Zig:12   | Found the +8 whip "Snakebite" {curare, rPois}
262622 | Zig:12   | Noticed a juggernaut
262624 | Zig:12   | Killed a juggernaut
262625 | Zig:12   | Killed a juggernaut
262628 | Zig:12   | Killed a juggernaut
262628 | Zig:12   | Killed a juggernaut
262644 | Zig:12   | Got a bloodstained glaive
262829 | Zig:12   | Got a faintly glowing lapis lazuli ring
262831 | Zig:12   | Identified the ring "Jintiz" {+Fly rPois Str+3 SInv} (You
                  | found it on level 12 of a ziggurat)
262836 | Zig:12   | Got an ichor-stained arbalest
262889 | Zig:13   | Entered Level 13 of a ziggurat
262895 | Zig:13   | Reached skill level 27 in Maces & Flails
262907 | Zig:13   | Found the ring of the Octopus King
262912 | Zig:13   | Got an ancient scale mail
263064 | Zig:13   | Got a ring of the Octopus King
263066 | Zig:13   | Identified a ring of the Octopus King {rCorr AC+1 EV+1
                  | Str+1 Int+1 Dex+1} (You found it on level 13 of a ziggurat)
263197 | Zig:13   | Got a dazzling shield
263205 | Zig:13   | Got a polished scimitar
263213 | Zig:13   | Got a brightly glowing naga barding
263246 | Zig:14   | Entered Level 14 of a ziggurat
263265 | Zig:14   | Found the +8 storm bow {elec}
263387 | Zig:14   | Was forgiven by Makhleb
263540 | Zig:14   | Got a dull robe
263545 | Zig:14   | Got a slimy granite ring
263549 | Zig:14   | Got a crude cloak
263550 | Zig:14   | Identified the +2 cloak of the Maze {Dex+2} (You found it
                  | on level 14 of a ziggurat)
263552 | Zig:14   | Identified the ring "Evver" {rF+ rN+ Dex+4} (You found it
                  | on level 14 of a ziggurat)
263559 | Zig:14   | Got a smoking hand crossbow
263564 | Zig:14   | Identified the +3 hand crossbow "Haysyequ" {elec, Int+4}
                  | (You found it on level 14 of a ziggurat)
263580 | Zig:14   | Got a transparent shortbow
263582 | Zig:14   | Identified the Disquisition on Transmigration and
                  | Weightlessness
263600 | Zig:14   | Got a transparent zirconium amulet
263603 | Zig:14   | Identified the amulet of the Sparrow {Regen+ Int+3} (You
                  | found it on level 14 of a ziggurat)
263611 | Zig:14   | Got a steaming ring mail
263684 | Zig:15   | Entered Level 15 of a ziggurat
263703 | Zig:15   | Reached skill level 15 in Bows
263710 | Zig:15   | Identified the Incunabulum of Envenoming and Clay
263832 | Zig:15   | Got a pitted pewter ring
263839 | Zig:15   | Identified the ring "Fymun" {MP+9 Str+3} (You found it on
                  | level 15 of a ziggurat)
263842 | Zig:15   | Got a scorched plate armour
263848 | Zig:15   | Got an ebony hand axe
263855 | Zig:15   | Got a bloodstained great sword
263877 | Zig:15   | Identified the Catalogue of the Lethal Arsonist
263884 | Zig:15   | Got an ancient steel ring
263886 | Zig:15   | Identified the ring of Mimneb {Fire Dex+5} (You found it on
                  | level 15 of a ziggurat)
263971 | Zig:16   | Entered Level 16 of a ziggurat
263976 | Zig:16   | Reached skill level 1 in Slings
263979 | Zig:16   | Reached skill level 5 in Slings
263990 | Zig:16   | Reached skill level 10 in Slings
264181 | Zig:16   | Found the +7 Spriggan's Knife {stab, EV+4 Stlth+}
264201 | Zig:16   | Got a smoking iron ring
264203 | Zig:16   | Identified the ring "Owuladi" {rC+ rN++ Str+2 Dex-2 SInv}
                  | (You found it on level 16 of a ziggurat)
264209 | Zig:16   | Identified the Papyrus of Protection
264212 | Zig:16   | Identified the Volume of Ashen Curses
264234 | Zig:16   | Identified the +2 large shield "Jonwesm" {rF+} (You
                  | acquired it on level 16 of a ziggurat)
264238 | Zig:16   | Got a steaming hat
264239 | Zig:16   | Identified the +0 hat "Tetrut" {rElec MR++} (You acquired
                  | it on level 16 of a ziggurat)
264313 | Zig:17   | Entered Level 17 of a ziggurat
264736 | Zig:17   | Got a vibrating platinum ring
264739 | Zig:17   | Identified the ring of Spite {rF+ Str+4} (You found it on
                  | level 17 of a ziggurat)
264753 | Zig:17   | Identified the Compendium of the Tundras
264765 | Zig:17   | Got a jewelled ring mail
264768 | Zig:17   | Got a polished short sword
264800 | Zig:18   | Entered Level 18 of a ziggurat
264881 | Zig:18   | Got a pair of faintly glowing gloves
264882 | Zig:18   | Identified the cursed +0 pair of gloves of the Kettle-Drum
                  | {rF+} (You found it on level 18 of a ziggurat)
264888 | Zig:18   | Identified Siejem's Collected Works on Displaced Execration
265157 | Zig:19   | Entered Level 19 of a ziggurat
265157 | Zig:19   | Noticed a greater mummy
265162 | Zig:19   | Killed a greater mummy
265163 | Zig:19   | Noticed a greater mummy
265163 | Zig:19   | Noticed a greater mummy
265165 | Zig:19   | Noticed a greater mummy
265166 | Zig:19   | Noticed a greater mummy
265166 | Zig:19   | Killed a greater mummy
265167 | Zig:19   | Noticed a greater mummy
265167 | Zig:19   | Noticed a greater mummy
265169 | Zig:19   | Noticed a greater mummy
265169 | Zig:19   | Noticed a greater mummy
265170 | Zig:19   | Killed a greater mummy
265170 | Zig:19   | Killed a greater mummy
265170 | Zig:19   | Noticed a greater mummy
265170 | Zig:19   | Noticed a greater mummy
265171 | Zig:19   | Noticed a greater mummy
265173 | Zig:19   | Noticed a greater mummy
265175 | Zig:19   | Killed a greater mummy
265175 | Zig:19   | Killed a greater mummy
265175 | Zig:19   | Killed a greater mummy
265175 | Zig:19   | Killed a greater mummy
265175 | Zig:19   | Killed a greater mummy
265175 | Zig:19   | Noticed a greater mummy
265175 | Zig:19   | Noticed a greater mummy
265176 | Zig:19   | Noticed a greater mummy
265176 | Zig:19   | Killed a greater mummy
265176 | Zig:19   | Killed a greater mummy
265176 | Zig:19   | Killed a greater mummy
265177 | Zig:19   | Killed a greater mummy
265177 | Zig:19   | Noticed a greater mummy
265178 | Zig:19   | Noticed a greater mummy
265178 | Zig:19   | Killed a greater mummy
265178 | Zig:19   | Killed a greater mummy
265178 | Zig:19   | Noticed a greater mummy
265179 | Zig:19   | Killed a greater mummy
265179 | Zig:19   | Noticed a greater mummy
265181 | Zig:19   | Noticed a greater mummy
265183 | Zig:19   | Noticed a greater mummy
265183 | Zig:19   | Noticed a greater mummy
265185 | Zig:19   | Killed a greater mummy
265186 | Zig:19   | Noticed a greater mummy
265187 | Zig:19   | Noticed a greater mummy
265187 | Zig:19   | Noticed a greater mummy
265187 | Zig:19   | Killed a greater mummy
265187 | Zig:19   | Killed a greater mummy
265188 | Zig:19   | Noticed a greater mummy
265188 | Zig:19   | Killed a greater mummy
265188 | Zig:19   | Killed a greater mummy
265189 | Zig:19   | Killed a greater mummy
265189 | Zig:19   | Killed a greater mummy
265189 | Zig:19   | Killed a greater mummy
265189 | Zig:19   | Killed a greater mummy
265189 | Zig:19   | Reached skill level 27 in Bows
265189 | Zig:19   | Killed a greater mummy
265189 | Zig:19   | Killed a greater mummy
265319 | Zig:19   | Got a crude trident
265323 | Zig:19   | Got a brightly glowing battleaxe
265337 | Zig:19   | Got a transparent glaive
265533 | Zig:19   | Got a steaming scimitar
265573 | Zig:20   | Entered Level 20 of a ziggurat
265589 | Zig:20   | Noticed Nudi the pandemonium lord
265609 | Zig:20   | Killed Nudi the pandemonium lord
265849 | Zig:20   | Got a scorched brass ring
265851 | Zig:20   | Identified the ring "Jepuenat" {Str+4 Int+3 Dex+4 SInv
                  | Stlth+} (You found it on level 20 of a ziggurat)
265887 | Zig:20   | Got a clouded lead ring
265889 | Zig:20   | Identified the ring "Lofuin" {MR+ MP+9 Str+2 Dex+5} (You
                  | found it on level 20 of a ziggurat)
265896 | Zig:20   | Got a pitted chain mail
265907 | Zig:20   | Found the +11 plutonium sword {*Contam Stlth-}
265907 | Zig:20   | Got a faintly glowing arbalest
265911 | Zig:20   | Got a distressingly furry scale mail
265916 | Zig:20   | Got a smoking battleaxe
265923 | Zig:20   | Got a brightly glowing steel amulet
265924 | Zig:20   | Identified the amulet of Ryddonisk {Spirit Str+4} (You
                  | found it on level 20 of a ziggurat)
265930 | Zig:20   | Identified the Compendium of the Snowflakes
265937 | Zig:20   | Identified the Guide on Weightlessness and Shape Shifting
265986 | Zig:21   | Entered Level 21 of a ziggurat
266340 | Zig:21   | Identified the Tome of Execration and the Blaze
266343 | Zig:21   | Got a smoking falchion
266348 | Zig:21   | Got a flickering pewter ring
266350 | Zig:21   | Identified the ring of Irrepressible Laughter {Int+6 Dex+2}
                  | (You found it on level 21 of a ziggurat)
266358 | Zig:21   | Got a heavily runed buckler
266365 | Zig:21   | Got a shimmering bone ring
266367 | Zig:21   | Identified the ring of Entrepreneurial Spirit {*Slow rPois
                  | rC++ AC+3 Dex+3} (You found it on level 21 of a ziggurat)
266387 | Zig:21   | Got a transparent lajatang
266443 | Zig:22   | Entered Level 22 of a ziggurat
266451 | Zig:22   | Noticed an ancient lich
266456 | Zig:22   | Noticed an ancient lich
266457 | Zig:22   | Killed an ancient lich
266457 | Zig:22   | Noticed an ancient lich
266461 | Zig:22   | Noticed an ancient lich
266462 | Zig:22   | Killed an ancient lich
266463 | Zig:22   | Noticed an ancient lich
266463 | Zig:22   | Noticed an ancient lich
266465 | Zig:22   | Noticed an ancient lich
266466 | Zig:22   | Noticed an ancient lich
266466 | Zig:22   | Killed an ancient lich
266466 | Zig:22   | Killed an ancient lich
266466 | Zig:22   | Killed an ancient lich
266466 | Zig:22   | Killed an ancient lich
266467 | Zig:22   | Noticed an ancient lich
266468 | Zig:22   | Killed an ancient lich
266468 | Zig:22   | Killed an ancient lich
266468 | Zig:22   | Noticed an ancient lich
266468 | Zig:22   | Noticed an ancient lich
266469 | Zig:22   | Killed an ancient lich
266470 | Zig:22   | Noticed an ancient lich
266472 | Zig:22   | Noticed an ancient lich
266473 | Zig:22   | Killed an ancient lich
266473 | Zig:22   | Killed an ancient lich
266473 | Zig:22   | Killed an ancient lich
266475 | Zig:22   | Killed an ancient lich
266636 | Zig:22   | Got a twisted robe
266651 | Zig:22   | Got a warped arbalest
266654 | Zig:22   | Got a bloodstained flail
266656 | Zig:22   | Identified the Compendium of Poison
266660 | Zig:22   | Identified the Handbook of Malediction
266664 | Zig:22   | Identified the Volume of the Thoughtful Lovers
266667 | Zig:22   | Got an ancient ruby amulet
266668 | Zig:22   | Identified the amulet of Jealousy {Reflect Fragile rC+ SH+3
                  | Stlth+} (You found it on level 22 of a ziggurat)
266672 | Zig:22   | Got an ancient hand axe
266675 | Zig:22   | Got a heavily runed ivory amulet
266676 | Zig:22   | Identified the amulet "Leweupn" {RegenMP Int-2 Dex+5
                  | Stlth+} (You found it on level 22 of a ziggurat)
266688 | Zig:22   | Got a dazzling shield
266693 | Zig:22   | Got a shimmering crystal plate armour
266694 | Zig:22   | Identified the +0 crystal plate armour of Gallantry {+Blink
                  | +Inv Regen+ Dex-5} (You acquired it on level 22 of a
                  | ziggurat)
266698 | Zig:22   | Got a steaming copper ring
266699 | Zig:22   | Identified the ring of Jacajuo {rCorr rF+ rC- Int+3 Stlth+}
                  | (You found it on level 22 of a ziggurat)
266702 | Zig:22   | Got a pitted long sword
266812 | Zig:23   | Entered Level 23 of a ziggurat
266908 | Zig:23   | Got an encrusted hand crossbow
266909 | Zig:23   | Identified the +9 hand crossbow of the Philosopher {freeze,
                  | MR++ Int+2 Dex-4 Stlth+} (You found it on level 23 of a
                  | ziggurat)
266916 | Zig:23   | Got a sparkling pewter ring
266918 | Zig:23   | Identified the cursed ring "Notow" {rElec rN+++ AC-2 Str-4
                  | Slay-5} (You found it on level 23 of a ziggurat)
266932 | Zig:23   | Got a steaming brass ring
266934 | Zig:23   | Identified the ring "Ythroe" {rCorr rPois MR- Int+5} (You
                  | found it on level 23 of a ziggurat)
266939 | Zig:23   | Got a pitted brass ring
266941 | Zig:23   | Identified the ring "Mint" {rPois Str+2 Int+3 Dex+4} (You
                  | found it on level 23 of a ziggurat)
266946 | Zig:23   | Got an ichor-stained hand axe
266951 | Zig:23   | Got a shimmering robe
266959 | Zig:23   | Got a scorched mace
266963 | Zig:23   | Got a coiled bone ring
266965 | Zig:23   | Identified the ring "Puevuxon" {rCorr rF+ Int+4} (You found
                  | it on level 23 of a ziggurat)
266972 | Zig:23   | Identified the Disquisition on Congealing Feathers
266975 | Zig:23   | Got an iridescent lajatang
266979 | Zig:23   | Got an ichor-stained leather armour
267224 | Zig:24   | Entered Level 24 of a ziggurat
267483 | Zig:24   | Found the ring of the Octopus King
267529 | Zig:24   | Got a scorched bardiche
267535 | Zig:24   | Reached skill level 27 in Slings
267537 | Zig:24   | Got a ring of the Octopus King
267539 | Zig:24   | Identified a ring of the Octopus King {Wiz AC+1 EV+1 Str+1
                  | Int+1 Dex+1} (You found it on level 24 of a ziggurat)
267549 | Zig:24   | Got a warped marble ring
267551 | Zig:24   | Identified the ring "Xicsifid" {rF+ MP+9 Str-2 Int+4 SInv}
                  | (You found it on level 24 of a ziggurat)
267573 | Zig:24   | Got faintly humming ice dragon scales
267660 | Zig:24   | Reached skill level 27 in Summonings
267661 | Zig:24   | Reached skill level 27 in Translocations
267667 | Zig:25   | Entered Level 25 of a ziggurat
267906 | Zig:25   | Got an iridescent falchion
267911 | Zig:25   | Got a faintly humming helmet
267912 | Zig:25   | Identified the +0 helmet of Courage {Dex+4} (You found it
                  | on level 25 of a ziggurat)
267917 | Zig:25   | Got a pair of shimmering boots
267923 | Zig:25   | Identified Qomaab's Compendium of Unholy Earth
267931 | Zig:25   | Found the +10 Black Knight's horse barding {ponderous,
                  | rPois rN+}
267933 | Zig:25   | Got a spiked plate armour
267941 | Zig:25   | Got an ancient ivory amulet
267942 | Zig:25   | Identified the amulet "Cullodown" {Acrobat Str+4} (You
                  | found it on level 25 of a ziggurat)
267965 | Zig:25   | Got a translucent quarterstaff
268029 | Zig:26   | Entered Level 26 of a ziggurat
268069 | Zig:26   | Killed a starcursed mass
268374 | Zig:26   | Identified the Disquisition on Beguiling
268380 | Zig:26   | Got a glittering iron amulet
268381 | Zig:26   | Identified the amulet of Tomorrow {+Rage MR++} (You found
                  | it on level 26 of a ziggurat)
268384 | Zig:26   | Got an ancient glass ring
268385 | Zig:26   | Identified the ring of Curiosity {MR+ SInv} (You found it
                  | on level 26 of a ziggurat)
268387 | Zig:26   | Identified the Tome of Evil Companions
268390 | Zig:26   | Got an ichor-stained halberd
268393 | Zig:26   | Got a fine scale mail
268398 | Zig:26   | Identified Sif Muna's Incunabulum of Floating Dislocation
268403 | Zig:26   | Identified Sif Muna's Almanac of the Gliding Volcanoes
268423 | Zig:26   | Reached skill level 27 in Poison Magic
268425 | Zig:26   | Identified the Guide on Weightlessness and Enchantment
268429 | Zig:26   | Identified the Papyrus of the Glacier and the Compass
268435 | Zig:26   | Got a distressingly furry ring mail
268539 | Zig:27   | Entered Level 27 of a ziggurat
268678 | Zig:27   | Got a pitted great mace
268703 | Zig:27   | Got a scorched jade ring
268704 | Zig:27   | Identified the ring of Zaheuthro {rCorr rC+ Str+4} (You
                  | found it on level 27 of a ziggurat)
268710 | Zig:27   | Identified the Disquisition on Freezing Summoning
268736 | Zig:27   | Got a spiked plate armour
268741 | Zig:27   | Got a smoking tin ring
268745 | Zig:27   | Identified the ring of Anarchy {*Contam rElec rPois Dex+4}
                  | (You found it on level 27 of a ziggurat)
268747 | Zig:27   | Identified Ogigiygg's Collected Works on Snow and Aid
268937 | Zig:27   | Got a warped iron ring
268938 | Zig:27   | Identified the ring of the Eleven Lies {Fire rPois} (You
                  | found it on level 27 of a ziggurat)
268945 | Zig:27   | Identified the Catalogue of Hurtful Ice
268948 | Zig:27   | Got a wavering pewter ring
268950 | Zig:27   | Identified the ring of Luesch {Fire +Fly rPois Slay-3
                  | Stlth+} (You found it on level 27 of a ziggurat)
269164 | Zig:27   | Got a crude hand axe
269170 | Zig:27   | Got a dazzling fustibalus
269174 | Zig:27   | Got a warped iron ring
269176 | Zig:27   | Identified the ring "Intodiof" {rN+ Int-5 Slay+1 SInv} (You
                  | found it on level 27 of a ziggurat)
269391 | Zig:1    | Entered Level 1 of a ziggurat
269448 | Zig:2    | Entered Level 2 of a ziggurat
269452 | Zig:2    | Noticed Mioseenu the pandemonium lord
269458 | Zig:2    | Killed Mioseenu the pandemonium lord
269592 | Zig:3    | Entered Level 3 of a ziggurat
269714 | Zig:3    | Got a serpentine golden amulet
269715 | Zig:3    | Identified the amulet of Ideuso {Reflect rPois rF+ SH+2}
                  | (You found it on level 3 of a ziggurat)
269718 | Zig:3    | Got a twitching pewter ring
269720 | Zig:3    | Identified the ring "Hohyigeymo" {Ice MR+ Stlth+} (You
                  | found it on level 3 of a ziggurat)
269788 | Zig:4    | Entered Level 4 of a ziggurat
269788 | Zig:4    | Noticed a juggernaut
269790 | Zig:4    | Noticed a juggernaut
269791 | Zig:4    | Killed a juggernaut
269793 | Zig:4    | Noticed a juggernaut
269794 | Zig:4    | Noticed a juggernaut
269797 | Zig:4    | Killed a juggernaut
269797 | Zig:4    | Killed a juggernaut
269798 | Zig:4    | Killed a juggernaut
269988 | Zig:4    | Got a scorched scimitar
270034 | Zig:5    | Entered Level 5 of a ziggurat
270034 | Zig:5    | Noticed a juggernaut
270034 | Zig:5    | Noticed a juggernaut
270036 | Zig:5    | Killed a juggernaut
270037 | Zig:5    | Noticed a juggernaut
270038 | Zig:5    | Killed a juggernaut
270047 | Zig:5    | Killed a juggernaut
270195 | Zig:5    | Identified Itsur's Collected Works on Conjuration
270285 | Zig:6    | Entered Level 6 of a ziggurat
270288 | Zig:6    | Noticed Wophaj the pandemonium lord
270289 | Zig:6    | Noticed Dommyss the pandemonium lord
270290 | Zig:6    | Noticed Pahuok the pandemonium lord
270292 | Zig:6    | Noticed Hoinleju the pandemonium lord
270294 | Zig:6    | Noticed Orcho the pandemonium lord
270295 | Zig:6    | Noticed Sulaykhle the pandemonium lord
270296 | Zig:6    | Killed Hoinleju the pandemonium lord
270296 | Zig:6    | Killed Wophaj the pandemonium lord
270296 | Zig:6    | Killed Pahuok the pandemonium lord
270297 | Zig:6    | Noticed Deaqim the pandemonium lord
270297 | Zig:6    | Killed Dommyss the pandemonium lord
270300 | Zig:6    | Killed Deaqim the pandemonium lord
270310 | Zig:6    | Killed Sulaykhle the pandemonium lord
270311 | Zig:6    | Killed Orcho the pandemonium lord
270463 | Zig:7    | Entered Level 7 of a ziggurat
270465 | Zig:7    | Noticed a juggernaut
270465 | Zig:7    | Noticed a juggernaut
270466 | Zig:7    | Noticed a juggernaut
270468 | Zig:7    | Noticed a juggernaut
270468 | Zig:7    | Killed a juggernaut
270468 | Zig:7    | Killed a juggernaut
270472 | Zig:7    | Killed a juggernaut
270476 | Zig:7    | Killed a juggernaut
270569 | Zig:7    | Got a crystal short sword
270574 | Zig:7    | Got a crystal morningstar
270621 | Zig:7    | Got a vibrating steel ring
270623 | Zig:7    | Identified the cursed ring of Folocut {Str-2 Int+4 Slay+4
                  | SInv} (You found it on level 7 of a ziggurat)
270631 | Zig:7    | Got a blackened hand axe
270727 | Zig:8    | Entered Level 8 of a ziggurat
270949 | Zig:8    | Got an ebony triple crossbow
270972 | Zig:9    | Entered Level 9 of a ziggurat
270975 | Zig:9    | Noticed an ancient lich
270979 | Zig:9    | Killed an ancient lich
270981 | Zig:9    | Noticed an ancient lich
270987 | Zig:9    | Noticed an ancient lich
270987 | Zig:9    | Killed an ancient lich
270989 | Zig:9    | Killed an ancient lich
270993 | Zig:9    | Found the +3 salamander hide armour {+Rage rF++}
271162 | Zig:9    | Identified the Tome of Fire and Good Luck
271167 | Zig:9    | Got a brightly glowing scale mail
271172 | Zig:9    | Identified the Handbook of the Cankerous Birds
271206 | Zig:10   | Entered Level 10 of a ziggurat
271425 | Zig:10   | Got a dazzling halberd
271428 | Zig:10   | Got a crude falchion
271440 | Zig:10   | Got a faintly glowing longbow
271443 | Zig:10   | Got a translucent hand crossbow
271444 | Zig:10   | Identified the +9 hand crossbow "Tyrchaymi" {freeze, rElec}
                  | (You found it on level 10 of a ziggurat)
271480 | Zig:11   | Entered Level 11 of a ziggurat
271564 | Zig:11   | Got a blackened helmet
271575 | Zig:11   | Identified the cursed +0 helmet of Qinuxi {+Blink} (You
                  | found it on level 11 of a ziggurat)
271616 | Zig:11   | Got a smoking copper amulet
271617 | Zig:11   | Identified the amulet "Uhabut" {Inacc *Corrode rN++ Str+2
                  | Dex-2} (You found it on level 11 of a ziggurat)
271749 | Zig:11   | Got a fine scale mail
271764 | Zig:11   | Got a pair of transparent boots
271777 | Zig:12   | Entered Level 12 of a ziggurat
271943 | Zig:12   | Got a sparkling turquoise ring
271945 | Zig:12   | Identified the ring "Kaigeud" {*Tele rPois rF+ rN+ Str-4}
                  | (You found it on level 12 of a ziggurat)
271976 | Zig:12   | Got an ichor-stained hunting sling
271979 | Zig:12   | Got an iridescent short sword
271984 | Zig:12   | Got a bloodstained flail
271991 | Zig:12   | Got a dazzling leather armour
271994 | Zig:12   | Got a polished long sword
272004 | Zig:12   | Got a shimmering fustibalus
272051 | Zig:13   | Entered Level 13 of a ziggurat
272055 | Zig:13   | Noticed a juggernaut
272056 | Zig:13   | Noticed a juggernaut
272057 | Zig:13   | Noticed a juggernaut
272058 | Zig:13   | Noticed a juggernaut
272059 | Zig:13   | Noticed a juggernaut
272060 | Zig:13   | Noticed a juggernaut
272062 | Zig:13   | Noticed a juggernaut
272063 | Zig:13   | Noticed a juggernaut
272064 | Zig:13   | Killed a juggernaut
272064 | Zig:13   | Killed a juggernaut
272064 | Zig:13   | Killed a juggernaut
272064 | Zig:13   | Killed a juggernaut
272064 | Zig:13   | Killed a juggernaut
272065 | Zig:13   | Killed a juggernaut
272065 | Zig:13   | Killed a juggernaut
272066 | Zig:13   | Killed a juggernaut
272250 | Zig:13   | Identified the Almanac of Nocuous Curses
272355 | Zig:13   | Got a bloodstained scale mail
272378 | Zig:14   | Entered Level 14 of a ziggurat
272383 | Zig:14   | Noticed Ehausogg the pandemonium lord
272384 | Zig:14   | Noticed Aghuenih the pandemonium lord
272384 | Zig:14   | Noticed Ajibb the pandemonium lord
272385 | Zig:14   | Noticed Xulost the pandemonium lord
272385 | Zig:14   | Noticed Zaicac the pandemonium lord
272385 | Zig:14   | Noticed Debbiefi the pandemonium lord
272386 | Zig:14   | Killed Xulost the pandemonium lord
272386 | Zig:14   | Killed Aghuenih the pandemonium lord
272386 | Zig:14   | Noticed Comocki the pandemonium lord
272388 | Zig:14   | Noticed Zoath the pandemonium lord
272388 | Zig:14   | Noticed Hutuik the pandemonium lord
272389 | Zig:14   | Noticed Feodgh the pandemonium lord
272389 | Zig:14   | Noticed Yquts the pandemonium lord
272389 | Zig:14   | Noticed Babuho the pandemonium lord
272391 | Zig:14   | Noticed Kaku Agu the pandemonium lord
272391 | Zig:14   | Killed Debbiefi the pandemonium lord
272391 | Zig:14   | Killed Zaicac the pandemonium lord
272391 | Zig:14   | Killed Comocki the pandemonium lord
272392 | Zig:14   | Killed Zoath the pandemonium lord
272392 | Zig:14   | Killed Ajibb the pandemonium lord
272392 | Zig:14   | Noticed Racaakluiff the pandemonium lord
272392 | Zig:14   | Noticed Ucit the pandemonium lord
272392 | Zig:14   | Noticed Sualov the pandemonium lord
272393 | Zig:14   | Noticed Epymeise the pandemonium lord
272394 | Zig:14   | Noticed Zeefysim the pandemonium lord
272395 | Zig:14   | Noticed Sinkureb the pandemonium lord
272397 | Zig:14   | Noticed Votziocw the pandemonium lord
272397 | Zig:14   | Killed Babuho the pandemonium lord
272397 | Zig:14   | Noticed Zeixkota the pandemonium lord
272398 | Zig:14   | Killed Ehausogg the pandemonium lord
272399 | Zig:14   | Killed Hutuik the pandemonium lord
272399 | Zig:14   | Noticed Ujeaduunur the pandemonium lord
272400 | Zig:14   | Noticed Siegan the pandemonium lord
272400 | Zig:14   | Noticed Cuikidep the pandemonium lord
272400 | Zig:14   | Noticed Donet the pandemonium lord
272400 | Zig:14   | Killed Sualov the pandemonium lord
272400 | Zig:14   | Killed Racaakluiff the pandemonium lord
272400 | Zig:14   | Killed Kaku Agu the pandemonium lord
272400 | Zig:14   | Killed Epymeise the pandemonium lord
272400 | Zig:14   | Noticed Qurivvuv the pandemonium lord
272401 | Zig:14   | Killed Ucit the pandemonium lord
272402 | Zig:14   | Killed Feodgh the pandemonium lord
272402 | Zig:14   | Killed Zeixkota the pandemonium lord
272402 | Zig:14   | Killed Sinkureb the pandemonium lord
272402 | Zig:14   | Killed Zeefysim the pandemonium lord
272402 | Zig:14   | Killed Yquts the pandemonium lord
272408 | Zig:14   | Killed Ujeaduunur the pandemonium lord
272409 | Zig:14   | Killed Donet the pandemonium lord
272409 | Zig:14   | Killed Siegan the pandemonium lord
272410 | Zig:14   | Killed Qurivvuv the pandemonium lord
272410 | Zig:14   | Killed Cuikidep the pandemonium lord
272410 | Zig:14   | Killed Votziocw the pandemonium lord
272556 | Zig:14   | Got a slimy plate armour
272559 | Zig:14   | Identified the Disquisition on Confrontation and Hexes
272568 | Zig:14   | Got a warped scale mail
272571 | Zig:14   | Got a pair of faintly humming boots
272578 | Zig:14   | Got an ancient halberd
272583 | Zig:14   | Got a steaming robe
272602 | Zig:14   | Got a faintly glowing flail
272657 | Zig:15   | Entered Level 15 of a ziggurat
272657 | Zig:15   | Noticed a juggernaut
272657 | Zig:15   | Noticed a juggernaut
272657 | Zig:15   | Noticed a juggernaut
272659 | Zig:15   | Killed a juggernaut
272659 | Zig:15   | Noticed a juggernaut
272661 | Zig:15   | Killed a juggernaut
272661 | Zig:15   | Killed a juggernaut
272662 | Zig:15   | Noticed a juggernaut
272663 | Zig:15   | Noticed a juggernaut
272665 | Zig:15   | Noticed a juggernaut
272666 | Zig:15   | Killed a juggernaut
272667 | Zig:15   | Killed a juggernaut
272667 | Zig:15   | Killed a juggernaut
272667 | Zig:15   | Killed a juggernaut
272667 | Zig:15   | Noticed a juggernaut
272674 | Zig:15   | Noticed a juggernaut
272675 | Zig:15   | Noticed a juggernaut
272680 | Zig:15   | Killed a juggernaut
272680 | Zig:15   | Killed a juggernaut
272684 | Zig:15   | Killed a juggernaut
272971 | Zig:16   | Entered Level 16 of a ziggurat
273270 | Zig:16   | Got a shimmering granite ring
273272 | Zig:16   | Identified the ring "Odivag" {rF+ SInv} (You found it on
                  | level 16 of a ziggurat)
273286 | Zig:16   | Got a polished mace
273323 | Zig:17   | Entered Level 17 of a ziggurat
273478 | Zig:17   | Got a jewelled flail
273482 | Zig:17   | Got a distressingly furry scale mail
273484 | Zig:17   | Identified the Incunabulum of Floating Arcane Weapons
273652 | Zig:18   | Entered Level 18 of a ziggurat
273660 | Zig:18   | Noticed an ancient lich
273660 | Zig:18   | Noticed an ancient lich
273661 | Zig:18   | Noticed an ancient lich
273661 | Zig:18   | Noticed an ancient lich
273661 | Zig:18   | Noticed an ancient lich
273662 | Zig:18   | Noticed an ancient lich
273663 | Zig:18   | Noticed an ancient lich
273663 | Zig:18   | Noticed an ancient lich
273663 | Zig:18   | Noticed an ancient lich
273663 | Zig:18   | Noticed an ancient lich
273663 | Zig:18   | Killed an ancient lich
273663 | Zig:18   | Killed an ancient lich
273663 | Zig:18   | Killed an ancient lich
273663 | Zig:18   | Noticed an ancient lich
273664 | Zig:18   | Noticed an ancient lich
273664 | Zig:18   | Killed an ancient lich
273665 | Zig:18   | Noticed an ancient lich
273665 | Zig:18   | Noticed an ancient lich
273665 | Zig:18   | Killed an ancient lich
273665 | Zig:18   | Killed an ancient lich
273665 | Zig:18   | Killed an ancient lich
273665 | Zig:18   | Noticed an ancient lich
273666 | Zig:18   | Killed an ancient lich
273666 | Zig:18   | Killed an ancient lich
273666 | Zig:18   | Killed an ancient lich
273666 | Zig:18   | Killed an ancient lich
273666 | Zig:18   | Killed an ancient lich
273666 | Zig:18   | Noticed an ancient lich
273666 | Zig:18   | Noticed an ancient lich
273667 | Zig:18   | Killed an ancient lich
273667 | Zig:18   | Killed an ancient lich
273667 | Zig:18   | Noticed an ancient lich
273667 | Zig:18   | Noticed an ancient lich
273669 | Zig:18   | Noticed an ancient lich
273671 | Zig:18   | Killed an ancient lich
273671 | Zig:18   | Killed an ancient lich
273672 | Zig:18   | Killed an ancient lich
273672 | Zig:18   | Noticed an ancient lich
273673 | Zig:18   | Killed an ancient lich
273673 | Zig:18   | Killed an ancient lich
273674 | Zig:18   | Killed an ancient lich
273675 | Zig:18   | Killed an ancient lich
273676 | Zig:18   | Noticed an ancient lich
273683 | Zig:18   | Killed an ancient lich
273683 | Zig:18   | Noticed an ancient lich
273684 | Zig:18   | Killed an ancient lich
273786 | Zig:18   | Got a bloodstained battleaxe
273793 | Zig:18   | Got a shimmering rapier
273839 | Zig:18   | Got a translucent great sword
273843 | Zig:18   | Got an iridescent hand crossbow
273846 | Zig:18   | Identified the +7 hand crossbow "Fimnarph" {penet, rF+
                  | Str+4 Stlth+} (You found it on level 18 of a ziggurat)
273912 | Zig:18   | Got a faintly glowing scimitar
273970 | Zig:19   | Entered Level 19 of a ziggurat
273973 | Zig:19   | Noticed an orb of fire
273975 | Zig:19   | Noticed an orb of fire
273975 | Zig:19   | Noticed an orb of fire
273977 | Zig:19   | Noticed an orb of fire
273977 | Zig:19   | Noticed an orb of fire
273977 | Zig:19   | Noticed an orb of fire
273978 | Zig:19   | Noticed an orb of fire
273978 | Zig:19   | Noticed an orb of fire
273978 | Zig:19   | Noticed an orb of fire
273978 | Zig:19   | Noticed an orb of fire
273978 | Zig:19   | Noticed an orb of fire
273978 | Zig:19   | Noticed an orb of fire
273979 | Zig:19   | Noticed an orb of fire
273979 | Zig:19   | Killed an orb of fire
273979 | Zig:19   | Noticed an orb of fire
273979 | Zig:19   | Noticed an orb of fire
273979 | Zig:19   | Noticed an orb of fire
273980 | Zig:19   | Noticed an orb of fire
273980 | Zig:19   | Noticed an orb of fire
273981 | Zig:19   | Noticed an orb of fire
273981 | Zig:19   | Killed an orb of fire
273981 | Zig:19   | Killed an orb of fire
273981 | Zig:19   | Killed an orb of fire
273981 | Zig:19   | Killed an orb of fire
273981 | Zig:19   | Killed an orb of fire
273981 | Zig:19   | Killed an orb of fire
273981 | Zig:19   | Noticed an orb of fire
273981 | Zig:19   | Noticed an orb of fire
273981 | Zig:19   | Noticed an orb of fire
273982 | Zig:19   | Killed an orb of fire
273982 | Zig:19   | Killed an orb of fire
273982 | Zig:19   | Killed an orb of fire
273982 | Zig:19   | Killed an orb of fire
273982 | Zig:19   | Killed an orb of fire
273982 | Zig:19   | Noticed an orb of fire
273982 | Zig:19   | Noticed an orb of fire
273983 | Zig:19   | Noticed an orb of fire
273983 | Zig:19   | Killed an orb of fire
273983 | Zig:19   | Noticed an orb of fire
273983 | Zig:19   | Noticed an orb of fire
273983 | Zig:19   | Noticed an orb of fire
273983 | Zig:19   | Noticed an orb of fire
273984 | Zig:19   | Killed an orb of fire
273984 | Zig:19   | Killed an orb of fire
273984 | Zig:19   | Killed an orb of fire
273984 | Zig:19   | Noticed an orb of fire
273984 | Zig:19   | Noticed an orb of fire
273984 | Zig:19   | Noticed an orb of fire
273985 | Zig:19   | Noticed an orb of fire
273986 | Zig:19   | Killed an orb of fire
273986 | Zig:19   | Killed an orb of fire
273986 | Zig:19   | Killed an orb of fire
273986 | Zig:19   | Killed an orb of fire
273986 | Zig:19   | Killed an orb of fire
273987 | Zig:19   | Noticed an orb of fire
273987 | Zig:19   | Killed an orb of fire
273988 | Zig:19   | Noticed an orb of fire
273988 | Zig:19   | Killed an orb of fire
273988 | Zig:19   | Killed an orb of fire
273989 | Zig:19   | Noticed an orb of fire
273989 | Zig:19   | Killed an orb of fire
273989 | Zig:19   | Noticed an orb of fire
273990 | Zig:19   | Killed an orb of fire
273990 | Zig:19   | Killed an orb of fire
273990 | Zig:19   | Killed an orb of fire
273990 | Zig:19   | Killed an orb of fire
273990 | Zig:19   | Killed an orb of fire
273990 | Zig:19   | Killed an orb of fire
273990 | Zig:19   | Killed an orb of fire
273996 | Zig:19   | Killed an orb of fire
273998 | Zig:19   | Killed an orb of fire
273998 | Zig:19   | Killed an orb of fire
273998 | Zig:19   | Killed an orb of fire
274004 | Zig:19   | Killed an orb of fire
274087 | Zig:19   | Got a faintly glowing morningstar
274096 | Zig:19   | Got a faintly glowing mace
274099 | Zig:19   | Got a faintly humming leather armour
274112 | Zig:19   | Got a vibrating brass ring
274114 | Zig:19   | Identified the ring of the Peculiar Wishes {Wiz rPois rF+
                  | Dex-2} (You found it on level 19 of a ziggurat)
274119 | Zig:19   | Got a warped whip
274257 | Zig:19   | Identified the Almanac of Sinister Rites and Calling
274304 | Zig:20   | Entered Level 20 of a ziggurat
274309 | Zig:20   | Noticed an ancient lich
274311 | Zig:20   | Noticed an ancient lich
274311 | Zig:20   | Noticed an ancient lich
274313 | Zig:20   | Noticed an ancient lich
274313 | Zig:20   | Killed an ancient lich
274313 | Zig:20   | Noticed an ancient lich
274314 | Zig:20   | Noticed an ancient lich
274315 | Zig:20   | Killed an ancient lich
274316 | Zig:20   | Killed an ancient lich
274316 | Zig:20   | Killed an ancient lich
274316 | Zig:20   | Killed an ancient lich
274316 | Zig:20   | Killed an ancient lich
274316 | Zig:20   | Noticed an ancient lich
274317 | Zig:20   | Noticed an ancient lich
274317 | Zig:20   | Killed an ancient lich
274318 | Zig:20   | Noticed an ancient lich
274318 | Zig:20   | Noticed an ancient lich
274321 | Zig:20   | Killed an ancient lich
274322 | Zig:20   | Noticed an ancient lich
274323 | Zig:20   | Noticed an ancient lich
274324 | Zig:20   | Killed an ancient lich
274324 | Zig:20   | Killed an ancient lich
274325 | Zig:20   | Noticed an ancient lich
274326 | Zig:20   | Killed an ancient lich
274326 | Zig:20   | Killed an ancient lich
274326 | Zig:20   | Killed an ancient lich
274327 | Zig:20   | Noticed an ancient lich
274328 | Zig:20   | Noticed an ancient lich
274328 | Zig:20   | Noticed an ancient lich
274328 | Zig:20   | Noticed an ancient lich
274329 | Zig:20   | Noticed an ancient lich
274329 | Zig:20   | Noticed an ancient lich
274329 | Zig:20   | Noticed an ancient lich
274331 | Zig:20   | Killed an ancient lich
274331 | Zig:20   | Killed an ancient lich
274331 | Zig:20   | Killed an ancient lich
274331 | Zig:20   | Killed an ancient lich
274332 | Zig:20   | Noticed an ancient lich
274333 | Zig:20   | Killed an ancient lich
274333 | Zig:20   | Killed an ancient lich
274333 | Zig:20   | Killed an ancient lich
274334 | Zig:20   | Killed an ancient lich
274589 | Zig:20   | Identified the Compendium of Creative Enchantment
274592 | Zig:20   | Got a pitted long sword
274597 | Zig:20   | Identified the Handbook of Translocation and Conjuration
274628 | Zig:20   | Got a steaming chain mail
274630 | Zig:20   | Identified the Disquisition on the Entrancing Birds
274692 | Zig:21   | Entered Level 21 of a ziggurat
274697 | Zig:21   | Noticed a juggernaut
274697 | Zig:21   | Noticed a juggernaut
274699 | Zig:21   | Killed a juggernaut
274700 | Zig:21   | Noticed a juggernaut
274700 | Zig:21   | Noticed a juggernaut
274701 | Zig:21   | Noticed a juggernaut
274701 | Zig:21   | Noticed a juggernaut
274702 | Zig:21   | Noticed a juggernaut
274702 | Zig:21   | Noticed a juggernaut
274702 | Zig:21   | Noticed a juggernaut
274702 | Zig:21   | Noticed a juggernaut
274703 | Zig:21   | Noticed a juggernaut
274704 | Zig:21   | Noticed a juggernaut
274704 | Zig:21   | Killed a juggernaut
274704 | Zig:21   | Killed a juggernaut
274704 | Zig:21   | Killed a juggernaut
274704 | Zig:21   | Killed a juggernaut
274704 | Zig:21   | Noticed a juggernaut
274705 | Zig:21   | Killed a juggernaut
274705 | Zig:21   | Noticed a juggernaut
274707 | Zig:21   | Killed a juggernaut
274707 | Zig:21   | Killed a juggernaut
274708 | Zig:21   | Killed a juggernaut
274708 | Zig:21   | Killed a juggernaut
274708 | Zig:21   | Killed a juggernaut
274708 | Zig:21   | Killed a juggernaut
274708 | Zig:21   | Killed a juggernaut
274708 | Zig:21   | Killed a juggernaut
274708 | Zig:21   | Noticed a juggernaut
274708 | Zig:21   | Noticed a juggernaut
274709 | Zig:21   | Noticed a juggernaut
274710 | Zig:21   | Noticed a juggernaut
274710 | Zig:21   | Killed a juggernaut
274710 | Zig:21   | Noticed a juggernaut
274714 | Zig:21   | Killed a juggernaut
274714 | Zig:21   | Killed a juggernaut
274717 | Zig:21   | Killed a juggernaut
274738 | Zig:21   | Killed a juggernaut
274861 | Zig:21   | Got an ivory falchion
274864 | Zig:21   | Got faintly glowing steam dragon scales
274866 | Zig:21   | Identified the cursed +0 steam dragon scales of the Planets
                  | {*Corrode rElec rC+ rN++} (You found it on level 21 of a
                  | ziggurat)
274876 | Zig:21   | Got a transparent lead ring
274878 | Zig:21   | Identified the ring of Dool {rF+ MR+ EV+3 Dex-4} (You found
                  | it on level 21 of a ziggurat)
274883 | Zig:21   | Got a scorched mace
274888 | Zig:21   | Got a crystal fustibalus
274899 | Zig:21   | Identified the Incunabulum of Mutagenic Beguiling
274901 | Zig:21   | Got a fine dagger
274904 | Zig:21   | Got a jewelled war axe
274915 | Zig:21   | Got a dazzling plate armour
275217 | Zig:22   | Entered Level 22 of a ziggurat
275382 | Zig:22   | Got a vibrating ivory amulet
275383 | Zig:22   | Identified the amulet "Erghetz" {Inacc MR+} (You found it
                  | on level 22 of a ziggurat)
275386 | Zig:22   | Found the ring of the Octopus King
275386 | Zig:22   | Got a pitted brass ring
275388 | Zig:22   | Identified the ring of Niptum {+Fly rF+ rC++ Stlth+} (You
                  | found it on level 22 of a ziggurat)
275405 | Zig:22   | Got a brightly glowing hand crossbow
275408 | Zig:22   | Identified the +2 hand crossbow of Indomitability {freeze,
                  | Str+3} (You found it on level 22 of a ziggurat)
275422 | Zig:22   | Got a ring of the Octopus King
275424 | Zig:22   | Identified a ring of the Octopus King {rF+ AC+1 EV+1 Str+1
                  | Int+1 Dex+1} (You found it on level 22 of a ziggurat)
275681 | Zig:23   | Entered Level 23 of a ziggurat
275862 | Zig:23   | Got a twisted rapier
275871 | Zig:23   | Got a warped great sword
275897 | Zig:23   | Got an ancient ring mail
276180 | Zig:24   | Entered Level 24 of a ziggurat
276597 | Zig:24   | Found the +4 moon troll leather armour {Spirit, Regen++
                  | MP+5}
276602 | Zig:24   | Got a twisted whip
276619 | Zig:24   | Got a scorched scythe
276622 | Zig:24   | Got a sparkling marble ring
276624 | Zig:24   | Identified the ring "Hutziazeo" {MR+ Str+2 Dex+2} (You
                  | found it on level 24 of a ziggurat)
276663 | Zig:24   | Got a smoking flail
276668 | Zig:24   | Got a brightly glowing great mace
276734 | Zig:24   | Identified Sif Muna's Papyrus of Malediction and
                  | Contamination
276743 | Zig:25   | Entered Level 25 of a ziggurat
276749 | Zig:25   | Noticed a juggernaut
276749 | Zig:25   | Noticed a juggernaut
276752 | Zig:25   | Killed a juggernaut
276752 | Zig:25   | Noticed a juggernaut
276753 | Zig:25   | Noticed a juggernaut
276753 | Zig:25   | Killed a juggernaut
276753 | Zig:25   | Noticed a juggernaut
276754 | Zig:25   | Noticed a juggernaut
276754 | Zig:25   | Noticed a juggernaut
276755 | Zig:25   | Noticed a juggernaut
276755 | Zig:25   | Killed a juggernaut
276755 | Zig:25   | Noticed a juggernaut
276755 | Zig:25   | Noticed a juggernaut
276755 | Zig:25   | Noticed a juggernaut
276756 | Zig:25   | Noticed a juggernaut
276757 | Zig:25   | Killed a juggernaut
276757 | Zig:25   | Killed a juggernaut
276757 | Zig:25   | Killed a juggernaut
276757 | Zig:25   | Noticed a juggernaut
276757 | Zig:25   | Noticed a juggernaut
276757 | Zig:25   | Noticed a juggernaut
276759 | Zig:25   | Noticed a juggernaut
276760 | Zig:25   | Noticed a juggernaut
276761 | Zig:25   | Noticed a juggernaut
276761 | Zig:25   | Killed a juggernaut
276762 | Zig:25   | Killed a juggernaut
276762 | Zig:25   | Killed a juggernaut
276762 | Zig:25   | Killed a juggernaut
276762 | Zig:25   | Killed a juggernaut
276762 | Zig:25   | Killed a juggernaut
276762 | Zig:25   | Killed a juggernaut
276763 | Zig:25   | Noticed a juggernaut
276764 | Zig:25   | Killed a juggernaut
276765 | Zig:25   | Killed a juggernaut
276765 | Zig:25   | Killed a juggernaut
276766 | Zig:25   | Killed a juggernaut
276767 | Zig:25   | Killed a juggernaut
276767 | Zig:25   | Noticed a juggernaut
276768 | Zig:25   | Noticed a juggernaut
276770 | Zig:25   | Killed a juggernaut
276770 | Zig:25   | Killed a juggernaut
276771 | Zig:25   | Killed a juggernaut
276936 | Zig:25   | Got a coiled iron ring
276938 | Zig:25   | Identified the ring of Lown {rPois Int+3} (You found it on
                  | level 25 of a ziggurat)
276954 | Zig:25   | Got a sparkling jade ring
276956 | Zig:25   | Identified the ring "Lishrylue" {rCorr rC+ Str+3 Dex+4}
                  | (You found it on level 25 of a ziggurat)
277177 | Zig:25   | Got a smoking bone amulet
277178 | Zig:25   | Identified the amulet of Cuirimeka {Inacc rN++ Str+4} (You
                  | found it on level 25 of a ziggurat)
277260 | Zig:26   | Entered Level 26 of a ziggurat
277290 | Zig:26   | Noticed Hoif the pandemonium lord
277292 | Zig:26   | Killed Hoif the pandemonium lord
277653 | Zig:26   | Got an ancient halberd
277672 | Zig:26   | Got an ancient executioner's axe
277677 | Zig:26   | Got an iridescent war axe
277836 | Zig:27   | Entered Level 27 of a ziggurat
277868 | Zig:27   | Noticed Mampaho the pandemonium lord
277873 | Zig:27   | Killed Mampaho the pandemonium lord
277977 | Zig:27   | Got a coiled ruby amulet
277978 | Zig:27   | Identified the amulet "Lema Ufy" {Harm *Drain rC+ MR+
                  | Int+3} (You found it on level 27 of a ziggurat)
277982 | Zig:27   | Got a pair of transparent boots
277985 | Zig:27   | Got a blackened arbalest
278000 | Zig:27   | Got a shimmering graven amulet
278001 | Zig:27   | Identified the amulet of the Cicada {Acrobat Str+2 SInv}
                  | (You found it on level 27 of a ziggurat)
278008 | Zig:27   | Got an encrusted whip
278021 | Zig:27   | Got a dazzling war axe
278037 | Zig:27   | Got ichor-stained swamp dragon scales
278240 | Zig:27   | Got a shimmering shield
278244 | Zig:27   | Identified Kygoze's Reference Book on Dusty Moulding
278381 | Zig:1    | Entered Level 1 of a ziggurat
278457 | Zig:2    | Entered Level 2 of a ziggurat
278621 | Zig:3    | Entered Level 3 of a ziggurat
278779 | Zig:3    | Identified the Incunabulum of Hurtful Cold
278796 | Zig:4    | Entered Level 4 of a ziggurat
278944 | Zig:5    | Entered Level 5 of a ziggurat
279107 | Zig:5    | Got a faintly glowing falchion
279210 | Zig:6    | Entered Level 6 of a ziggurat
279362 | Zig:6    | Got a scintillating pewter amulet
279363 | Zig:6    | Identified the amulet of Dillaluj {Harm *Drain rElec MP+9
                  | Int+2 Dex-2} (You found it on level 6 of a ziggurat)
279370 | Zig:6    | Got an ichor-stained short sword
279408 | Zig:7    | Entered Level 7 of a ziggurat
279415 | Zig:7    | Noticed Daecor the pandemonium lord
279415 | Zig:7    | Noticed Fytare the pandemonium lord
279415 | Zig:7    | Noticed Vippuw the pandemonium lord
279415 | Zig:7    | Noticed Mimnal the pandemonium lord
279416 | Zig:7    | Noticed Neupseup the pandemonium lord
279419 | Zig:7    | Killed Fytare the pandemonium lord
279419 | Zig:7    | Killed Daecor the pandemonium lord
279419 | Zig:7    | Killed Mimnal the pandemonium lord
279419 | Zig:7    | Noticed Myodd the pandemonium lord
279419 | Zig:7    | Noticed Kycleiwu the pandemonium lord
279420 | Zig:7    | Killed Kycleiwu the pandemonium lord
279420 | Zig:7    | Noticed Xastom the pandemonium lord
279421 | Zig:7    | Noticed Ufiev the pandemonium lord
279421 | Zig:7    | Noticed Rimon the pandemonium lord
279422 | Zig:7    | Killed Vippuw the pandemonium lord
279422 | Zig:7    | Killed Myodd the pandemonium lord
279422 | Zig:7    | Noticed Isiaddim the pandemonium lord
279430 | Zig:7    | Killed Ufiev the pandemonium lord
279431 | Zig:7    | Killed Isiaddim the pandemonium lord
279431 | Zig:7    | Killed Xastom the pandemonium lord
279431 | Zig:7    | Killed Neupseup the pandemonium lord
279431 | Zig:7    | Killed Rimon the pandemonium lord
279578 | Zig:7    | Got a heavily runed scale mail
279583 | Zig:7    | Got a crude ring mail
279588 | Zig:7    | Got an iridescent fustibalus
279671 | Zig:8    | Entered Level 8 of a ziggurat
279866 | Zig:8    | Identified the Reference Book on Creative Enhancements
279875 | Zig:9    | Entered Level 9 of a ziggurat
279969 | Zig:9    | Identified Mimaeh's Catalogue of Shape Shifting
279982 | Zig:9    | Got a heavily runed lead ring
279984 | Zig:9    | Identified the ring "Jasuc" {Fire Int+5 Slay-5} (You found
                  | it on level 9 of a ziggurat)
280109 | Zig:10   | Entered Level 10 of a ziggurat
280268 | Zig:10   | Got an ichor-stained battleaxe
280277 | Zig:10   | Got a blackened fustibalus
280318 | Zig:10   | Found the +2 hat of the Bear Spirit {Spirit, +Rage rN+
                  | MR++}
280424 | Zig:11   | Entered Level 11 of a ziggurat
280670 | Zig:12   | Entered Level 12 of a ziggurat
280679 | Zig:12   | Noticed Lociedo the pandemonium lord
280679 | Zig:12   | Noticed Ficev the pandemonium lord
280681 | Zig:12   | Noticed Ziet the pandemonium lord
280681 | Zig:12   | Noticed Arigorpha the pandemonium lord
280681 | Zig:12   | Noticed Xatoakh the pandemonium lord
280682 | Zig:12   | Noticed Quguu the pandemonium lord
280682 | Zig:12   | Noticed Deekopp the pandemonium lord
280682 | Zig:12   | Noticed Laot the pandemonium lord
280682 | Zig:12   | Noticed Vowkore the pandemonium lord
280682 | Zig:12   | Noticed Faamobb the pandemonium lord
280682 | Zig:12   | Noticed Qeipim the pandemonium lord
280683 | Zig:12   | Noticed Jyocenets the pandemonium lord
280683 | Zig:12   | Noticed Dinkaros the pandemonium lord
280683 | Zig:12   | Noticed Hyint the pandemonium lord
280683 | Zig:12   | Noticed Ovecyude the pandemonium lord
280683 | Zig:12   | Noticed Dugawni the pandemonium lord
280684 | Zig:12   | Noticed Jecos the pandemonium lord
280684 | Zig:12   | Killed Deekopp the pandemonium lord
280684 | Zig:12   | Killed Vowkore the pandemonium lord
280684 | Zig:12   | Killed Laot the pandemonium lord
280684 | Zig:12   | Killed Qeipim the pandemonium lord
280684 | Zig:12   | Killed Dinkaros the pandemonium lord
280684 | Zig:12   | Noticed Paoxkoa the pandemonium lord
280684 | Zig:12   | Noticed Ceuheifu the pandemonium lord
280684 | Zig:12   | Noticed Vizxith the pandemonium lord
280685 | Zig:12   | Noticed Variecef the pandemonium lord
280685 | Zig:12   | Killed Ficev the pandemonium lord
280685 | Zig:12   | Killed Hyint the pandemonium lord
280685 | Zig:12   | Killed Arigorpha the pandemonium lord
280685 | Zig:12   | Killed Ovecyude the pandemonium lord
280685 | Zig:12   | Noticed Qejaofo the pandemonium lord
280685 | Zig:12   | Noticed Irche the pandemonium lord
280686 | Zig:12   | Noticed Guallui the pandemonium lord
280686 | Zig:12   | Noticed Ciuciav the pandemonium lord
280686 | Zig:12   | Noticed Mopt the pandemonium lord
280687 | Zig:12   | Noticed Meanky the pandemonium lord
280688 | Zig:12   | Killed Xatoakh the pandemonium lord
280689 | Zig:12   | Noticed Ysigarobb the pandemonium lord
280689 | Zig:12   | Noticed Porph the pandemonium lord
280690 | Zig:12   | Noticed Emoqi the pandemonium lord
280691 | Zig:12   | Killed Faamobb the pandemonium lord
280691 | Zig:12   | Killed Meanky the pandemonium lord
280691 | Zig:12   | Killed Quguu the pandemonium lord
280691 | Zig:12   | Killed Guallui the pandemonium lord
280692 | Zig:12   | Killed Ciuciav the pandemonium lord
280692 | Zig:12   | Killed Mopt the pandemonium lord
280692 | Zig:12   | Killed Ziet the pandemonium lord
280692 | Zig:12   | Killed Vizxith the pandemonium lord
280692 | Zig:12   | Killed Ceuheifu the pandemonium lord
280692 | Zig:12   | Killed Irche the pandemonium lord
280693 | Zig:12   | Killed Emoqi the pandemonium lord
280693 | Zig:12   | Killed Jyocenets the pandemonium lord
280693 | Zig:12   | Killed Lociedo the pandemonium lord
280693 | Zig:12   | Killed Variecef the pandemonium lord
280693 | Zig:12   | Killed Jecos the pandemonium lord
280693 | Zig:12   | Killed Porph the pandemonium lord
280695 | Zig:12   | Killed Ysigarobb the pandemonium lord
280695 | Zig:12   | Killed Paoxkoa the pandemonium lord
280702 | Zig:12   | Killed Qejaofo the pandemonium lord
280703 | Zig:12   | Killed Dugawni the pandemonium lord
280979 | Zig:12   | Got a faintly glowing broad axe
281056 | Zig:13   | Entered Level 13 of a ziggurat
281197 | Zig:13   | Got a translucent shortbow
281203 | Zig:13   | Identified the Compendium of Unholy Moulding
281207 | Zig:13   | Got a pair of smoking gloves
281208 | Zig:13   | Identified the cursed +0 pair of gloves of Agoraphobia
                  | {Dex+2} (You found it on level 13 of a ziggurat)
281215 | Zig:13   | Got an ancient copper ring
281217 | Zig:13   | Identified the ring of the Final Decision {+Inv rC- Int+7
                  | Dex+4 SInv} (You found it on level 13 of a ziggurat)
281400 | Zig:14   | Entered Level 14 of a ziggurat
281549 | Zig:14   | Got an ancient falchion
281716 | Zig:15   | Entered Level 15 of a ziggurat
281936 | Zig:15   | Got a warped quarterstaff
281943 | Zig:15   | Got a smoking battleaxe
281954 | Zig:15   | Got a scintillating silver ring
281956 | Zig:15   | Identified the cursed ring of Secrets {AC-2 Str+7 Int-5}
                  | (You found it on level 15 of a ziggurat)
281996 | Zig:15   | Got a brightly glowing falchion
281999 | Zig:15   | Got a wavering glass ring
282001 | Zig:15   | Identified the ring of Wonder {+Inv +Fly rF+ Dex+2} (You
                  | found it on level 15 of a ziggurat)
282006 | Zig:15   | Identified Wuikhud's Papyrus of Mutagenic Boosts
282189 | Zig:16   | Entered Level 16 of a ziggurat
282224 | Zig:16   | Noticed an ancient lich
282231 | Zig:16   | Killed an ancient lich
282268 | Zig:16   | Killed a starcursed mass
282535 | Zig:16   | Got a scorched mace
282546 | Zig:16   | Got an ancient broad axe
282555 | Zig:16   | Got a slimy glass ring
282557 | Zig:16   | Identified the cursed ring "Onlesoech" {+Fly rElec rF+
                  | Dex-3} (You found it on level 16 of a ziggurat)
282658 | Zig:16   | Identified the Grimoire of Stones and Black Magic
282668 | Zig:17   | Entered Level 17 of a ziggurat
282972 | Zig:17   | Got a transparent dagger
282981 | Zig:17   | Got a spiked chain mail
283016 | Zig:17   | Got an ichor-stained shortbow
283089 | Zig:18   | Entered Level 18 of a ziggurat
283245 | Zig:18   | Got a diamond-encrusted chain mail
283486 | Zig:19   | Entered Level 19 of a ziggurat
283492 | Zig:19   | Noticed a greater mummy
283494 | Zig:19   | Noticed a greater mummy
283495 | Zig:19   | Killed a greater mummy
283496 | Zig:19   | Noticed a greater mummy
283496 | Zig:19   | Noticed a greater mummy
283498 | Zig:19   | Noticed a greater mummy
283499 | Zig:19   | Noticed a greater mummy
283500 | Zig:19   | Killed a greater mummy
283500 | Zig:19   | Noticed a greater mummy
283501 | Zig:19   | Noticed a greater mummy
283501 | Zig:19   | Killed a greater mummy
283501 | Zig:19   | Noticed a greater mummy
283502 | Zig:19   | Killed a greater mummy
283502 | Zig:19   | Killed a greater mummy
283503 | Zig:19   | Noticed a greater mummy
283503 | Zig:19   | Noticed a greater mummy
283503 | Zig:19   | Noticed a greater mummy
283504 | Zig:19   | Killed a greater mummy
283504 | Zig:19   | Killed a greater mummy
283504 | Zig:19   | Killed a greater mummy
283504 | Zig:19   | Noticed a greater mummy
283504 | Zig:19   | Noticed a greater mummy
283504 | Zig:19   | Noticed a greater mummy
283505 | Zig:19   | Noticed a greater mummy
283506 | Zig:19   | Killed a greater mummy
283506 | Zig:19   | Killed a greater mummy
283506 | Zig:19   | Killed a greater mummy
283506 | Zig:19   | Killed a greater mummy
283507 | Zig:19   | Noticed a greater mummy
283507 | Zig:19   | Noticed a greater mummy
283508 | Zig:19   | Noticed a greater mummy
283508 | Zig:19   | Noticed a greater mummy
283510 | Zig:19   | Killed a greater mummy
283510 | Zig:19   | Noticed a greater mummy
283510 | Zig:19   | Noticed a greater mummy
283511 | Zig:19   | Killed a greater mummy
283511 | Zig:19   | Killed a greater mummy
283511 | Zig:19   | Noticed a greater mummy
283513 | Zig:19   | Killed a greater mummy
283513 | Zig:19   | Killed a greater mummy
283513 | Zig:19   | Killed a greater mummy
283513 | Zig:19   | Killed a greater mummy
283513 | Zig:19   | Noticed a greater mummy
283514 | Zig:19   | Noticed a greater mummy
283514 | Zig:19   | Noticed a greater mummy
283514 | Zig:19   | Killed a greater mummy
283514 | Zig:19   | Killed a greater mummy
283514 | Zig:19   | Killed a greater mummy
283514 | Zig:19   | Killed a greater mummy
283514 | Zig:19   | Killed a greater mummy
283518 | Zig:19   | Noticed a greater mummy
283518 | Zig:19   | Noticed a greater mummy
283519 | Zig:19   | Noticed a greater mummy
283520 | Zig:19   | Noticed a greater mummy
283520 | Zig:19   | Noticed a greater mummy
283522 | Zig:19   | Killed a greater mummy
283522 | Zig:19   | Killed a greater mummy
283522 | Zig:19   | Killed a greater mummy
283522 | Zig:19   | Killed a greater mummy
283522 | Zig:19   | Killed a greater mummy
283523 | Zig:19   | Noticed a greater mummy
283523 | Zig:19   | Killed a greater mummy
283523 | Zig:19   | Killed a greater mummy
283523 | Zig:19   | Noticed a greater mummy
283523 | Zig:19   | Noticed a greater mummy
283524 | Zig:19   | Noticed a greater mummy
283524 | Zig:19   | Noticed a greater mummy
283525 | Zig:19   | Noticed a greater mummy
283527 | Zig:19   | Noticed a greater mummy
283527 | Zig:19   | Noticed a greater mummy
283528 | Zig:19   | Noticed a greater mummy
283529 | Zig:19   | Killed a greater mummy
283530 | Zig:19   | Noticed a greater mummy
283533 | Zig:19   | Identified the Handbook of Shifting Curses
283533 | Zig:19   | Killed a greater mummy
283533 | Zig:19   | Killed a greater mummy
283534 | Zig:19   | Killed a greater mummy
283535 | Zig:19   | Killed a greater mummy
283535 | Zig:19   | Noticed a greater mummy
283537 | Zig:19   | Noticed a greater mummy
283537 | Zig:19   | Noticed a greater mummy
283537 | Zig:19   | Noticed a greater mummy
283538 | Zig:19   | Killed a greater mummy
283539 | Zig:19   | Killed a greater mummy
283539 | Zig:19   | Killed a greater mummy
283539 | Zig:19   | Killed a greater mummy
283539 | Zig:19   | Killed a greater mummy
283540 | Zig:19   | Killed a greater mummy
283540 | Zig:19   | Killed a greater mummy
283540 | Zig:19   | Killed a greater mummy
283541 | Zig:19   | Killed a greater mummy
283546 | Zig:19   | Killed a greater mummy
283749 | Zig:19   | Got a glittering bronze ring
283751 | Zig:19   | Identified the ring of Oluorit {*Drain rElec rF+ Str+4
                  | Stlth+} (You found it on level 19 of a ziggurat)
283764 | Zig:19   | Got an encrusted short sword
283773 | Zig:19   | Got a smoking diamond amulet
283774 | Zig:19   | Identified the amulet of Tyaf {Spirit *Slow rElec SInv}
                  | (You found it on level 19 of a ziggurat)
283789 | Zig:19   | Got a crude hand crossbow
283790 | Zig:19   | Identified the +8 hand crossbow of Gufaw {venom, rF+ rC+
                  | Str+3 Int+2} (You found it on level 19 of a ziggurat)
283794 | Zig:19   | Got a faintly humming ring mail
284042 | Zig:19   | Identified Zuyrr's Papyrus of Dusty Calling
284121 | Zig:20   | Entered Level 20 of a ziggurat
284472 | Zig:20   | Got a steaming war axe
284477 | Zig:20   | Got a bloodstained plate armour
284494 | Zig:20   | Identified the Catalogue of Earthen Changing
284498 | Zig:20   | Got a glittering silver amulet
284499 | Zig:20   | Identified the amulet "Qewkipsu" {rF- Regen+ Str+3} (You
                  | found it on level 20 of a ziggurat)
284516 | Zig:20   | Identified the Almanac of Dusty Poisoning
284603 | Zig:21   | Entered Level 21 of a ziggurat
284637 | Zig:21   | Noticed Iciclup the pandemonium lord
284648 | Zig:21   | Killed Iciclup the pandemonium lord
284780 | Zig:21   | Got spiked quicksilver dragon scales
284789 | Zig:21   | Got a shimmering shortbow
284795 | Zig:21   | Got a distressingly furry helmet
284806 | Zig:21   | Identified the +2 helmet "Ryangug" {Str-3 Int+7 Dex+2} (You
                  | found it on level 21 of a ziggurat)
284870 | Zig:21   | Got a pair of twisted gloves
284881 | Zig:21   | Identified the cursed +0 pair of gloves of the Stallion
                  | {*Drain Dex+4 Slay+5} (You found it on level 21 of a
                  | ziggurat)
284900 | Zig:21   | Got a crude cloak
284911 | Zig:21   | Identified the cursed -5 cloak of Beyond {Int+6} (You found
                  | it on level 21 of a ziggurat)
285222 | Zig:22   | Entered Level 22 of a ziggurat
285330 | Zig:22   | Killed a starcursed mass
285766 | Zig:22   | Got a scintillating silver ring
285768 | Zig:22   | Identified the ring of Miracles {rPois rC+ Str+4 Dex-2}
                  | (You found it on level 22 of a ziggurat)
285778 | Zig:22   | Got a fine glaive
285789 | Zig:22   | Got a heavily runed plate armour
285796 | Zig:22   | Got a coiled bronze amulet
285797 | Zig:22   | Identified the amulet of the Voivode {+Rage rElec Str+2}
                  | (You found it on level 22 of a ziggurat)
285901 | Zig:22   | Identified the Guide on the Mountains and Attacks
285922 | Zig:23   | Entered Level 23 of a ziggurat
286395 | Zig:23   | Got a brightly glowing spear
286398 | Zig:23   | Got a fine shield
286404 | Zig:23   | Got a crude hand axe
286410 | Zig:23   | Got a smoking copper ring
286412 | Zig:23   | Identified the ring of Ynoc {-Tele +Inv rF+ Str+5} (You
                  | found it on level 23 of a ziggurat)
286476 | Zig:24   | Entered Level 24 of a ziggurat
286531 | Zig:24   | Got a pair of crude gloves
286897 | Zig:24   | Got a dazzling quarterstaff
286899 | Zig:24   | Identified the +0 pair of gloves of Amorality {*Contam
                  | +Blink MR+ Str+2} (You found it on level 24 of a ziggurat)
286902 | Zig:24   | Got a translucent ring mail
286904 | Zig:24   | Got a transparent flail
286909 | Zig:24   | Identified the Tome of Helpful Transmigration
286955 | Zig:24   | Got a bloodstained glaive
286961 | Zig:24   | Got a warped robe
286964 | Zig:24   | Got a scorched war axe
286975 | Zig:24   | Got a faintly glowing silver ring
286976 | Zig:24   | Identified the ring of Icuod {MP+9 Dex+4} (You found it on
                  | level 24 of a ziggurat)
287013 | Zig:24   | Got a crystal battleaxe
287016 | Zig:24   | Got a scorched mace
287019 | Zig:24   | Got a faintly glowing spear
287139 | Zig:25   | Entered Level 25 of a ziggurat
287155 | Zig:25   | Noticed an ancient lich
287155 | Zig:25   | Noticed an ancient lich
287156 | Zig:25   | Noticed an ancient lich
287157 | Zig:25   | Noticed an ancient lich
287157 | Zig:25   | Noticed an ancient lich
287157 | Zig:25   | Killed an ancient lich
287157 | Zig:25   | Noticed an ancient lich
287160 | Zig:25   | Killed an ancient lich
287160 | Zig:25   | Killed an ancient lich
287160 | Zig:25   | Killed an ancient lich
287160 | Zig:25   | Killed an ancient lich
287160 | Zig:25   | Noticed an ancient lich
287160 | Zig:25   | Noticed an ancient lich
287161 | Zig:25   | Killed an ancient lich
287165 | Zig:25   | Noticed an ancient lich
287165 | Zig:25   | Noticed an ancient lich
287165 | Zig:25   | Killed an ancient lich
287165 | Zig:25   | Killed an ancient lich
287165 | Zig:25   | Noticed an ancient lich
287166 | Zig:25   | Noticed an ancient lich
287166 | Zig:25   | Killed an ancient lich
287166 | Zig:25   | Noticed an ancient lich
287166 | Zig:25   | Noticed an ancient lich
287167 | Zig:25   | Noticed an ancient lich
287167 | Zig:25   | Killed an ancient lich
287168 | Zig:25   | Killed an ancient lich
287168 | Zig:25   | Killed an ancient lich
287168 | Zig:25   | Killed an ancient lich
287169 | Zig:25   | Noticed an ancient lich
287169 | Zig:25   | Killed an ancient lich
287169 | Zig:25   | Noticed an ancient lich
287176 | Zig:25   | Killed an ancient lich
287176 | Zig:25   | Killed an ancient lich
287177 | Zig:25   | Noticed an ancient lich
287177 | Zig:25   | Noticed an ancient lich
287177 | Zig:25   | Killed an ancient lich
287177 | Zig:25   | Noticed an ancient lich
287181 | Zig:25   | Killed an ancient lich
287181 | Zig:25   | Killed an ancient lich
287182 | Zig:25   | Noticed an ancient lich
287185 | Zig:25   | Killed an ancient lich
287185 | Zig:25   | Killed an ancient lich
287186 | Zig:25   | Noticed an ancient lich
287187 | Zig:25   | Noticed an ancient lich
287187 | Zig:25   | Noticed an ancient lich
287188 | Zig:25   | Killed an ancient lich
287190 | Zig:25   | Killed an ancient lich
287190 | Zig:25   | Killed an ancient lich
287356 | Zig:25   | Got a warped glass ring
287357 | Zig:25   | Identified the ring "Qyserph" {rPois rF++ Str+2} (You found
                  | it on level 25 of a ziggurat)
287386 | Zig:25   | Got a pitted emerald amulet
287387 | Zig:25   | Identified the amulet "Odwaghe" {Spirit *Contam rElec Dex+8
                  | Stlth-} (You found it on level 25 of a ziggurat)
287390 | Zig:25   | Got a brightly glowing great mace
287731 | Zig:26   | Entered Level 26 of a ziggurat
287739 | Zig:26   | Noticed a greater mummy
287740 | Zig:26   | Noticed a greater mummy
287740 | Zig:26   | Noticed a greater mummy
287742 | Zig:26   | Noticed a greater mummy
287743 | Zig:26   | Killed a greater mummy
287743 | Zig:26   | Noticed a greater mummy
287744 | Zig:26   | Killed a greater mummy
287744 | Zig:26   | Noticed a greater mummy
287744 | Zig:26   | Noticed a greater mummy
287745 | Zig:26   | Noticed a greater mummy
287745 | Zig:26   | Noticed a greater mummy
287745 | Zig:26   | Noticed a greater mummy
287745 | Zig:26   | Noticed a greater mummy
287746 | Zig:26   | Killed a greater mummy
287746 | Zig:26   | Noticed a greater mummy
287747 | Zig:26   | Noticed a greater mummy
287748 | Zig:26   | Noticed a greater mummy
287748 | Zig:26   | Noticed a greater mummy
287749 | Zig:26   | Killed a greater mummy
287749 | Zig:26   | Killed a greater mummy
287749 | Zig:26   | Killed a greater mummy
287749 | Zig:26   | Killed a greater mummy
287749 | Zig:26   | Killed a greater mummy
287749 | Zig:26   | Killed a greater mummy
287749 | Zig:26   | Killed a greater mummy
287749 | Zig:26   | Killed a greater mummy
287749 | Zig:26   | Killed a greater mummy
287749 | Zig:26   | Noticed a greater mummy
287749 | Zig:26   | Noticed a greater mummy
287749 | Zig:26   | Noticed a greater mummy
287749 | Zig:26   | Noticed a greater mummy
287749 | Zig:26   | Noticed a greater mummy
287751 | Zig:26   | Noticed a greater mummy
287753 | Zig:26   | Killed a greater mummy
287753 | Zig:26   | Killed a greater mummy
287753 | Zig:26   | Noticed a greater mummy
287754 | Zig:26   | Noticed a greater mummy
287754 | Zig:26   | Noticed a greater mummy
287755 | Zig:26   | Noticed a greater mummy
287757 | Zig:26   | Killed a greater mummy
287757 | Zig:26   | Killed a greater mummy
287757 | Zig:26   | Noticed a greater mummy
287757 | Zig:26   | Noticed a greater mummy
287757 | Zig:26   | Noticed a greater mummy
287757 | Zig:26   | Noticed a greater mummy
287758 | Zig:26   | Killed a greater mummy
287758 | Zig:26   | Killed a greater mummy
287758 | Zig:26   | Noticed a greater mummy
287758 | Zig:26   | Noticed a greater mummy
287759 | Zig:26   | Killed a greater mummy
287759 | Zig:26   | Killed a greater mummy
287759 | Zig:26   | Killed a greater mummy
287759 | Zig:26   | Killed a greater mummy
287759 | Zig:26   | Killed a greater mummy
287759 | Zig:26   | Killed a greater mummy
287759 | Zig:26   | Killed a greater mummy
287759 | Zig:26   | Killed a greater mummy
287759 | Zig:26   | Killed a greater mummy
287759 | Zig:26   | Killed a greater mummy
287759 | Zig:26   | Killed a greater mummy
287760 | Zig:26   | Noticed a greater mummy
287764 | Zig:26   | Killed a greater mummy
287764 | Zig:26   | Noticed a greater mummy
287765 | Zig:26   | Killed a greater mummy
287765 | Zig:26   | Killed a greater mummy
287765 | Zig:26   | Noticed a greater mummy
287766 | Zig:26   | Noticed a greater mummy
287767 | Zig:26   | Noticed a greater mummy
287767 | Zig:26   | Noticed a greater mummy
287767 | Zig:26   | Killed a greater mummy
287767 | Zig:26   | Noticed a greater mummy
287767 | Zig:26   | Noticed a greater mummy
287768 | Zig:26   | Noticed a greater mummy
287769 | Zig:26   | Killed a greater mummy
287769 | Zig:26   | Noticed a greater mummy
287769 | Zig:26   | Noticed a greater mummy
287770 | Zig:26   | Noticed a greater mummy
287770 | Zig:26   | Noticed a greater mummy
287771 | Zig:26   | Noticed a greater mummy
287771 | Zig:26   | Noticed a greater mummy
287772 | Zig:26   | Killed a greater mummy
287773 | Zig:26   | Killed a greater mummy
287773 | Zig:26   | Killed a greater mummy
287773 | Zig:26   | Killed a greater mummy
287773 | Zig:26   | Killed a greater mummy
287773 | Zig:26   | Killed a greater mummy
287773 | Zig:26   | Killed a greater mummy
287773 | Zig:26   | Killed a greater mummy
287773 | Zig:26   | Killed a greater mummy
287773 | Zig:26   | Noticed a greater mummy
287774 | Zig:26   | Killed a greater mummy
287774 | Zig:26   | Killed a greater mummy
287774 | Zig:26   | Lost strength.
287774 | Zig:26   | Noticed a greater mummy
287775 | Zig:26   | Killed a greater mummy
287776 | Zig:26   | Noticed a greater mummy
287777 | Zig:26   | Noticed a greater mummy
287777 | Zig:26   | Noticed a greater mummy
287779 | Zig:26   | Killed a greater mummy
287779 | Zig:26   | Noticed a greater mummy
287780 | Zig:26   | Killed a greater mummy
287780 | Zig:26   | Killed a greater mummy
287780 | Zig:26   | Killed a greater mummy
287780 | Zig:26   | Noticed a greater mummy
287783 | Zig:26   | Noticed a greater mummy
287784 | Zig:26   | Killed a greater mummy
287784 | Zig:26   | Noticed a greater mummy
287787 | Zig:26   | Noticed a greater mummy
287787 | Zig:26   | Noticed a greater mummy
287788 | Zig:26   | Noticed a greater mummy
287788 | Zig:26   | Noticed a greater mummy
287788 | Zig:26   | Noticed a greater mummy
287789 | Zig:26   | Noticed a greater mummy
287789 | Zig:26   | Noticed a greater mummy
287789 | Zig:26   | Noticed a greater mummy
287790 | Zig:26   | Noticed a greater mummy
287791 | Zig:26   | Killed a greater mummy
287791 | Zig:26   | Killed a greater mummy
287791 | Zig:26   | Killed a greater mummy
287791 | Zig:26   | Killed a greater mummy
287791 | Zig:26   | Killed a greater mummy
287791 | Zig:26   | Noticed a greater mummy
287792 | Zig:26   | Noticed a greater mummy
287792 | Zig:26   | Noticed a greater mummy
287794 | Zig:26   | Noticed a greater mummy
287795 | Zig:26   | Killed a greater mummy
287796 | Zig:26   | Killed a greater mummy
287796 | Zig:26   | Killed a greater mummy
287796 | Zig:26   | Noticed a greater mummy
287796 | Zig:26   | Noticed a greater mummy
287797 | Zig:26   | Noticed a greater mummy
287797 | Zig:26   | Noticed a greater mummy
287797 | Zig:26   | Noticed a greater mummy
287797 | Zig:26   | Noticed a greater mummy
287797 | Zig:26   | Killed a greater mummy
287797 | Zig:26   | Killed a greater mummy
287797 | Zig:26   | Killed a greater mummy
287798 | Zig:26   | Killed a greater mummy
287798 | Zig:26   | Killed a greater mummy
287798 | Zig:26   | Killed a greater mummy
287799 | Zig:26   | Noticed a greater mummy
287800 | Zig:26   | Killed a greater mummy
287800 | Zig:26   | Killed a greater mummy
287800 | Zig:26   | Killed a greater mummy
287800 | Zig:26   | Killed a greater mummy
287800 | Zig:26   | Killed a greater mummy
287800 | Zig:26   | Killed a greater mummy
287800 | Zig:26   | Noticed a greater mummy
287805 | Zig:26   | Noticed a greater mummy
287806 | Zig:26   | Killed a greater mummy
287806 | Zig:26   | Killed a greater mummy
287807 | Zig:26   | Killed a greater mummy
287807 | Zig:26   | Killed a greater mummy
287807 | Zig:26   | Killed a greater mummy
287807 | Zig:26   | Killed a greater mummy
287807 | Zig:26   | Killed a greater mummy
287811 | Zig:26   | Noticed a greater mummy
287815 | Zig:26   | Killed a greater mummy
288231 | Zig:26   | Got a jewelled shield
288236 | Zig:26   | Got a steaming helmet
288237 | Zig:26   | Identified the cursed +0 helmet of the Komtur {Dex+3} (You
                  | found it on level 26 of a ziggurat)
288244 | Zig:26   | Got a polished ring mail
288249 | Zig:26   | Got a shimmering ivory ring
288250 | Zig:26   | Identified the cursed ring "Quem Wacw" {rPois EV-3} (You
                  | found it on level 26 of a ziggurat)
288257 | Zig:26   | Got a jewelled broad axe
288258 | Zig:26   | Identified the +5 broad axe of the Fray {holy, +Fly rF-
                  | rN+} (You found it on level 26 of a ziggurat)
288261 | Zig:26   | Got a bone rapier
288265 | Zig:26   | Got a smoking scale mail
288279 | Zig:26   | Got a pitted mace
288288 | Zig:26   | Got a dazzling war axe
288297 | Zig:26   | Got an encrusted hand axe
288334 | Zig:26   | Identified the Volume of Combat Magic
288341 | Zig:26   | Got a glittering wooden ring
288342 | Zig:26   | Identified the ring "Zisot" {rC+ Dex+2} (You found it on
                  | level 26 of a ziggurat)
288493 | Zig:26   | Identified Geanaomu's Incunabulum of Execration
288498 | Zig:26   | Identified the Almanac of Mutagenic Earth
288505 | Zig:27   | Entered Level 27 of a ziggurat
288766 | Zig:27   | Got an ancient arbalest
288769 | Zig:27   | Got a heavily runed brass amulet
288770 | Zig:27   | Identified the amulet "Vuawan" {Regen+ Int+4} (You found it
                  | on level 27 of a ziggurat)
288774 | Zig:27   | Got a steaming hunting sling
288783 | Zig:27   | Got a flickering copper ring
288784 | Zig:27   | Identified the ring "Xioxerec" {Str+6 Int+3 Stlth+} (You
                  | found it on level 27 of a ziggurat)
288787 | Zig:27   | Got a steaming buckler
289157 | Zig:27   | Identified the Reference Book on the Birds and Poisoning
289347 | Zig:1    | Entered Level 1 of a ziggurat
289410 | Zig:1    | Got a faintly glowing quarterstaff
289429 | Zig:2    | Entered Level 2 of a ziggurat
289429 | Zig:2    | Noticed a juggernaut
289429 | Zig:2    | Noticed a juggernaut
289430 | Zig:2    | Noticed a juggernaut
289432 | Zig:2    | Noticed a juggernaut
289432 | Zig:2    | Noticed a juggernaut
289433 | Zig:2    | Killed a juggernaut
289434 | Zig:2    | Killed a juggernaut
289434 | Zig:2    | Killed a juggernaut
289442 | Zig:2    | Killed a juggernaut
289442 | Zig:2    | Killed a juggernaut
289558 | Zig:3    | Entered Level 3 of a ziggurat
289618 | Zig:3    | Got a pitted lead ring
289678 | Zig:4    | Entered Level 4 of a ziggurat
289682 | Zig:4    | Noticed Ratz the pandemonium lord
289683 | Zig:4    | Noticed Minyped the pandemonium lord
289683 | Zig:4    | Noticed Wafytum the pandemonium lord
289685 | Zig:4    | Noticed Raschef the pandemonium lord
289686 | Zig:4    | Noticed Entuthry the pandemonium lord
289687 | Zig:4    | Killed Minyped the pandemonium lord
289688 | Zig:4    | Killed Wafytum the pandemonium lord
289693 | Zig:4    | Killed Raschef the pandemonium lord
289694 | Zig:4    | Killed Entuthry the pandemonium lord
289694 | Zig:4    | Killed Ratz the pandemonium lord
289823 | Zig:4    | Got a twisted scale mail
289826 | Zig:4    | Got a crystal falchion
289901 | Zig:5    | Entered Level 5 of a ziggurat
289909 | Zig:5    | Noticed Ginorhaol the pandemonium lord
289920 | Zig:5    | Killed Ginorhaol the pandemonium lord
290037 | Zig:5    | Got a translucent falchion
290040 | Zig:5    | Got a jewelled chain mail
290050 | Zig:5    | Got a pair of shimmering gloves
290051 | Zig:5    | Identified the +2 pair of gloves "Xuacw" {rPois SInv} (You
                  | found it on level 5 of a ziggurat)
290052 | Zig:5    | Identified the ring "Xoecw" {rF+ rC+ MR++ Dex+3} (You found
                  | it on level 3 of a ziggurat)
290108 | Zig:6    | Entered Level 6 of a ziggurat
290140 | Zig:6    | Got an iridescent flail
290294 | Zig:6    | Got a dazzling great mace
290304 | Zig:6    | Got a pair of jewelled gloves
290305 | Zig:6    | Identified the cursed +0 pair of gloves "Hykkub" {Int+2}
                  | (You found it on level 6 of a ziggurat)
290353 | Zig:7    | Entered Level 7 of a ziggurat
290374 | Zig:7    | Got a bloodstained rapier
290453 | Zig:7    | Identified the Guide on the Shifting Birds
290829 | Zig:8    | Entered Level 8 of a ziggurat
290935 | Zig:8    | Got a slimy cloak
290936 | Zig:8    | Identified the +2 cloak of Vonexiu {*Slow rCorr Int+2} (You
                  | found it on level 8 of a ziggurat)
290957 | Zig:8    | Got a twitching bronze amulet
290958 | Zig:8    | Identified the amulet of Egomania {Harm *Drain rF+ rN+
                  | Slay+3 Stlth-} (You found it on level 8 of a ziggurat)
291016 | Zig:9    | Entered Level 9 of a ziggurat
291105 | Zig:9    | Got a dazzling glaive
291112 | Zig:9    | Found the +27 Lear's hauberk
291116 | Zig:9    | Got a warped hand axe
291143 | Zig:9    | Got an ancient copper ring
291144 | Zig:9    | Identified the ring "Teweam" {*Corrode rC+ Str+8 Dex+2
                  | Stlth+} (You found it on level 9 of a ziggurat)
291151 | Zig:9    | Got a steaming turquoise ring
291152 | Zig:9    | Identified the ring "Uning" {+Blink AC+5 Str+3 Int+8 Dex-2}
                  | (You found it on level 9 of a ziggurat)
291280 | Zig:10   | Entered Level 10 of a ziggurat
291585 | Zig:11   | Entered Level 11 of a ziggurat
291723 | Zig:11   | Got a crystal glaive
291763 | Zig:11   | Got a steaming hand axe
291776 | Zig:11   | Got a glittering copper ring
291777 | Zig:11   | Identified the ring "Hele" {rN+ Slay+3} (You found it on
                  | level 11 of a ziggurat)
291920 | Zig:11   | Identified the Disquisition on Curses and Ice
291927 | Zig:12   | Entered Level 12 of a ziggurat
292144 | Zig:12   | Got a dazzling glaive
292147 | Zig:12   | Got a slimy golden ring
292148 | Zig:12   | Identified the ring of Gluttony {Fire Slay+3} (You found it
                  | on level 12 of a ziggurat)
292166 | Zig:12   | Got an iridescent great sword
292169 | Zig:12   | Got a crude tin amulet
292170 | Zig:12   | Identified the amulet of Atulux {Gourm rN+ Str+3 Int-4}
                  | (You found it on level 12 of a ziggurat)
292173 | Zig:12   | Got a flickering marble ring
292174 | Zig:12   | Identified the ring "Vaprirph" {rN+ MP+9 Str+4 Stlth+} (You
                  | found it on level 12 of a ziggurat)
292179 | Zig:12   | Got a faintly glowing pewter ring
292180 | Zig:12   | Identified the ring of Recklessness {-Tele rPois MR+++ EV+3
                  | Stlth-} (You found it on level 12 of a ziggurat)
292298 | Zig:13   | Entered Level 13 of a ziggurat
292394 | Zig:13   | Killed a starcursed mass
292746 | Zig:13   | Got a slimy glaive
292759 | Zig:13   | Got a vibrating iron amulet
292760 | Zig:13   | Identified the amulet of the Hero {Gourm rF+ rN++ Int-5
                  | Stlth+} (You found it on level 13 of a ziggurat)
292772 | Zig:13   | Got a scorched iron ring
292773 | Zig:13   | Identified the ring of Inutwuir {rN+ Int+6 Dex+2 Stlth-}
                  | (You found it on level 13 of a ziggurat)
292819 | Zig:13   | Identified the Guide on the Poisonous Voyage
292829 | Zig:14   | Entered Level 14 of a ziggurat
293102 | Zig:14   | Got a steaming short sword
293117 | Zig:14   | Got a flickering bone ring
293119 | Zig:14   | Identified the ring of the Equinox {rPois SInv} (You found
                  | it on level 14 of a ziggurat)
293129 | Zig:14   | Got a scorched lapis lazuli ring
293131 | Zig:14   | Identified the ring "Foghadoh" {rPois rN+} (You found it on
                  | level 14 of a ziggurat)
293136 | Zig:14   | Got an ichor-stained long sword
293149 | Zig:14   | Got a brightly glowing ring mail
293152 | Zig:14   | Got a translucent mace
293294 | Zig:15   | Entered Level 15 of a ziggurat
293300 | Zig:15   | Noticed Yqunawy the pandemonium lord
293300 | Zig:15   | Noticed Ocogg the pandemonium lord
293300 | Zig:15   | Noticed Biafrex the pandemonium lord
293303 | Zig:15   | Noticed Poodweun the pandemonium lord
293303 | Zig:15   | Noticed Uthuvirch the pandemonium lord
293303 | Zig:15   | Noticed Lietuton the pandemonium lord
293304 | Zig:15   | Noticed Ragamir the pandemonium lord
293304 | Zig:15   | Noticed Mean the pandemonium lord
293304 | Zig:15   | Noticed Gavucune the pandemonium lord
293304 | Zig:15   | Noticed Exzeagga the pandemonium lord
293305 | Zig:15   | Killed Ocogg the pandemonium lord
293306 | Zig:15   | Noticed Cyucet the pandemonium lord
293307 | Zig:15   | Killed Yqunawy the pandemonium lord
293307 | Zig:15   | Killed Uthuvirch the pandemonium lord
293307 | Zig:15   | Killed Ragamir the pandemonium lord
293307 | Zig:15   | Noticed Oruynemu the pandemonium lord
293308 | Zig:15   | Noticed Vuklih the pandemonium lord
293308 | Zig:15   | Noticed Heusiqae the pandemonium lord
293308 | Zig:15   | Noticed Nawamuer the pandemonium lord
293308 | Zig:15   | Noticed Idixkomoru the pandemonium lord
293308 | Zig:15   | Noticed Faehidib the pandemonium lord
293310 | Zig:15   | Noticed Fukkeip the pandemonium lord
293310 | Zig:15   | Killed Biafrex the pandemonium lord
293310 | Zig:15   | Killed Gavucune the pandemonium lord
293310 | Zig:15   | Killed Lietuton the pandemonium lord
293310 | Zig:15   | Noticed Engix the pandemonium lord
293310 | Zig:15   | Noticed Qenilax the pandemonium lord
293310 | Zig:15   | Noticed Ceotamit the pandemonium lord
293311 | Zig:15   | Noticed Soiploeng the pandemonium lord
293312 | Zig:15   | Killed Exzeagga the pandemonium lord
293314 | Zig:15   | Noticed Wyramos the pandemonium lord
293314 | Zig:15   | Noticed Banoelemp the pandemonium lord
293314 | Zig:15   | Noticed Mood the pandemonium lord
293315 | Zig:15   | Killed Faehidib the pandemonium lord
293315 | Zig:15   | Killed Idixkomoru the pandemonium lord
293315 | Zig:15   | Killed Ceotamit the pandemonium lord
293315 | Zig:15   | Killed Nawamuer the pandemonium lord
293315 | Zig:15   | Killed Banoelemp the pandemonium lord
293315 | Zig:15   | Killed Fukkeip the pandemonium lord
293315 | Zig:15   | Noticed Myah the pandemonium lord
293315 | Zig:15   | Noticed Wiobo the pandemonium lord
293316 | Zig:15   | Noticed Omeagaca the pandemonium lord
293316 | Zig:15   | Noticed Aleyv the pandemonium lord
293316 | Zig:15   | Noticed Leqomabb the pandemonium lord
293316 | Zig:15   | Noticed Hier the pandemonium lord
293316 | Zig:15   | Noticed Feegrut the pandemonium lord
293316 | Zig:15   | Noticed Monisetu the pandemonium lord
293317 | Zig:15   | Noticed Eplibykh the pandemonium lord
293317 | Zig:15   | Noticed Faath the pandemonium lord
293317 | Zig:15   | Killed Oruynemu the pandemonium lord
293317 | Zig:15   | Killed Poodweun the pandemonium lord
293317 | Zig:15   | Killed Mood the pandemonium lord
293317 | Zig:15   | Killed Soiploeng the pandemonium lord
293318 | Zig:15   | Killed Qenilax the pandemonium lord
293318 | Zig:15   | Killed Mean the pandemonium lord
293318 | Zig:15   | Killed Wiobo the pandemonium lord
293318 | Zig:15   | Killed Heusiqae the pandemonium lord
293318 | Zig:15   | Killed Feegrut the pandemonium lord
293318 | Zig:15   | Noticed Faeroaz the pandemonium lord
293319 | Zig:15   | Killed Engix the pandemonium lord
293319 | Zig:15   | Killed Myah the pandemonium lord
293319 | Zig:15   | Killed Eplibykh the pandemonium lord
293319 | Zig:15   | Noticed Ucvamasi the pandemonium lord
293319 | Zig:15   | Noticed Sijal the pandemonium lord
293321 | Zig:15   | Noticed Eplitwixt the pandemonium lord
293322 | Zig:15   | Noticed Uguroguw the pandemonium lord
293327 | Zig:15   | Killed Wyramos the pandemonium lord
293327 | Zig:15   | Killed Faeroaz the pandemonium lord
293328 | Zig:15   | Killed Monisetu the pandemonium lord
293328 | Zig:15   | Killed Vuklih the pandemonium lord
293328 | Zig:15   | Noticed Uqeecuc the pandemonium lord
293329 | Zig:15   | Noticed Ziul the pandemonium lord
293329 | Zig:15   | Killed Hier the pandemonium lord
293329 | Zig:15   | Killed Ucvamasi the pandemonium lord
293330 | Zig:15   | Noticed Rujijy the pandemonium lord
293330 | Zig:15   | Noticed a juggernaut
293330 | Zig:15   | Killed Sijal the pandemonium lord
293330 | Zig:15   | Killed Omeagaca the pandemonium lord
293330 | Zig:15   | Killed Leqomabb the pandemonium lord
293330 | Zig:15   | Killed Aleyv the pandemonium lord
293331 | Zig:15   | Noticed Ozxyikk the pandemonium lord
293331 | Zig:15   | Killed Eplitwixt the pandemonium lord
293331 | Zig:15   | Killed Faath the pandemonium lord
293333 | Zig:15   | Killed Cyucet the pandemonium lord
293333 | Zig:15   | Noticed Datidd the pandemonium lord
293372 | Zig:15   | Cast into level 3 of the Abyss (Uguroguw)
293548 | Abyss:5  | Entered Level 5 of the Abyss
293690 | Zig:15   | Escaped the Abyss
293695 | Zig:15   | Killed Rujijy the pandemonium lord
293702 | Zig:15   | Killed Datidd the pandemonium lord
293703 | Zig:15   | Killed Uguroguw the pandemonium lord
293704 | Zig:15   | Killed Ozxyikk the pandemonium lord
293704 | Zig:15   | Killed Uqeecuc the pandemonium lord
293704 | Zig:15   | Killed Ziul the pandemonium lord
293704 | Zig:15   | Killed a juggernaut
293807 | Zig:15   | Got a crude golden ring
293809 | Zig:15   | Identified the ring of Hoffurchi {Fire -Tele Str+7 Int+3}
                  | (You found it on level 15 of a ziggurat)
293824 | Zig:15   | Got a scorched rapier
294071 | Zig:16   | Entered Level 16 of a ziggurat
294082 | Zig:16   | Noticed a juggernaut
294083 | Zig:16   | Noticed a juggernaut
294083 | Zig:16   | Noticed a juggernaut
294083 | Zig:16   | Noticed a juggernaut
294083 | Zig:16   | Noticed a juggernaut
294084 | Zig:16   | Killed a juggernaut
294084 | Zig:16   | Noticed a juggernaut
294085 | Zig:16   | Noticed a juggernaut
294085 | Zig:16   | Noticed a juggernaut
294086 | Zig:16   | Noticed a juggernaut
294086 | Zig:16   | Noticed a juggernaut
294087 | Zig:16   | Noticed a juggernaut
294088 | Zig:16   | Noticed a juggernaut
294088 | Zig:16   | Killed a juggernaut
294088 | Zig:16   | Killed a juggernaut
294088 | Zig:16   | Killed a juggernaut
294088 | Zig:16   | Killed a juggernaut
294090 | Zig:16   | Noticed a juggernaut
294092 | Zig:16   | Killed a juggernaut
294092 | Zig:16   | Killed a juggernaut
294092 | Zig:16   | Killed a juggernaut
294093 | Zig:16   | Noticed a juggernaut
294093 | Zig:16   | Killed a juggernaut
294094 | Zig:16   | Noticed a juggernaut
294094 | Zig:16   | Killed a juggernaut
294094 | Zig:16   | Killed a juggernaut
294097 | Zig:16   | Killed a juggernaut
294102 | Zig:16   | Killed a juggernaut
294102 | Zig:16   | Killed a juggernaut
294103 | Zig:16   | Killed a juggernaut
294242 | Zig:16   | Got a jewelled mace
294246 | Zig:16   | Identified the Reference Book on Glacial Changing
294248 | Zig:16   | Got a pair of jewelled boots
294603 | Zig:17   | Entered Level 17 of a ziggurat
294611 | Zig:17   | Noticed an ancient lich
294615 | Zig:17   | Killed an ancient lich
294615 | Zig:17   | Noticed an ancient lich
294615 | Zig:17   | Noticed an ancient lich
294616 | Zig:17   | Noticed an ancient lich
294617 | Zig:17   | Killed an ancient lich
294617 | Zig:17   | Noticed an ancient lich
294618 | Zig:17   | Noticed an ancient lich
294618 | Zig:17   | Killed an ancient lich
294618 | Zig:17   | Killed an ancient lich
294619 | Zig:17   | Killed an ancient lich
294627 | Zig:17   | Killed an ancient lich
294628 | Zig:17   | Noticed an ancient lich
294628 | Zig:17   | Noticed an ancient lich
294629 | Zig:17   | Noticed an ancient lich
294630 | Zig:17   | Noticed an ancient lich
294630 | Zig:17   | Noticed an ancient lich
294630 | Zig:17   | Killed an ancient lich
294630 | Zig:17   | Killed an ancient lich
294630 | Zig:17   | Killed an ancient lich
294630 | Zig:17   | Noticed an ancient lich
294630 | Zig:17   | Noticed an ancient lich
294637 | Zig:17   | Killed an ancient lich
294638 | Zig:17   | Killed an ancient lich
294638 | Zig:17   | Killed an ancient lich
294638 | Zig:17   | Noticed an ancient lich
294639 | Zig:17   | Killed an ancient lich
294640 | Zig:17   | Killed an ancient lich
294641 | Zig:17   | Killed an ancient lich
294927 | Zig:17   | Got a coiled ivory ring
294929 | Zig:17   | Identified the ring "Apemmuj" {rPois Int+3} (You found it
                  | on level 17 of a ziggurat)
294949 | Zig:17   | Got a pair of scorched gloves
294950 | Zig:17   | Identified the +2 pair of gloves "Qaha" {rC+ rN+ Regen+
                  | Str+4} (You found it on level 17 of a ziggurat)
295062 | Zig:18   | Entered Level 18 of a ziggurat
295077 | Zig:18   | Noticed Leruih the pandemonium lord
295077 | Zig:18   | Noticed Narghoz the pandemonium lord
295078 | Zig:18   | Noticed Poonofy the pandemonium lord
295078 | Zig:18   | Noticed Myalupt the pandemonium lord
295078 | Zig:18   | Noticed Xufir the pandemonium lord
295078 | Zig:18   | Noticed Sibbont the pandemonium lord
295079 | Zig:18   | Noticed Jeoxilav the pandemonium lord
295079 | Zig:18   | Noticed Gouc the pandemonium lord
295080 | Zig:18   | Noticed Raffuh the pandemonium lord
295080 | Zig:18   | Killed Sibbont the pandemonium lord
295080 | Zig:18   | Killed Xufir the pandemonium lord
295080 | Zig:18   | Killed Poonofy the pandemonium lord
295080 | Zig:18   | Noticed Kysun Ciuj the pandemonium lord
295080 | Zig:18   | Noticed Guenkisk the pandemonium lord
295080 | Zig:18   | Noticed Kowuro Qene the pandemonium lord
295080 | Zig:18   | Noticed Nyelefie the pandemonium lord
295080 | Zig:18   | Noticed Porink the pandemonium lord
295080 | Zig:18   | Noticed Duifokkedinn the pandemonium lord
295081 | Zig:18   | Noticed Kizeph the pandemonium lord
295081 | Zig:18   | Killed Myalupt the pandemonium lord
295081 | Zig:18   | Killed Kowuro Qene the pandemonium lord
295081 | Zig:18   | Killed Gouc the pandemonium lord
295081 | Zig:18   | Noticed Avvifux the pandemonium lord
295081 | Zig:18   | Noticed Mutoluo the pandemonium lord
295082 | Zig:18   | Killed Guenkisk the pandemonium lord
295082 | Zig:18   | Killed Porink the pandemonium lord
295082 | Zig:18   | Killed Jeoxilav the pandemonium lord
295082 | Zig:18   | Killed Raffuh the pandemonium lord
295082 | Zig:18   | Noticed Xugogh the pandemonium lord
295082 | Zig:18   | Noticed Paria the pandemonium lord
295083 | Zig:18   | Noticed Ludaip the pandemonium lord
295083 | Zig:18   | Noticed Beizetuj the pandemonium lord
295083 | Zig:18   | Killed Xugogh the pandemonium lord
295083 | Zig:18   | Noticed Selihac the pandemonium lord
295083 | Zig:18   | Noticed Doblaod the pandemonium lord
295084 | Zig:18   | Noticed Boekhl Jeno the pandemonium lord
295084 | Zig:18   | Noticed Baday the pandemonium lord
295084 | Zig:18   | Noticed Lakkuruj the pandemonium lord
295084 | Zig:18   | Noticed Cesi Uzue the pandemonium lord
295084 | Zig:18   | Killed Nyelefie the pandemonium lord
295084 | Zig:18   | Killed Leruih the pandemonium lord
295084 | Zig:18   | Killed Paria the pandemonium lord
295084 | Zig:18   | Noticed Ceiq Gor the pandemonium lord
295084 | Zig:18   | Noticed Kauzua the pandemonium lord
295084 | Zig:18   | Noticed Yvevucinge the pandemonium lord
295085 | Zig:18   | Noticed Rakuet the pandemonium lord
295087 | Zig:18   | Noticed Bohadwyd the pandemonium lord
295088 | Zig:18   | Noticed Nyicu the pandemonium lord
295088 | Zig:18   | Noticed Deruzoqu the pandemonium lord
295088 | Zig:18   | Noticed Xidismesk the pandemonium lord
295089 | Zig:18   | Noticed Xaczepp the pandemonium lord
295089 | Zig:18   | Noticed Fuerag the pandemonium lord
295089 | Zig:18   | Noticed Yniuc the pandemonium lord
295089 | Zig:18   | Noticed Cecwuj the pandemonium lord
295089 | Zig:18   | Noticed Asyfub Joe the pandemonium lord
295089 | Zig:18   | Noticed Jigril the pandemonium lord
295089 | Zig:18   | Noticed Tianum the pandemonium lord
295092 | Zig:18   | Noticed Huvaom the pandemonium lord
295092 | Zig:18   | Noticed Kajuciaw the pandemonium lord
295094 | Zig:18   | Killed Beizetuj the pandemonium lord
295094 | Zig:18   | Noticed Dokaa the pandemonium lord
295096 | Zig:18   | Noticed Culokhem the pandemonium lord
295096 | Zig:18   | Killed Avvifux the pandemonium lord
295098 | Zig:18   | Killed Duifokkedinn the pandemonium lord
295098 | Zig:18   | Killed Cesi Uzue the pandemonium lord
295098 | Zig:18   | Noticed Tunof the pandemonium lord
295099 | Zig:18   | Killed Dokaa the pandemonium lord
295099 | Zig:18   | Killed Narghoz the pandemonium lord
295101 | Zig:18   | Killed Nyicu the pandemonium lord
295101 | Zig:18   | Killed Deruzoqu the pandemonium lord
295102 | Zig:18   | Killed Kizeph the pandemonium lord
295102 | Zig:18   | Killed Ludaip the pandemonium lord
295109 | Zig:18   | Killed Selihac the pandemonium lord
295110 | Zig:18   | Killed Lakkuruj the pandemonium lord
295110 | Zig:18   | Killed Huvaom the pandemonium lord
295110 | Zig:18   | Killed Kauzua the pandemonium lord
295111 | Zig:18   | Killed Kajuciaw the pandemonium lord
295111 | Zig:18   | Killed Rakuet the pandemonium lord
295111 | Zig:18   | Killed Tianum the pandemonium lord
295111 | Zig:18   | Killed Baday the pandemonium lord
295111 | Zig:18   | Killed Kysun Ciuj the pandemonium lord
295111 | Zig:18   | Noticed Togguoj the pandemonium lord
295116 | Zig:18   | Killed Tunof the pandemonium lord
295117 | Zig:18   | Noticed Laruzout the pandemonium lord
295121 | Zig:18   | Noticed Qeylotorch the pandemonium lord
295121 | Zig:18   | Killed Togguoj the pandemonium lord
295122 | Zig:18   | Killed Qeylotorch the pandemonium lord
295122 | Zig:18   | Killed Bohadwyd the pandemonium lord
295122 | Zig:18   | Killed Xaczepp the pandemonium lord
295122 | Zig:18   | Noticed Supseseohe the pandemonium lord
295123 | Zig:18   | Killed Laruzout the pandemonium lord
295123 | Zig:18   | Noticed Ivamuboc the pandemonium lord
295128 | Zig:18   | Killed Xidismesk the pandemonium lord
295128 | Zig:18   | Killed Jigril the pandemonium lord
295128 | Zig:18   | Killed Ivamuboc the pandemonium lord
295128 | Zig:18   | Killed Supseseohe the pandemonium lord
295128 | Zig:18   | Noticed Ozeoharu the pandemonium lord
295129 | Zig:18   | Killed Doblaod the pandemonium lord
295130 | Zig:18   | Killed Culokhem the pandemonium lord
295130 | Zig:18   | Killed Mutoluo the pandemonium lord
295134 | Zig:18   | Noticed Parerav the pandemonium lord
295138 | Zig:18   | Killed Ozeoharu the pandemonium lord
295138 | Zig:18   | Noticed Dumu the pandemonium lord
295141 | Zig:18   | Noticed Paetruung the pandemonium lord
295150 | Zig:18   | Noticed Cuecomai the pandemonium lord
295152 | Zig:18   | Noticed Rumumei the pandemonium lord
295154 | Zig:18   | Killed Dumu the pandemonium lord
295166 | Zig:18   | Killed Rumumei the pandemonium lord
295166 | Zig:18   | Noticed Hoguucu the pandemonium lord
295169 | Zig:18   | Noticed Sol Utem the pandemonium lord
295170 | Zig:18   | Noticed Eheym the pandemonium lord
295172 | Zig:18   | Noticed Eney the pandemonium lord
295173 | Zig:18   | Killed Eney the pandemonium lord
295173 | Zig:18   | Killed Eheym the pandemonium lord
295173 | Zig:18   | Killed Paetruung the pandemonium lord
295173 | Zig:18   | Killed Sol Utem the pandemonium lord
295173 | Zig:18   | Noticed Fyhuach the pandemonium lord
295179 | Zig:18   | Killed Hoguucu the pandemonium lord
295179 | Zig:18   | Killed Cuecomai the pandemonium lord
295179 | Zig:18   | Killed Parerav the pandemonium lord
295179 | Zig:18   | Noticed Ojamnank the pandemonium lord
295181 | Zig:18   | Noticed Weoxelar the pandemonium lord
295182 | Zig:18   | Noticed Vucunal the pandemonium lord
295184 | Zig:18   | Killed Ojamnank the pandemonium lord
295185 | Zig:18   | Killed Weoxelar the pandemonium lord
295185 | Zig:18   | Killed Vucunal the pandemonium lord
295195 | Zig:18   | Killed Fyhuach the pandemonium lord
295195 | Zig:18   | Noticed Genuxutt the pandemonium lord
295196 | Zig:18   | Noticed Lydurru the pandemonium lord
295200 | Zig:18   | Killed Genuxutt the pandemonium lord
295204 | Zig:18   | Killed Lydurru the pandemonium lord
295209 | Zig:18   | Noticed Kiyl the pandemonium lord
295209 | Zig:18   | Noticed Romedgh the pandemonium lord
295210 | Zig:18   | Noticed Uclofror the pandemonium lord
295211 | Zig:18   | Noticed Jegiem the pandemonium lord
295212 | Zig:18   | Noticed Baghem the pandemonium lord
295214 | Zig:18   | Noticed Noysebba the pandemonium lord
295217 | Zig:18   | Killed Romedgh the pandemonium lord
295217 | Zig:18   | Killed Uclofror the pandemonium lord
295217 | Zig:18   | Killed Kiyl the pandemonium lord
295217 | Zig:18   | Killed Noysebba the pandemonium lord
295222 | Zig:18   | Killed Jegiem the pandemonium lord
295225 | Zig:18   | Killed Baghem the pandemonium lord
295225 | Zig:18   | Killed Asyfub Joe the pandemonium lord
295227 | Zig:18   | Killed Boekhl Jeno the pandemonium lord
295237 | Zig:18   | Killed Cecwuj the pandemonium lord
295241 | Zig:18   | Killed Ceiq Gor the pandemonium lord
295251 | Zig:18   | Killed Fuerag the pandemonium lord
295254 | Zig:18   | Killed Yniuc the pandemonium lord
295255 | Zig:18   | Killed Yvevucinge the pandemonium lord
295570 | Zig:18   | Got a bronze chain mail
295584 | Zig:18   | Got a spiked helmet
295585 | Zig:18   | Identified the +1 helmet "Elu Woto" {+Blink SInv} (You
                  | found it on level 18 of a ziggurat)
295709 | Zig:19   | Entered Level 19 of a ziggurat
295747 | Zig:19   | Found the +18 shield of the Gong {rElec rN+ MR+ EV-5}
295950 | Zig:19   | Got a faintly humming robe
295957 | Zig:19   | Got a heavily runed jade ring
295959 | Zig:19   | Identified the ring "Rocvuf" {MR++ Str+2 SInv} (You found
                  | it on level 19 of a ziggurat)
295972 | Zig:19   | Identified Keupish's Handbook of Conjuration and Air
295983 | Zig:19   | Got a wavering golden amulet
295984 | Zig:19   | Identified the amulet of Betex {Reflect *Corrode rElec
                  | Str+7 Int-2 SH+2} (You found it on level 19 of a ziggurat)
296305 | Zig:20   | Entered Level 20 of a ziggurat
296314 | Zig:20   | Noticed a juggernaut
296316 | Zig:20   | Noticed a juggernaut
296317 | Zig:20   | Noticed a juggernaut
296318 | Zig:20   | Killed a juggernaut
296318 | Zig:20   | Killed a juggernaut
296318 | Zig:20   | Noticed a juggernaut
296318 | Zig:20   | Noticed a juggernaut
296319 | Zig:20   | Killed a juggernaut
296320 | Zig:20   | Noticed a juggernaut
296321 | Zig:20   | Noticed a juggernaut
296321 | Zig:20   | Noticed a juggernaut
296321 | Zig:20   | Killed a juggernaut
296321 | Zig:20   | Noticed a juggernaut
296322 | Zig:20   | Noticed a juggernaut
296323 | Zig:20   | Killed a juggernaut
296323 | Zig:20   | Killed a juggernaut
296323 | Zig:20   | Killed a juggernaut
296324 | Zig:20   | Noticed a juggernaut
296326 | Zig:20   | Killed a juggernaut
296326 | Zig:20   | Killed a juggernaut
296326 | Zig:20   | Killed a juggernaut
296327 | Zig:20   | Noticed a juggernaut
296329 | Zig:20   | Killed a juggernaut
296330 | Zig:20   | Noticed a juggernaut
296331 | Zig:20   | Killed a juggernaut
296332 | Zig:20   | Noticed a juggernaut
296333 | Zig:20   | Noticed a juggernaut
296334 | Zig:20   | Noticed a juggernaut
296334 | Zig:20   | Noticed a juggernaut
296339 | Zig:20   | Killed a juggernaut
296339 | Zig:20   | Killed a juggernaut
296342 | Zig:20   | Killed a juggernaut
296344 | Zig:20   | Killed a juggernaut
296345 | Zig:20   | Killed a juggernaut
296570 | Zig:20   | Got a crude amber ring
296572 | Zig:20   | Identified the ring of Accord {*Tele *Slow rC+ MR+ Str+10}
                  | (You found it on level 20 of a ziggurat)
296630 | Zig:20   | Got a bound marble ring
296632 | Zig:20   | Identified the cursed ring "Efucvue" {rN+ Int+7 Dex-3} (You
                  | found it on level 20 of a ziggurat)
296653 | Zig:20   | Got a fine scimitar
296661 | Zig:20   | Got a smoking war axe
296670 | Zig:20   | Got an iridescent war axe
296758 | Zig:20   | Got a fine cloak
296759 | Zig:20   | Identified the cursed +0 cloak "Valaek" {rF+ Int+6 Dex-2}
                  | (You found it on level 20 of a ziggurat)
296766 | Zig:20   | Got an ancient rapier
296770 | Zig:20   | Got a faintly glowing falchion
296917 | Zig:20   | Identified the Volume of Noxious Confrontation
296923 | Zig:21   | Entered Level 21 of a ziggurat
297090 | Zig:21   | Got a slimy halberd
297100 | Zig:21   | Got a steaming demon blade
297111 | Zig:21   | Got a pitted battleaxe
297120 | Zig:21   | Found the +8 orange crystal plate armour {Archmagi, Int+3
                  | Clar}
297120 | Zig:21   | Found the +7 Kryia's mail coat {PotionHeal*2 rC+}
297122 | Zig:21   | Got a dazzling triple crossbow
297322 | Zig:21   | Identified the ring "Bupa" {*Drain rPois rF++ rC+ Int+2}
                  | (You found it on level 21 of a ziggurat)
297455 | Zig:22   | Entered Level 22 of a ziggurat
297796 | Zig:22   | Identified the amulet "Impubboe" {+Rage rElec rF+ Int+5
                  | Dex-5} (You found it on level 22 of a ziggurat)
297982 | Zig:23   | Entered Level 23 of a ziggurat
297994 | Zig:23   | Noticed Hiyst the pandemonium lord
297996 | Zig:23   | Noticed Amoddom the pandemonium lord
297998 | Zig:23   | Noticed Batzea Gakhla the pandemonium lord
297998 | Zig:23   | Noticed Ogijoi Sido the pandemonium lord
297998 | Zig:23   | Noticed Ungin the pandemonium lord
297999 | Zig:23   | Noticed Teurr the pandemonium lord
297999 | Zig:23   | Noticed Qyfocare the pandemonium lord
298000 | Zig:23   | Killed Teurr the pandemonium lord
298001 | Zig:23   | Killed Amoddom the pandemonium lord
298001 | Zig:23   | Killed Batzea Gakhla the pandemonium lord
298001 | Zig:23   | Killed Ungin the pandemonium lord
298001 | Zig:23   | Killed Hiyst the pandemonium lord
298002 | Zig:23   | Noticed Kiboclu the pandemonium lord
298002 | Zig:23   | Noticed Ropnada the pandemonium lord
298003 | Zig:23   | Noticed Zecs the pandemonium lord
298003 | Zig:23   | Noticed Rooshrisko the pandemonium lord
298003 | Zig:23   | Noticed Deocasedgh the pandemonium lord
298004 | Zig:23   | Noticed Hyebioc the pandemonium lord
298005 | Zig:23   | Noticed Gacaqutz the pandemonium lord
298005 | Zig:23   | Noticed Ruypu the pandemonium lord
298005 | Zig:23   | Noticed Iwauh the pandemonium lord
298005 | Zig:23   | Noticed Wonur the pandemonium lord
298006 | Zig:23   | Noticed Xet Exku the pandemonium lord
298006 | Zig:23   | Noticed Rygism the pandemonium lord
298007 | Zig:23   | Noticed Rotathruha the pandemonium lord
298007 | Zig:23   | Noticed Adare the pandemonium lord
298007 | Zig:23   | Noticed Ciyng the pandemonium lord
298007 | Zig:23   | Noticed Habbasch the pandemonium lord
298009 | Zig:23   | Noticed Geaxip the pandemonium lord
298009 | Zig:23   | Killed Rooshrisko the pandemonium lord
298009 | Zig:23   | Killed Xet Exku the pandemonium lord
298009 | Zig:23   | Killed Ruypu the pandemonium lord
298009 | Zig:23   | Killed Deocasedgh the pandemonium lord
298009 | Zig:23   | Noticed Luhoeb the pandemonium lord
298010 | Zig:23   | Noticed Biozaud the pandemonium lord
298010 | Zig:23   | Killed Qyfocare the pandemonium lord
298010 | Zig:23   | Killed Wonur the pandemonium lord
298010 | Zig:23   | Killed Ropnada the pandemonium lord
298010 | Zig:23   | Killed Habbasch the pandemonium lord
298010 | Zig:23   | Killed Rotathruha the pandemonium lord
298010 | Zig:23   | Killed Luhoeb the pandemonium lord
298010 | Zig:23   | Killed Hyebioc the pandemonium lord
298010 | Zig:23   | Killed Adare the pandemonium lord
298010 | Zig:23   | Noticed Piathuf the pandemonium lord
298010 | Zig:23   | Noticed Meley the pandemonium lord
298011 | Zig:23   | Noticed Moedor the pandemonium lord
298011 | Zig:23   | Noticed Jebiad the pandemonium lord
298011 | Zig:23   | Noticed Iparog the pandemonium lord
298011 | Zig:23   | Killed Biozaud the pandemonium lord
298011 | Zig:23   | Killed Gacaqutz the pandemonium lord
298011 | Zig:23   | Killed Kiboclu the pandemonium lord
298011 | Zig:23   | Killed Zecs the pandemonium lord
298011 | Zig:23   | Noticed Kausio the pandemonium lord
298012 | Zig:23   | Killed Moedor the pandemonium lord
298012 | Zig:23   | Killed Rygism the pandemonium lord
298012 | Zig:23   | Noticed Awuczemu the pandemonium lord
298013 | Zig:23   | Noticed Buac the pandemonium lord
298013 | Zig:23   | Killed Piathuf the pandemonium lord
298013 | Zig:23   | Noticed Tebbeerr the pandemonium lord
298014 | Zig:23   | Noticed Zeuczaka the pandemonium lord
298014 | Zig:23   | Killed Awuczemu the pandemonium lord
298014 | Zig:23   | Noticed Woinoeq the pandemonium lord
298014 | Zig:23   | Noticed Estidgh the pandemonium lord
298014 | Zig:23   | Noticed Veha the pandemonium lord
298014 | Zig:23   | Noticed Biskeos the pandemonium lord
298014 | Zig:23   | Noticed Kyikokis the pandemonium lord
298014 | Zig:23   | Noticed Byllorgh the pandemonium lord
298015 | Zig:23   | Noticed Ufenick the pandemonium lord
298015 | Zig:23   | Noticed Gixoakh the pandemonium lord
298016 | Zig:23   | Killed Iwauh the pandemonium lord
298016 | Zig:23   | Killed Kausio the pandemonium lord
298016 | Zig:23   | Noticed Ofageu the pandemonium lord
298016 | Zig:23   | Noticed Gibb the pandemonium lord
298016 | Zig:23   | Noticed Giutaj the pandemonium lord
298017 | Zig:23   | Killed Biskeos the pandemonium lord
298017 | Zig:23   | Killed Ciyng the pandemonium lord
298017 | Zig:23   | Killed Ogijoi Sido the pandemonium lord
298017 | Zig:23   | Noticed Uzui the pandemonium lord
298017 | Zig:23   | Noticed Myluh the pandemonium lord
298018 | Zig:23   | Noticed Butzeig the pandemonium lord
298019 | Zig:23   | Noticed Toetog the pandemonium lord
298019 | Zig:23   | Noticed Sohoer the pandemonium lord
298020 | Zig:23   | Killed Veha the pandemonium lord
298020 | Zig:23   | Killed Giutaj the pandemonium lord
298020 | Zig:23   | Killed Ufenick the pandemonium lord
298020 | Zig:23   | Killed Ofageu the pandemonium lord
298020 | Zig:23   | Noticed Guabbesu the pandemonium lord
298020 | Zig:23   | Noticed Uhownuk the pandemonium lord
298021 | Zig:23   | Killed Estidgh the pandemonium lord
298021 | Zig:23   | Killed Iparog the pandemonium lord
298021 | Zig:23   | Killed Meley the pandemonium lord
298021 | Zig:23   | Killed Uzui the pandemonium lord
298021 | Zig:23   | Noticed Vuacess the pandemonium lord
298021 | Zig:23   | Noticed Giprun the pandemonium lord
298022 | Zig:23   | Noticed Dotet the pandemonium lord
298023 | Zig:23   | Killed Toetog the pandemonium lord
298023 | Zig:23   | Noticed Duluk the pandemonium lord
298025 | Zig:23   | Killed Geaxip the pandemonium lord
298025 | Zig:23   | Killed Buovaneg the pandemonium lord
298025 | Zig:23   | Noticed Suuteko the pandemonium lord
298026 | Zig:23   | Noticed Diguwirch the pandemonium lord
298026 | Zig:23   | Noticed Hoxicket the pandemonium lord
298026 | Zig:23   | Noticed Taly the pandemonium lord
298026 | Zig:23   | Killed Butzeig the pandemonium lord
298026 | Zig:23   | Killed Tebbeerr the pandemonium lord
298026 | Zig:23   | Killed Woinoeq the pandemonium lord
298026 | Zig:23   | Noticed Muicwad the pandemonium lord
298027 | Zig:23   | Noticed Zoyxeos the pandemonium lord
298027 | Zig:23   | Killed Sohoer the pandemonium lord
298027 | Zig:23   | Killed Uhownuk the pandemonium lord
298027 | Zig:23   | Killed Dotet the pandemonium lord
298027 | Zig:23   | Killed Byllorgh the pandemonium lord
298027 | Zig:23   | Killed Gibb the pandemonium lord
298027 | Zig:23   | Killed Hoxicket the pandemonium lord
298027 | Zig:23   | Killed Guabbesu the pandemonium lord
298027 | Zig:23   | Killed Jebiad the pandemonium lord
298027 | Zig:23   | Noticed Hybletot the pandemonium lord
298027 | Zig:23   | Noticed Siups the pandemonium lord
298027 | Zig:23   | Noticed Qowim the pandemonium lord
298028 | Zig:23   | Noticed Ufoto the pandemonium lord
298028 | Zig:23   | Noticed Ehouh the pandemonium lord
298028 | Zig:23   | Killed Zeuczaka the pandemonium lord
298028 | Zig:23   | Killed Gixoakh the pandemonium lord
298028 | Zig:23   | Killed Giprun the pandemonium lord
298028 | Zig:23   | Killed Taly the pandemonium lord
298028 | Zig:23   | Killed Hybletot the pandemonium lord
298028 | Zig:23   | Noticed Aduih the pandemonium lord
298028 | Zig:23   | Noticed Jauss the pandemonium lord
298029 | Zig:23   | Noticed Zimmeufa the pandemonium lord
298029 | Zig:23   | Killed Kyikokis the pandemonium lord
298029 | Zig:23   | Killed Vuacess the pandemonium lord
298029 | Zig:23   | Killed Muicwad the pandemonium lord
298029 | Zig:23   | Killed Duluk the pandemonium lord
298030 | Zig:23   | Noticed Egucw the pandemonium lord
298030 | Zig:23   | Killed Myluh the pandemonium lord
298030 | Zig:23   | Noticed Ruvvy the pandemonium lord
298030 | Zig:23   | Noticed Ikhofacs the pandemonium lord
298031 | Zig:23   | Noticed Yganule the pandemonium lord
298032 | Zig:23   | Killed Ruvvy the pandemonium lord
298032 | Zig:23   | Killed Siups the pandemonium lord
298032 | Zig:23   | Killed Yganule the pandemonium lord
298032 | Zig:23   | Killed Diguwirch the pandemonium lord
298032 | Zig:23   | Noticed Iceh the pandemonium lord
298033 | Zig:23   | Noticed Avveicro the pandemonium lord
298033 | Zig:23   | Noticed Vigoesaa the pandemonium lord
298033 | Zig:23   | Noticed Omorao the pandemonium lord
298037 | Zig:23   | Noticed Boimale the pandemonium lord
298037 | Zig:23   | Killed Jauss the pandemonium lord
298037 | Zig:23   | Killed Zimmeufa the pandemonium lord
298037 | Zig:23   | Killed Suuteko the pandemonium lord
298037 | Zig:23   | Killed Buac the pandemonium lord
298037 | Zig:23   | Noticed Ikiuwn the pandemonium lord
298038 | Zig:23   | Noticed Umyet the pandemonium lord
298038 | Zig:23   | Killed Zoyxeos the pandemonium lord
298038 | Zig:23   | Killed Aduih the pandemonium lord
298039 | Zig:23   | Noticed Radghymif the pandemonium lord
298039 | Zig:23   | Noticed Tuf Temnat the pandemonium lord
298039 | Zig:23   | Noticed Tuve the pandemonium lord
298039 | Zig:23   | Killed Ehouh the pandemonium lord
298040 | Zig:23   | Killed Qowim the pandemonium lord
298040 | Zig:23   | Killed Ikiuwn the pandemonium lord
298042 | Zig:23   | Killed Egucw the pandemonium lord
298042 | Zig:23   | Killed Wuemn the pandemonium lord
298043 | Zig:23   | Killed Ufoto the pandemonium lord
298043 | Zig:23   | Killed Umyet the pandemonium lord
298043 | Zig:23   | Killed Siwigou the pandemonium lord
298043 | Zig:23   | Killed Vigoesaa the pandemonium lord
298043 | Zig:23   | Killed Avveicro the pandemonium lord
298044 | Zig:23   | Killed Iceh the pandemonium lord
298044 | Zig:23   | Killed Omorao the pandemonium lord
298044 | Zig:23   | Killed Boimale the pandemonium lord
298056 | Zig:23   | Noticed Kifufu the pandemonium lord
298057 | Zig:23   | Noticed Acvaun Pivo the pandemonium lord
298057 | Zig:23   | Noticed Ygetyf the pandemonium lord
298058 | Zig:23   | Noticed Wyqi the pandemonium lord
298059 | Zig:23   | Killed Wyqi the pandemonium lord
298059 | Zig:23   | Killed Acvaun Pivo the pandemonium lord
298059 | Zig:23   | Killed Tuve the pandemonium lord
298060 | Zig:23   | Killed Ikhofacs the pandemonium lord
298060 | Zig:23   | Killed Kifufu the pandemonium lord
298060 | Zig:23   | Killed Radghymif the pandemonium lord
298069 | Zig:23   | Killed Ygetyf the pandemonium lord
298083 | Zig:23   | Killed Tuf Temnat the pandemonium lord
298203 | Zig:23   | Identified the ring of Fum Ymo {+Blink rPois rN+ MR+} (You
                  | found it on level 23 of a ziggurat)
298648 | Zig:24   | Entered Level 24 of a ziggurat
299410 | Zig:25   | Entered Level 25 of a ziggurat
299464 | Zig:25   | Identified the Handbook of the Peculiar Planets
299520 | Zig:25   | Killed a starcursed mass
299728 | Zig:25   | Identified the amulet of Xoleff {rC+ Regen+} (You found it
                  | on level 25 of a ziggurat)
300113 | Zig:25   | Identified the ring "Jipnij" {rElec rC+ Dex+3} (You found
                  | it on level 25 of a ziggurat)
300115 | Zig:25   | Identified the ring "Coghugeng" {MR- Int+4 Stlth+} (You
                  | found it on level 25 of a ziggurat)
300289 | Zig:26   | Entered Level 26 of a ziggurat
300308 | Zig:26   | Noticed a juggernaut
300312 | Zig:26   | Killed a juggernaut
300312 | Zig:26   | Noticed a juggernaut
300313 | Zig:26   | Noticed a juggernaut
300313 | Zig:26   | Noticed a juggernaut
300313 | Zig:26   | Noticed a juggernaut
300313 | Zig:26   | Noticed a juggernaut
300313 | Zig:26   | Noticed a juggernaut
300315 | Zig:26   | Killed a juggernaut
300316 | Zig:26   | Noticed a juggernaut
300316 | Zig:26   | Noticed a juggernaut
300316 | Zig:26   | Noticed a juggernaut
300317 | Zig:26   | Noticed a juggernaut
300318 | Zig:26   | Killed a juggernaut
300318 | Zig:26   | Killed a juggernaut
300318 | Zig:26   | Killed a juggernaut
300318 | Zig:26   | Noticed a juggernaut
300319 | Zig:26   | Killed a juggernaut
300319 | Zig:26   | Killed a juggernaut
300319 | Zig:26   | Killed a juggernaut
300319 | Zig:26   | Noticed a juggernaut
300319 | Zig:26   | Noticed a juggernaut
300319 | Zig:26   | Noticed a juggernaut
300319 | Zig:26   | Noticed a juggernaut
300320 | Zig:26   | Killed a juggernaut
300321 | Zig:26   | Noticed a juggernaut
300321 | Zig:26   | Killed a juggernaut
300321 | Zig:26   | Killed a juggernaut
300322 | Zig:26   | Killed a juggernaut
300322 | Zig:26   | Killed a juggernaut
300322 | Zig:26   | Noticed a juggernaut
300323 | Zig:26   | Noticed a juggernaut
300324 | Zig:26   | Noticed a juggernaut
300324 | Zig:26   | Noticed a juggernaut
300324 | Zig:26   | Killed a juggernaut
300325 | Zig:26   | Noticed a juggernaut
300325 | Zig:26   | Killed a juggernaut
300325 | Zig:26   | Killed a juggernaut
300325 | Zig:26   | Noticed a juggernaut
300325 | Zig:26   | Noticed a juggernaut
300325 | Zig:26   | Noticed a juggernaut
300326 | Zig:26   | Noticed a juggernaut
300326 | Zig:26   | Noticed a juggernaut
300326 | Zig:26   | Noticed a juggernaut
300329 | Zig:26   | Noticed a juggernaut
300330 | Zig:26   | Killed a juggernaut
300330 | Zig:26   | Killed a juggernaut
300330 | Zig:26   | Noticed a juggernaut
300332 | Zig:26   | Noticed a juggernaut
300333 | Zig:26   | Killed a juggernaut
300333 | Zig:26   | Killed a juggernaut
300333 | Zig:26   | Killed a juggernaut
300333 | Zig:26   | Killed a juggernaut
300333 | Zig:26   | Noticed a juggernaut
300334 | Zig:26   | Killed a juggernaut
300335 | Zig:26   | Killed a juggernaut
300335 | Zig:26   | Killed a juggernaut
300335 | Zig:26   | Killed a juggernaut
300335 | Zig:26   | Killed a juggernaut
300335 | Zig:26   | Noticed a juggernaut
300335 | Zig:26   | Noticed a juggernaut
300336 | Zig:26   | Killed a juggernaut
300336 | Zig:26   | Killed a juggernaut
300336 | Zig:26   | Killed a juggernaut
300337 | Zig:26   | Noticed a juggernaut
300337 | Zig:26   | Killed a juggernaut
300337 | Zig:26   | Noticed a juggernaut
300338 | Zig:26   | Killed a juggernaut
300338 | Zig:26   | Noticed a juggernaut
300338 | Zig:26   | Noticed a juggernaut
300339 | Zig:26   | Killed a juggernaut
300342 | Zig:26   | Killed a juggernaut
300342 | Zig:26   | Killed a juggernaut
300342 | Zig:26   | Killed a juggernaut
300343 | Zig:26   | Killed a juggernaut
300350 | Zig:26   | Killed a juggernaut
300715 | Zig:26   | Identified the amulet "Eteir" {Spirit Str+2 Dex+7} (You
                  | found it on level 26 of a ziggurat)
300881 | Zig:27   | Entered Level 27 of a ziggurat
301112 | Zig:27   | Identified the ring "Gatecvor" {Ice rN+++ Str-4 Int+5} (You
                  | found it on level 27 of a ziggurat)
301172 | Zig:27   | Identified the amulet of Zyfit {rC+ Regen+} (You found it
                  | on level 27 of a ziggurat)
301186 | Zig:27   | Identified the +11 broad axe "Olaim" {flame, +Fly rF- Str+5
                  | Stlth+} (You found it on level 27 of a ziggurat)
301772 | Zig:1    | Entered Level 1 of a ziggurat
301873 | Zig:2    | Entered Level 2 of a ziggurat
301875 | Zig:2    | Noticed an orb of fire
301876 | Zig:2    | Noticed an orb of fire
301876 | Zig:2    | Noticed an orb of fire
301878 | Zig:2    | Noticed an orb of fire
301878 | Zig:2    | Noticed an orb of fire
301879 | Zig:2    | Noticed an orb of fire
301879 | Zig:2    | Killed an orb of fire
301879 | Zig:2    | Killed an orb of fire
301880 | Zig:2    | Killed an orb of fire
301880 | Zig:2    | Killed an orb of fire
301885 | Zig:2    | Killed an orb of fire
301885 | Zig:2    | Killed an orb of fire
301996 | Zig:3    | Entered Level 3 of a ziggurat
302081 | Zig:3    | Got a crystal hunting sling
302138 | Zig:4    | Entered Level 4 of a ziggurat
302140 | Zig:4    | Noticed an ancient lich
302143 | Zig:4    | Noticed an ancient lich
302145 | Zig:4    | Noticed an ancient lich
302145 | Zig:4    | Killed an ancient lich
302147 | Zig:4    | Killed an ancient lich
302148 | Zig:4    | Killed an ancient lich
302315 | Zig:5    | Entered Level 5 of a ziggurat
302423 | Zig:5    | Got a faintly humming chain mail
302434 | Zig:5    | Got a fine tin amulet
302435 | Zig:5    | Identified the amulet of the Original Sin {Acrobat *Drain
                  | rN+ Int+4 Stlth+} (You found it on level 5 of a ziggurat)
302536 | Zig:6    | Entered Level 6 of a ziggurat
302668 | Zig:6    | Got a citrine-studded leather armour
302757 | Zig:7    | Entered Level 7 of a ziggurat
302757 | Zig:7    | Noticed a greater mummy
302758 | Zig:7    | Killed a greater mummy
302758 | Zig:7    | Noticed a greater mummy
302761 | Zig:7    | Noticed a greater mummy
302761 | Zig:7    | Noticed a greater mummy
302761 | Zig:7    | Noticed a greater mummy
302762 | Zig:7    | Noticed a greater mummy
302762 | Zig:7    | Noticed a greater mummy
302762 | Zig:7    | Noticed a greater mummy
302763 | Zig:7    | Killed a greater mummy
302763 | Zig:7    | Noticed a greater mummy
302764 | Zig:7    | Noticed a greater mummy
302766 | Zig:7    | Noticed a greater mummy
302767 | Zig:7    | Noticed a greater mummy
302767 | Zig:7    | Noticed a greater mummy
302769 | Zig:7    | Noticed a greater mummy
302771 | Zig:7    | Killed a greater mummy
302771 | Zig:7    | Killed a greater mummy
302771 | Zig:7    | Noticed a greater mummy
302772 | Zig:7    | Killed a greater mummy
302772 | Zig:7    | Killed a greater mummy
302772 | Zig:7    | Killed a greater mummy
302772 | Zig:7    | Killed a greater mummy
302773 | Zig:7    | Killed a greater mummy
302773 | Zig:7    | Killed a greater mummy
302774 | Zig:7    | Noticed a greater mummy
302774 | Zig:7    | Killed a greater mummy
302774 | Zig:7    | Noticed a greater mummy
302775 | Zig:7    | Killed a greater mummy
302775 | Zig:7    | Killed a greater mummy
302775 | Zig:7    | Noticed a greater mummy
302776 | Zig:7    | Killed a greater mummy
302776 | Zig:7    | Killed a greater mummy
302776 | Zig:7    | Killed a greater mummy
302777 | Zig:7    | Killed a greater mummy
302779 | Zig:7    | Killed a greater mummy
303009 | Zig:8    | Entered Level 8 of a ziggurat
303228 | Zig:8    | Got a transparent hand axe
303314 | Zig:9    | Entered Level 9 of a ziggurat
303342 | Zig:9    | Identified the Handbook of Curses and Translocation
303651 | Zig:10   | Entered Level 10 of a ziggurat
303654 | Zig:10   | Noticed Ryilar the pandemonium lord
303656 | Zig:10   | Noticed Qeisadoj the pandemonium lord
303656 | Zig:10   | Noticed Riph the pandemonium lord
303656 | Zig:10   | Noticed Fiycrareu the pandemonium lord
303657 | Zig:10   | Noticed Ogguv the pandemonium lord
303658 | Zig:10   | Killed Fiycrareu the pandemonium lord
303658 | Zig:10   | Killed Riph the pandemonium lord
303658 | Zig:10   | Noticed Loewkeh the pandemonium lord
303658 | Zig:10   | Noticed Ceqecif the pandemonium lord
303658 | Zig:10   | Noticed Jenkayz the pandemonium lord
303659 | Zig:10   | Noticed Muxecys the pandemonium lord
303660 | Zig:10   | Killed Ryilar the pandemonium lord
303660 | Zig:10   | Noticed Muluecw the pandemonium lord
303660 | Zig:10   | Noticed Tintet Kups the pandemonium lord
303660 | Zig:10   | Noticed Niokked the pandemonium lord
303660 | Zig:10   | Noticed Doetyfuu the pandemonium lord
303661 | Zig:10   | Noticed Uduageuk the pandemonium lord
303664 | Zig:10   | Killed Muluecw the pandemonium lord
303664 | Zig:10   | Noticed Ruuzxoyt the pandemonium lord
303664 | Zig:10   | Noticed Riosil the pandemonium lord
303665 | Zig:10   | Killed Uduageuk the pandemonium lord
303666 | Zig:10   | Noticed Yghuuh the pandemonium lord
303668 | Zig:10   | Killed Ogguv the pandemonium lord
303669 | Zig:10   | Killed Loewkeh the pandemonium lord
303669 | Zig:10   | Killed Doetyfuu the pandemonium lord
303669 | Zig:10   | Killed Muxecys the pandemonium lord
303669 | Zig:10   | Killed Ruuzxoyt the pandemonium lord
303670 | Zig:10   | Killed Ceqecif the pandemonium lord
303670 | Zig:10   | Killed Jenkayz the pandemonium lord
303670 | Zig:10   | Noticed Izxemi the pandemonium lord
303670 | Zig:10   | Noticed Sotesch the pandemonium lord
303672 | Zig:10   | Killed Yghuuh the pandemonium lord
303672 | Zig:10   | Killed Tintet Kups the pandemonium lord
303672 | Zig:10   | Killed Qeisadoj the pandemonium lord
303673 | Zig:10   | Killed Sotesch the pandemonium lord
303676 | Zig:10   | Noticed Xeomiaf the pandemonium lord
303677 | Zig:10   | Noticed Gitie the pandemonium lord
303678 | Zig:10   | Noticed Muadgh the pandemonium lord
303679 | Zig:10   | Noticed Jyneapt the pandemonium lord
303680 | Zig:10   | Killed Izxemi the pandemonium lord
303680 | Zig:10   | Killed Niokked the pandemonium lord
303681 | Zig:10   | Noticed Mainuyn the pandemonium lord
303681 | Zig:10   | Noticed Zokiast the pandemonium lord
303681 | Zig:10   | Noticed Ametrav the pandemonium lord
303682 | Zig:10   | Noticed Neacezem the pandemonium lord
303682 | Zig:10   | Noticed Remp the pandemonium lord
303683 | Zig:10   | Noticed Soarro Onka the pandemonium lord
303683 | Zig:10   | Noticed Ejocog the pandemonium lord
303685 | Zig:10   | Noticed Nukhluci the pandemonium lord
303686 | Zig:10   | Killed Gitie the pandemonium lord
303686 | Zig:10   | Killed Neacezem the pandemonium lord
303686 | Zig:10   | Noticed Ceireh the pandemonium lord
303686 | Zig:10   | Noticed Gerampen the pandemonium lord
303688 | Zig:10   | Killed Xeomiaf the pandemonium lord
303689 | Zig:10   | Killed Riosil the pandemonium lord
303689 | Zig:10   | Killed Jyneapt the pandemonium lord
303691 | Zig:10   | Killed Ejocog the pandemonium lord
303692 | Zig:10   | Killed Zokiast the pandemonium lord
303694 | Zig:10   | Killed Ametrav the pandemonium lord
303695 | Zig:10   | Noticed Dir Huba the pandemonium lord
303695 | Zig:10   | Killed Remp the pandemonium lord
303696 | Zig:10   | Killed Ceireh the pandemonium lord
303697 | Zig:10   | Killed Mainuyn the pandemonium lord
303697 | Zig:10   | Killed Nukhluci the pandemonium lord
303697 | Zig:10   | Killed Muadgh the pandemonium lord
303698 | Zig:10   | Killed Soarro Onka the pandemonium lord
303707 | Zig:10   | Killed Gerampen the pandemonium lord
303708 | Zig:10   | Killed Dir Huba the pandemonium lord
303961 | Zig:10   | Got a smoking bronze ring
303964 | Zig:10   | Identified the ring of the Suburbs {rPois MR++} (You found
                  | it on level 10 of a ziggurat)
303969 | Zig:10   | Got a translucent quarterstaff
303972 | Zig:10   | Got a transparent trident
303981 | Zig:10   | Got a twisted scale mail
304020 | Zig:11   | Entered Level 11 of a ziggurat
304025 | Zig:11   | Noticed a greater mummy
304025 | Zig:11   | Noticed a greater mummy
304025 | Zig:11   | Noticed a greater mummy
304026 | Zig:11   | Noticed a greater mummy
304026 | Zig:11   | Noticed a greater mummy
304027 | Zig:11   | Noticed a greater mummy
304028 | Zig:11   | Noticed a greater mummy
304029 | Zig:11   | Killed a greater mummy
304029 | Zig:11   | Killed a greater mummy
304029 | Zig:11   | Noticed a greater mummy
304029 | Zig:11   | Noticed a greater mummy
304029 | Zig:11   | Noticed a greater mummy
304030 | Zig:11   | Noticed a greater mummy
304032 | Zig:11   | Killed a greater mummy
304032 | Zig:11   | Killed a greater mummy
304032 | Zig:11   | Killed a greater mummy
304032 | Zig:11   | Killed a greater mummy
304032 | Zig:11   | Killed a greater mummy
304032 | Zig:11   | Killed a greater mummy
304033 | Zig:11   | Noticed a greater mummy
304033 | Zig:11   | Noticed a greater mummy
304033 | Zig:11   | Killed a greater mummy
304033 | Zig:11   | Noticed a greater mummy
304034 | Zig:11   | Killed a greater mummy
304035 | Zig:11   | Noticed a greater mummy
304035 | Zig:11   | Killed a greater mummy
304035 | Zig:11   | Noticed a greater mummy
304036 | Zig:11   | Noticed a greater mummy
304036 | Zig:11   | Killed a greater mummy
304037 | Zig:11   | Killed a greater mummy
304037 | Zig:11   | Killed a greater mummy
304037 | Zig:11   | Noticed a greater mummy
304038 | Zig:11   | Noticed a greater mummy
304040 | Zig:11   | Noticed a greater mummy
304041 | Zig:11   | Noticed a greater mummy
304043 | Zig:11   | Killed a greater mummy
304043 | Zig:11   | Killed a greater mummy
304043 | Zig:11   | Noticed a greater mummy
304044 | Zig:11   | Killed a greater mummy
304044 | Zig:11   | Killed a greater mummy
304045 | Zig:11   | Noticed a greater mummy
304046 | Zig:11   | Killed a greater mummy
304046 | Zig:11   | Killed a greater mummy
304046 | Zig:11   | Killed a greater mummy
304046 | Zig:11   | Killed a greater mummy
304046 | Zig:11   | Killed a greater mummy
304046 | Zig:11   | Noticed a greater mummy
304049 | Zig:11   | Noticed a greater mummy
304049 | Zig:11   | Noticed a greater mummy
304051 | Zig:11   | Noticed a greater mummy
304053 | Zig:11   | Noticed a greater mummy
304054 | Zig:11   | Killed a greater mummy
304054 | Zig:11   | Noticed a greater mummy
304055 | Zig:11   | Killed a greater mummy
304056 | Zig:11   | Killed a greater mummy
304057 | Zig:11   | Killed a greater mummy
304057 | Zig:11   | Killed a greater mummy
304071 | Zig:11   | Killed a greater mummy
304311 | Zig:11   | Got a slimy ivory ring
304313 | Zig:11   | Identified the ring "Tatiusy" {-Tele Str+3 Int+3 Dex+2}
                  | (You found it on level 11 of a ziggurat)
304324 | Zig:11   | Got a scorched ring mail
304427 | Zig:12   | Entered Level 12 of a ziggurat
304694 | Zig:12   | Got a jewelled chain mail
304767 | Zig:13   | Entered Level 13 of a ziggurat
304953 | Zig:13   | Got an emerald-encrusted ring mail
304968 | Zig:13   | Got a crude copper ring
304970 | Zig:13   | Identified the ring of Spite {rF+ rN+ SInv} (You found it
                  | on level 13 of a ziggurat)
304982 | Zig:13   | Got a glittering jade ring
304984 | Zig:13   | Identified the ring "Wonkeu" {rC+ MP+9 Stlth+} (You found
                  | it on level 13 of a ziggurat)
305007 | Zig:13   | Got a brightly glowing arbalest
305017 | Zig:13   | Got a heavily runed silver ring
305019 | Zig:13   | Identified the ring of Hetium {+Inv rElec rC++ Str-2
                  | Stlth-} (You found it on level 13 of a ziggurat)
305026 | Zig:13   | Got a crude spear
305147 | Zig:14   | Entered Level 14 of a ziggurat
305494 | Zig:14   | Got a warped emerald amulet
305495 | Zig:14   | Identified the amulet "Sufyizigh" {Acrobat Slay+2} (You
                  | found it on level 14 of a ziggurat)
305499 | Zig:14   | Got polished ice dragon scales
305518 | Zig:14   | Got a steaming falchion
305527 | Zig:14   | Got a brightly glowing long sword
305538 | Zig:14   | Got a slimy ring mail
305624 | Zig:15   | Entered Level 15 of a ziggurat
305771 | Zig:15   | Got a glittering golden ring
305773 | Zig:15   | Identified the ring "Pomusi" {rPois Stlth-} (You found it
                  | on level 15 of a ziggurat)
305780 | Zig:15   | Got a steaming scale mail
305791 | Zig:15   | Got an ichor-stained cloak
305792 | Zig:15   | Identified the +2 cloak "Zauhaoc" {rElec Str+6} (You found
                  | it on level 15 of a ziggurat)
305805 | Zig:15   | Got a smoking plate armour
305809 | Zig:15   | Got a pair of shimmering gloves
305810 | Zig:15   | Identified the cursed +0 pair of gloves "Siopur" {rCorr
                  | Int+3} (You found it on level 15 of a ziggurat)
305823 | Zig:15   | Got an ichor-stained mace
305826 | Zig:15   | Got a vibrating turquoise ring
305828 | Zig:15   | Identified the ring "Vumuer" {rCorr *Drain rElec SInv} (You
                  | found it on level 15 of a ziggurat)
306051 | Zig:16   | Entered Level 16 of a ziggurat
306350 | Zig:16   | Got a fabulously ornate robe
306392 | Zig:16   | Got a scorched lapis lazuli ring
306394 | Zig:16   | Identified the ring of Winter {*Tele *Corrode rN++} (You
                  | found it on level 16 of a ziggurat)
306409 | Zig:16   | Got an ancient whip
306523 | Zig:17   | Entered Level 17 of a ziggurat
306756 | Zig:17   | Got a pitted bone ring
306758 | Zig:17   | Identified the ring "Enodyny" {Wiz Int+3} (You found it on
                  | level 17 of a ziggurat)
306768 | Zig:17   | Got a bloodstained morningstar
306785 | Zig:17   | Got a steaming turquoise ring
306787 | Zig:17   | Identified the ring of Tajusuje {rElec Dex+5 Stlth+} (You
                  | found it on level 17 of a ziggurat)
306792 | Zig:17   | Got a wavering ivory ring
306794 | Zig:17   | Identified the ring of Mirth {+Fly rPois Int+6 Dex-5
                  | Stlth-} (You found it on level 17 of a ziggurat)
307012 | Zig:18   | Entered Level 18 of a ziggurat
307398 | Zig:18   | Got an encrusted scale mail
307417 | Zig:18   | Got a scorched quarterstaff
307430 | Zig:18   | Got a vibrating tin ring
307432 | Zig:18   | Identified the ring of Niexkomn {rF+ rC+ Str-2 Dex+2
                  | Stlth+} (You found it on level 18 of a ziggurat)
307437 | Zig:18   | Got a fine bone ring
307439 | Zig:18   | Identified the cursed ring "Plog" {MR+ Int-2 SInv Stlth+}
                  | (You found it on level 18 of a ziggurat)
307453 | Zig:18   | Got an encrusted ring mail
307456 | Zig:18   | Got a smoking scale mail
307459 | Zig:18   | Got a steaming morningstar
307462 | Zig:18   | Got a bloodstained falchion
307569 | Zig:19   | Entered Level 19 of a ziggurat
307574 | Zig:19   | Noticed a juggernaut
307574 | Zig:19   | Noticed a juggernaut
307576 | Zig:19   | Killed a juggernaut
307576 | Zig:19   | Noticed a juggernaut
307579 | Zig:19   | Noticed a juggernaut
307580 | Zig:19   | Noticed a juggernaut
307580 | Zig:19   | Killed a juggernaut
307580 | Zig:19   | Killed a juggernaut
307580 | Zig:19   | Noticed a juggernaut
307587 | Zig:19   | Noticed a juggernaut
307589 | Zig:19   | Noticed a juggernaut
307590 | Zig:19   | Killed a juggernaut
307590 | Zig:19   | Noticed a juggernaut
307591 | Zig:19   | Noticed a juggernaut
307592 | Zig:19   | Killed a juggernaut
307592 | Zig:19   | Noticed a juggernaut
307593 | Zig:19   | Killed a juggernaut
307593 | Zig:19   | Killed a juggernaut
307593 | Zig:19   | Killed a juggernaut
307593 | Zig:19   | Noticed a juggernaut
307593 | Zig:19   | Noticed a juggernaut
307593 | Zig:19   | Noticed a juggernaut
307594 | Zig:19   | Noticed a juggernaut
307594 | Zig:19   | Killed a juggernaut
307594 | Zig:19   | Noticed a juggernaut
307595 | Zig:19   | Noticed a juggernaut
307596 | Zig:19   | Killed a juggernaut
307597 | Zig:19   | Noticed a juggernaut
307597 | Zig:19   | Killed a juggernaut
307597 | Zig:19   | Noticed a juggernaut
307598 | Zig:19   | Noticed a juggernaut
307599 | Zig:19   | Killed a juggernaut
307599 | Zig:19   | Killed a juggernaut
307599 | Zig:19   | Killed a juggernaut
307599 | Zig:19   | Killed a juggernaut
307599 | Zig:19   | Killed a juggernaut
307599 | Zig:19   | Noticed a juggernaut
307600 | Zig:19   | Killed a juggernaut
307600 | Zig:19   | Killed a juggernaut
307603 | Zig:19   | Noticed a juggernaut
307605 | Zig:19   | Killed a juggernaut
307606 | Zig:19   | Killed a juggernaut
307606 | Zig:19   | Killed a juggernaut
307606 | Zig:19   | Killed a juggernaut
307606 | Zig:19   | Noticed a juggernaut
307611 | Zig:19   | Killed a juggernaut
307613 | Zig:19   | Noticed a juggernaut
307621 | Zig:19   | Killed a juggernaut
307621 | Zig:19   | Noticed a juggernaut
307622 | Zig:19   | Noticed a juggernaut
307623 | Zig:19   | Noticed a juggernaut
307632 | Zig:19   | Killed a juggernaut
307632 | Zig:19   | Killed a juggernaut
307633 | Zig:19   | Killed a juggernaut
307867 | Zig:19   | Got a warped quarterstaff
307870 | Zig:19   | Got a scorched marble ring
307872 | Zig:19   | Identified the ring "Yhuribroysoe" {rF+ Str+2} (You found
                  | it on level 19 of a ziggurat)
307879 | Zig:19   | Got a warped robe
307887 | Zig:19   | Got a bloodstained flail
307896 | Zig:19   | Got a transparent steel ring
307898 | Zig:19   | Identified the ring "Jeanteq" {rElec EV+3} (You found it on
                  | level 19 of a ziggurat)
307903 | Zig:19   | Got an encrusted dagger
307927 | Zig:19   | Got a steaming scale mail
308129 | Zig:19   | Identified the Incunabulum of Freezing Unholy Magic
308131 | Zig:19   | Got a crude great sword
308134 | Zig:19   | Got a twitching jade ring
308136 | Zig:19   | Identified the ring of Tipogou {+Fly MR++ Str+3 Int+2
                  | Stlth+} (You found it on level 19 of a ziggurat)
308145 | Zig:19   | Got a glittering lapis lazuli ring
308147 | Zig:19   | Identified the ring "Ranwiog" {Fire rN+ Slay+2} (You found
                  | it on level 19 of a ziggurat)
308152 | Zig:19   | Got a faintly glowing silver ring
308154 | Zig:19   | Identified the ring of Voiniwk {rPois AC+3} (You found it
                  | on level 19 of a ziggurat)
308168 | Zig:19   | Got a glittering steel ring
308170 | Zig:19   | Identified the ring "Ilacviub" {rC+ MP+9 Int+2 SInv} (You
                  | found it on level 19 of a ziggurat)
308256 | Zig:20   | Entered Level 20 of a ziggurat
308645 | Zig:20   | Got a slimy wooden ring
308647 | Zig:20   | Identified the ring of Zimnix {Int+4 Dex+2 SInv} (You found
                  | it on level 20 of a ziggurat)
308693 | Zig:20   | Got a shimmering silver ring
308695 | Zig:20   | Identified the ring "Efinapt" {rElec MR+++ MP+9 Str-5
                  | Dex-3} (You found it on level 20 of a ziggurat)
308708 | Zig:20   | Got a bound bronze ring
308710 | Zig:20   | Identified the ring of the Demon Prince {rF+ Int+5 Dex-4}
                  | (You found it on level 20 of a ziggurat)
308839 | Zig:21   | Entered Level 21 of a ziggurat
309081 | Zig:21   | Identified Sif Muna's Volume of Harmful Fire
309089 | Zig:21   | Identified the Compendium of Boosts and the Oath
309104 | Zig:21   | Got a shimmering rapier
309117 | Zig:21   | Got a vibrating tin ring
309119 | Zig:21   | Identified the ring of the Orange Skies {-Tele *Slow rC+
                  | Str+7 Stlth+} (You found it on level 21 of a ziggurat)
309447 | Zig:22   | Entered Level 22 of a ziggurat
309676 | Zig:22   | Demolished by a reaper

Vault maps used:
D:1:      mrwooster_arrival_statue
D:2:      lemuel_blue_sif_altar, lemuel_crystal_altar, tgw_trog, st_stairs_14,
          nicolae_qazlal_style_of_elements
D:3:      minmay_overflow_temple_star_quad, evilmike_ruin_ashenzari
D:4:      yredelemnul_altar_generic, first_ration, uniq_grinder, uniq_duvessa,
          uniq_edmund, uniq_sigmund
D:5:      minmay_recursive_quarters, lemuel_crystal_altar,
          minmay_temple_entry_gardened_gates
D:6:      ebering_ghost_sewer_f, portal_sewer_entry_d
D:7:      nicolae_overflow_crystal_walls, serial_shops, shop, grunt_livestock
D:8:      enter_ossuary_5
D:9:      erik_lair_dragon
D:10:     orc_0_dummy, uniq_nergalle
D:11:     basic_altar, kennysheep_generic_room_6
D:12:     uniq_rupert
D:13:     david_vaults_4, minmay_misc_feat_hallway, jmf_multi_god_temple2
D:14:     portal_ice_cave_entry_pillars_1, uniq_nessos
D:15:     grunt_enter_depths_hoard, basic_altar, chequers_garden,
          minmay_ruined_shrine, uniq_kirke, uniq_louise
Temple:   nicolae_temple_no_exploring_needed
Lair:1:   minmay_hedge_maze, nicolae_quartered_pool_medium, beast_lair_carwin_1
Lair:2:   minmay_snake_entry_guardpost_medium, grunt_megastairs_5
Lair:3:   minmay_shoals_entry_centaurs, small_statue_intersection,
          serial_bayou_shore_b, infiniplex_staircase_pool, grunt_megastairs_4,
          lemuel_fruit_tree, uniq_sonja
Lair:4:   chequers_serial_rivers_micro_d, tgw_fedhas
Lair:5:   minmay_slime_entry_pillars, kennysheep_basilisk_garden, uniq_snorg
Lair:6:   due_jungle_book, bobbens_ice_dragon_lair
Shoals:1: uniq_frances
Shoals:3: uniq_ilsuiw, uniq_polyphemus
Shoals:4: shoals_end_hangedman, nicolae_shoals_drake_roost
Snake:1:  gammafunk_ghost_wrathful_warriors, minmay_shop_grove
Snake:2:  nicolae_sea_snake_s, minmay_shop_star
Snake:4:  grunt_snake_rune_serpentine_throne, ebering_ghost_gozag, serial_shops,
          shop
Orc:1:    mines2_lemuel
Orc:2:    st_orc_elflike, uniq_erolcha, uniq_azrael
Elf:1:    elf_arrival_002, hangedman_elf_disciples, wad_floor_pattern_untrapped,
          minmay_shoptagon, uniq_roxanne
Elf:2:    serial_sigils_hangedman_stare, minmay_shop_grid_forest
Elf:3:    minmay_elf_hall_hex, serial_shops, shop, shop, basic_altar,
          hangedman_elf_simple_split, drop_trap, guppyfry_elf_altar
Vaults:1: v_misc_28, v_alt_pattern_6, vaults_room_stairs_pillars, v_rooms_3,
          v_misc_2, nicolae_vaults_little_squares_4
Vaults:2: v_pattern_4, hangedman_vaults_cutoff, vaults_room_octagon,
          hangedman_vaults_hat, ontoclasm_vaults_claustrophobia,
          hangedman_vaults_variations, nicolae_vaults_display_case,
          nicolae_vaults_rhombus_5, v_misc_10, v_rooms_1,
          ontoclasm_vaults_idyll, ontoclasm_vaults_loading_screen,
          ontoclasm_vaults_twist, vaults_room_hallway, serial_shops,
          nicolae_shop_competitors_out_of_business
Vaults:3: blue_anna_dwarven_crypt, ontoclasm_vaults_idyll,
          hangedman_vaults_corner, ontoclasm_vaults_gallery,
          nicolae_vaults_little_squares_3, nicolae_vaults_little_squares_3
Vaults:4: v_alt_pattern_6, ontoclasm_vaults_ring_square, v_alt_pattern_6,
          st_lines, v_misc_15, ontoclasm_vaults_ring_small, vaults_mumra_lcd,
          v_misc_16, grunt_vaults_twisty, ontoclasm_vaults_ligature,
          hangedman_vaults_cutoff, v_misc_17, serial_shops, bzr_entry_dummy,
          basic_altar, uniq_boris
Vaults:5: serial_shops
Crypt:1:  serial_co_window_serial, co_window_paths_b, co_window_paths_b,
          co_window_corner_a, co_window_cross_1, co_window_corner_a,
          co_window_unsneaky_path_b, co_window_of_opportunity_c,
          co_window_2corner, co_window_paths_d, co_window_4corner_a,
          glass_columns_a, glass_columns_b
Crypt:2:  grunt_megastairs_1
Crypt:3:  church_of_pain_bobbens, tomb_entry_shell_bobbens, glass_columns_c,
          uniq_frederick
Tomb:1:   uniq_mennas
Depths:1: wad_floor_pattern_1, hangedman_coc_ice_floe, abyss_entry,
          minmay_guarded_unrand_zonguldrok, serial_bayou_shore_b
Depths:2: due_chaos_kobolds, enter_ziggurat_b, grunt_mini_vestibule, pan_entry,
          kennysheep_minor_cross, st_stairs_14, small_statue_intersection,
          nrook_kobold_shadow_demons, serial_bayou_shore_b
Depths:3: grunt_x_marks_the_spot, grunt_decor_clamped, abyss_entry,
          rand_demon_pan_entry_8, grunt_hell_entry_dis_grunt, uniq_asterion
Depths:4: hangedman_elemental_death_ray, abyss_entry, serial_shops, shop,
          enter_trove_6, hell_entry, serial_bayou_pond_a,
          kennysheep_opposing_triangles, serial_bayou_shore_b
Depths:5: evilmike_zot_entry_basic, serial_shops,
          nicolae_shop_temple_entry_statues_fountains, minmay_crystal_room,
          hell_entry, roderic_lattice_octagonal_star, serial_bayou_shore_b,
          uniq_margery
Dis:2:    hangedman_dis_decor_blocks_talon
Dis:3:    hangedman_dis_monolith
Dis:7:    iron_city_of_dis, hangedman_dis_chains
Geh:3:    special_room
Geh:4:    nicolae_geh_lava_in_the_way
Geh:7:    geh_mu
Coc:7:    coc_old
Tar:5:    grunt_megastairs_3
Tar:7:    tar_grunt_cathedral
Zot:1:    grunt_megastairs_2
Zot:3:    st_stairs_5, hangedman_zot_decor_checkerboard,
          st_small_dragon_hoard_3, grunt_ministairs_4, zot_minivault_1,
          lemuel_elevator
Zot:4:    ebering_ghost_gozag
Abyss:3:  hangedman_abyss_overflow_altar
Abyss:4:  guppyfry_abyss_exit_imp_island, nicolae_abyss_rune_left_handed,
          evilmike_abyss_exit_6, minivault_20
Abyss:5:  bh_abyss_xom_lugonu_altar, minivault_20, due_exit_kobolds,
          gammafunk_abyss_rune_reverse_zot, abyss_exit_lava,
          evilmike_abyss_exit_5, hangedman_abyss_or_decor_jellyfish_corner
Pan:      rand_demon_6, pan_blood_fountain, rand_demon_7, pan_blood_fountain,
          nicolae_pan_sigil_itan, regret_index_pan_draining_boxed,
          nicolae_pan_giant_door, lom_lobon_st, pan_blood_fountain_small,
          evilmike_mini_pan_branches, nicolae_pan_sigil_eeng,
          gammafunk_the_bubble, evilmike_mini_pan_pillars, rand_demon_6,
          lemuel_hellion_island, uniq_ignacio, evilmike_mini_pan_corner,
          rand_demon_8, grunt_pan_pentagram, mnoleg_grunt, evilmike_mini_pan_V,
          gloorx_vloq, rand_demon_9, uniq_ignacio, cerebov_grunt, pan_surprise,
          evilmike_mini_pan_T, evilmike_mini_pan_corner,
          pan_blood_fountain_small, rand_demon_5, grunt_pan_spiral,
          pan_blood_fountain_small, nicolae_pan_cerebovesque_3, rand_demon_5,
          rand_demon_4, nicolae_pan_gloorx_vloqian_3,
          evilmike_mini_pan_possible_glass, rand_demon_3, evilmike_holy_pan
Zig:8:    ziggurat_pillar_centre_dispersal, ziggurat_pillar_centre_dead_trees
Zig:12:   ziggurat_pillar_centre_smoke
Zig:13:   ziggurat_pillar_centre_oklobs
Zig:16:   ziggurat_pillar_centre_c
Zig:20:   ziggurat_pillar_centre_more_plants
Zig:26:   ziggurat_pillar_centre_drop
Bazaar:   bazaar_outfitter
Trove:    trove_armour_1
Sewer:    kennysheep_pipe_town
Ossuary:  ossuary_minmay_scorpions
IceCv:    ice_cave_small_demon

Skill      XL: |  1  2  3  4  5  6  7  8  9 10 11 12 13 14 15 16 17 18 19 20 21 22 23 24 25 26 27 |
---------------+----------------------------------------------------------------------------------+-----
Conjurations   | 2 3 4 6 7 8 9 10 11 12 13 16 27 | 27.0
Poison Magic   | 1 2 3 27 | 27.0
Fire Magic     | 1 2 3 4 7 9 10 11 12 13 15 17 18 19 27 | 27.0
Air Magic      | 1 2 3 5 6 7 27 | 27.0
Invocations    | 6 9 10 12 14 15 27 | 27.0
Summonings     | 2 3 4 5 27 | 27.0
Fighting       | 3 5 8 10 12 14 15 27 | 27.0
Spellcasting   | 5 6 8 9 11 12 14 15 16 17 19 20 21 22 23 24 27 | 27.0
Shields        | 4 27 | 27.0
Ice Magic      | 2 3 27 | 27.0
Earth Magic    | 3 5 7 9 10 27 | 27.0
Translocations | 2 27 | 27.0
Evocations     | 4 5 8 27 | 27.0
Dodging        | 5 7 8 11 13 27 | 27.0
Charms         | 4 5 7 27 | 27.0
Armour         | 4 27 | 27.0
Necromancy     | 5 27 | 27.0
Transmutations | 27 | 27.0
Throwing       | 27 | 27.0
Hexes          | 27 | 27.0
Stealth        | 27 | 27.0
Staves         | 27 | 27.0
Axes           | 27 | 27.0
Unarmed Combat | 27 | 27.0
Polearms       | 27 | 27.0
Long Blades    | 27 | 27.0
Maces & Flails | 27 | 27.0
Crossbows      | 27 | 27.0
Short Blades   | 27 | 27.0
Bows           | 27 | 27.0
Slings         | 27 | 27.0

Action                   |  1- 3 |  4- 6 |  7- 9 | 10-12 | 13-15 | 16-18 | 19-21 | 22-24 | 25-27 || total
-------------------------+-------+-------+-------+-------+-------+-------+-------+-------+-------++-------
Melee: Unarmed           |    11 |       |       |       |       |       |       |       |       ||    11
       Spear             |     5 |   111 |   311 |   207 |       |       |       |       |       ||   634
       Staff             |       |       |       |       |     4 |       |     2 |     3 |   305 ||   314
       Demon trident     |       |       |       |       |       |     1 |       |       |       ||     1
       Long sword        |       |       |       |       |       |       |     5 |       |       ||     5
       Kick              |       |       |       |       |       |       |       |       |   229 ||   229
       Broad axe         |       |       |       |       |       |       |       |       |   186 ||   186
       Hand axe          |       |       |       |       |       |       |       |       |     3 ||     3
 Fire: Blowgun           |       |       |       |     9 |       |       |       |       |       ||     9
Throw: Throwing net      |       |       |       |       |       |       |       |     2 |       ||     2
       Javelin           |       |       |       |       |       |       |       |       |    97 ||    97
 Cast: Magic Dart        |    86 |    87 |   220 |   167 |       |       |       |       |       ||   560
       Conjure Flame     |     1 |     7 |    38 |    33 |     4 |       |       |       |       ||    83
       Mephitic Cloud    |       |     4 |     2 |    14 |     7 |       |       |       |       ||    27
       Blink             |       |       |    10 |     2 |    43 |     7 |     6 |     4 |    75 ||   147
       Call Imp          |       |       |     4 |       |       |       |       |       |       ||     4
       Summon Ice Beast  |       |       |       |   160 |    29 |       |       |       |       ||   189
       Stone Arrow       |       |       |       |   111 |   491 |   148 |     5 |       |       ||   755
       Bolt of Magma     |       |       |       |       |   107 |    36 |    14 |       |       ||   157
       Fireball          |       |       |       |       |   147 |   392 |   580 |    79 |    51 ||  1249
       Sticky Flame      |       |       |       |       |    15 |    27 |       |     2 |       ||    44
       Deflect Missiles  |       |       |       |       |       |     3 |     7 |     2 |    31 ||    43
       Summon Lightning  |       |       |       |       |       |     1 |       |       |       ||     1
       Iron Shot         |       |       |       |       |       |     3 |    49 |    63 |   794 ||   909
       Bolt of Fire      |       |       |       |       |       |       |    90 |   674 |  3284 ||  4048
       Borgnjor's Vile C |       |       |       |       |       |       |     1 |    20 |  1227 ||  1248
       Regeneration      |       |       |       |       |       |       |     1 |       |    22 ||    23
       Ignition          |       |       |       |       |       |       |       |    32 |   829 ||   861
       Summon Butterflie |       |       |       |       |       |       |       |     7 |       ||     7
       Necromutation     |       |       |       |       |       |       |       |       |  1370 ||  1370
       Tornado           |       |       |       |       |       |       |       |       |   996 ||   996
       Shatter           |       |       |       |       |       |       |       |       |   748 ||   748
       Glaciate          |       |       |       |       |       |       |       |       |   716 ||   716
       Fire Storm        |       |       |       |       |       |       |       |       |   684 ||   684
       Lehudib's Crystal |       |       |       |       |       |       |       |       |   456 ||   456
       Controlled Blink  |       |       |       |       |       |       |       |       |    69 ||    69
       Darkness          |       |       |       |       |       |       |       |       |    34 ||    34
       Discord           |       |       |       |       |       |       |       |       |    18 ||    18
       Apportation       |       |       |       |       |       |       |       |       |    12 ||    12
       Disjunction       |       |       |       |       |       |       |       |       |     3 ||     3
Invok: Divine Energy     |       |     1 |       |       |       |       |       |       |       ||     1
       Channel Magic     |       |       |       |     2 |     7 |    10 |    10 |     7 |   370 ||   406
       Potion Petition   |       |       |       |       |       |       |       |       |    26 ||    26
 Abil: Evoke Blink       |       |       |       |       |       |       |       |       |    73 ||    73
       End Transformatio |       |       |       |       |       |       |       |       |    28 ||    28
       Evoke Invisibilit |       |       |       |       |       |       |       |       |    10 ||    10
Evoke: Wand              |       |       |       |    13 |    13 |    19 |     1 |    10 |    41 ||    97
       Box of beasts     |       |       |       |       |       |     1 |       |       |       ||     1
       Staff of energy   |       |       |       |       |       |       |       |       |  6671 ||  6671
       Staff of Wucad Mu |       |       |       |       |       |       |       |       |  1308 ||  1308
       Crystal ball of e |       |       |       |       |       |       |       |       |   147 ||   147
       Figurine of a zig |       |       |       |       |       |       |       |       |    10 ||    10
       Sack of spiders   |       |       |       |       |       |       |       |       |     2 ||     2
  Use: Scroll            |       |    10 |     9 |    19 |     8 |     5 |     9 |     3 |   335 ||   398
       Potion            |       |       |     2 |     1 |     3 |     1 |       |       |   119 ||   126
 Stab: Confused          |       |     4 |       |    10 |       |       |       |       |       ||    14
       Sleeping          |       |       |     3 |       |       |       |       |       |    16 ||    19
       Paralysed         |       |       |       |    13 |       |       |     5 |       |       ||    18
       Distracted        |       |       |       |       |       |       |       |       |    29 ||    29
  Eat: Chunk             |     3 |    12 |    12 |    36 |    49 |    24 |    37 |    27 |   104 ||   304
       Ration            |       |       |     4 |     6 |     8 |     6 |     7 |    10 |   110 ||   151
Armor: Robe              |     9 |       |    67 |    86 |   142 |    63 |    38 |    63 |  1201 ||  1669
       Leather armour    |       |    21 |    71 |       |       |       |       |       |       ||    92
       Skin              |       |       |       |     2 |       |       |       |       |     1 ||     3
Dodge: Dodged            |    11 |    40 |   168 |   219 |   259 |   155 |    90 |   145 |  4865 ||  5952
       Deflected         |       |       |       |       |       |    32 |    26 |    20 |   549 ||   627
Block: Buckler           |       |       |       |   141 |   199 |   173 |   129 |   173 |   513 ||  1328
       Other             |       |       |       |    17 |       |       |       |       |       ||    17
       Large shield      |       |       |       |       |       |       |       |       |  9271 ||  9271

Table legend:
 A = Non-vault XP
 B = Vault XP
 C = Vault XP percentage of total XP
 D = Non-vault monster count
 E = Vault monster count
 F = Vault count percentage of total count
                 A         B        C        D         E       F
            +---------+---------+-------+---------+---------+-------
      Total | 7679114 | 1260114 |  14.1 |   37769 |    1669 |   4.2
            +---------+---------+-------+---------+---------+-------
        D:1 |      30 |       0 |   0.0 |      17 |       0 |   0.0
        D:2 |      64 |      17 |  21.0 |       9 |       5 |  35.7
        D:3 |      77 |       0 |   0.0 |      12 |       0 |   0.0
        D:4 |     183 |     875 |  82.7 |       8 |       5 |  38.5
        D:5 |     655 |      83 |  11.2 |      31 |       4 |  11.4
        D:6 |     919 |     799 |  46.5 |      18 |       6 |  25.0
        D:7 |    1440 |     989 |  40.7 |      24 |       5 |  17.2
        D:8 |    1394 |       0 |   0.0 |      20 |       0 |   0.0
        D:9 |    3329 |     439 |  11.7 |      21 |       5 |  19.2
       D:10 |    2336 |     820 |  26.0 |      30 |       1 |   3.2
       D:11 |    3915 |      16 |   0.4 |      36 |       2 |   5.3
       D:12 |    7342 |    3061 |  29.4 |      40 |       1 |   2.4
       D:13 |    9245 |    7651 |  45.3 |      26 |      10 |  27.8
       D:14 |   14010 |    1297 |   8.5 |      29 |       1 |   3.3
       D:15 |   14712 |    8465 |  36.5 |      29 |      10 |  25.6
     Lair:1 |    2101 |     447 |  17.5 |      13 |       7 |  35.0
     Lair:2 |    4930 |     945 |  16.1 |      22 |       8 |  26.7
     Lair:3 |    3696 |     551 |  13.0 |      22 |       6 |  21.4
     Lair:4 |   10112 |     271 |   2.6 |      36 |       1 |   2.7
     Lair:5 |    8784 |    1791 |  16.9 |      46 |       9 |  16.4
     Lair:6 |   14854 |    3767 |  20.2 |      36 |       9 |  20.0
   Shoals:1 |    8140 |    2283 |  21.9 |      15 |       1 |   6.2
   Shoals:2 |   24760 |    1988 |   7.4 |      46 |       1 |   2.1
   Shoals:3 |   11874 |    9754 |  45.1 |      22 |      12 |  35.3
   Shoals:4 |   14689 |   26573 |  64.4 |      29 |      43 |  59.7
    Snake:1 |   17605 |    7304 |  29.3 |      32 |      10 |  23.8
    Snake:2 |   21384 |    3772 |  15.0 |      39 |       8 |  17.0
    Snake:3 |   21628 |     883 |   3.9 |      38 |       1 |   2.6
    Snake:4 |   17146 |   48589 |  73.9 |      32 |      71 |  68.9
    Slime:1 |    6002 |       0 |   0.0 |      21 |       0 |   0.0
    Slime:2 |   10635 |       0 |   0.0 |      15 |       0 |   0.0
    Slime:3 |   14840 |       0 |   0.0 |      34 |       0 |   0.0
    Slime:4 |   20532 |       0 |   0.0 |      34 |       0 |   0.0
    Slime:5 |   13736 |   35190 |  71.9 |      27 |      18 |  40.0
      Orc:1 |    2957 |    4123 |  58.2 |      28 |       8 |  22.2
      Orc:2 |    2979 |    7084 |  70.4 |      31 |      23 |  42.6
      Elf:1 |   26800 |   10355 |  27.9 |      51 |      15 |  22.7
      Elf:2 |   14629 |   23682 |  61.8 |      24 |      28 |  53.8
      Elf:3 |    8506 |   62768 |  88.1 |      18 |      47 |  72.3
   Vaults:1 |   38950 |    8634 |  18.1 |      61 |      21 |  25.6
   Vaults:2 |   39587 |   20275 |  33.9 |      77 |      38 |  33.0
   Vaults:3 |   19834 |    8934 |  31.1 |      31 |       9 |  22.5
   Vaults:4 |   51146 |   29564 |  36.6 |      68 |      24 |  26.1
   Vaults:5 |   51953 |  149658 |  74.2 |      73 |      97 |  57.1
    Crypt:1 |    9910 |       0 |   0.0 |      24 |       0 |   0.0
    Crypt:2 |   27425 |    9070 |  24.9 |      38 |       8 |  17.4
    Crypt:3 |   33957 |   73980 |  68.5 |      37 |      79 |  68.1
     Tomb:1 |       0 |       0 |   N/A |      38 |      62 |  62.0
     Tomb:2 |       0 |       0 |   N/A |      14 |      71 |  83.5
     Tomb:3 |       0 |       0 |   N/A |      45 |      59 |  56.7
   Depths:1 |   36371 |   20820 |  36.4 |      56 |      24 |  30.0
   Depths:2 |   20241 |    8864 |  30.5 |      21 |      19 |  47.5
   Depths:3 |   23328 |   45126 |  65.9 |      26 |      39 |  60.0
   Depths:4 |   60918 |   10989 |  15.3 |      54 |      16 |  22.9
   Depths:5 |   71569 |   22461 |  23.9 |      64 |      15 |  19.0
       Hell |   19267 |   43916 |  69.5 |      34 |      61 |  64.2
      Dis:1 |       0 |       0 |   N/A |       2 |       0 |   0.0
      Dis:3 |       0 |       0 |   N/A |       0 |       4 | 100.0
      Dis:4 |       0 |       0 |   N/A |       2 |       0 |   0.0
      Dis:5 |       0 |       0 |   N/A |       6 |       0 |   0.0
      Dis:6 |       0 |       0 |   N/A |       9 |       0 |   0.0
      Dis:7 |       0 |       0 |   N/A |      87 |      65 |  42.8
      Geh:1 |       0 |       0 |   N/A |      10 |       0 |   0.0
      Geh:4 |       0 |       0 |   N/A |      19 |       0 |   0.0
      Geh:5 |       0 |       0 |   N/A |       9 |       0 |   0.0
      Geh:6 |       0 |       0 |   N/A |       7 |       0 |   0.0
      Geh:7 |       0 |       0 |   N/A |      51 |      36 |  41.4
      Coc:1 |    3218 |       0 |   0.0 |       9 |       0 |   0.0
      Coc:2 |    3617 |       0 |   0.0 |      13 |       0 |   0.0
      Coc:3 |     934 |       0 |   0.0 |       2 |       0 |   0.0
      Coc:6 |    1385 |       0 |   0.0 |       7 |       0 |   0.0
      Coc:7 |   38617 |   66728 |  63.3 |      51 |      51 |  50.0
      Tar:1 |       0 |       0 |   N/A |       1 |       0 |   0.0
      Tar:3 |       0 |       0 |   N/A |       2 |       0 |   0.0
      Tar:4 |       0 |       0 |   N/A |      14 |       0 |   0.0
      Tar:5 |       0 |       0 |   N/A |       3 |       2 |  40.0
      Tar:6 |       0 |       0 |   N/A |       7 |       0 |   0.0
      Tar:7 |       0 |       0 |   N/A |      60 |      65 |  52.0
      Zot:1 |   36461 |    7036 |  16.2 |      24 |       6 |  20.0
      Zot:2 |   71123 |       0 |   0.0 |      40 |       0 |   0.0
      Zot:3 |   53671 |   59402 |  52.5 |      28 |      24 |  46.2
      Zot:4 |   66434 |   33263 |  33.4 |      34 |      11 |  24.4
      Zot:5 |   11306 |    8281 |  42.3 |      28 |      41 |  59.4
    Abyss:1 |       0 |       0 |   N/A |      63 |       0 |   0.0
    Abyss:2 |       0 |       0 |   N/A |      11 |       0 |   0.0
    Abyss:3 |       0 |       0 |   N/A |      45 |       3 |   6.2
    Abyss:4 |       0 |       0 |   N/A |      49 |       0 |   0.0
    Abyss:5 |       0 |       0 |   N/A |     131 |      26 |  16.6
        Pan | 2447526 |  346917 |  12.4 |    1899 |     224 |  10.6
      Zig:1 |    6337 |       0 |   0.0 |      91 |       0 |   0.0
      Zig:2 |   14421 |       0 |   0.0 |     157 |       0 |   0.0
      Zig:3 |   25460 |       0 |   0.0 |     249 |       0 |   0.0
      Zig:4 |   34421 |     442 |   1.3 |     305 |       1 |   0.3
      Zig:5 |   43280 |       0 |   0.0 |     449 |       0 |   0.0
      Zig:6 |   44578 |      50 |   0.1 |     430 |       1 |   0.2
      Zig:7 |   42473 |      27 |   0.1 |     643 |       1 |   0.2
      Zig:8 |   59178 |       0 |   0.0 |     605 |       0 |   0.0
      Zig:9 |   60618 |       0 |   0.0 |     778 |       0 |   0.0
     Zig:10 |   62500 |       0 |   0.0 |     893 |       0 |   0.0
     Zig:11 |  105955 |       0 |   0.0 |    1041 |       0 |   0.0
     Zig:12 |  104735 |       0 |   0.0 |     937 |       0 |   0.0
     Zig:13 |  145411 |    2162 |   1.5 |    1119 |       4 |   0.4
     Zig:14 |  172736 |       0 |   0.0 |    1236 |       0 |   0.0
     Zig:15 |  183950 |       0 |   0.0 |    1289 |       0 |   0.0
     Zig:16 |  146343 |     668 |   0.5 |    1598 |       1 |   0.1
     Zig:17 |  217370 |       0 |   0.0 |    1442 |       0 |   0.0
     Zig:18 |  166567 |       0 |   0.0 |    1590 |       0 |   0.0
     Zig:19 |  241119 |       0 |   0.0 |    2018 |       0 |   0.0
     Zig:20 |  245578 |       0 |   0.0 |    2014 |       0 |   0.0
     Zig:21 |  234437 |       0 |   0.0 |    1954 |       0 |   0.0
     Zig:22 |  251801 |       0 |   0.0 |    1729 |       0 |   0.0
     Zig:23 |  256864 |       0 |   0.0 |    1799 |       0 |   0.0
     Zig:24 |  254280 |       0 |   0.0 |    2156 |       0 |   0.0
     Zig:25 |  245570 |       0 |   0.0 |    1961 |       0 |   0.0
     Zig:26 |  257679 |       0 |   0.0 |    2519 |       0 |   0.0
     Zig:27 |  453735 |       0 |   0.0 |    2222 |       0 |   0.0
      Sewer |       0 |     128 | 100.0 |       0 |      24 | 100.0
    Ossuary |       0 |     893 | 100.0 |       0 |      31 | 100.0
      IceCv |       0 |    5194 | 100.0 |       0 |      25 | 100.0
            +---------+---------+-------+---------+---------+-------
